 Dungeon Crawl Stone Soup version 0.29.1-15-g9cfb28693d (webtiles) character file.

Game seed: 552961035220292769

1879999 TroonPlatoon the Petrodigitator (level 27, -9/218 HPs)
             Began as a Gargoyle Earth Elementalist on Apr 18, 2023.
             Was an Initiate of Gozag.
             Killed from afar by a Brimstone Fiend (27 damage)
             ... with damnation
             ... on level 15 of a ziggurat on Apr 23, 2023.
             The game lasted 11:17:37 (267968 turns).

TroonPlatoon the Petrodigitator (GrEE)            Turns: 267968, Time: 11:17:37

Health: -9/218     AC: 72    Str: 26    XL:     27
Magic:  64/73      EV: 28    Int: 53    God:    Gozag
Gold:   81938      SH: 42    Dex: 30    Spells: 2/80 levels left

rFire   + + +      SeeInvis .   Q - +9 staff of Wucad Mu {*channel}
rCold   + + .      Faith    .   y - +8 tower shield {rC+ rF+}
rNeg    + + .      Spirit   .   m - +8 orange crystal plate armour {Archmagi, Int+3 Clar}
rPois   ∞          Reflect  +   b - +3 hat of Pondering {ponderous, Will+ MP+10 Int+5}
rElec   +          Harm     .   H - +0 cloak of the True Pharaoh {Str+2 Int+7}
rCorr   .          Rampage  .   e - +2 pair of gloves "Ymiq" {rC+ Will+ Dex+4}
Will    +++++      Archmagi +   Y - +0 pair of boots of the Stonemason {rF++ Dex+4}
Stlth   ++++...... Clarity  +   S - amulet of Logor {Reflect Contam rN+ Dex+7 SH+5 Stlth+}
HPRegen 0.46/turn               B - ring of Cowardice {*Slow Will+ Str+5 Int+7}
MPRegen 0.43/turn               K - ring "Nulin" {Will+ MP+9 Int+5 Dex+6}

@: weakened, gold aura, flying, slowed, studying Fighting, very slow
A: sickness immunity, AC +20, big wings, negative energy resistance 1,
electricity resistance, torment resistance 1, petrification resistance, robust
1, shaggy fur 1, strong 1
}: 15/15 runes: decaying, slimy, silver, golden, iron, obsidian, icy, bone,
abyssal, demonic, glowing, magical, fiery, dark, gossamer
a: Renounce Religion, Potion Petition, Call Merchant, Bribe Branch


You were on level 15 of a ziggurat.
You worshipped Gozag.
Gozag was exalted by your worship.
You visited 18 branches of the dungeon, and saw 88 of its levels.
You visited Pandemonium 3 times, and saw 18 of its levels.
You visited the Abyss 4 times.
You visited 11 ziggurats (completing 10), and saw 285 of their levels.
You also visited: Trove, Ossuary, Bailey and Ice Cave.

You collected 401245 gold pieces.
You spent 16398 gold pieces at shops.
You paid 302909 gold pieces to Gozag.

Inventory:

Hand Weapons
 u - the +8 demon trident "Rift" {distort, reach+}
   (You found it on level 27 of a ziggurat)

   It warps and distorts space around it, and may blink, banish, or inflict
   extra damage upon those it strikes.
   Unwielding it can cause banishment or high damage.
   It can reach especially far, and its reaching attacks ignore other creatures
   in the way.
 E - the +8 mithril axe "Arga" {speed, Will+}
   (You found it on level 9 of a ziggurat)

   Attacks with this weapon are significantly faster.
   Will:      It increases your willpower.
 M - the +3 Elemental Staff {rElec rF++ rC++ AC+5}
   (You found it on level 11 of a ziggurat)

   If the wielder is skilled in Evocations, they can discharge powerful blasts
   of elemental energy when striking with it.
   It enhances your fire, ice, earth and air magic.
   AC:        It affects your AC (+5).
   rF:        It greatly protects you from fire.
   rC:        It greatly protects you from cold.
   rElec:     It insulates you from electricity.
 Q - the +9 staff of Wucad Mu (weapon) {*channel}
   (You found it on level 26 of a ziggurat)

   It occasionally powers its wielder's spells, but with a chance of causing
   confusion or draining the wielder's intelligence.
   It becomes more likely to activate and less likely to backfire with increased
   Evocations skill.
Missiles
 r - 209 silver javelins
Armour
 b - the +3 hat of Pondering (worn) {ponderous, Will+ MP+10 Int+5}
   (You found it on level 10 of a ziggurat)

   Int:       It affects your intelligence (+5).
   MP:        It affects your magic capacity (+10).
   Will:      It increases your willpower.
 e - the +2 pair of gloves "Ymiq" (worn) {rC+ Will+ Dex+4}
   (You bought it in a shop on level 1 of the Depths)

   Dex:       It affects your dexterity (+4).
   rC:        It protects you from cold.
   Will:      It increases your willpower.
 m - the +8 orange crystal plate armour (worn) {Archmagi, Int+3 Clar}
   (You found it on level 25 of a ziggurat)

   Int:       It affects your intelligence (+3).
   Clar:      It protects you against confusion.
 y - a +8 tower shield of resistance (worn)
 H - the +0 cloak of the True Pharaoh (worn) {Str+2 Int+7}
   (You found it on level 20 of a ziggurat)

   Str:       It affects your strength (+2).
   Int:       It affects your intelligence (+7).
 I - the -2 hat of the Alchemist {rElec rPois rF+ rC+ rN+ Will+ rMut rCorr}
   (You found it on level 11 of a ziggurat)

   rF:        It protects you from fire.
   rC:        It protects you from cold.
   rElec:     It insulates you from electricity.
   rPois:     It protects you from poison.
   rN:        It protects you from negative energy.
   rCorr:     It protects you from acid and corrosion.
   rMut:      It protects you from mutation.
   Will:      It increases your willpower.
 R - the +2 pair of boots of Spring {*Corrode rElec rC+ Regen+}
   (You bought it in a shop on level 1 of the Depths)

   rC:        It protects you from cold.
   rElec:     It insulates you from electricity.
   Regen:     It increases your rate of health regeneration.
   *Corrode:  It may corrode you when you take damage.
 V - the +5 tower shield of Vuiriw {Harm Stlth+}
   (You found it on level 27 of a ziggurat)

   Harm:      It increases damage dealt and taken.
   Stlth:     It makes you more stealthy.
 X - the +2 cloak of Knowledge {Will- Str+7 Dex+4}
   (You found it on level 27 of a ziggurat)

   Str:       It affects your strength (+7).
   Dex:       It affects your dexterity (+4).
   Will:      It decreases your willpower.
 Y - the +0 pair of boots of the Stonemason (worn) {rF++ Dex+4}
   (You acquired it on level 25 of a ziggurat)

   Dex:       It affects your dexterity (+4).
   rF:        It greatly protects you from fire.
Jewellery
 a - the ring of Biuheud {MP+9 Int+2 Slay+3 Stlth-}
   (You found it on level 8 of a ziggurat)

   [ring of magical power]

   Int:       It affects your intelligence (+2).
   Slay:      It affects your accuracy & damage with ranged weapons and melee
   (+3).
   MP:        It affects your magic capacity (+9).
   Stlth:     It makes you less stealthy.
 k - the macabre finger necklace {rN+}
   (You found it on level 10 of a ziggurat)

   [amulet of nothing]

   It enables you to equip an extra ring.
   rN:        It protects you from negative energy.
 o - the ring of Elyvilon's Hatred {Wiz Drain rPois Will++ rCorr}
   (You found it on level 10 of a ziggurat)

   [ring of wizardry]

   It improves your spell success rate.
   rPois:     It protects you from poison.
   rCorr:     It protects you from acid and corrosion.
   Drain:     It drains your maximum health when unequipped.
   Will:      It greatly increases your willpower.
 p - the ring of the Mage {Wiz Archmagi}
   (You found it on level 14 of a ziggurat)

   [ring of wizardry]

   It improves your spell success rate.
   Archmagi:  It increases the power of your magical spells.
 B - the ring of Cowardice (left hand) {*Slow Will+ Str+5 Int+7}
   (You found it on level 8 of the Dungeon)

   [ring of willpower]

   Str:       It affects your strength (+5).
   Int:       It affects your intelligence (+7).
   *Slow:     It may slow you when you take damage.
   Will:      It increases your willpower.
 D - the ring "Wumeicao" {rF+ rC+ MP+9 Str+4 Dex+6}
   (You found it on level 22 of a ziggurat)

   [ring of dexterity]

   Str:       It affects your strength (+4).
   Dex:       It affects your dexterity (+6).
   rF:        It protects you from fire.
   rC:        It protects you from cold.
   MP:        It affects your magic capacity (+9).
 F - the ring of Ziorr {rC+ Str+6}
   (You found it on level 11 of a ziggurat)

   [ring of strength]

   Str:       It affects your strength (+6).
   rC:        It protects you from cold.
 K - the ring "Nulin" (right hand) {Will+ MP+9 Int+5 Dex+6}
   (You found it on level 20 of a ziggurat)

   [ring of dexterity]

   Int:       It affects your intelligence (+5).
   Dex:       It affects your dexterity (+6).
   MP:        It affects your magic capacity (+9).
   Will:      It increases your willpower.
 S - the amulet of Logor (around neck) {Reflect Contam rN+ Dex+7 SH+5 Stlth+}
   (You found it on level 26 of a ziggurat)

   [amulet of reflection]

   It reflects blocked missile attacks.
   Dex:       It affects your dexterity (+7).
   rN:        It protects you from negative energy.
   Contam:    It causes magical contamination when unequipped.
   SH:        It affects your SH (+5).
   Stlth:     It makes you more stealthy.
Wands
 q - a wand of light (47)
 C - a wand of digging (14)
 G - a wand of iceblast (7)
Scrolls
 d - 276 scrolls of teleportation
 h - 94 scrolls of enchant armour
 n - 72 scrolls of amnesia
 v - 83 scrolls of blinking
 z - 190 scrolls of butterflies
Potions
 g - 26 potions of lignification
 i - 12 potions of resistance
 l - 92 potions of curing
 s - 16 potions of brilliance
 t - 20 potions of cancellation
 w - 60 potions of heal wounds
 x - 213 potions of mutation
 A - 7 potions of ambrosia
 L - 74 potions of haste
 T - 41 potions of magic
 W - 4 potions of invisibility


   Skills:
 O Level 27 Fighting
 O Level 27 Short Blades
 O Level 27 Long Blades
 O Level 27 Axes
 O Level 27 Maces & Flails
 O Level 27 Polearms
 O Level 27 Staves
 O Level 27 Ranged Weapons
 O Level 27 Throwing
 O Level 27 Armour
 O Level 27 Dodging
 O Level 27 Stealth
 O Level 27 Shields
 O Level 27 Unarmed Combat
 O Level 27 Spellcasting
 O Level 27 Conjurations
 O Level 27 Hexes
 O Level 27 Summonings
 O Level 27 Necromancy
 O Level 27 Translocations
 O Level 27 Transmutations
 O Level 27 Fire Magic
 O Level 27 Ice Magic
 O Level 27 Air Magic
 O Level 27 Earth Magic
 O Level 27 Poison Magic
 O Level 27 Invocations
 O Level 27 Evocations


You had 2 spell levels left.
You knew the following spells:

 Your Spells              Type           Power      Damage    Failure   Level
a - Ozocubu's Refrigerat  Ice            88%        4d27      0%          7
b - Polar Vortex          Ice            88%        N/A       1%          9
c - Passwall              Tmut/Erth      100%       N/A       0%          2
d - Chain Lightning       Conj/Air       88%        3d118     1%          9
e - Death's Door          Necr           88%        N/A       1%          9
f - Ignition              Fire           88%        3d23      1%          8
h - Fire Storm            Conj/Fire      88%        8d22      1%          9
i - Shatter               Erth           88%        3d64*     1%          9
j - Lehudib's Crystal Sp  Conj/Erth      88%        10d20     1%          8
k - Necromutation         Tmut/Necr      88%        N/A       1%          8

Your spell library contained the following spells:

 Spells                   Type           Power      Damage    Failure   Level
 Apportation              Tloc           100%       N/A       0%          1
 Beastly Appendage        Tmut           100%       N/A       0%          1
 Foxfire                  Conj/Fire      100%       2x1d9     0%          1
 Freeze                   Ice            100%       1d11      0%          1
 Magic Dart               Conj           100%       1d8       0%          1
 Necrotise                Necr           100%       1d9       0%          1
 Sandblast                Erth           100%       2d20      0%          1
 Shock                    Conj/Air       100%       1d9       0%          1
 Slow                     Hex            100%       N/A       0%          1
 Sting                    Tmut/Pois      100%       1d8       0%          1
 Summon Small Mammal      Summ           100%       N/A       0%          1
 Blink                    Tloc           100%       N/A       0%          2
 Call Imp                 Summ           100%       N/A       0%          2
 Ensorcelled Hibernation  Hex/Ice        100%       N/A       0%          2
 Poisonous Vapours        Pois/Air       100%       N/A       0%          2
 Scorch                   Fire           100%       2d10      0%          2
 Searing Ray              Conj           100%       2d8       0%          2
 Static Discharge         Conj/Air       100%       3-16/arc  0%          2
 Wereblood                Tmut           100%       N/A       0%          2
 Call Canine Familiar     Summ           100%       N/A       0%          3
 Confusing Touch          Hex            100%       N/A       0%          3
 Conjure Flame            Conj/Fire      100%       6-21      0%          3
 Dazzling Flash           Conj/Hex       100%       N/A       0%          3
 Frozen Ramparts          Ice            100%       1d16      0%          3
 Gell's Gravitas          Tloc           100%       N/A       0%          3
 Ignite Poison            Fire/Tmut/Pois 100%       N/A       0%          3
 Inner Flame              Hex/Fire       100%       N/A       0%          3
 Lesser Beckoning         Tloc           100%       N/A       0%          3
 Mephitic Cloud           Conj/Pois/Air  100%       N/A       0%          3
 Ozocubu's Armour         Ice            100%       N/A       0%          3
 Portal Projectile        Hex/Tloc       100%       N/A       0%          3
 Spider Form              Tmut/Pois      100%       N/A       0%          3
 Stone Arrow              Conj/Erth      100%       3d13      0%          3
 Summon Guardian Golem    Hex/Summ       100%       N/A       0%          3
 Swiftness                Air            100%       N/A       0%          3
 Teleport Other           Tloc           100%       N/A       0%          3
 Tukima's Dance           Hex            100%       N/A       0%          3
 Vampiric Draining        Necr           100%       2d13      0%          3
 Airstrike                Air            88%        2d(13-29) 0%          4
 Anguish                  Hex/Necr       88%        N/A       0%          4
 Animate Armour           Summ/Erth      100%       N/A       0%          4
 Cause Fear               Hex            88%        N/A       0%          4
 Dispel Undead            Necr           100%       3d31      0%          4
 Flame Wave               Conj/Fire      100%       2d21      0%          4
 Fulminant Prism          Conj/Hex       88%        3d35      0%          4
 Hailstorm                Conj/Ice       100%       3d20      0%          4
 Ice Form                 Ice/Tmut       100%       N/A       0%          4
 Iskenderun's Mystic Bla  Conj/Tloc      100%       2d19      0%          4
 Leda's Liquefaction      Hex/Erth       88%        N/A       0%          4
 Olgreb's Toxic Radiance  Pois           100%       N/A       0%          4
 Passage of Golubria      Tloc           100%       N/A       0%          4
 Petrify                  Tmut/Erth      100%       N/A       0%          4
 Sticky Flame             Conj/Fire      100%       2d11      0%          4
 Summon Ice Beast         Ice/Summ       100%       N/A       0%          4
 Summon Lightning Spire   Summ/Air       100%       N/A       0%          4
 Agony                    Necr           100%       N/A       0%          5
 Alistair's Intoxication  Tmut/Pois      100%       N/A       0%          5
 Blade Hands              Tmut           88%        N/A       0%          5
 Borgnjor's Vile Clutch   Necr/Erth      88%        N/A       0%          5
 Fireball                 Conj/Fire      88%        3d32      0%          5
 Freezing Cloud           Conj/Ice/Air   88%        6-21      0%          5
 Irradiate                Conj/Tmut      88%        3d41      0%          5
 Iskenderun's Battlesphe  Conj           100%       2d15      0%          5
 Lee's Rapid Deconstruct  Erth           88%        3d40*     0%          5
 Lightning Bolt           Conj/Air       88%        1d117     0%          5
 Manifold Assault         Tloc           100%       N/A       0%          5
 Metabolic Englaciation   Hex/Ice        88%        N/A       0%          5
 Silence                  Hex/Air        88%        N/A       0%          5
 Summon Forest            Summ/Tloc      88%        N/A       0%          5
 Summon Mana Viper        Hex/Summ       100%       N/A       0%          5
 Yara's Violent Unravell  Hex/Tmut       88%        3d32      0%          5
 Conjure Ball Lightning   Conj/Air       88%        3x3d33    0%          6
 Death Channel            Necr           88%        N/A       0%          6
 Dispersal                Tloc           88%        N/A       0%          6
 Eringya's Noxious Bog    Tmut/Pois      88%        N/A       0%          6
 Iron Shot                Conj/Erth      88%        9d16      0%          6
 Starburst                Conj/Fire      88%        6d22      0%          6
 Summon Cactus Giant      Summ           88%        N/A       0%          6
 Dragon Form              Tmut           88%        N/A       0%          7
 Enfeeble                 Hex            88%        N/A       0%          7
 Haunt                    Necr/Summ      88%        N/A       0%          7
 Malign Gateway           Summ/Tloc      88%        N/A       0%          7
 Monstrous Menagerie      Summ           88%        N/A       0%          7
 Orb of Destruction       Conj           88%        9d19      0%          7
 Spellforged Servitor     Conj/Summ      88%        N/A       0%          7
 Storm Form               Tmut/Air       88%        N/A       0%          7
 Summon Hydra             Summ           88%        N/A       0%          7
 Borgnjor's Revivificati  Necr           88%        N/A       1%          8
 Discord                  Hex            88%        N/A       1%          8
 Disjunction              Tloc           88%        N/A       1%          8
 Infestation              Necr           88%        N/A       1%          8
 Maxwell's Capacitive Co  Air            88%        ∞         1%          8
 Summon Horrible Things   Summ           88%        N/A       1%          8
 Dragon's Call            Summ           88%        N/A       1%          9
 Corpse Rot               Necr/Pois/Air  Unusable   N/A       N/A         4
 Simulacrum               Ice/Necr       Unusable   N/A       N/A         6
 Statue Form              Tmut/Erth      Unusable   N/A       N/A         6

Dungeon Overview and Level Annotations

Branches:
Dungeon (15/15)            Temple (1/1) D:6            Lair (5/5) D:9
  Swamp (4/4) Lair:2       Spider (4/4) Lair:3        Slime (5/5) Lair:4
    Orc (2/2) D:12            Elf (3/3) Orc:2        Vaults (5/5) D:13
  Crypt (3/3) Vaults:3       Tomb (3/3) Crypt:3      Depths (4/4) D:15
   Hell (visited)             Dis (7/7) Hell            Geh (7/7) Hell
    Coc (7/7) Hell            Tar (7/7) Hell            Zot (5/5) Depths:4
Ossuary (visited)          Bailey (visited)           IceCv (visited)

Altars:
Ashenzari
Cheibriados
Dithmenos
Elyvilon
Gozag
Hepliaklqana
Kikubaaqudgha
Makhleb
Nemelex Xobeh
Qazlal
Ru
Sif Muna
Trog
Uskayaw
Vehumet
Wu Jian
Xom
Yredelemnul
Zin
The Shining One

Shops:
D:1 [   D:5 :   D:8 !   D:10 :[   D:11 *   D:12 (??   D:14 [   D:15 *
Orc:2 ([:([(   Elf:2 :   Elf:3 ==:!   Lair:2 :   Swamp:4 [   Spider:3 [
Vaults:1 =   Vaults:2 ?[   Vaults:3 *   Tomb:3 *
Depths:1 [(!=[**[=[([?*![=(![*([([[[[*   Depths:2 =

Portals:
Hell: Depths:1 Depths:2 Depths:3 Depths:4
Abyss: Depths:3 Depths:4
Pandemonium: Depths:2

Annotations:
D:7 2 transporters
D:12 2 transporters, exclusion: ice statue, emiel's ghost, journeyman FoFi
Lair:5 3 runed translucent doors, Quercus's ghost, journeyman GrEE
Vaults:1 2 transporters
Tar:3 7 runed doors
Zot:1 2 transporters


Innate Abilities, Weirdness & Mutations

You are immune to sickness and miasma.
Your stone body is resilient. (AC +20)
You are immune to poison.
Your large and strong wings let you fly.
You resist negative energy. (rN+)
You are resistant to electric shocks. (rElec)
You are resistant to unholy torment.
You are immune to petrification.
You are robust. (+10% HP)
You are covered in fur. (AC +1)
Your muscles are strong. (Str +4, Int/Dex -1)


Message History

The balrug shouts!
You hear a shout!
A hellephant comes into view.
Casting: Chain Lightning (dangerous; 1% risk of failure)
Confirm with . or Enter, or press ? or * to list all spells.
You feel a surge of power! Lightning arcs from your hands!
The bolt of lightning hits the balrug!!!!
You kill the balrug!
The bolt of lightning hits you! You resist.
* * * LOW HITPOINT WARNING * * *
The bolt of lightning hits the hellephant!!!!
You kill the hellephant!
The bolt of lightning hits the hellephant!!!
The hellephant is moderately wounded.
The bolt of lightning hits the balrug!!!
The balrug is heavily wounded.
The balrug is no longer distracted by gold.
The bolt of lightning hits the balrug!!!
The balrug is severely wounded.
The bolt of lightning hits the hellephant!!!!
The hellephant is severely wounded.
The bolt of lightning hits the hellephant!!!
The hellephant is moderately wounded.
The bolt of lightning hits the Brimstone Fiend!!!
The Brimstone Fiend is severely wounded.
The bolt of lightning hits the searing wretch!!!
The searing wretch is moderately damaged.
The bolt of lightning hits the searing wretch!
The searing wretch is heavily damaged.
The bolt of lightning hits the Brimstone Fiend!!
The Brimstone Fiend is almost dead.
The bolt of lightning hits the Brimstone Fiend!
The Brimstone Fiend is almost dead.
The Brimstone Fiend is no longer distracted by gold.
You hear a shout! x3; You hear a roar!
You hear a shout! x4; You hear a roar!
You hear a shout!
You hear a roar!
A balrug comes into view.
It is wielding a +4 demon whip of draining.
The Brimstone Fiend gestures at you.
The sphere of damnation explodes!
The damnation engulfs you!!
You die...
Your body crumbles into a pile of gold.

▓▓..$.$1n
▓▓▓....$$$2
▓▓......#$.N
▓...1.$$..n$
▓▓....1...$21
▓..$n...$$$.Y
▓...$$..$$$$.
▓▓≈....$n...1.
▓@.$$$.1Y.$n2N
▓▓..........2$
▓.$....Y2..2N
▓....$2.....
▓▓...$2....
▓.....Y...
▓▓....2.#.
▓▓.....


You could see 3 hellephants, 2 searing wretches, 3 Brimstone Fiends and 3
balrugs.

Vanquished Creatures
  Cerebov (Pan)
  Antaeus (Coc:7)
  Asmodeus (Geh:7)
  The ghost of Vuopse the Conqueror, a legendary GnIE of Ashenzari (Zig:23)
  the Royal Jelly (Slime:5)
  Ereshkigal (Tar:7)
  Ignacio (Pan)
  Gloorx Vloq (Pan)
  the Serpent of Hell (Dis:7)
  Lom Lobon (Pan)
  Mnoleg (Pan)
  The ghost of Xiwu the Conqueror, a legendary MiFi of the Shining One (Zig:16)
  The ghost of Xiwu the Conqueror, a legendary MiFi of the Shining One (Zig:13)
  The ghost of Huju the Spawn of Chaos, a legendary HOFi of Makhleb (Zig:23)
  The ghost of Huju the Spawn of Chaos, a legendary HOFi of Makhleb (Zig:16)
  The ghost of Huju the Spawn of Chaos, a legendary HOFi of Makhleb (Zig:16)
  The ghost of Ikusitist the Infernalist, a legendary NaFE of Cheibriados (Zig:23)
  The ghost of tigertrap the Metallomancer, a legendary DgHW (Zig:23)
  The ghost of tigertrap the Metallomancer, a legendary DgHW (Zig:16)
  The ghost of tigertrap the Metallomancer, a legendary DgHW (Zig:16)
  The ghost of Piginabag the Conqueror, a legendary DsSk of Gozag (Zig:16)
  The ghost of WiseOSalty the Conqueror, a legendary TrGl of Qazlal (Zig:23)
  The ghost of Piginabag the Conqueror, a legendary DsSk of Gozag (Zig:16)
  The ghost of Teaz Xo Upt the Hoplite, a legendary GnFE of Ashenzari (Zig:16)
  The ghost of Teaz Xo Upt the Hoplite, a legendary GnFE of Ashenzari (Zig:16)
  Dispater (Dis:7)
  The ghost of Diezoyro the Conqueror, a legendary DDNe of Makhleb (Zig:16)
  The ghost of swap the Archmage, a legendary DEFE of Vehumet (Zig:16)
  The ghost of Marixus the Axe Maniac, a legendary DDFi of Cheibriados (Zig:23)
  Tiamat (Zot:5)
  319 pandemonium lords
  The ghost of ragingrage the Ruinous, a legendary OpFE of Vehumet (Zig:16)
  The ghost of ragingrage the Ruinous, a legendary OpFE of Vehumet (Zig:16)
  The ghost of Rueful the Heavyweight Champion, a legendary TrWr of Qazlal (Zig:13)
  The ghost of Ekeiwkem the Impregnable, a legendary DsFi of Makhleb (Zig:16)
  165 ancient liches
  The ghost of melllvar the Conqueror, a legendary MiBe of the Shining One (Zig:13)
  The ghost of GlasyaLabolas the Conqueror, a legendary MiFi of Dithmenos (Zig:16)
  The ghost of deprived the Acolyte, a legendary HOFi of the Shining One (Zig:16)
  The ghost of reasonance the Anchorite, a legendary HOMo of Zin (Zig:16)
  The ghost of deprived the Acolyte, a legendary HOFi of the Shining One (Zig:23)
  The ghost of sleeves the Acolyte, a legendary HuSk of the Shining One (Zig:16)
  The ghost of GlasyaLabolas the Conqueror, a legendary MiFi of Dithmenos (Zig:16)
  The ghost of corvin the Slayer, a legendary OgWn of Dithmenos (Zig:16)
  116 orbs of fire
  157 dread liches
  The ghost of Xatwola the Axe Maniac, a legendary DDFi of Makhleb (Zig:16)
  The ghost of Ucrups the Swordmaster, a legendary MiFi of the Shining One (Zig:16)
  The ghost of Veodywke the Conqueror, a legendary MiBe of the Shining One (Zig:16)
  The ghost of Hewasun the Conqueror, a legendary MiBe of the Shining One (Zig:16)
  Mennas (Pan)
  The ghost of thechecker02 the Slayer, a master DDFi of Makhleb (Zig:16)
  The ghost of Likado the Gnoll Barricade, a legendary GnSk of the Shining One (Zig:23)
  The ghost of Pingob the Axe Maniac, a legendary HOFi of Okawaru (Zig:16)
  The ghost of Giojuova the Slayer, a legendary GnBe of Trog (Zig:23)
  The ghost of Giojuova the Slayer, a legendary GnBe of Trog (Zig:13)
  The ghost of Jargh the Formicid Barricade, a legendary FoFi of the Shining One (Zig:16)
  The ghost of Jargh the Formicid Barricade, a legendary FoFi of the Shining One (Zig:16)
  The ghost of Totuz the Messenger, a legendary HOFi of Beogh (Zig:4)
  The ghost of Qeilemp the Conqueror, a legendary HOFi of Beogh (Zig:16)
  The ghost of Becvyf the Sluggish Gnoll, a legendary GnFi of Cheibriados (Zig:16)
  The ghost of Unuchuin the Marksgnoll, a legendary GnFi of the Shining One (Zig:16)
  The ghost of grandjackal the Wallflower, a legendary DsGl of Uskayaw (Zig:23)
  The ghost of runemage the Impregnable, a legendary GnFi of Gozag (Zig:16)
  The ghost of Denobboc the Imperceptible, a legendary OpMo of Jiyva (Zig:23)
  The ghost of Denobboc the Imperceptible, a legendary OpMo of Jiyva (Zig:23)
  135 juggernauts
  The ghost of sleeves the Demonic Mishap, a legendary DsFi of Qazlal (Zig:23)
  The ghost of Zoplarin the Conqueror, a legendary BaSk of Cheibriados (Zig:16)
  The ghost of Zoplarin the Conqueror, a legendary BaSk of Cheibriados (Zig:23)
  The ghost of Alysiarr the Cutthroat, a legendary KoHu of Okawaru (Zig:16)
  The ghost of Alysiarr the Cutthroat, a legendary KoHu of Okawaru (Zig:23)
  The ghost of TuffENuff the Formicid Mishap, a legendary FoFi of Qazlal (Zig:16)
  The ghost of stevelinton the Ninja, a legendary KoBe of Trog (Zig:16)
  The ghost of xzight the Conqueror, a legendary MiBe of Trog (Zig:16)
  The ghost of andrewp the Conqueror, a veteran MiBe of Trog (Zig:16)
  The ghost of Rirumasy the Octopoid Blade, a legendary OpWn of Gozag (Zig:16)
  218 royal mummies
  The ghost of Viugiw the Slayer, a legendary TeBe of the Shining One (Zig:16)
  The ghost of BoringLoser the Acrobat, a veteran TeAE of Ru (Zig:16)
  The ghost of BoringLoser the Acrobat, a veteran TeAE of Ru (Zig:16)
  Sojobo (Crypt:1)
  The ghost of Waohesse the Slayer, a legendary VSFi of the Shining One (Zig:16)
  The ghost of Waohesse the Slayer, a legendary VSFi of the Shining One (Zig:16)
  Bai Suzhen (Elf:3)
  116 shard shrikes
  A shard shrike (shapeshifter) (Depths:2)
  Vv (Zot:3)
  274 caustic shrikes
  The ghost of lmSkywalker the Warrior, an adept DrTm of Okawaru (Zig:16)
  The ghost of frimble the Slayer, a legendary GrFi of Okawaru (Zig:23)
  Margery (Depths:4)
  The ghost of Qatinlae the Archmage, a veteran DEFE of Sif Muna (Zig:16)
  150 Killer Klowns
  The ghost of Heartburn the Minotaur Barricade, a veteran MiFi of Okawaru (Zig:23)
  The ghost of Heartburn the Minotaur Barricade, a veteran MiFi of Okawaru (Zig:23)
  14 curse toes
  The ghost of EricTams the Hoplite, a veteran MiBe of Trog (Zig:23)
  The ghost of EricTams the Hoplite, a veteran MiBe of Trog (Zig:16)
  The ghost of Anafel the Impregnable, a legendary GrFi of the Shining One (Zig:16)
  307 golden dragons
  Geryon (Hell)
  Nikola (Depths:1)
  The ghost of Gemnonof the Warrior, an adept DgCj (Zig:16)
  The ghost of Gemnonof the Warrior, an adept DgCj (Zig:16)
  The ghost of Gemnonof the Warrior, an adept DgCj (Zig:4)
  A caustic shrike (shapeshifter) (Zig:19)
  The ghost of Uhosoup the Slayer, a veteran GrFi of Okawaru (Zig:23)
  70 profane servitors
  A golden dragon (shapeshifter) (Depths:2)
  The ghost of Rocah the Hoplite, a veteran GrFi of the Shining One (Zig:16)
  36 pearl dragons
  Arachne (Spider:4)
  The ghost of Pikuto the Slayer, an adept MiBe of Trog (Zig:16)
  142 bone dragons
  110 electric golems
  85 Tzitzimimeh
  175 iron giants
  27 doom hounds
  A shard shrike zombie (Crypt:1)
  113 Brimstone Fiends
  326 Hell Sentinels
  208 hellephants
  3 iron giants (shapeshifter)
  300 Ice Fiends
  23 tainted leviathans
  Jorgrun (D:15)
  329 tentacled monstrosities
  98 searing wretches
  25 Orb Guardians (Zot:5)
  173 deep elf master archers
  136 liches
  A walking earthen tome (Abyss:6)
  A walking frostbound tome (Zig:25)
  A walking crystal tome (Depths:4)
  154 quicksilver dragons
  261 titans
  646 acid blobs
  Asterion (Depths:1)
  A walking divine tome (Depths:3)
  An acid blob (shapeshifter) (Depths:2)
  8 quicksilver dragons (shapeshifter)
  53 deep elf blademasters
  71 sphinxes
  108 Executioners
  3 eldritch tentacles
  Kirke (Swamp:2)
  12 sphinxes (shapeshifter)
  The ghost of frimble the Struggler, an adept DsGl of Okawaru (Zig:16)
  87 shadow dragons
  11 death cobs
  285 ancient champions
  The ghost of Polaczum the Brawler, an adept TrMo of Nemelex Xobeh (Zig:16)
  The ghost of Polaczum the Brawler, an adept TrMo of Nemelex Xobeh (Zig:23)
  The ghost of Amikeex the Brawler, an adept TrMo of Nemelex Xobeh (Zig:16)
  The ghost of Polaczum the Brawler, an adept TrMo of Nemelex Xobeh (Zig:23)
  The ghost of Viocziel the Brawler, an adept TrMo of Nemelex Xobeh (Zig:16)
  The ghost of Himmaryad the Brawler, an adept TrMo of Nemelex Xobeh (Zig:16)
  The ghost of Viocziel the Brawler, an adept TrMo of Nemelex Xobeh (Zig:16)
  The ghost of Polaczum the Brawler, an adept TrMo of Nemelex Xobeh (Zig:16)
  19 thorn hunters
  11 shadow dragons (shapeshifter)
  42 tengu reavers
  A storm dragon (shapeshifter) (Zig:19)
  83 tentacled starspawn
  Donald (Orc:2)
  163 storm dragons
  38 daevas
  17 fenstrider witches
  208 rockslimes
  9 azure jellies (shapeshifter)
  134 azure jellies
  198 narguns
  70 demonspawn warmongers
  147 draconian monks
  6 fenstrider witches (shapeshifter)
  213 revenants
  8 frost giants (shapeshifter)
  137 iron dragons
  28 deep elf sorcerers
  2 emperor scorpions (shapeshifter)
  7 fire giants (shapeshifter)
  161 quicksilver elementals
  643 nagarajas
  192 draconian knights
  174 fire giants
  61 vault wardens
  129 emperor scorpions
  95 frost giants
  Aizul (Vaults:2)
  2 spectral caustic shrikes (Zig:18)
  12 caustic shrike zombies
  The ghost of kwasso the Thaumaturge, a journeyman DrIE of Elyvilon (D:15)
  4 iron dragons (shapeshifter)
  216 ghost moths
  222 orc warlords
  324 balrugs
  4 ghost moths (shapeshifter)
  81 cacodemons
  181 draconian scorchers
  10 deep elf elementalists
  178 curse skulls
  10 shard shrike simulacra
  159 draconian stormcallers
  161 draconian shifters
  23 angels
  A spectral juggernaut (Tar:5)
  294 stone giants
  173 war gargoyles
  33 ophanim
  157 demonspawn corrupters
  8 juggernaut zombies
  166 draconian annihilators
  119 very ugly things
  88 demonspawn blood saints
  151 quicksilver oozes
  3 broodmothers (shapeshifter)
  8 ironbound thunderhulks
  55 ghouls
  13 caustic shrike skeletons
  8 stone giants (shapeshifter)
  128 reapers
  3 quicksilver oozes (shapeshifter)
  13 broodmothers
  19 juggernaut skeletons
  39 ironbound preservers
  A starflower (Abyss:6)
  77 green draconians
  30 apis
  73 deep elf demonologists
  6 eleionomae (shapeshifter)
  A bunyip (shapeshifter) (Zig:24)
  47 eleionomae
  133 vampire knights
  58 lorocyprocas
  19 elemental wellsprings
  9 dire elephants (shapeshifter)
  69 purple draconians
  114 entropy weavers
  51 bunyips
  70 bennus
  95 dire elephants
  84 white draconians
  78 yellow draconians
  A spectral titan (Tar:2)
  80 black draconians
  3 entropy weavers (shapeshifter)
  78 deep elf annihilators
  A minotaur (shapeshifter) (Zig:21)
  32 putrid mouths
  97 spark wasps
  94 demonspawn black suns
  A white draconian (shapeshifter) (Zig:16)
  98 red draconians
  214 wendigos
  183 iron golems
  4 spectral quicksilver dragons
  50 crystal guardians
  260 green deaths
  3 ettins (shapeshifter)
  254 merfolk javelineers
  60 ettins
  3 spark wasps (shapeshifter)
  188 blizzard demons
  174 eidola
  132 yaktaur captains
  5 quicksilver dragon zombies
  75 deep elf high priests
  106 deep elf death magi
  A kraken zombie (Hell)
  140 fire dragons
  37 vault guards
  40 jiangshi
  A spectral fenstrider witch (Tar:2)
  2 hydras (shapeshifter)
  A spectral shadow dragon (Zig:18)
  87 great orbs of eyes
  76 ice dragons
  47 merfolk impalers
  60 hell beasts
  Erolcha (D:9)
  Harold (Orc:1)
  153 mummy priests
  6 quicksilver dragon skeletons
  4 great orbs of eyes (shapeshifter)
  2 ice dragons (shapeshifter)
  9 ironbound frosthearts
  207 shambling mangroves
  51 boulder beetles
  3 peacekeepers
  A spectral sphinx (D:15)
  6 rakshasas
  A fenstrider witch zombie (Tomb:1)
  377 hydras
  520 salamander tyrants
  A spectral tengu (Depths:4)
  9 anacondas (shapeshifter)
  2 boulder beetles (shapeshifter)
  17 merfolk avatars
  81 catoblepae
  19 spriggan skeletons
  51 ghost crabs
  223 merfolk aquamancers
  109 spriggan air magi
  4 jorogumos (shapeshifter)
  A spectral frost giant (D:15)
  17 juggernaut simulacra
  8 alligator snapping turtles (shapeshifter)
  13 caustic shrike simulacra
  12 stokers
  107 centaur warriors
  24 radroaches
  13 ogre magi
  13 two-headed ogres
  2 catoblepae (shapeshifter)
  2 spectral stone giants (D:15)
  17 jorogumos
  2 satyrs (shapeshifter)
  19 deep troll earth magi
  116 naga warriors
  178 dancing weapons
  55 alligators
  94 satyrs
  7 deep troll shamans
  3 two-headed ogres (shapeshifter)
  49 alligator snapping turtles
  17 death yaks
  109 anacondas
  126 death scarabs
  5 death yaks (shapeshifter)
  141 vampire magi
  5 alligators (shapeshifter)
  2 spectral dire elephants
  5 death knights
  28 hell hogs
  A spectral fire giant (Zig:2)
  97 thrashing horrors
  10 titan zombies
  59 hell knights
  A spectral emperor scorpion (Spider:4)
  4 tengu warriors
  109 deep elf knights
  294 naga sharpshooters
  7 storm dragon zombies
  Nergalle (D:10)
  291 orc high priests
  18 titan skeletons
  7 spriggan berserkers
  A spectral naga (Tar:2)
  88 sun demons
  225 shock serpents
  100 soul eaters
  116 crystal echidnas
  2 shock serpents (shapeshifter)
  48 fire crabs
  141 wretched stars
  65 skeletal warriors
  41 salamander mystics
  68 sixfirhies
  6 fire crabs (shapeshifter)
  7 iron trolls (shapeshifter)
  14 sun moths
  6 sea snakes (shapeshifter)
  33 goliath frogs
  48 pharaoh ants
  150 death drakes
  4 death drakes (shapeshifter)
  8 golden dragon zombies
  88 iron trolls
  55 deep trolls
  A spectral anaconda (Tar:2)
  6 storm dragon skeletons
  32 spatial maelstroms
  2 spark wasp zombies (Zig:8)
  117 orb spiders
  Lodul (D:10)
  29 glowing orange brains
  4 glowing orange brains (shapeshifter)
  53 sea snakes
  90 shadow wraiths
  43 steelbarb worms
  153 spriggan druids
  9 deep trolls (shapeshifter)
  13 lindwurms
  98 flayed ghosts
  21 cherubim
  7 quicksilver dragon simulacra
  65 shadow demons
  19 golden dragon skeletons
  4 bunyip skeletons
  81 deep elf archers
  9 shadow dragon zombies
  A kraken simulacrum (Coc:7)
  248 swamp dragons
  3 swamp dragons (shapeshifter)
  87 naga ritualists
  15 orange crystal statues
  9 spriggan simulacra
  33 bog bodies
  8 steelbarb worms (shapeshifter)
  148 deep elf zephyrmancers
  Pikel (D:5)
  69 harpies
  11 obsidian statues
  2 anaconda skeletons
  19 necromancers
  20 wizards
  3 orb spiders (shapeshifter)
  6 lindwurms (shapeshifter)
  3 harpies (shapeshifter)
  52 ironbound convokers
  9 tengu zombies
  102 phantasmal warriors
  89 orc knights
  A sphinx zombie (Zig:18)
  166 deep elf pyromancers
  8 mana vipers (shapeshifter)
  A spectral wolf spider (Spider:4)
  A wolf spider zombie (Spider:4)
  3 fire giant zombies
  83 mana vipers
  A jorogumo zombie (Crypt:3)
  8 iron dragon zombies
  94 ugly things
  8 manticores (shapeshifter)
  2 glowing shapeshifters
  126 orc sorcerers
  5 shining eyes (shapeshifter)
  5 shadow dragon skeletons
  3 salamanders (shapeshifter)
  A stone giant zombie (Crypt:3)
  3 wolf spiders (shapeshifter)
  An oklob plant (Lair:5)
  56 will-o-the-wisps
  106 shining eyes
  2 frost giant zombies (Zig:12)
  43 salamanders
  6 tengu skeletons
  102 cyclopes
  4 spectral spriggans
  76 wolf spiders
  13 worldbinders
  7 sphinx skeletons
  3 cyclopes (shapeshifter)
  A jorogumo skeleton (Crypt:1)
  5 iron dragon skeletons
  58 manticores
  3 stone giant skeletons
  8 elephants (shapeshifter)
  5 spectral centaurs
  5 fauns (shapeshifter)
  183 moths of wrath
  60 elephants
  A black mamba (shapeshifter) (Zig:14)
  2 frost giant skeletons
  18 ice statues
  3 naga zombies
  2 human skeletons
  200 naga magi
  125 fauns
  95 apocalypse crabs
  12 titan simulacra
  6 water nymphs (shapeshifter)
  35 vault sentinels
  200 water nymphs
  2 dire elephant zombies
  6 eyes of devastation (shapeshifter)
  5 moths of wrath (shapeshifter)
  5 guardian serpents (shapeshifter)
  40 merfolk sirens
  16 rust devils
  80 eyes of devastation
  67 cane toads
  201 large abominations
  461 black mambas
  3 fire giant skeletons
  7 molten gargoyles (Hell)
  4 torpor snails (shapeshifter)
  153 smoke demons
  226 guardian serpents
  183 torpor snails
  17 gargoyles
  4 storm dragon simulacra
  52 orange demons
  6 centaur skeletons
  2 unseen horrors
  A shock serpent skeleton (Crypt:1)
  5 naga skeletons
  A spectral redback (Spider:4)
  A rime drake (shapeshifter) (Zig:21)
  2 kobold demonologists
  84 yaktaurs
  A cane toad (shapeshifter) (Zig:19)
  A yellow draconian skeleton (Crypt:1)
  20 ice devils
  3 komodo dragons (shapeshifter)
  5 yaktaurs (shapeshifter)
  2 redback zombies (Spider:4)
  4 anaconda simulacra
  50 rime drakes
  81 demonic crawlers
  168 hellions
  4 tengu conjurers
  60 efreet
  6 golden dragon simulacra
  3 sea snake zombies
  3 spark wasp simulacra
  22 freezing wraiths
  3 dire elephant skeletons (Pan)
  A spectral glowing shapeshifter (Zig:18)
  326 guardian mummies
  59 komodo dragons
  A bunyip simulacrum (Coc:1)
  197 tormentors
  87 ancient zymes
  2 harpy zombies
  16 red devils
  72 trolls
  4 meliai (shapeshifter)
  2 spectral harpies
  A death yak skeleton (Crypt:2)
  34 bloated husks
  2 silent spectres
  A queen bee (shapeshifter) (Zig:15)
  2 alligator snapping turtle skeletons (Crypt:3)
  A hydra zombie (Hell)
  4 trolls (shapeshifter)
  5 merfolk (shapeshifter)
  18 meliai
  2 iron giant simulacra
  352 hornets
  2 spectral jumping spiders (Spider:4)
  34 wind drakes
  198 merfolk
  4 harpy skeletons
  20 polar bears
  6 tengu simulacra
  53 hellwings
  4 slime creatures (shapeshifter)
  47 snapping turtles
  5 polar bears (shapeshifter)
  60 tarantellas
  2 tarantella zombies (Spider:4)
  53 tyrant leeches
  A raiju (shapeshifter) (Zig:15)
  457 slime creatures
  A wind drake (shapeshifter) (Zig:16)
  44 blink frogs
  A spectral culicivora (Spider:4)
  An ettin zombie (D:15)
  2 jumping spider zombies (Spider:4)
  7 snapping turtles (shapeshifter)
  6 spectral tarantellas (Spider:4)
  An alligator zombie (Hell)
  10 shadow dragon simulacra
  2 jumping spiders (shapeshifter)
  3 dream sheep (shapeshifter)
  16 dream sheep
  8 tarantellas (shapeshifter)
  A culicivora zombie (Spider:4)
  3 sphinx simulacra
  3 tyrant leeches (shapeshifter)
  94 raiju
  4 fire giant simulacra
  152 flying skulls
  A frost giant simulacrum (Zig:9)
  79 air elementals
  78 jumping spiders
  A black mamba zombie (Crypt:3)
  An alligator skeleton (Hell)
  38 culicivoras
  6 shadows
  5 iron dragon simulacra
  3 spriggans (shapeshifter)
  35 spriggans
  4 ettin skeletons
  94 ynoxinuls
  A fire bat (shapeshifter) (Zig:19)
  An ice dragon skeleton (Pan)
  94 water elementals
  A wyvern (shapeshifter) (Zig:26)
  39 wyverns
  5 culicivoras (shapeshifter)
  3 fire dragon skeletons
  10 wraiths
  2 hogs (shapeshifter)
  18 basilisks
  112 yaks
  2 basilisks (shapeshifter)
  92 fire elementals
  3 hogs (Swamp:2)
  95 chaos spawn
  3 vampires
  123 ushabtiu
  7 dire elephant simulacra
  23 vampire mosquitoes
  57 golden eyes
  3 humans (shapeshifter)
  Menkaure (D:4)
  Grum (D:9)
  78 redbacks
  105 neqoxecs
  5 redbacks (shapeshifter)
  33 steam dragons
  12 harpy simulacra
  9 glowing shapeshifter zombies
  A sea snake simulacrum (Hell)
  63 wargs
  A spatial vortex (Zig:19)
  5 swamp worms (shapeshifter)
  134 nagas
  24 swamp worms
  A warg (shapeshifter) (Zig:16)
  31 acid dragons
  64 hell hounds
  6 floating eyes (shapeshifter)
  A deep troll skeleton (Crypt:3)
  Duvessa (D:5)
  3 hydra simulacra
  85 water moccasins
  7 glowing shapeshifter skeletons
  41 floating eyes
  2 ice beasts (shapeshifter)
  362 orc warriors
  A sky beast (D:7)
  7 ice beasts
  An ettin simulacrum (Coc:7)
  2 black bears (Lair:5)
  A black bear (shapeshifter) (Zig:21)
  2 sky beasts (shapeshifter)
  2 floating eye zombies
  138 ogres
  45 swamp drakes
  42 wolves
  An ogre (shapeshifter) (Zig:26)
  A boggart (shapeshifter) (Zig:19)
  A phantom (D:7)
  59 centaurs
  A centaur (shapeshifter) (Zig:19)
  A lemure (D:5)
  An elf zombie (Ossuary)
  A kobold brigand (D:9)
  9 bullfrogs
  2 necrophages
  2 gnoll sergeants
  4 naga simulacra
  2 cane toad simulacra (IceCv)
  A scorpion (shapeshifter) (Zig:21)
  2 scorpions (D:5)
  55 earth elementals
  8 glowing shapeshifter simulacra
  12 spriggan zombies
  5 wights (D:8)
  Dowan (D:5)
  A floating eye simulacrum (Zig:11)
  6 vampire bats (Bailey)
  10 wolf zombies (Bailey)
  2 howler monkeys
  An electric eel (Spider:3)
  8 crimson imps
  2 human zombies
  3 centaur zombies
  4 lava snakes (Lair:4)
  13 small abominations
  3 hounds
  196 starcursed masses
  4 jellies
  5 gnoll boudas
  A hound (shapeshifter) (Zig:22)
  Crazy Yiuf (D:7)
  73 orc priests
  An iguana (D:4)
  4 iron imps
  A black bear zombie (Crypt:2)
  61 orc wizards
  14 hell rats
  2 polar bear simulacra (IceCv)
  A boggart skeleton (Crypt:2)
  21 lightning spires
  2 wolf simulacra (IceCv)
  An ogre zombie (Crypt:1)
  508 mummies
  18 gnolls
  3 adders
  2 shadow imps
  2 swamp drake skeletons (Crypt:3)
  2 white imps
  2 ufetubi
  4 adder zombies
  A worm (D:6)
  6 dart slugs
  92 orcs
  An endoplasm (shapeshifter) (Zig:19)
  10 endoplasms
  2 giant cockroaches
  10 goblins
  4 hobgoblins
  4 quokkas
  5 ball pythons
  4 bats
  A frilled lizard (D:2)
  A goblin zombie (Ossuary)
  9 hobgoblin zombies (Ossuary)
  3 jackal zombies
  6 kobolds
  8 kobold zombies (Ossuary)
  33 orc zombies
  5 rats
  7 ball lightnings
  25 briar patches
  3 bushes (Zig:26)
  2 butterflies (Lair:4)
  4 creeping infernos
  A diamond obelisk (Zot:3)
  187 fire vortices
  A foxfire (Zig:24)
  10 plants
  20 starspawn tentacles
  A tentacle (Hell)
33494 creatures vanquished.

Vanquished Creatures (collateral kills)
  A dread lich (Pan)
  3 Killer Klowns
  A pandemonium lord (Zig:16)
  2 Ice Fiends (Zig:20)
  An acid blob (Zig:26)
  An ancient champion (Zig:21)
  A demonspawn warmonger (Zig:14)
  A nagaraja (Zig:27)
  A cacodemon (Pan)
  A shard shrike simulacrum (Coc:7)
  A purple draconian (Zig:15)
  A lorocyproca (Pan)
  2 eidola (Zig:16)
  2 blizzard demons
  A shambling mangrove (Zig:26)
  A hell beast (Zig:14)
  An alligator snapping turtle (shapeshifter) (Zig:19)
  A hellwing (Zig:26)
  2 ynoxinuls (Pan)
  A chaos spawn (Pan)
  A harpy simulacrum (Coc:4)
  An ettin simulacrum (Coc:6)
  A starcursed mass (Abyss:3)
  4 mummies
33 creatures vanquished.

Vanquished Creatures (others)
  11 pandemonium lords
  The ghost of Viugiw the Slayer, a legendary TeBe of the Shining One (Zig:16)
  5 Killer Klowns
  A shard shrike (Zig:10)
  4 golden dragons
  6 tentacled monstrosities
  A hellephant (Zig:9)
  An Executioner (Zig:20)
  3 deep elf master archers
  A sphinx (shapeshifter) (Zig:19)
  3 eldritch tentacles
  A nagaraja (Zig:14)
  4 fire giants
  A cacodemon (Zig:8)
  An emperor scorpion (shapeshifter) (Zig:19)
  A balrug (Zig:6)
  3 very ugly things (Zig:24)
  A war gargoyle (Zig:14)
  A stone giant (Zig:27)
  A spark wasp (Zot:3)
  A blizzard demon (Zig:27)
  3 green deaths
  A fire dragon (Zig:21)
  5 shambling mangroves
  4 hydras
  A ghost crab (Zig:11)
  A caustic shrike simulacrum (Coc:7)
  An alligator snapping turtle (shapeshifter) (Zig:21)
  2 juggernaut simulacra
  A naga warrior (Zig:13)
  2 centaur warriors
  An alligator (Zig:6)
  A satyr (Zig:23)
  2 merfolk aquamancers (Zig:20)
  A shock serpent (Zot:3)
  2 naga sharpshooters
  A sixfirhy (Zig:25)
  6 death drakes
  3 swamp dragons
  A flayed ghost (Zig:25)
  A glowing orange brain (shapeshifter) (Zig:24)
  A bog body (Zig:11)
  A goliath frog (Zig:21)
  An orb spider (shapeshifter) (Zig:24)
  A spriggan simulacrum (Zig:14)
  2 ugly things
  2 cyclopes (Zig:23)
  A wolf spider (Zig:20)
  A faun (Zig:23)
  A manticore (shapeshifter) (Zig:16)
  A titan simulacrum (Zig:27)
  An eye of devastation (Pan)
  An elephant (shapeshifter) (Zig:21)
  A smoke demon (Pan)
  3 apocalypse crabs
  2 tormentors
  2 hellions
  A rime drake (Zig:27)
  A spark wasp simulacrum (Zig:10)
  An ice devil (Pan)
  2 golden dragon simulacra
  A shadow dragon simulacrum (Zig:10)
  A merfolk (shapeshifter) (Zig:24)
  9 hornets
  A raiju (Zot:3)
  A jumping spider (Spider:3)
  3 water elementals
  A hog (shapeshifter) (Zig:14)
  4 chaos spawn
  A fire elemental (Zig:22)
  A golden eye (Zig:15)
  A redback (shapeshifter) (Zig:21)
  A naga (Zig:19)
  2 acid dragons
  A floating eye (shapeshifter) (Zig:21)
  A black bear (shapeshifter) (Zig:24)
  An orc warrior (Elf:1)
  A swamp drake (Zig:20)
  2 glowing shapeshifter simulacra
  An ufetubus (Abyss:3)
  21 ball lightnings
  4 briar patches
  17 bushes
  3 creeping infernos
  648 fire vortices
  59 foxfires
  63 fungi
  93 plants
  13 starspawn tentacles
  3 tentacles (Hell)
1077 creatures vanquished.

Grand Total: 34604 creatures vanquished

Notes
Turn   | Place    | Note
-------+----------+-------------------------------------------
     0 | D:1      | TroonPlatoon the Gargoyle Earth Elementalist began the
                  | quest for the Orb.
     0 | D:1      | Reached XP level 1. HP: 10/10 MP: 3/3
   218 | D:1      | Found Origg's Armour Shoppe.
   232 | D:1      | Found a faded altar of an unknown god.
   315 | D:1      | Reached XP level 2. HP: 15/15 MP: 3/5
  1554 | D:2      | Reached XP level 3. HP: 2/19 MP: 3/6
  2262 | D:3      | Identified the +0 ring mail of the Turtledove {Rampage
                  | rF+++ rC- Int-2}
  2274 | D:3      | Learned a level 3 spell: Stone Arrow
  2277 | D:3      | Learned a level 2 spell: Passwall
  2490 | D:3      | Reached XP level 4. HP: 24/24 MP: 4/8
  2541 | D:3      | Reached skill level 1 in Conjurations
  2590 | D:3      | Found a shadowy altar of Dithmenos.
  3047 | D:4      | Found a sand-covered staircase.
  3205 | Ossuary  | Entered an ossuary
  3294 | Ossuary  | Reached skill level 5 in Earth Magic
  3304 | Ossuary  | Reached XP level 5. HP: 28/28 MP: 2/9
  3675 | Ossuary  | Reached XP level 6. HP: 30/32 MP: 0/11
  4086 | D:4      | Identified the +5 hand axe of Welfare {freeze, rF+}
  4097 | D:5      | Entered Level 5 of the Dungeon
  4458 | D:4      | Noticed Menkaure
  4468 | D:4      | Killed Menkaure
  4469 | D:4      | Reached XP level 7. HP: 30/36 MP: 4/13
  4481 | D:4      | Reached skill level 5 in Conjurations
  5187 | D:5      | Noticed Duvessa
  5190 | D:5      | Noticed Dowan
  5197 | D:5      | Killed Duvessa
  5432 | D:5      | Killed Dowan
  5595 | D:5      | Reached XP level 8. HP: 41/41 MP: 7/15
  5812 | D:5      | Found a stormy altar of Qazlal.
  5817 | D:5      | Reached skill level 5 in Spellcasting
  6298 | D:5      | Noticed Pikel
  6302 | D:5      | Killed Pikel
  6560 | D:5      | Found Nejen Qigu's Book Emporium.
  6969 | D:6      | Reached XP level 9. HP: 45/45 MP: 7/17
  7270 | D:6      | Found a sacrificial altar of Ru.
  7514 | D:6      | Found an ornate altar of the Wu Jian Council.
  7588 | D:6      | Found a staircase to the Ecumenical Temple.
  7598 | Temple   | Entered the Ecumenical Temple
  7639 | Temple   | Became a worshipper of Gozag Ym Sagoz the Greedy
  7762 | D:6      | Found a glowing golden altar of the Shining One.
  7811 | D:6      | Found a snail-covered altar of Cheibriados.
  8629 | D:1      | Bought a +0 kite shield for 63 gold pieces
  8764 | D:7      | Found a basalt altar of Yredelemnul.
  8766 | D:7      | Found an ancient bone altar of Kikubaaqudgha.
  8782 | D:7      | Found a transporter.
  8784 | D:7      | Found a transporter.
  8987 | D:7      | Reached skill level 1 in Shields
  9121 | D:7      | Found a runed translucent door.
  9122 | D:7      | Noticed Crazy Yiuf
  9284 | D:7      | Found a hazy altar of Hepliaklqana.
  9341 | D:7      | Killed Crazy Yiuf
  9946 | D:8      | Found Jiwo's Distillery.
  9994 | D:8      | Reached XP level 10. HP: 50/50 MP: 14/20
 10000 | D:8      | Reached skill level 10 in Conjurations
 10189 | D:8      | Bought a potion of degeneration for 12 gold pieces
 10238 | D:8      | Learned a level 3 spell: Mephitic Cloud
 10763 | D:8      | Identified the +0 cloak of Charred Miracles {Rampage rC-
                  | rCorr}
 10766 | D:8      | Got the Quarto of Enthralling Conflagration
 10778 | D:8      | Reached skill level 10 in Earth Magic
 10833 | D:8      | Identified the ring of Cowardice {*Slow Will+ Str+5 Int+7}
 11245 | D:9      | Noticed Erolcha
 11443 | D:9      | Found a staircase to the Lair.
 11588 | D:9      | Noticed Grum
 11605 | D:9      | Killed Grum
 11831 | D:9      | Killed Erolcha
 11832 | D:9      | Reached XP level 11. HP: 54/54 MP: 11/23
 11997 | D:9      | Found a glowing silver altar of Zin.
 12444 | D:9      | Found a burning altar of Makhleb.
 12545 | D:9      | Found a sparkling altar of Nemelex Xobeh.
 12687 | D:10     | Entered Level 10 of the Dungeon
 12687 | D:10     | Found a flagged portal.
 12724 | Bailey   | Entered a bailey
 13551 | Bailey   | Identified the +6 ring mail "Mownoj" {-Cast +Blink rN+++
                  | Str+4}
 13634 | Bailey   | Identified the +0 scale mail "Umecraf" {rElec rCorr Dex-2}
 13861 | D:10     | Bought a manual of Shields for 800 gold pieces
 13926 | D:10     | Identified a scroll of acquirement
 13926 | D:10     | Acquired 894 gold pieces
 13981 | D:10     | Reached skill level 5 in Shields
 14106 | D:10     | Noticed Nergalle
 14128 | D:10     | Noticed a spectral orc warlord
 14133 | D:10     | Killed Nergalle
 14260 | D:10     | Noticed Lodul
 14292 | D:10     | Killed Lodul
 14439 | D:10     | Bought an ancient cloak for 237 gold pieces
 14439 | D:10     | Identified the +1 cloak of the Shining One {rF+} (You
                  | bought it in a shop on level 10 of the Dungeon)
 14439 | D:10     | Bought a pair of faintly humming boots for 237 gold pieces
 14439 | D:10     | Identified the +1 pair of boots of Action {-Cast Rampage
                  | rElec Str+5} (You bought it in a shop on level 10 of the
                  | Dungeon)
 14752 | D:10     | Found a hide-covered altar of Uskayaw.
 15168 | Lair:1   | Entered Level 1 of the Lair of Beasts
 15771 | Lair:1   | Reached XP level 12. HP: 59/59 MP: 7/25
 16327 | Lair:1   | Noticed a four-headed hydra
 16331 | Lair:1   | Killed a four-headed hydra
 16947 | Lair:1   | Reached skill level 10 in Spellcasting
 17449 | Lair:2   | Found a shimmering altar of Xom.
 17782 | Lair:2   | Noticed a four-headed hydra
 17793 | Lair:2   | Killed a four-headed hydra
 18569 | Lair:2   | Noticed a six-headed hydra
 18576 | Lair:2   | Killed a six-headed hydra
 18577 | Lair:2   | Reached XP level 13. HP: 63/63 MP: 10/27
 19300 | Lair:2   | Bought a book of Iron for 504 gold pieces
 19307 | Lair:2   | Learned a level 6 spell: Iron Shot
 20192 | Lair:2   | Found a staircase to the Swamp.
 20966 | Lair:3   | Reached skill level 10 in Shields
 22412 | Lair:3   | Found a hole to the Spider Nest.
 22557 | Lair:3   | Reached skill level 15 in Earth Magic
 23291 | Lair:4   | Found a staircase to the Slime Pits.
 23393 | Lair:4   | Found a frozen archway.
 23552 | IceCv    | Entered an ice cave
 24794 | IceCv    | Identified the +7 whip "Killer Bee's Bane" {vorpal, rF+
                  | Str+4 Int-2 SInv}
 24843 | Lair:4   | Gained mutation: Your large and strong wings let you fly.
                  | [Gargoyle growth]
 24843 | Lair:4   | Reached XP level 14. HP: 68/68 MP: 19/29
 25199 | Lair:4   | Reached skill level 15 in Conjurations
 27323 | Lair:5   | Entered Level 5 of the Lair of Beasts
 27657 | Lair:4   | Learned a level 9 spell: Fire Storm
 27929 | Lair:5   | Reached skill level 1 in Fire Magic
 30274 | Lair:5   | Found a runed translucent gate.
 30274 | Lair:5   | Found a runed translucent gate.
 30274 | Lair:5   | Found a runed translucent gate.
 30277 | Lair:5   | Noticed Quercus's ghost (journeyman GrEE)
 30989 | Lair:5   | Reached XP level 15. HP: 72/72 MP: 0/32
 31741 | Lair:5   | Reached skill level 5 in Fire Magic
 31922 | Lair:5   | Learned a level 5 spell: Borgnjor's Vile Clutch
 32282 | D:11     | Reached skill level 1 in Fighting
 32344 | D:11     | Reached skill level 1 in Necromancy
 32869 | D:11     | Found Astrueh's Overcharged Wands.
 33510 | D:12     | Found a transporter.
 33534 | D:12     | Found a transporter.
 33567 | D:12     | Noticed emiel's ghost (journeyman FoFi)
 33696 | D:12     | Found a staircase to the Orcish Mines.
 34051 | D:12     | Bought a scroll of fear for 52 gold pieces
 34053 | D:12     | Bought a scroll of acquirement for 780 gold pieces
 34072 | D:12     | Acquired 920 gold pieces
 34529 | D:12     | Found Plog's Antique Weapon Emporium.
 34703 | Orc:1    | Entered Level 1 of the Orcish Mines
 34711 | Orc:1    | Reached skill level 5 in Fighting
 34980 | Orc:1    | Noticed Harold
 34983 | Orc:1    | Killed Harold
 35216 | Orc:2    | Entered Level 2 of the Orcish Mines
 35216 | Orc:2    | Found a staircase to the Elven Halls.
 35501 | Orc:2    | Noticed Donald
 35505 | Orc:2    | Killed Donald
 35988 | Orc:2    | Found Urphai's Weapon Boutique.
 38095 | Orc:2    | Found Isogen's Book Emporium.
 38095 | Orc:2    | Found Gaunics's Antique Weapon Emporium.
 38096 | Orc:2    | Found Cikhajos's Weapon Emporium.
 38096 | Orc:2    | Found Ageu's Antique Armour Shoppe.
 38103 | Orc:2    | Bought the Unrestrained Analects for 484 gold pieces
 38108 | Orc:2    | Bought a shiny helmet for 187 gold pieces
 38583 | Orc:1    | Noticed an orc warlord
 38590 | Orc:1    | Killed an orc warlord
 39512 | D:13     | Reached XP level 16. HP: 88/88 MP: 21/33
 40283 | D:13     | Found a gate to the Vaults.
 41089 | Swamp:1  | Entered Level 1 of the Swamp
 42064 | Swamp:1  | Identified the +1 robe "Cera Tiwi" {Str+3 Stlth+}
 42119 | Swamp:1  | Identified the +2 trident "Oluwolue" {pain, Will+}
 43057 | Swamp:2  | Noticed Kirke
 43162 | Swamp:2  | Killed Kirke
 44656 | Swamp:4  | Entered Level 4 of the Swamp
 45329 | Swamp:4  | Noticed a thorn hunter
 46031 | Swamp:4  | Reached XP level 17. HP: 84/93 MP: 22/35
 46671 | Swamp:4  | Got Bomuce Ylami's Lectures on the Lungs and Kindling
 46698 | Swamp:4  | Got a decaying rune of Zot
 46992 | Swamp:4  | Reached skill level 15 in Spellcasting
 47278 | Spider:1 | Entered Level 1 of the Spider Nest
 47760 | Spider:1 | Identified the +1 chain mail "Ovofixzo" {Str+7 Stlth+}
 52485 | Spider:3 | Reached skill level 15 in Shields
 53416 | Spider:3 | Reached XP level 18. HP: 98/98 MP: 24/37
 53971 | Spider:3 | Bought a +1 kite shield of cold resistance for 346 gold
                  | pieces
 54752 | Spider:4 | Entered Level 4 of the Spider Nest
 55778 | Spider:4 | Noticed Arachne
 55784 | Spider:4 | Killed Arachne
 56385 | Spider:4 | Learned a level 8 spell: Ignition
 57735 | Spider:4 | Reached skill level 10 in Fire Magic
 58762 | Spider:4 | Got a gossamer rune of Zot
 59205 | Vaults:1 | Entered Level 1 of the Vaults
 60724 | Vaults:1 | Reached XP level 19. HP: 103/103 MP: 21/39
 61103 | Vaults:1 | Found a transporter.
 61676 | Vaults:1 | Found a transporter.
 61707 | Vaults:1 | Identified the ring of Zubrayma {Contam AC+4 Int+2 Dex+4
                  | Stlth+}
 62957 | Vaults:1 | Bought the ring "Irrasoemo" {Wiz rF+ rC+ Dex+2} for 1159
                  | gold pieces
 64458 | Vaults:2 | Found Suciek's Antique Armour Shoppe.
 64540 | Vaults:2 | Found Sihext's Magic Scroll Shoppe.
 64547 | Vaults:2 | Bought a scroll of teleportation for 39 gold pieces
 64547 | Vaults:2 | Bought a scroll of teleportation for 39 gold pieces
 65997 | Vaults:2 | Noticed Aizul
 66004 | Vaults:2 | Killed Aizul
 66244 | Vaults:2 | Noticed a tentacled monstrosity
 66252 | Vaults:2 | Killed a tentacled monstrosity
 66882 | Vaults:3 | Identified the +2 long sword "Vapha" {pain, Fragile rPois
                  | Str+9 Int-2}
 67089 | Vaults:3 | Reached XP level 20. HP: 97/108 MP: 1/41
 69298 | Vaults:3 | Reached skill level 15 in Fire Magic
 69786 | Vaults:3 | Found a staircase to the Crypt.
 73101 | Vaults:4 | Reached XP level 21. HP: 112/112 MP: 30/43
 74000 | Vaults:4 | Learned a level 9 spell: Fire Storm
 74393 | Elf:1    | Entered Level 1 of the Elven Halls
 75568 | Elf:1    | Got Cicot's Vellum of Calculation
 76580 | Elf:2    | Paralysed by an air elemental for 1 turns
 77827 | Elf:2    | Found Duros's Book Emporium.
 77834 | Elf:2    | Bought a book of Annihilations for 780 gold pieces
 77834 | Elf:2    | Bought Great Wizards, Vol. VII for 390 gold pieces
 77844 | Elf:2    | Learned a level 9 spell: Shatter
 77865 | Elf:2    | Bought a book of Armaments for 468 gold pieces
 77874 | Elf:2    | Learned a level 8 spell: Lehudib's Crystal Spear
 77908 | Elf:2    | Found a runed translucent gate.
 77909 | Elf:2    | Found a runed translucent gate.
 77909 | Elf:2    | Found a runed translucent gate.
 79004 | Elf:3    | Entered Level 3 of the Elven Halls
 79495 | Elf:3    | Noticed Bai Suzhen
 79505 | Elf:3    | Killed Bai Suzhen
 80028 | Elf:3    | Reached XP level 22. HP: 59/117 MP: 24/44
 80547 | Elf:3    | Got the Parchment of the Changing Tempest
 80548 | Elf:3    | Identified the amulet of False Pretenses {Reflect rF+ SH+5}
 80565 | Elf:3    | Got Kukal's Codex of the Evil Iceberg
 80569 | Elf:3    | Got Sif Muna's Folio of Bewitchment and Rallying
 80579 | Elf:3    | Identified the amulet "Vimum" {Reflect *Slow rPois rN+
                  | Will++ SH+5}
 80692 | Elf:3    | Identified the +9 scimitar of Yredelemnul, Devouring
                  | {speed, *Noise Int+5}
 80878 | Elf:3    | Identified the +1 hand axe of the Imperium {drain, Dex+4}
 81071 | Elf:3    | Found Xete Por's Jewellery Shop.
 81074 | Elf:3    | Found Ledghate's Book Emporium.
 81075 | Elf:3    | Found Naosuhem's Jewellery Shop.
 81193 | Elf:3    | Found Azeamyw's Distillery.
 81200 | Elf:3    | Bought a potion of mutation for 120 gold pieces
 81200 | Elf:3    | Bought a potion of haste for 150 gold pieces
 81200 | Elf:3    | Bought a potion of magic for 120 gold pieces
 81362 | Elf:3    | Acquired a book of the Spheres
 81588 | D:10     | Bought a shimmering robe for 142 gold pieces
 81588 | D:10     | Identified the +2 robe of Tartarus {rPois Dex+2} (You
                  | bought it in a shop on level 10 of the Dungeon)
 82142 | D:14     | Found Noemarr's Armour Emporium.
 82380 | D:15     | Entered Level 15 of the Dungeon
 82512 | D:15     | Noticed Jorgrun
 82514 | D:15     | Killed Jorgrun
 82865 | D:15     | Identified the +5 whip of Jerphoti {vorpal, *Slow rF+ rCorr
                  | Dex+3}
 83041 | D:15     | Found a runed translucent gate.
 83041 | D:15     | Found a runed translucent gate.
 83041 | D:15     | Found a runed translucent gate.
 83045 | D:15     | Noticed kwasso's ghost (journeyman DrIE)
 83052 | D:15     | Killed kwasso's ghost
 83576 | D:15     | Found a staircase to the Depths.
 83715 | D:15     | Reached skill level 1 in Armour
 83871 | D:15     | Found Kuitad's General Store.
 83876 | D:15     | Bought a manual of Dodging for 1360 gold pieces
 83876 | D:15     | Bought a scroll of teleportation for 51 gold pieces
 84146 | Crypt:1  | Entered Level 1 of the Crypt
 84149 | Crypt:1  | Noticed Sojobo
 84255 | Crypt:1  | Killed Sojobo
 86749 | Crypt:1  | Reached skill level 5 in Armour
 87101 | Crypt:1  | Reached XP level 23. HP: 121/121 MP: 33/46
 87468 | Crypt:1  | Identified the +0 scale mail of the World {Str+4 Dex+4
                  | Stlth+}
 88078 | Crypt:2  | Identified the +3 dagger "Hiesitua" {pain, Fly rC+ rN++}
 88356 | Crypt:3  | Entered Level 3 of the Crypt
 90985 | Crypt:3  | Found a staircase to the Tomb.
 91240 | Crypt:3  | Noticed an ancient lich
 91243 | Crypt:3  | Killed an ancient lich
 91506 | Crypt:3  | Identified the ring of Zulopih {Fly rF+++ Int+3 Dex-4 SInv}
 92219 | Crypt:3  | Found a basalt altar of Yredelemnul.
 92820 | Crypt:3  | Reached XP level 24. HP: 127/127 MP: 32/46
 93051 | Crypt:3  | Got Winon's Incunable of Calling and Gusts
 93357 | Vaults:5 | Entered Level 5 of the Vaults
 93549 | Vaults:5 | Identified the +6 shortbow "Woassoan" {venom, rC+}
 93549 | Vaults:5 | Identified the ring "Biediuxy" {rElec rPois rC+ rCorr
                  | Stlth+}
 94824 | Vaults:5 | Noticed an ancient lich
 94825 | Vaults:5 | Identified the amulet of Salofurch {RegenMP rN++}
 94826 | Vaults:5 | Killed an ancient lich
 94834 | Vaults:5 | Reached XP level 25. HP: 136/136 MP: 14/47
 95308 | Vaults:5 | Identified the ring of Tunublio {rPois rF+ Str-2 SInv
                  | Stlth+}
 95610 | Vaults:5 | Identified the +3 whip "Fyakein" {pain, +Blink Int+6 Dex+3}
 95892 | Vaults:5 | Got a silver rune of Zot
 96051 | Vaults:5 | Got the Disquisition on Ashen Orientation
 96055 | Vaults:5 | Identified the +8 falchion of Fortitude {flame, +Blink
                  | Int+8 Stlth+}
 96385 | Depths:1 | Entered Level 1 of the Depths
 96802 | Depths:1 | Noticed Nikola
 96804 | Depths:1 | Killed Nikola
 97052 | Depths:1 | Identified the +0 kite shield of Ifrod {rElec Will- Int+3
                  | Stlth+}
 97052 | Depths:1 | Noticed Asterion
 97054 | Depths:1 | Killed Asterion
 97230 | Depths:1 | Identified the +9 demon whip of Caahu {flame, rElec rCorr
                  | Str+7 Int-3}
 98273 | Depths:1 | Got the Atlas of the Flock
 98334 | Depths:1 | Bought a pair of spiked boots for 247 gold pieces
 98334 | Depths:1 | Identified the +2 pair of boots of Spring {*Corrode rElec
                  | rC+ Regen+} (You bought it in a shop on level 1 of the
                  | Depths)
 99129 | Depths:1 | Found a one-way gateway to a ziggurat.
 99347 | Depths:1 | Found a gateway to Hell.
 99461 | Depths:2 | Found a one-way gate leading to the halls of Pandemonium.
101194 | Depths:2 | Noticed a shard shrike
101197 | Depths:2 | Killed a shard shrike
102229 | Depths:2 | Identified the +0 leather armour "Qiozasar" {Harm Will-
                  | Dex+4 SInv}
102963 | Depths:3 | Found a one-way gate to the infinite horrors of the Abyss.
103228 | Depths:3 | Reached XP level 26. HP: 145/145 MP: 3/47
104709 | Depths:3 | Noticed an ancient lich
104712 | Depths:3 | Killed an ancient lich
105253 | Depths:3 | Identified the +4 scale mail of the Planets {+Blink}
105400 | Depths:4 | Entered Level 4 of the Depths
105433 | Depths:4 | Noticed a juggernaut
105688 | Depths:4 | Killed a juggernaut
105688 | Depths:4 | Noticed Margery
105689 | Depths:4 | Killed Margery
105969 | Depths:4 | Reached skill level 10 in Fighting
106525 | Depths:4 | Noticed a juggernaut
106672 | Depths:4 | Found a portal to a secret trove of treasure.
106675 | Depths:4 | Killed a juggernaut
107261 | Depths:4 | Found a hazy altar of Hepliaklqana.
107461 | Depths:4 | Found a gate to the Realm of Zot.
108218 | Hell     | Entered the Vestibule of Hell
108219 | Hell     | Noticed Geryon
108228 | Hell     | Killed Geryon
108237 | Hell     | Reached skill level 27 in Earth Magic
108976 | Depths:4 | You paid a toll of the horn of Geryon to enter a treasure
                  | trove
108977 | Trove    | Entered a treasure trove
109002 | Trove    | Identified the ring of Ahugacw {rF- Str+6 Slay+5}
109005 | Trove    | Identified the ring "Tuirykku" {Ice Slay+2}
109009 | Trove    | Identified the amulet "Irips" {Spirit -Cast Regen+ Stlth+}
109012 | Trove    | Identified the ring of Xom's Fair Game {+Blink rElec rC+
                  | rN+ MP+9}
109044 | Trove    | Identified the ring "Geh Qev" {Ice Int+3 Dex-4 SInv}
109048 | Trove    | Identified the ring of Conformity {Ice Fly Dex+2}
109051 | Trove    | Identified the ring "Enguuc" {Fire *Corrode Dex+5}
109057 | Trove    | Identified the amulet of the Swan {Reflect rElec SH+5
                  | Stlth+}
111986 | Slime:1  | Entered Level 1 of the Pits of Slime
113330 | Slime:4  | Reached XP level 27. HP: 152/152 MP: 41/47
113387 | Slime:5  | Entered Level 5 of the Pits of Slime
113647 | Slime:5  | Noticed the Royal Jelly
113656 | Slime:5  | Killed the Royal Jelly
114341 | Slime:5  | Got The Advanced Guide to Incantation
114373 | Slime:5  | Got a slimy rune of Zot
114374 | Slime:5  | Identified the amulet "Ischia" {Reflect +Inv Str+9 Int-5
                  | SH+5}
114436 | Slime:5  | Identified the +0 scale mail of the Miller {rPois rF-
                  | Stlth+}
115405 | Tomb:1   | Entered Level 1 of the Tomb of the Ancients
116621 | Tomb:1   | Noticed a royal mummy
116623 | Tomb:1   | Killed a royal mummy
117045 | Tomb:2   | Noticed a royal mummy
117045 | Tomb:2   | Noticed a royal mummy
117045 | Tomb:2   | Noticed a royal mummy
117046 | Tomb:2   | Noticed a royal mummy
117046 | Tomb:2   | Noticed a royal mummy
117048 | Tomb:2   | Killed a royal mummy
117048 | Tomb:2   | Killed a royal mummy
117056 | Tomb:2   | Killed a royal mummy
117056 | Tomb:2   | Killed a royal mummy
117056 | Tomb:2   | Killed a royal mummy
117732 | Tomb:1   | Noticed a royal mummy
117733 | Tomb:1   | Noticed a royal mummy
117734 | Tomb:1   | Noticed a royal mummy
117734 | Tomb:1   | Noticed a royal mummy
117734 | Tomb:1   | Noticed a royal mummy
117735 | Tomb:1   | Noticed a royal mummy
117736 | Tomb:1   | Noticed a royal mummy
117738 | Tomb:1   | Killed a royal mummy
117739 | Tomb:1   | Killed a royal mummy
117739 | Tomb:1   | Killed a royal mummy
117739 | Tomb:1   | Killed a royal mummy
117739 | Tomb:1   | Killed a royal mummy
117739 | Tomb:1   | Killed a royal mummy
117740 | Tomb:1   | Killed a royal mummy
117746 | Tomb:1   | Noticed a royal mummy
117760 | Tomb:1   | Killed a royal mummy
117810 | Tomb:1   | Noticed a royal mummy
117927 | Tomb:1   | Killed a royal mummy
118155 | Tomb:1   | Noticed a royal mummy
118157 | Tomb:1   | Noticed a royal mummy
118159 | Tomb:1   | Killed a royal mummy
118162 | Tomb:1   | Killed a royal mummy
118257 | Tomb:1   | Noticed a royal mummy
118261 | Tomb:1   | Killed a royal mummy
118340 | Tomb:1   | Noticed a royal mummy
118348 | Tomb:1   | Killed a royal mummy
118447 | Tomb:1   | Noticed a royal mummy
118452 | Tomb:1   | Killed a royal mummy
118527 | Tomb:1   | Noticed a royal mummy
118529 | Tomb:1   | Noticed a royal mummy
118533 | Tomb:1   | Killed a royal mummy
118534 | Tomb:1   | Killed a royal mummy
118534 | Tomb:1   | Killed a royal mummy
118635 | Tomb:1   | Noticed a royal mummy
118640 | Tomb:1   | Killed a royal mummy
118725 | Tomb:1   | Noticed a royal mummy
118728 | Tomb:1   | Killed a royal mummy
118850 | Tomb:1   | Noticed a royal mummy
118853 | Tomb:1   | Killed a royal mummy
119518 | Tomb:3   | Entered Level 3 of the Tomb of the Ancients
119534 | Tomb:3   | Noticed a royal mummy
119540 | Tomb:3   | Killed a royal mummy
119540 | Tomb:3   | Noticed a royal mummy
119542 | Tomb:3   | Killed a royal mummy
119542 | Tomb:3   | Noticed a royal mummy
119545 | Tomb:3   | Killed a royal mummy
119546 | Tomb:3   | Noticed a royal mummy
119556 | Tomb:3   | Killed a royal mummy
119678 | Tomb:3   | Noticed a royal mummy
119686 | Tomb:3   | Killed a royal mummy
119734 | Tomb:3   | Noticed a royal mummy
119739 | Tomb:3   | Killed a royal mummy
119739 | Tomb:3   | Noticed a royal mummy
119764 | Tomb:3   | Killed a royal mummy
119981 | Tomb:3   | Identified the +0 pair of boots of the Swamp {Rampage Dex-2
                  | SInv Stlth+}
119985 | Tomb:3   | Got Zamurghy's Anthology of Snowy Wicked Rituals
119994 | Tomb:3   | Identified the +2 scimitar "Ywoekuf" {drain, rElec rPois
                  | rC- rCorr}
119997 | Tomb:3   | Identified the ring "Awneneg" {Ice Slay+2}
119998 | Tomb:3   | Identified the +1 ring mail of the Beginning {*Corrode
                  | Str+8}
120029 | Tomb:3   | Identified the ring "Kutar" {Contam rElec rC+++ Will+
                  | Int-3}
120088 | Tomb:3   | Identified the +5 mace of Uguer {venom, *Noise rC+ Will+
                  | Int+7}
120195 | Tomb:3   | Noticed a royal mummy
120200 | Tomb:3   | Killed a royal mummy
120201 | Tomb:3   | Noticed a royal mummy
120206 | Tomb:3   | Killed a royal mummy
120346 | Tomb:3   | Identified the +1 robe of the Neverending Olives {rC+ Dex+4
                  | SInv}
120421 | Tomb:3   | Learned a level 8 spell: Necromutation
120877 | Tomb:3   | Got a golden rune of Zot
121326 | Depths:3 | Voluntarily entered the Abyss.
121344 | Abyss:1  | Found a corrupted altar of Lugonu.
121371 | Abyss:2  | Found a basalt altar of Yredelemnul.
121713 | Abyss:3  | Gained mutation: You do not regenerate when monsters are
                  | visible. [a shining eye]
122137 | Abyss:3  | Noticed a dread lich
122138 | Abyss:3  | Killed a dread lich
122216 | Abyss:6  | Found a corrupted altar of Lugonu.
122298 | Abyss:6  | Got an abyssal rune of Zot
122304 | Abyss:6  | Paralysed by accursed screaming for 1 turns
122308 | Depths:3 | Escaped the Abyss
122616 | Zig:1    | Entered Level 1 of a ziggurat
122687 | Zig:2    | Entered Level 2 of a ziggurat
122777 | Zig:3    | Entered Level 3 of a ziggurat
122846 | Zig:4    | Entered Level 4 of a ziggurat
122915 | Zig:4    | Reached skill level 5 in Necromancy
122919 | Zig:5    | Entered Level 5 of a ziggurat
122990 | Zig:5    | Identified the +8 dagger of the Four Bounties {vorpal,
                  | rPois Will+ Int+2}
123029 | Zig:6    | Entered Level 6 of a ziggurat
123138 | Zig:6    | Identified the +5 ring mail "Oqoiffei" {Harm rCorr}
123145 | Zig:6    | Identified the +6 scale mail of Uskayaw's Condemnation
                  | {rN++ Will-}
123147 | Zig:6    | Identified the ring "Ozxytis" {+Blink rF- Will- MP+9 Int+8}
123183 | Zig:7    | Entered Level 7 of a ziggurat
123325 | Zig:7    | Identified the +4 dagger of Beyond {freeze, Drain +Blink
                  | rN++ Stlth+}
123346 | Zig:8    | Entered Level 8 of a ziggurat
123355 | Zig:8    | Noticed Vosus the pandemonium lord
123360 | Zig:8    | Killed Vosus the pandemonium lord
123470 | Zig:8    | Identified the amulet of Reg Fone {rF++ rN+ Regen+ Dex+3}
123476 | Zig:8    | Identified the ring of Satisfaction {Fire Str-3 Int+3
                  | Dex+4}
123484 | Zig:9    | Entered Level 9 of a ziggurat
123498 | Zig:9    | Noticed Zumot the pandemonium lord
123508 | Zig:9    | Killed Zumot the pandemonium lord
123538 | Zig:9    | Found the +3 crown of Dyrovepreva {rElec Int+2 SInv}
123712 | Zig:9    | Identified the +0 ring mail of Duck's Teeth {rCorr Str+4
                  | Stlth+}
123716 | Zig:9    | Identified the +7 scimitar of Brawling {freeze, rPois}
123787 | Zig:10   | Entered Level 10 of a ziggurat
123928 | Zig:10   | Identified the +10 glaive of Bread {drain, rElec Stlth+}
123940 | Zig:10   | Identified the amulet "Ituedef" {+Inv Regen+ Stlth+}
123979 | Zig:11   | Entered Level 11 of a ziggurat
123997 | Zig:11   | Found the +3 Elemental Staff {rElec rF++ rC++ AC+5}
124276 | Zig:12   | Entered Level 12 of a ziggurat
124473 | Zig:12   | Lost mutation: You do not regenerate when monsters are
                  | visible. [potion of mutation]
124473 | Zig:12   | Gained mutation: You are somewhat resistant to further
                  | mutation. [potion of mutation]
124480 | Zig:13   | Entered Level 13 of a ziggurat
124735 | Zig:14   | Entered Level 14 of a ziggurat
124899 | Zig:14   | Identified the ring "Funust" {Fly rC+ rN++ Dex-2 Slay+3}
124902 | Zig:14   | Identified the +4 robe "Vaschoph" {Stlth+}
124912 | Zig:14   | Identified the +6 lajatang "Loagh" {freeze, Drain rElec rN+
                  | rCorr}
124916 | Zig:14   | Acquired 589 gold pieces
124921 | Zig:14   | Identified the ring "Kecioshra" {Fly Slay+3 Stlth+}
124936 | Zig:14   | Identified the +0 triple crossbow "Plog" {freeze, Dex+3}
124943 | Zig:14   | Identified the +3 long sword "Utietwol" {antimagic, Int+4}
124980 | Zig:15   | Entered Level 15 of a ziggurat
124997 | Zig:15   | Noticed a dread lich
124999 | Zig:15   | Reached skill level 1 in Transmutations
124999 | Zig:15   | Killed a dread lich
125118 | Zig:15   | Identified the +1 battleaxe of Ruination {vorpal, rC+ Will+
                  | Dex+2}
125119 | Zig:15   | Identified the +7 quarterstaff "Cuzuharykh" {vorpal, rF++
                  | Will++ Dex-2}
125122 | Zig:15   | Identified the +8 scale mail "Daliorae" {rElec}
125166 | Zig:16   | Entered Level 16 of a ziggurat
125509 | Zig:16   | Identified the amulet "Oqass" {Regen+ Str+3}
125524 | Zig:16   | Identified the +5 fire dragon scales "Tomnoidwui" {rElec
                  | rF++ rC- Regen+ Dex+6}
125525 | Zig:16   | Identified the +1 shortbow "Giasmoro" {flame, rElec rF-
                  | rN+}
125533 | Zig:16   | Identified the +5 falchion of the Sky {elec, rF+ Will+
                  | rCorr Stlth+}
125554 | Zig:17   | Entered Level 17 of a ziggurat
125803 | Zig:17   | Got Kosageiv's Lessons on the Tesseract
125812 | Zig:17   | Identified the +5 halberd "Fomecuwn" {flame, rF+}
125818 | Zig:17   | Identified the +9 battleaxe "Poddyorgh" {protect, *Corrode
                  | rF++ Str+4}
125881 | Zig:18   | Entered Level 18 of a ziggurat
125896 | Zig:18   | Reached skill level 27 in Conjurations
126176 | Zig:18   | Found the amulet of Vitality {RegenMP++ Regen++}
126200 | Zig:18   | Identified the ring of Piduin {Ice Will+ Str+3 Slay+2
                  | Stlth-}
126203 | Zig:18   | Identified the amulet of the Glowing Gods {Spirit rElec rN+
                  | Int-2}
126209 | Zig:18   | Identified the ring "Teasioz" {*Slow rElec rC+++ Will+
                  | Int-5}
126289 | Zig:19   | Entered Level 19 of a ziggurat
126341 | Zig:19   | Reached skill level 5 in Transmutations
126348 | Zig:19   | Reached skill level 27 in Fire Magic
126741 | Zig:19   | Got the Cyclopedia of Excavation and Incandescence
126756 | Zig:20   | Entered Level 20 of a ziggurat
126771 | Zig:20   | Reached skill level 1 in Throwing
126811 | Zig:20   | Reached skill level 5 in Throwing
126842 | Zig:20   | Found the +3 giant club "Skullcrusher" {speed, Str+7}
126842 | Zig:20   | Found the +2 hood of the Assassin {Detection Stab+ Stlth++}
127101 | Zig:20   | Identified the +0 leather armour of Toide {Slay+3}
127108 | Zig:20   | Identified the +4 great sword of the Ethereal God {spect,
                  | rPois}
127120 | Zig:20   | Got the Book of the Swan
127237 | Zig:21   | Entered Level 21 of a ziggurat
127259 | Zig:21   | Noticed a dread lich
127366 | Zig:21   | Killed a dread lich
127367 | Zig:21   | Reached skill level 10 in Throwing
127375 | Zig:21   | Learned a level 7 spell: Ozocubu's Refrigeration
127572 | Zig:21   | Identified the ring "Zuag" {Fire Will++ MP-9 Dex+4}
127592 | Zig:21   | Identified the +5 rapier "Tuorghu" {freeze, Int+4}
127599 | Zig:21   | Identified the +3 ring mail of the Yeti {Rampage rC++}
127631 | Zig:22   | Entered Level 22 of a ziggurat
127650 | Zig:22   | Reached skill level 1 in Ice Magic
127840 | Zig:22   | Identified the +8 sling of Shrieking Terror {flame, rN+}
127845 | Zig:22   | Identified the ring of the Seer {rN+++ MP+9 AC+4 Dex-2
                  | Stlth-}
127848 | Zig:22   | Identified the +1 scale mail of Onedasch {Int+4}
127850 | Zig:22   | Identified the +9 great sword of the Conjuring Traitor
                  | {antimagic, rPois Str+3 Int+2}
127864 | Zig:22   | Identified the +3 scimitar "Pegasch" {flame, rPois rF+
                  | Will+}
127867 | Zig:22   | Identified the +0 ice dragon scales of the Turtledove {rF-
                  | rC++ SInv}
127988 | Zig:22   | Reached skill level 5 in Ice Magic
127992 | Zig:22   | Reached skill level 10 in Necromancy
128011 | Zig:23   | Entered Level 23 of a ziggurat
128034 | Zig:23   | Noticed a dread lich
128037 | Zig:23   | Killed a dread lich
128333 | Zig:24   | Entered Level 24 of a ziggurat
128789 | Zig:24   | Found the +9 staff of Olgreb {rPois∞}
128808 | Zig:24   | Identified the ring of the Firefly {rN+ Str+6 Dex+2 Slay+2}
128814 | Zig:24   | Identified the +10 falchion of Deflation {flame, MP+9
                  | Int+4}
128815 | Zig:24   | Identified the +10 falchion "Kyuno" {pain, rF+ rC- Int+5}
128828 | Zig:24   | Identified the +1 scale mail "Cagh" {Dex+3}
128952 | Zig:25   | Entered Level 25 of a ziggurat
128967 | Zig:25   | Noticed a dread lich
128968 | Zig:25   | Reached skill level 10 in Transmutations
128970 | Zig:25   | Noticed a dread lich
128970 | Zig:25   | Noticed a dread lich
128971 | Zig:25   | Noticed an ancient lich
128972 | Zig:25   | Paralysed by a dread lich for 2 turns
128972 | Zig:25   | Noticed a dread lich
128974 | Zig:25   | Killed a dread lich
128974 | Zig:25   | Killed a dread lich
128974 | Zig:25   | Killed an ancient lich
128975 | Zig:25   | Killed a dread lich
128975 | Zig:25   | Killed a dread lich
128976 | Zig:25   | Reached skill level 10 in Ice Magic
128977 | Zig:25   | Noticed a dread lich
128977 | Zig:25   | Noticed a dread lich
128978 | Zig:25   | Killed a dread lich
128979 | Zig:25   | Killed a dread lich
129208 | Zig:25   | Identified the ring of Pyromania {Fly rPois Will+ Dex+3}
129215 | Zig:25   | Identified the +8 great sword "Hutwit" {freeze, rElec rF+
                  | Dex+3}
129222 | Zig:25   | Identified the +7 spear of Hacking and Slashing {venom, rF+
                  | Dex+4}
129236 | Zig:25   | Identified the +2 trident of Watadiohou {vorpal, Will+
                  | rCorr}
129312 | Zig:26   | Entered Level 26 of a ziggurat
129336 | Zig:26   | Noticed a juggernaut
129339 | Zig:26   | Noticed a juggernaut
129339 | Zig:26   | Noticed a juggernaut
129339 | Zig:26   | Noticed a juggernaut
129340 | Zig:26   | Killed a juggernaut
129340 | Zig:26   | Noticed a juggernaut
129341 | Zig:26   | Killed a juggernaut
129341 | Zig:26   | Killed a juggernaut
129341 | Zig:26   | Noticed a juggernaut
129342 | Zig:26   | Noticed a juggernaut
129343 | Zig:26   | Noticed a juggernaut
129344 | Zig:26   | Killed a juggernaut
129344 | Zig:26   | Killed a juggernaut
129345 | Zig:26   | Killed a juggernaut
129345 | Zig:26   | Killed a juggernaut
129350 | Zig:26   | Killed a juggernaut
129606 | Zig:26   | Found the +7 Spriggan's Knife {stab, EV+4 Stlth+}
129671 | Zig:26   | Got Pudoyton's Encyclopedia of the Snowy Pyre
129685 | Zig:26   | Learned a level 9 spell: Polar Vortex
129743 | Zig:26   | Identified the ring "Enuetayqi" {Fly rF+ EV+4 Str-2 SInv}
129847 | Zig:27   | Entered Level 27 of a ziggurat
130418 | Zig:27   | Identified the amulet "Beyrumod" {Acrobat Stlth+}
130424 | Zig:27   | Identified the +0 scale mail of the Lost Brambles {Dex+4}
130430 | Zig:27   | Identified the +1 falchion of Upheaval {antimagic, Will++}
130434 | Zig:27   | Identified the +6 great sword of Kismet {freeze, *Noise
                  | rElec Int+4 SInv}
131400 | D:10     | Bought pearl dragon scales for 2500 gold pieces
131616 | Hell     | Reached skill level 1 in Evocations
132649 | Hell     | Found a gateway to the ashen valley of Gehenna.
132989 | Hell     | Found a gateway to the decaying netherworld of Tartarus.
133061 | Hell     | Found a gateway to the freezing wastes of Cocytus.
133305 | Hell     | Found a gateway to the Iron City of Dis.
133489 | Dis:1    | Entered Level 1 of the Iron City of Dis
134843 | Dis:4    | Reached skill level 15 in Fighting
134847 | Dis:4    | Reached skill level 5 in Evocations
134850 | Dis:4    | Reached skill level 5 in Dodging
135464 | Dis:5    | Reached skill level 15 in Ice Magic
135747 | Dis:7    | Entered Level 7 of the Iron City of Dis
135785 | Dis:7    | Noticed the Serpent of Hell
135787 | Dis:7    | Noticed a juggernaut
135788 | Dis:7    | Killed the Serpent of Hell
135789 | Dis:7    | Killed a juggernaut
136891 | Dis:7    | Noticed a juggernaut
137211 | Dis:7    | Killed a juggernaut
137263 | Dis:7    | Noticed a juggernaut
137277 | Dis:7    | Killed a juggernaut
137665 | Dis:7    | Found the +4 staff of Dispater
137665 | Dis:7    | Noticed Dispater
137675 | Dis:7    | Killed Dispater
137684 | Dis:7    | Got an iron rune of Zot
137819 | Dis:7    | Identified the +6 whip of Cuun {vorpal, rElec rC+ MP+9}
138070 | Dis:7    | Found the +7 great mace "Undeadhunter" {disrupt, rN+}
138092 | Dis:7    | Identified the +1 robe of the Avant Garde God {Will+}
138260 | Dis:7    | Identified the +0 shortbow of Poko {venom, Will+ Dex+4}
138646 | Coc:1    | Entered Level 1 of Cocytus
139379 | Coc:4    | Noticed a dread lich
139385 | Coc:4    | Killed a dread lich
139386 | Coc:4    | Reached skill level 10 in Dodging
140153 | Coc:7    | Entered Level 7 of Cocytus
140656 | Coc:7    | Paralysed by a wendigo for 1 turns
141032 | Coc:7    | Identified the +4 quarterstaff "Killer Bee's Curse" {venom,
                  | Int+7}
141032 | Coc:7    | Identified the amulet of Quylej {Spirit rC++ SInv}
141032 | Coc:7    | Noticed Antaeus
141050 | Coc:7    | Killed Antaeus
141473 | Coc:7    | Got an icy rune of Zot
141485 | Coc:7    | Identified the +3 morningstar of Pandemonium {vorpal, Drain
                  | Will++ Dex+3}
141818 | Zig:1    | Entered Level 1 of a ziggurat
141885 | Zig:2    | Entered Level 2 of a ziggurat
142018 | Zig:2    | Identified the +1 pair of boots of Kimot {rPois rF- Regen+
                  | rCorr}
142036 | Zig:3    | Entered Level 3 of a ziggurat
142037 | Zig:3    | Noticed a dread lich
142040 | Zig:3    | Killed a dread lich
142132 | Zig:4    | Entered Level 4 of a ziggurat
142134 | Zig:4    | Paralysed by an air elemental for 1 turns
142271 | Zig:4    | Identified the amulet "Irakiger" {Faith rPois Will+ Str+4
                  | Dex-3}
142315 | Zig:5    | Entered Level 5 of a ziggurat
142483 | Zig:5    | Identified the +3 short sword of the Crawling Thing
                  | {vorpal, rF+ rC- Will++ Str+4}
142493 | Zig:6    | Entered Level 6 of a ziggurat
142639 | Zig:6    | Identified the +8 plate armour of the Inviting Gods {rN+
                  | Int+6}
142649 | Zig:7    | Entered Level 7 of a ziggurat
142721 | Zig:7    | Found the +2 hat of the Bear Spirit {Spirit, *Rage Will++}
142740 | Zig:7    | Identified the +4 scale mail of a sewer {rPois rF- rCorr}
142772 | Zig:8    | Entered Level 8 of a ziggurat
142977 | Zig:9    | Entered Level 9 of a ziggurat
142991 | Zig:9    | Found the +8 mithril axe "Arga" {speed, Will+}
143125 | Zig:9    | Identified the amulet "Pooteoste" {Acrobat Fly rC+ Will+
                  | Int-5}
143133 | Zig:9    | Identified the ring of Ralotod {rC+ rN++ Str+6}
143160 | Zig:10   | Entered Level 10 of a ziggurat
143175 | Zig:10   | Found the +8 lance "Wyrmbane" {slay drac, rPois rF+ rC+
                  | AC+3}
143279 | Zig:10   | Identified the +10 quarterstaff "Hoequm" {spect, Dex+4
                  | SInv}
143283 | Zig:10   | Identified the amulet of Wijenua {RegenMP Harm}
143288 | Zig:10   | Identified the +6 war axe of Floods {vorpal, rPois rC+
                  | MP+9}
143329 | Zig:11   | Entered Level 11 of a ziggurat
143580 | Zig:11   | Lost mutation: You are somewhat resistant to further
                  | mutation. [potion of mutation]
143580 | Zig:11   | Gained mutation: Your mind is acute. (Int +4, Str/Dex -1)
                  | [potion of mutation]
143580 | Zig:11   | Gained mutation: You occasionally lose the ability to read
                  | scrolls when taking damage. [potion of mutation]
143581 | Zig:11   | Lost mutation: Your mind is acute. (Int +4, Str/Dex -1)
                  | [potion of mutation]
143581 | Zig:11   | Lost mutation: You occasionally lose the ability to read
                  | scrolls when taking damage. [potion of mutation]
143581 | Zig:11   | Gained mutation: You have a beak for a mouth. [potion of
                  | mutation]
143582 | Zig:11   | Lost mutation: You have a beak for a mouth. [potion of
                  | mutation]
143582 | Zig:11   | Gained mutation: You passively map a small area around you.
                  | [potion of mutation]
143582 | Zig:11   | Gained mutation: You passively dampen the noise of your
                  | surroundings. [potion of mutation]
143583 | Zig:11   | Lost mutation: You passively map a small area around you.
                  | [potion of mutation]
143583 | Zig:11   | Lost mutation: You passively dampen the noise of your
                  | surroundings. [potion of mutation]
143583 | Zig:11   | Gained mutation: Your flesh is heat resistant. (rF+)
                  | [potion of mutation]
143583 | Zig:11   | Gained mutation: You are frail. (-10% HP) [potion of
                  | mutation]
143584 | Zig:11   | Lost mutation: Your flesh is heat resistant. (rF+) [potion
                  | of mutation]
143584 | Zig:11   | Lost mutation: You are frail. (-10% HP) [potion of
                  | mutation]
143584 | Zig:11   | Gained mutation: You are somewhat resistant to further
                  | mutation. [potion of mutation]
143585 | Zig:11   | Lost mutation: You are somewhat resistant to further
                  | mutation. [potion of mutation]
143585 | Zig:11   | Gained mutation: You have sharp fingernails. [potion of
                  | mutation]
143585 | Zig:11   | Gained mutation: Your mind is acute. (Int +4, Str/Dex -1)
                  | [potion of mutation]
143585 | Zig:11   | Gained mutation: You occasionally lose the ability to read
                  | scrolls when taking damage. [potion of mutation]
143585 | Zig:11   | Gained mutation: Your flesh is cold resistant. (rC+)
                  | [potion of mutation]
143586 | Zig:11   | Lost mutation: You occasionally lose the ability to read
                  | scrolls when taking damage. [potion of mutation]
143586 | Zig:11   | Lost mutation: Your mind is acute. (Int +4, Str/Dex -1)
                  | [potion of mutation]
143586 | Zig:11   | Gained mutation: Your body sometimes deteriorates upon
                  | taking damage. [potion of mutation]
143586 | Zig:11   | Gained mutation: Your spells are a little harder to cast,
                  | but a little more powerful. [potion of mutation]
143586 | Zig:11   | Gained mutation: You are strong-willed. (Will+) [potion of
                  | mutation]
143605 | Zig:12   | Entered Level 12 of a ziggurat
143615 | Zig:12   | Noticed an orb of fire
143619 | Zig:12   | Found the +8 storm bow {elec, penet}
143619 | Zig:12   | Found the +5 sword of Power {vorpal}
143622 | Zig:12   | Killed an orb of fire
143649 | Zig:12   | Identified the +1 helmet of Inevitability {Str+3 Dex+4}
143778 | Zig:12   | Identified the ring "Jaedghugy" {rF+ rC+ Int+3}
143799 | Zig:13   | Entered Level 13 of a ziggurat
143806 | Zig:13   | Noticed Xiwu's ghost (legendary MiFi)
143806 | Zig:13   | Noticed Giojuova's ghost (legendary GnBe)
143806 | Zig:13   | Noticed Rueful's ghost (legendary TrWr)
143811 | Zig:13   | Noticed melllvar's ghost (legendary MiBe)
143827 | Zig:13   | Killed melllvar's ghost
143832 | Zig:13   | Killed Xiwu's ghost
143832 | Zig:13   | Killed Rueful's ghost
143833 | Zig:13   | Killed Giojuova's ghost
144024 | Zig:13   | Identified the +5 storm dragon scales "Qephitea" {rElec
                  | rCorr}
144102 | Zig:14   | Entered Level 14 of a ziggurat
144117 | Zig:14   | Noticed a dread lich
144118 | Zig:14   | Noticed an ancient lich
144119 | Zig:14   | Killed an ancient lich
144122 | Zig:14   | Reached skill level 27 in Spellcasting
144122 | Zig:14   | Found the +4 skin of Zhor {*Englaciate rC+++ SInv}
144123 | Zig:14   | Killed a dread lich
144291 | Zig:14   | Identified the +7 quarterstaff of Governance {speed, rPois
                  | MP+9 Str+6}
144339 | Zig:14   | Got the Atlas of the Blaze
144484 | Zig:14   | Reached skill level 15 in Dodging
144489 | Zig:15   | Entered Level 15 of a ziggurat
144636 | Zig:15   | Identified the +4 trident of Fear {flame, rC+}
144641 | Zig:15   | Identified the +9 falchion of Luimare {elec, rC+ Dex+3}
144713 | Zig:16   | Entered Level 16 of a ziggurat
144736 | Zig:16   | Found the +18 shield of the Gong {rElec rN+ Will+ EV-5}
144953 | Zig:16   | Identified the +9 short sword of Internal Strife {vorpal,
                  | rF+}
145042 | Zig:17   | Entered Level 17 of a ziggurat
145064 | Zig:17   | Reached skill level 10 in Armour
145201 | Zig:17   | Identified the +8 quarterstaff of Absolution {flame, *Slow
                  | rElec rPois}
145227 | Zig:17   | Identified the +8 war axe "Voku" {vorpal, rC+}
145295 | Zig:18   | Entered Level 18 of a ziggurat
145302 | Zig:18   | Paralysed by an air elemental for 1 turns
145305 | Zig:18   | Paralysed by an air elemental for 1 turns
145331 | Zig:18   | Found the +14 obsidian axe {vorpal, Mesm Drain Fly SInv}
145625 | Zig:19   | Entered Level 19 of a ziggurat
145635 | Zig:19   | Noticed an ancient lich
145636 | Zig:19   | Noticed a dread lich
145636 | Zig:19   | Noticed an ancient lich
145638 | Zig:19   | Killed an ancient lich
145638 | Zig:19   | Killed an ancient lich
145638 | Zig:19   | Killed a dread lich
145643 | Zig:19   | Noticed an ancient lich
145646 | Zig:19   | Killed an ancient lich
145650 | Zig:19   | Reached skill level 27 in Shields
145857 | Zig:19   | Found the ring of the Hare {EV+8}
145965 | Zig:20   | Entered Level 20 of a ziggurat
146303 | Zig:20   | Identified the amulet of the Original Sin {Reflect rC-
                  | Str+2 Slay+3 SH+5}
146348 | Zig:21   | Entered Level 21 of a ziggurat
146372 | Zig:21   | Noticed Bucyrurph the pandemonium lord
146372 | Zig:21   | Noticed Liurchid the pandemonium lord
146372 | Zig:21   | Noticed Tyfadil the pandemonium lord
146372 | Zig:21   | Noticed Tofeakis the pandemonium lord
146372 | Zig:21   | Noticed Wiczet the pandemonium lord
146373 | Zig:21   | Noticed Fyuptolo the pandemonium lord
146373 | Zig:21   | Noticed Litaraez the pandemonium lord
146373 | Zig:21   | Noticed Fouhaedi the pandemonium lord
146373 | Zig:21   | Noticed Tapsuj the pandemonium lord
146374 | Zig:21   | Noticed Hoan the pandemonium lord
146374 | Zig:21   | Noticed Weblosiv the pandemonium lord
146374 | Zig:21   | Killed Tapsuj the pandemonium lord
146374 | Zig:21   | Killed Wiczet the pandemonium lord
146374 | Zig:21   | Killed Tyfadil the pandemonium lord
146374 | Zig:21   | Noticed Dickul the pandemonium lord
146375 | Zig:21   | Killed Dickul the pandemonium lord
146375 | Zig:21   | Killed Liurchid the pandemonium lord
146376 | Zig:21   | Killed Fouhaedi the pandemonium lord
146377 | Zig:21   | Killed Fyuptolo the pandemonium lord
146378 | Zig:21   | Killed Tofeakis the pandemonium lord
146378 | Zig:21   | Killed Bucyrurph the pandemonium lord
146378 | Zig:21   | Noticed Somuqit the pandemonium lord
146379 | Zig:21   | Killed Litaraez the pandemonium lord
146379 | Zig:21   | Noticed Maih the pandemonium lord
146379 | Zig:21   | Noticed Onolirgho the pandemonium lord
146399 | Zig:21   | Killed Weblosiv the pandemonium lord
146399 | Zig:21   | Killed Onolirgho the pandemonium lord
146400 | Zig:21   | Killed Maih the pandemonium lord
146410 | Zig:21   | Killed Hoan the pandemonium lord
146413 | Zig:21   | Killed Somuqit the pandemonium lord
146587 | Zig:21   | Identified the +4 robe of the Will of the Gods {*Corrode
                  | Str+4}
146593 | Zig:21   | Identified the ring "Atakynoc" {rC- rN+ Will+ Str-4 Int+5}
146619 | Zig:21   | Identified the +6 arbalest of the Illusory Friars {venom,
                  | rF+ Will- Stlth+}
146632 | Zig:21   | Identified the +9 dire flail "Kihimott" {drain, rElec rC+
                  | Int+8 Dex-4}
146703 | Zig:22   | Entered Level 22 of a ziggurat
146726 | Zig:22   | Noticed a juggernaut
146729 | Zig:22   | Killed a juggernaut
146744 | Zig:22   | Found the ring of the Tortoise {AC+8}
146909 | Zig:22   | Identified the ring of the Crushed Artisans {AC+4 Slay+2}
146912 | Zig:22   | Identified the +7 triple sword "Nadoron" {elec, rF+ Str+4
                  | Dex-2}
147113 | Zig:23   | Entered Level 23 of a ziggurat
147132 | Zig:23   | Reached skill level 15 in Armour
147134 | Zig:23   | Reached skill level 15 in Necromancy
147135 | Zig:23   | Reached skill level 15 in Transmutations
147346 | Zig:23   | Identified the +1 falchion of the Moon {flame, rC+ Int+3
                  | Stlth+}
147524 | Zig:24   | Entered Level 24 of a ziggurat
147546 | Zig:24   | Noticed an ancient lich
147546 | Zig:24   | Paralysed by accursed screaming for 2 turns
147551 | Zig:24   | Killed an ancient lich
147679 | Zig:24   | Found the +7 sceptre of Torment {pain, torment}
147688 | Zig:24   | Identified the +8 mace of Instinct {pain, Will+}
147690 | Zig:24   | Identified the +1 pair of gloves "Initt" {rF+}
147733 | Zig:24   | Identified the +4 scale mail of Summer {rElec}
147967 | Zig:25   | Entered Level 25 of a ziggurat
147978 | Zig:25   | Noticed a royal mummy
147979 | Zig:25   | Noticed a royal mummy
147979 | Zig:25   | Noticed a royal mummy
147979 | Zig:25   | Noticed a royal mummy
147983 | Zig:25   | Killed a royal mummy
147983 | Zig:25   | Killed a royal mummy
147983 | Zig:25   | Killed a royal mummy
147984 | Zig:25   | Noticed a royal mummy
147984 | Zig:25   | Noticed a royal mummy
147985 | Zig:25   | Noticed a royal mummy
147987 | Zig:25   | Killed a royal mummy
147990 | Zig:25   | Noticed a royal mummy
147990 | Zig:25   | Noticed a royal mummy
147990 | Zig:25   | Killed a royal mummy
147991 | Zig:25   | Noticed a royal mummy
147991 | Zig:25   | Killed a royal mummy
147992 | Zig:25   | Killed a royal mummy
147992 | Zig:25   | Killed a royal mummy
147992 | Zig:25   | Noticed a royal mummy
147993 | Zig:25   | Noticed a royal mummy
147993 | Zig:25   | Killed a royal mummy
147994 | Zig:25   | Reached skill level 27 in Ice Magic
147994 | Zig:25   | Noticed a royal mummy
147998 | Zig:25   | Killed a royal mummy
147998 | Zig:25   | Killed a royal mummy
147999 | Zig:25   | Killed a royal mummy
147999 | Zig:25   | Noticed a royal mummy
147999 | Zig:25   | Noticed a royal mummy
148000 | Zig:25   | Noticed a royal mummy
148001 | Zig:25   | Noticed a royal mummy
148002 | Zig:25   | Killed a royal mummy
148002 | Zig:25   | Killed a royal mummy
148002 | Zig:25   | Killed a royal mummy
148003 | Zig:25   | Noticed a royal mummy
148015 | Zig:25   | Killed a royal mummy
148015 | Zig:25   | Killed a royal mummy
148016 | Zig:25   | Killed a royal mummy
148388 | Zig:25   | Identified the ring of Alan {Wiz SInv}
148394 | Zig:25   | Identified the ring of Maphid {Will+ MP+9 Int+3 Dex+2}
148400 | Zig:25   | Identified the +0 plate armour of the Soldier {rElec}
148414 | Zig:25   | Identified the +4 dagger of the Fray {freeze, rElec}
148464 | Zig:25   | Lost mutation: You are strong-willed. (Will+) [potion of
                  | mutation]
148464 | Zig:25   | Lost mutation: Your body sometimes deteriorates upon taking
                  | damage. [potion of mutation]
148464 | Zig:25   | Gained mutation: You are dopey. (Int -2) [potion of
                  | mutation]
148464 | Zig:25   | Gained mutation: You are frail. (-10% HP) [potion of
                  | mutation]
148464 | Zig:25   | Gained mutation: You have a beak for a mouth. [potion of
                  | mutation]
148465 | Zig:25   | Lost mutation: You are frail. (-10% HP) [potion of
                  | mutation]
148465 | Zig:25   | Lost mutation: You have sharp fingernails. [potion of
                  | mutation]
148465 | Zig:25   | Gained mutation: You expend magic power (3 MP) to
                  | strengthen your wands. [potion of mutation]
148465 | Zig:25   | Gained mutation: Armour fits poorly on your strangely
                  | shaped body. [potion of mutation]
148465 | Zig:25   | Gained mutation: You have large cloven feet. [potion of
                  | mutation]
148466 | Zig:25   | Lost mutation: You have a beak for a mouth. [potion of
                  | mutation]
148466 | Zig:25   | Lost mutation: Armour fits poorly on your strangely shaped
                  | body. [potion of mutation]
148466 | Zig:25   | Gained mutation: You occasionally lose the ability to drink
                  | potions when taking damage. [potion of mutation]
148467 | Zig:25   | Lost mutation: You occasionally lose the ability to drink
                  | potions when taking damage. [potion of mutation]
148467 | Zig:25   | Lost mutation: You expend magic power (3 MP) to strengthen
                  | your wands. [potion of mutation]
148467 | Zig:25   | Lost mutation: You are dopey. (Int -2) [potion of mutation]
148467 | Zig:25   | Gained mutation: You are weak. (Str -2) [potion of
                  | mutation]
148467 | Zig:25   | Gained mutation: You are strong-willed. (Will+) [potion of
                  | mutation]
148467 | Zig:25   | Gained mutation: Your skin changes colour to match your
                  | surroundings (Stealth+). [potion of mutation]
148482 | Zig:26   | Entered Level 26 of a ziggurat
148499 | Zig:26   | Noticed Teillakk the pandemonium lord
148500 | Zig:26   | Noticed Rapian the pandemonium lord
148502 | Zig:26   | Noticed Huudafumm the pandemonium lord
148504 | Zig:26   | Killed Teillakk the pandemonium lord
148508 | Zig:26   | Killed Rapian the pandemonium lord
148508 | Zig:26   | Noticed Jeis the pandemonium lord
148509 | Zig:26   | Noticed Malalya the pandemonium lord
148509 | Zig:26   | Noticed Oqerchiw the pandemonium lord
148509 | Zig:26   | Noticed Uxalyz the pandemonium lord
148509 | Zig:26   | Noticed Oxeer the pandemonium lord
148509 | Zig:26   | Noticed Zuce the pandemonium lord
148510 | Zig:26   | Killed Huudafumm the pandemonium lord
148510 | Zig:26   | Noticed Appew the pandemonium lord
148511 | Zig:26   | Noticed Plog the pandemonium lord
148511 | Zig:26   | Noticed Xetungak the pandemonium lord
148511 | Zig:26   | Noticed Qofahuist the pandemonium lord
148511 | Zig:26   | Noticed Seelicza the pandemonium lord
148512 | Zig:26   | Killed Oxeer the pandemonium lord
148512 | Zig:26   | Killed Appew the pandemonium lord
148512 | Zig:26   | Noticed Qukeuch the pandemonium lord
148513 | Zig:26   | Killed Oqerchiw the pandemonium lord
148513 | Zig:26   | Killed Malalya the pandemonium lord
148513 | Zig:26   | Killed Zuce the pandemonium lord
148513 | Zig:26   | Noticed Notec the pandemonium lord
148514 | Zig:26   | Killed Xetungak the pandemonium lord
148514 | Zig:26   | Killed Uxalyz the pandemonium lord
148514 | Zig:26   | Noticed Lysic the pandemonium lord
148514 | Zig:26   | Noticed Ywaor the pandemonium lord
148515 | Zig:26   | Killed Plog the pandemonium lord
148515 | Zig:26   | Killed Ywaor the pandemonium lord
148515 | Zig:26   | Noticed Rucw the pandemonium lord
148515 | Zig:26   | Noticed Nodo the pandemonium lord
148516 | Zig:26   | Killed Notec the pandemonium lord
148516 | Zig:26   | Killed Lysic the pandemonium lord
148516 | Zig:26   | Killed Jeis the pandemonium lord
148517 | Zig:26   | Noticed Qoit the pandemonium lord
148517 | Zig:26   | Noticed Ijiraadi the pandemonium lord
148517 | Zig:26   | Noticed Xeles the pandemonium lord
148517 | Zig:26   | Noticed Yhiebasu the pandemonium lord
148526 | Zig:26   | Noticed Umuome the pandemonium lord
148527 | Zig:26   | Killed Nodo the pandemonium lord
148530 | Zig:26   | Killed Qukeuch the pandemonium lord
148532 | Zig:26   | Killed Rucw the pandemonium lord
148532 | Zig:26   | Killed Umuome the pandemonium lord
148543 | Zig:26   | Noticed Dirixz Qunlo the pandemonium lord
148545 | Zig:26   | Noticed Ovimeuph the pandemonium lord
148554 | Zig:26   | Killed Yhiebasu the pandemonium lord
148555 | Zig:26   | Killed Dirixz Qunlo the pandemonium lord
148558 | Zig:26   | Killed Qoit the pandemonium lord
148558 | Zig:26   | Killed Qofahuist the pandemonium lord
148559 | Zig:26   | Killed Ijiraadi the pandemonium lord
148575 | Zig:26   | Killed Ovimeuph the pandemonium lord
148575 | Zig:26   | Killed Seelicza the pandemonium lord
148577 | Zig:26   | Killed Xeles the pandemonium lord
148889 | Zig:26   | Found the +9 staff of Wucad Mu {*channel}
148902 | Zig:26   | Identified the +9 mace of Beyond {vorpal, Will++ Dex+5}
148905 | Zig:26   | Identified the +10 quarterstaff of Zitzun {vorpal, Fly rF+}
148913 | Zig:26   | Identified the +0 ring mail of Impressiveness {rF+ Will+}
148918 | Zig:26   | Identified the +5 flail of Yluweod {vorpal, rPois Dex+7}
149011 | Zig:27   | Entered Level 27 of a ziggurat
149038 | Zig:27   | Noticed an orb of fire
149045 | Zig:27   | Killed an orb of fire
149047 | Zig:27   | Noticed an orb of fire
149049 | Zig:27   | Noticed an orb of fire
149049 | Zig:27   | Noticed an orb of fire
149050 | Zig:27   | Noticed an orb of fire
149052 | Zig:27   | Noticed an orb of fire
149053 | Zig:27   | Noticed an orb of fire
149054 | Zig:27   | Noticed an orb of fire
149056 | Zig:27   | Killed an orb of fire
149057 | Zig:27   | Noticed an orb of fire
149057 | Zig:27   | Gained mutation: You are clumsy. (Dex -2) [an orb of fire]
149058 | Zig:27   | Killed an orb of fire
149058 | Zig:27   | Gained mutation: You occasionally lose the ability to drink
                  | potions when taking damage. [an orb of fire]
149059 | Zig:27   | Killed an orb of fire
149059 | Zig:27   | Killed an orb of fire
149059 | Zig:27   | Gained mutation: You occasionally lose the ability to read
                  | scrolls when taking damage. [an orb of fire]
149060 | Zig:27   | Killed an orb of fire
149060 | Zig:27   | Killed an orb of fire
149062 | Zig:27   | Killed an orb of fire
149062 | Zig:27   | Killed an orb of fire
149064 | Zig:27   | Noticed an orb of fire
149080 | Zig:27   | Killed an orb of fire
149412 | Zig:27   | Found the +8 trishula "Condemnation" {holy, anguish, *Noise
                  | Fly rN+}
149422 | Zig:27   | Identified the ring "Reishreu" {rPois rN+}
149425 | Zig:27   | Identified the +3 glaive "Gaetz" {vorpal, Drain rElec rC+++
                  | Dex-3}
149445 | Zig:27   | Identified the +5 great sword of the Traitor {venom, rElec
                  | rF+}
149455 | Zig:27   | Identified the +8 plate armour "Yqic" {Slay+5}
149456 | Zig:27   | Identified the +1 pair of gloves of Elyvilon's Generosity
                  | {rF- rC+ Will+}
149915 | Swamp:4  | Bought a +1 pair of gloves of dexterity for 330 gold pieces
150403 | Depths:2 | Lost mutation: You occasionally lose the ability to drink
                  | potions when taking damage. [potion of mutation]
150403 | Depths:2 | Lost mutation: You occasionally lose the ability to read
                  | scrolls when taking damage. [potion of mutation]
150403 | Depths:2 | Lost mutation: You are strong-willed. (Will+) [potion of
                  | mutation]
150403 | Depths:2 | Gained mutation: You are robust. (+10% HP) [potion of
                  | mutation]
150403 | Depths:2 | Gained mutation: Your spells are harder to cast, but more
                  | powerful. [potion of mutation]
150431 | Pan      | Entered Pandemonium
151380 | Pan      | Found an opulent altar of Gozag.
151380 | Pan      | Noticed a dread lich
151383 | Pan      | Killed a dread lich
151383 | Pan      | Found Poizanoa's Jewellery Boutique.
151384 | Pan      | Noticed a dread lich
151389 | Pan      | Noticed Vudek Negeuh the pandemonium lord
151391 | Pan      | Found Poizanoa's Book Emporium.
151393 | Pan      | Reached skill level 27 in Fighting
151401 | Pan      | Killed Vudek Negeuh the pandemonium lord
151412 | Pan      | Found Poizanoa's Demonic Rune Stash.
151417 | Pan      | Killed a dread lich
151684 | Pan      | Found an opulent altar of Gozag.
151690 | Pan      | Bought a manual of Necromancy for 1600 gold pieces
151694 | Pan      | Found Poizanoa's Exquisite Manuscripts.
152004 | Pan      | Found an opulent altar of Gozag.
152085 | Pan      | Bought 2 scrolls of enchant armour for 375 gold pieces
152201 | Pan      | Found an exit through the horrors of the Abyss.
152366 | Pan      | Gained mutation: Armour fits poorly on your strangely
                  | shaped body. [a neqoxec]
152423 | Pan      | Lost mutation: You are robust. (+10% HP) [potion of
                  | mutation]
152423 | Pan      | Lost mutation: You have large cloven feet. [potion of
                  | mutation]
152423 | Pan      | Lost mutation: Your spells are harder to cast, but more
                  | powerful. [potion of mutation]
152423 | Pan      | Gained mutation: You are somewhat resistant to further
                  | mutation. [potion of mutation]
152424 | Pan      | Lost mutation: Your spells are a little harder to cast, but
                  | a little more powerful. [potion of mutation]
152424 | Pan      | Lost mutation: Armour fits poorly on your strangely shaped
                  | body. [potion of mutation]
152424 | Pan      | Lost mutation: You are somewhat resistant to further
                  | mutation. [potion of mutation]
152424 | Pan      | Gained mutation: You have a pair of small horns on your
                  | head. [potion of mutation]
152425 | Pan      | Lost mutation: You have a pair of small horns on your head.
                  | [potion of mutation]
152425 | Pan      | Lost mutation: Your flesh is cold resistant. (rC+) [potion
                  | of mutation]
152425 | Pan      | Lost mutation: You are clumsy. (Dex -2) [potion of
                  | mutation]
152425 | Pan      | Gained mutation: You are partially covered in large bone
                  | plates. (SH +4) [potion of mutation]
152425 | Pan      | Gained mutation: You are robust. (+10% HP) [potion of
                  | mutation]
152633 | Pan      | Lost mutation: You are robust. (+10% HP) [potion of
                  | mutation]
152633 | Pan      | Lost mutation: Your skin changes colour to match your
                  | surroundings (Stealth+). [potion of mutation]
152633 | Pan      | Lost mutation: You are weak. (Str -2) [potion of mutation]
152633 | Pan      | Gained mutation: You expend magic power (3 MP) to
                  | strengthen your wands. [potion of mutation]
152633 | Pan      | Gained mutation: You occasionally shout uncontrollably at
                  | your foes. [potion of mutation]
152634 | Pan      | Lost mutation: You expend magic power (3 MP) to strengthen
                  | your wands. [potion of mutation]
152634 | Pan      | Lost mutation: You occasionally shout uncontrollably at
                  | your foes. [potion of mutation]
152634 | Pan      | Gained mutation: You sometimes lose your temper in combat.
                  | [potion of mutation]
152634 | Pan      | Gained mutation: You are partially covered in iridescent
                  | scales. (AC +2) [potion of mutation]
152634 | Pan      | Gained mutation: You have sharp toenails. [potion of
                  | mutation]
152635 | Pan      | Lost mutation: You are partially covered in large bone
                  | plates. (SH +4) [potion of mutation]
152635 | Pan      | Lost mutation: You are partially covered in iridescent
                  | scales. (AC +2) [potion of mutation]
152635 | Pan      | Gained mutation: Your muscles are strong. (Str +4, Int/Dex
                  | -1) [potion of mutation]
152635 | Pan      | Gained mutation: You occasionally shout uncontrollably at
                  | your foes. [potion of mutation]
152635 | Pan      | Gained mutation: You are robust. (+10% HP) [potion of
                  | mutation]
152636 | Pan      | Lost mutation: You sometimes lose your temper in combat.
                  | [potion of mutation]
152636 | Pan      | Lost mutation: You occasionally shout uncontrollably at
                  | your foes. [potion of mutation]
152636 | Pan      | Lost mutation: Your muscles are strong. (Str +4, Int/Dex
                  | -1) [potion of mutation]
152636 | Pan      | Gained mutation: You expend magic power (3 MP) to
                  | strengthen your wands. [potion of mutation]
152637 | Pan      | Lost mutation: You are robust. (+10% HP) [potion of
                  | mutation]
152637 | Pan      | Lost mutation: You have sharp toenails. [potion of
                  | mutation]
152637 | Pan      | Lost mutation: You expend magic power (3 MP) to strengthen
                  | your wands. [potion of mutation]
152637 | Pan      | Gained mutation: You do not regenerate when monsters are
                  | visible. [potion of mutation]
152637 | Pan      | Gained mutation: You are agile. (Dex +4, Str/Int -1)
                  | [potion of mutation]
152637 | Pan      | Gained mutation: You have large cloven feet. [potion of
                  | mutation]
152638 | Pan      | Lost mutation: You are agile. (Dex +4, Str/Int -1) [potion
                  | of mutation]
152638 | Pan      | Lost mutation: You do not regenerate when monsters are
                  | visible. [potion of mutation]
152638 | Pan      | Gained mutation: Your magical capacity is low. (-10% MP)
                  | [potion of mutation]
152638 | Pan      | Gained mutation: You have hoof-like feet. [potion of
                  | mutation]
152638 | Pan      | Gained mutation: You are frail. (-10% HP) [potion of
                  | mutation]
152639 | Pan      | Lost mutation: You have hoof-like feet. [potion of
                  | mutation]
152639 | Pan      | Lost mutation: You have large cloven feet. [potion of
                  | mutation]
152639 | Pan      | Gained mutation: You have supernaturally acute eyesight.
                  | (SInv) [potion of mutation]
152639 | Pan      | Gained mutation: You have sharp toenails. [potion of
                  | mutation]
152640 | Pan      | Lost mutation: You have supernaturally acute eyesight.
                  | (SInv) [potion of mutation]
152640 | Pan      | Lost mutation: You have sharp toenails. [potion of
                  | mutation]
152640 | Pan      | Lost mutation: You are frail. (-10% HP) [potion of
                  | mutation]
152640 | Pan      | Gained mutation: You have large cloven feet. [potion of
                  | mutation]
152641 | Pan      | Lost mutation: You have large cloven feet. [potion of
                  | mutation]
152641 | Pan      | Lost mutation: Your magical capacity is low. (-10% MP)
                  | [potion of mutation]
152641 | Pan      | Gained mutation: You are strong-willed. (Will+) [potion of
                  | mutation]
152641 | Pan      | Gained mutation: You do not regenerate when monsters are
                  | visible. [potion of mutation]
152641 | Pan      | Gained mutation: Your skin changes colour to match your
                  | surroundings (Stealth+). [potion of mutation]
152642 | Pan      | Lost mutation: Your skin changes colour to match your
                  | surroundings (Stealth+). [potion of mutation]
152642 | Pan      | Lost mutation: You are strong-willed. (Will+) [potion of
                  | mutation]
152642 | Pan      | Lost mutation: You do not regenerate when monsters are
                  | visible. [potion of mutation]
152642 | Pan      | Gained mutation: You have a pair of small horns on your
                  | head. [potion of mutation]
152642 | Pan      | Gained mutation: You occasionally lose the ability to read
                  | scrolls when taking damage. [potion of mutation]
152642 | Pan      | Gained mutation: You are robust. (+10% HP) [potion of
                  | mutation]
152642 | Pan      | Gained mutation: Your flesh is heat resistant. (rF+)
                  | [potion of mutation]
152643 | Pan      | Lost mutation: You are robust. (+10% HP) [potion of
                  | mutation]
152643 | Pan      | Lost mutation: You occasionally lose the ability to read
                  | scrolls when taking damage. [potion of mutation]
152643 | Pan      | Lost mutation: You have a pair of small horns on your head.
                  | [potion of mutation]
152643 | Pan      | Gained mutation: Your skin changes colour to match your
                  | surroundings (Stealth+). [potion of mutation]
152644 | Pan      | Lost mutation: Your flesh is heat resistant. (rF+) [potion
                  | of mutation]
152644 | Pan      | Lost mutation: Your skin changes colour to match your
                  | surroundings (Stealth+). [potion of mutation]
152644 | Pan      | Gained mutation: Your mind is acute. (Int +4, Str/Dex -1)
                  | [potion of mutation]
152644 | Pan      | Gained mutation: You do not regenerate when monsters are
                  | visible. [potion of mutation]
152644 | Pan      | Gained mutation: You are partially covered in large bone
                  | plates. (SH +4) [potion of mutation]
152644 | Pan      | Gained mutation: You are agile. (Dex +4, Str/Int -1)
                  | [potion of mutation]
152645 | Pan      | Lost mutation: You do not regenerate when monsters are
                  | visible. [potion of mutation]
152645 | Pan      | Lost mutation: Your mind is acute. (Int +4, Str/Dex -1)
                  | [potion of mutation]
152645 | Pan      | Gained mutation: Your mind is acute. (Int +4, Str/Dex -1)
                  | [potion of mutation]
152686 | Pan      | Gained mutation: You sometimes lose your temper in combat.
                  | [a neqoxec]
152688 | Pan      | Lost mutation: You are partially covered in large bone
                  | plates. (SH +4) [potion of mutation]
152688 | Pan      | Lost mutation: Your mind is acute. (Int +4, Str/Dex -1)
                  | [potion of mutation]
152688 | Pan      | Lost mutation: You sometimes lose your temper in combat.
                  | [potion of mutation]
152688 | Pan      | Gained mutation: You sometimes lose your temper in combat.
                  | [potion of mutation]
152688 | Pan      | Gained mutation: You occasionally lose the ability to read
                  | scrolls when taking damage. [potion of mutation]
152688 | Pan      | Gained mutation: You occasionally shout uncontrollably at
                  | your foes. [potion of mutation]
152688 | Pan      | Gained mutation: Your flesh is cold resistant. (rC+)
                  | [potion of mutation]
152689 | Pan      | Lost mutation: You are agile. (Dex +4, Str/Int -1) [potion
                  | of mutation]
152689 | Pan      | Lost mutation: You occasionally shout uncontrollably at
                  | your foes. [potion of mutation]
152689 | Pan      | Gained mutation: You are clumsy. (Dex -2) [potion of
                  | mutation]
152690 | Pan      | Lost mutation: You occasionally lose the ability to read
                  | scrolls when taking damage. [potion of mutation]
152690 | Pan      | Lost mutation: Your flesh is cold resistant. (rC+) [potion
                  | of mutation]
152690 | Pan      | Gained mutation: You have an uncontrollable temper. [potion
                  | of mutation]
152691 | Pan      | Lost mutation: You have an uncontrollable temper. [potion
                  | of mutation]
152691 | Pan      | Lost mutation: You sometimes lose your temper in combat.
                  | [potion of mutation]
152691 | Pan      | Lost mutation: You are clumsy. (Dex -2) [potion of
                  | mutation]
152691 | Pan      | Gained mutation: You are somewhat resistant to further
                  | mutation. [potion of mutation]
152691 | Pan      | Gained mutation: You are somewhat resistant to both further
                  | mutation and mutation removal. [potion of mutation]
152691 | Pan      | Gained mutation: You have sharp toenails. [potion of
                  | mutation]
152692 | Pan      | Lost mutation: You are somewhat resistant to both further
                  | mutation and mutation removal. [potion of mutation]
152692 | Pan      | Lost mutation: You have sharp toenails. [potion of
                  | mutation]
152693 | Pan      | Lost mutation: You are somewhat resistant to further
                  | mutation. [potion of mutation]
152693 | Pan      | Gained mutation: You are agile. (Dex +4, Str/Int -1)
                  | [potion of mutation]
152693 | Pan      | Gained mutation: You have a somewhat thin skeletal
                  | structure. (Dex +2, Stealth+) [potion of mutation]
152693 | Pan      | Gained mutation: Your muscles are strong. (Str +4, Int/Dex
                  | -1) [potion of mutation]
152694 | Pan      | Lost mutation: You are agile. (Dex +4, Str/Int -1) [potion
                  | of mutation]
152694 | Pan      | Lost mutation: You have a somewhat thin skeletal structure.
                  | (Dex +2, Stealth+) [potion of mutation]
152694 | Pan      | Gained mutation: Your muscles are very strong. (Str +8,
                  | Int/Dex -2) [potion of mutation]
152694 | Pan      | Gained mutation: You have hidden genetic potential. [potion
                  | of mutation]
152695 | Pan      | Lost mutation: You have hidden genetic potential. [potion
                  | of mutation]
152695 | Pan      | Lost mutation: Your muscles are very strong. (Str +8,
                  | Int/Dex -2) [potion of mutation]
152695 | Pan      | Gained mutation: You are partially covered in iridescent
                  | scales. (AC +2) [potion of mutation]
152696 | Pan      | Lost mutation: Your muscles are strong. (Str +4, Int/Dex
                  | -1) [potion of mutation]
152696 | Pan      | Lost mutation: You are partially covered in iridescent
                  | scales. (AC +2) [potion of mutation]
152696 | Pan      | Gained mutation: You have an increased reservoir of magic.
                  | (+10% MP) [potion of mutation]
152696 | Pan      | Gained mutation: You are strong-willed. (Will+) [potion of
                  | mutation]
152696 | Pan      | Gained mutation: You are partially covered in iridescent
                  | scales. (AC +2) [potion of mutation]
152697 | Pan      | Lost mutation: You are partially covered in iridescent
                  | scales. (AC +2) [potion of mutation]
152697 | Pan      | Lost mutation: You have an increased reservoir of magic.
                  | (+10% MP) [potion of mutation]
152697 | Pan      | Lost mutation: You are strong-willed. (Will+) [potion of
                  | mutation]
152697 | Pan      | Gained mutation: You passively map a small area around you.
                  | [potion of mutation]
152697 | Pan      | Gained mutation: You have hidden genetic potential. [potion
                  | of mutation]
152698 | Pan      | Lost mutation: You have hidden genetic potential. [potion
                  | of mutation]
152698 | Pan      | Lost mutation: You passively map a small area around you.
                  | [potion of mutation]
152698 | Pan      | Gained mutation: Your muscles are strong. (Str +4, Int/Dex
                  | -1) [potion of mutation]
152698 | Pan      | Gained mutation: Your flesh is heat resistant. (rF+)
                  | [potion of mutation]
152699 | Pan      | Lost mutation: Your muscles are strong. (Str +4, Int/Dex
                  | -1) [potion of mutation]
152699 | Pan      | Lost mutation: Your flesh is heat resistant. (rF+) [potion
                  | of mutation]
152699 | Pan      | Gained mutation: You are partially covered in iridescent
                  | scales. (AC +2) [potion of mutation]
152699 | Pan      | Gained mutation: You occasionally lose the ability to read
                  | scrolls when taking damage. [potion of mutation]
152700 | Pan      | Lost mutation: You occasionally lose the ability to read
                  | scrolls when taking damage. [potion of mutation]
152700 | Pan      | Lost mutation: You are partially covered in iridescent
                  | scales. (AC +2) [potion of mutation]
152700 | Pan      | Gained mutation: You have sharp toenails. [potion of
                  | mutation]
152700 | Pan      | Gained mutation: You are occasionally teleported next to
                  | monsters. [potion of mutation]
152700 | Pan      | Gained mutation: You are partially covered in iridescent
                  | scales. (AC +2) [potion of mutation]
152701 | Pan      | Lost mutation: You have sharp toenails. [potion of
                  | mutation]
152701 | Pan      | Lost mutation: You are partially covered in iridescent
                  | scales. (AC +2) [potion of mutation]
152701 | Pan      | Gained mutation: You passively map a small area around you.
                  | [potion of mutation]
152702 | Pan      | Lost mutation: You are occasionally teleported next to
                  | monsters. [potion of mutation]
152702 | Pan      | Lost mutation: You passively map a small area around you.
                  | [potion of mutation]
152702 | Pan      | Gained mutation: You occasionally lose the ability to drink
                  | potions when taking damage. [potion of mutation]
152702 | Pan      | Gained mutation: You have a pair of small antennae on your
                  | head. [potion of mutation]
152702 | Pan      | Gained mutation: You have sharp fingernails. [potion of
                  | mutation]
152702 | Pan      | Gained mutation: Your mind is acute. (Int +4, Str/Dex -1)
                  | [potion of mutation]
152703 | Pan      | Lost mutation: You have a pair of small antennae on your
                  | head. [potion of mutation]
152703 | Pan      | Lost mutation: You have sharp fingernails. [potion of
                  | mutation]
152703 | Pan      | Lost mutation: You occasionally lose the ability to drink
                  | potions when taking damage. [potion of mutation]
152703 | Pan      | Gained mutation: You are somewhat resistant to further
                  | mutation. [potion of mutation]
152703 | Pan      | Gained mutation: You are weak. (Str -2) [potion of
                  | mutation]
152704 | Pan      | Lost mutation: You are weak. (Str -2) [potion of mutation]
152704 | Pan      | Lost mutation: Your mind is acute. (Int +4, Str/Dex -1)
                  | [potion of mutation]
152704 | Pan      | Lost mutation: You are somewhat resistant to further
                  | mutation. [potion of mutation]
152704 | Pan      | Gained mutation: You have hidden genetic potential. [potion
                  | of mutation]
152704 | Pan      | Gained mutation: You have a pair of small antennae on your
                  | head. [potion of mutation]
152704 | Pan      | Gained mutation: You occasionally shout uncontrollably at
                  | your foes. [potion of mutation]
152705 | Pan      | Lost mutation: You occasionally shout uncontrollably at
                  | your foes. [potion of mutation]
152705 | Pan      | Lost mutation: You have hidden genetic potential. [potion
                  | of mutation]
152705 | Pan      | Gained mutation: Your mind is acute. (Int +4, Str/Dex -1)
                  | [potion of mutation]
152705 | Pan      | Gained mutation: Your muscles are strong. (Str +4, Int/Dex
                  | -1) [potion of mutation]
152705 | Pan      | Gained mutation: Your magical capacity is low. (-10% MP)
                  | [potion of mutation]
152705 | Pan      | Gained mutation: You are strong-willed. (Will+) [potion of
                  | mutation]
152706 | Pan      | Lost mutation: Your magical capacity is low. (-10% MP)
                  | [potion of mutation]
152706 | Pan      | Lost mutation: Your muscles are strong. (Str +4, Int/Dex
                  | -1) [potion of mutation]
152706 | Pan      | Gained mutation: You are somewhat resistant to further
                  | mutation. [potion of mutation]
152712 | Pan      | Reached skill level 27 in Armour
152857 | Pan      | Lost mutation: You have a pair of small antennae on your
                  | head. [potion of mutation]
152857 | Pan      | Lost mutation: You are strong-willed. (Will+) [potion of
                  | mutation]
152857 | Pan      | Lost mutation: You are somewhat resistant to further
                  | mutation. [potion of mutation]
152857 | Pan      | Gained mutation: You are partially covered in iridescent
                  | scales. (AC +2) [potion of mutation]
152857 | Pan      | Gained mutation: Your movements are slightly less
                  | encumbered by armour. (ER -2) [potion of mutation]
152857 | Pan      | Lost mutation: Your mind is acute. (Int +4, Str/Dex -1)
                  | [potion of mutation]
152857 | Pan      | Gained mutation: Your mind is acute. (Int +4, Str/Dex -1)
                  | [potion of mutation]
152869 | Pan      | Learned a level 9 spell: Chain Lightning
152934 | Pan      | Reached skill level 1 in Axes
153330 | Pan      | Found an exit through the horrors of the Abyss.
153800 | Pan      | Noticed Lokireuc the pandemonium lord
153803 | Pan      | Killed Lokireuc the pandemonium lord
154232 | Pan      | Identified the ring of Lady Luck {+Blink Str+8 Int-3 Slay+4
                  | Stlth-}
154470 | Pan      | Reached skill level 5 in Stealth
155040 | Pan      | Took an exit into the Abyss.
155040 | Abyss:6  | Escaped into the Abyss
155046 | Abyss:6  | Found a corrupted altar of Lugonu.
155051 | Depths:2 | Escaped the Abyss
155053 | Pan      | Entered Pandemonium
155476 | Pan      | Noticed Qood the pandemonium lord
155479 | Pan      | Killed Qood the pandemonium lord
156040 | Pan      | Gained mutation: You are clumsy. (Dex -2) [a neqoxec]
156497 | Pan      | Noticed Xagi the pandemonium lord
156532 | Pan      | Gained mutation: You occasionally shout uncontrollably at
                  | your foes. [a cacodemon]
156598 | Pan      | Reached skill level 5 in Axes
156970 | Pan      | Gained mutation: You occasionally lose the ability to read
                  | scrolls when taking damage. [a neqoxec]
157112 | Pan      | Killed Xagi the pandemonium lord
157548 | Pan      | Lost mutation: Your mind is acute. (Int +4, Str/Dex -1) [a
                  | neqoxec]
158216 | Pan      | Lost mutation: You occasionally shout uncontrollably at
                  | your foes. [potion of mutation]
158216 | Pan      | Lost mutation: You are partially covered in iridescent
                  | scales. (AC +2) [potion of mutation]
158216 | Pan      | Lost mutation: Your movements are slightly less encumbered
                  | by armour. (ER -2) [potion of mutation]
158216 | Pan      | Gained mutation: You have an increased reservoir of magic.
                  | (+10% MP) [potion of mutation]
158216 | Pan      | Gained mutation: You have large cloven feet. [potion of
                  | mutation]
158216 | Pan      | Gained mutation: You have hoof-like feet. [potion of
                  | mutation]
158216 | Pan      | Gained mutation: You are partially covered in iridescent
                  | scales. (AC +2) [potion of mutation]
158217 | Pan      | Lost mutation: You have an increased reservoir of magic.
                  | (+10% MP) [potion of mutation]
158217 | Pan      | Lost mutation: You occasionally lose the ability to read
                  | scrolls when taking damage. [potion of mutation]
158217 | Pan      | Lost mutation: You are partially covered in iridescent
                  | scales. (AC +2) [potion of mutation]
158217 | Pan      | Gained mutation: Your spells are a little harder to cast,
                  | but a little more powerful. [potion of mutation]
158217 | Pan      | Gained mutation: Your spells are harder to cast, but more
                  | powerful. [potion of mutation]
158246 | Pan      | Noticed Hionuxap the pandemonium lord
158256 | Pan      | Killed Hionuxap the pandemonium lord
158760 | Pan      | Identified the +12 great mace "Mahu" {protect, rC+}
159646 | Pan      | Noticed Fellipt the pandemonium lord
159651 | Pan      | Killed Fellipt the pandemonium lord
160867 | Pan      | Reached skill level 10 in Stealth
161437 | Pan      | Noticed Ewkol the pandemonium lord
161439 | Pan      | Identified the +8 ring mail of the Hall of Blades {Dex+2}
161440 | Pan      | Killed Ewkol the pandemonium lord
162095 | Pan      | Got a demonic rune of Zot
162393 | Pan      | Entered the realm of Gloorx Vloq.
162431 | Pan      | Reached skill level 1 in Air Magic
162822 | Pan      | Reached skill level 15 in Throwing
163387 | Pan      | Noticed Gloorx Vloq
163392 | Pan      | Killed Gloorx Vloq
163486 | Pan      | Got a dark rune of Zot
164203 | Depths:2 | Escaped Pandemonium
164701 | Tomb:3   | Bought a potion of heal wounds for 70 gold pieces
165163 | Zig:1    | Entered Level 1 of a ziggurat
165321 | Zig:2    | Entered Level 2 of a ziggurat
165462 | Zig:3    | Entered Level 3 of a ziggurat
165607 | Zig:4    | Entered Level 4 of a ziggurat
165608 | Zig:4    | Noticed an ancient lich
165609 | Zig:4    | Noticed an ancient lich
165613 | Zig:4    | Killed an ancient lich
165614 | Zig:4    | Reached skill level 5 in Air Magic
165615 | Zig:4    | Killed an ancient lich
165733 | Zig:5    | Entered Level 5 of a ziggurat
165768 | Zig:5    | Identified the +1 storm dragon scales of the Crypt {rElec
                  | Dex+4}
165795 | Zig:6    | Entered Level 6 of a ziggurat
165796 | Zig:6    | Noticed an ancient lich
165797 | Zig:6    | Noticed a dread lich
165798 | Zig:6    | Killed a dread lich
165801 | Zig:6    | Killed an ancient lich
165949 | Zig:6    | Identified the +7 quarterstaff of Dullness {vorpal, Str+2}
165970 | Zig:7    | Entered Level 7 of a ziggurat
166024 | Zig:7    | Identified the +3 shortbow of the Mosquito {vorpal, Will+
                  | Stlth+}
166104 | Zig:8    | Entered Level 8 of a ziggurat
166223 | Zig:8    | Identified the ring "Bike" {rElec AC+4 Str+2}
166254 | Zig:9    | Entered Level 9 of a ziggurat
166259 | Zig:9    | Reached skill level 10 in Axes
166383 | Zig:9    | Identified the +2 great sword of the Evil Eye {freeze,
                  | rPois}
166411 | Zig:10   | Entered Level 10 of a ziggurat
166419 | Zig:10   | Paralysed by an air elemental for 1 turns
166570 | Zig:10   | Identified the ring of the Garden {Fly rF- rC+ Will+}
166598 | Zig:10   | Identified the +10 dagger of Datiatzu {elec, rPois rF- SInv
                  | Stlth-}
166610 | Zig:10   | Reached skill level 10 in Air Magic
166622 | Zig:11   | Entered Level 11 of a ziggurat
166628 | Zig:11   | Noticed a royal mummy
166629 | Zig:11   | Noticed a royal mummy
166631 | Zig:11   | Killed a royal mummy
166631 | Zig:11   | Noticed a royal mummy
166632 | Zig:11   | Noticed a royal mummy
166632 | Zig:11   | Noticed a royal mummy
166633 | Zig:11   | Noticed a royal mummy
166634 | Zig:11   | Found the +10 dark maul {vorpal}
166635 | Zig:11   | Killed a royal mummy
166635 | Zig:11   | Killed a royal mummy
166636 | Zig:11   | Killed a royal mummy
166636 | Zig:11   | Killed a royal mummy
166639 | Zig:11   | Killed a royal mummy
166730 | Zig:11   | Identified the +9 rapier of Gloom {antimagic, rN+}
166733 | Zig:11   | Identified the +1 leather armour of Okawaru's Condemnation
                  | {rCorr}
166734 | Zig:11   | Identified the +5 quarterstaff of Vefukkec {vorpal, *Slow
                  | rPois Str+3 Int+6}
166837 | Zig:12   | Entered Level 12 of a ziggurat
167039 | Zig:12   | Identified the amulet "Neinwal" {rC+ Regen+ Str+4 Int-2}
167059 | Zig:12   | Identified the +0 ring mail "Pulual" {rElec Int+4}
167101 | Zig:13   | Entered Level 13 of a ziggurat
167114 | Zig:13   | Noticed Rickaj the pandemonium lord
167117 | Zig:13   | Killed Rickaj the pandemonium lord
167354 | Zig:13   | Identified the +1 war axe "Feog" {flame, Will+ Stlth+}
167365 | Zig:13   | Identified the +5 sling of Iconoclasm {flame, rPois rF- rN+
                  | Dex+2}
167399 | Zig:14   | Entered Level 14 of a ziggurat
167419 | Zig:14   | Noticed Sesicuo the pandemonium lord
167442 | Zig:14   | Killed Sesicuo the pandemonium lord
167670 | Zig:14   | Identified the +4 short sword "Jeofauxku" {drain, Dex+4}
167676 | Zig:14   | Identified the ring "Ykeka" {+Blink rF+ Str+2 Int+2}
167730 | Zig:15   | Entered Level 15 of a ziggurat
167741 | Zig:15   | Noticed a dread lich
167744 | Zig:15   | Noticed a dread lich
167747 | Zig:15   | Killed a dread lich
167748 | Zig:15   | Killed a dread lich
167919 | Zig:15   | Identified the +1 scale mail "Kisauqoe" {Will+ Regen+}
167925 | Zig:15   | Identified the +7 pearl dragon scales of Ifox Kuowai {rN+
                  | Int+7}
168072 | Zig:15   | Identified the +9 double sword of Veeceelo {speed, rN+
                  | rCorr MP+9}
168078 | Zig:15   | Identified the +6 falchion of Animal Spirits {speed,
                  | Fragile Str+4 Int+4}
168122 | Zig:16   | Entered Level 16 of a ziggurat
168140 | Zig:16   | Noticed an ancient lich
168142 | Zig:16   | Noticed a dread lich
168143 | Zig:16   | Noticed an ancient lich
168143 | Zig:16   | Noticed a dread lich
168143 | Zig:16   | Noticed an ancient lich
168144 | Zig:16   | Reached skill level 15 in Air Magic
168145 | Zig:16   | Noticed an ancient lich
168145 | Zig:16   | Killed an ancient lich
168146 | Zig:16   | Killed an ancient lich
168146 | Zig:16   | Killed an ancient lich
168146 | Zig:16   | Killed a dread lich
168146 | Zig:16   | Killed an ancient lich
168147 | Zig:16   | Noticed an ancient lich
168149 | Zig:16   | Killed a dread lich
168149 | Zig:16   | Killed an ancient lich
168149 | Zig:16   | Noticed a dread lich
168159 | Zig:16   | Killed a dread lich
168340 | Zig:16   | Identified the +8 chain mail "Utygh" {rC+ Regen+}
168409 | Zig:16   | Identified the ring "Fonejep" {Wiz rCorr Int+4}
168427 | Zig:16   | Identified the amulet "Qyfraun" {Rampage rF+ Regen+ Str+7
                  | Int+4}
168510 | Zig:17   | Entered Level 17 of a ziggurat
168522 | Zig:17   | Reached skill level 15 in Axes
168676 | Zig:17   | Identified the +4 hand axe of the Hurling Mosquito {drain,
                  | rPois}
168679 | Zig:17   | Identified the +7 battleaxe "Luod Wus" {flame, rPois}
168686 | Zig:17   | Identified the quicksilver dragon scales of the Pink Corner
                  | {Harm Will+ rCorr Str-2 Int+6}
168848 | Zig:18   | Entered Level 18 of a ziggurat
169064 | Zig:18   | Found the +3 pair of seven-league boots {Rampage+∞}
169101 | Zig:18   | Identified the amulet "Xiut" {Acrobat Int+4 Slay+3}
169287 | Zig:19   | Entered Level 19 of a ziggurat
169301 | Zig:19   | Noticed an ancient lich
169302 | Zig:19   | Noticed an ancient lich
169303 | Zig:19   | Noticed an ancient lich
169304 | Zig:19   | Noticed an ancient lich
169307 | Zig:19   | Killed an ancient lich
169308 | Zig:19   | Killed an ancient lich
169322 | Zig:19   | Killed an ancient lich
169323 | Zig:19   | Killed an ancient lich
169417 | Zig:19   | Identified the ring "Yczadwah" {Ice rElec rN+ Str+3 Int-2}
169434 | Zig:19   | Identified the ring "Hucan" {Fire MP+9 Str+3}
169621 | Zig:20   | Entered Level 20 of a ziggurat
169638 | Zig:20   | Noticed a royal mummy
169638 | Zig:20   | Noticed a royal mummy
169638 | Zig:20   | Noticed a royal mummy
169639 | Zig:20   | Noticed a royal mummy
169639 | Zig:20   | Noticed a royal mummy
169639 | Zig:20   | Noticed a royal mummy
169641 | Zig:20   | Noticed a royal mummy
169641 | Zig:20   | Noticed a royal mummy
169643 | Zig:20   | Noticed a royal mummy
169644 | Zig:20   | Noticed a royal mummy
169644 | Zig:20   | Noticed a royal mummy
169644 | Zig:20   | Noticed a royal mummy
169644 | Zig:20   | Killed a royal mummy
169644 | Zig:20   | Killed a royal mummy
169644 | Zig:20   | Killed a royal mummy
169644 | Zig:20   | Killed a royal mummy
169644 | Zig:20   | Killed a royal mummy
169644 | Zig:20   | Noticed a royal mummy
169645 | Zig:20   | Noticed a royal mummy
169645 | Zig:20   | Killed a royal mummy
169645 | Zig:20   | Killed a royal mummy
169645 | Zig:20   | Killed a royal mummy
169645 | Zig:20   | Noticed a royal mummy
169647 | Zig:20   | Noticed a royal mummy
169649 | Zig:20   | Killed a royal mummy
169649 | Zig:20   | Noticed a royal mummy
169650 | Zig:20   | Killed a royal mummy
169650 | Zig:20   | Killed a royal mummy
169650 | Zig:20   | Killed a royal mummy
169650 | Zig:20   | Killed a royal mummy
169651 | Zig:20   | Killed a royal mummy
169651 | Zig:20   | Killed a royal mummy
169651 | Zig:20   | Killed a royal mummy
169651 | Zig:20   | Killed a royal mummy
169858 | Zig:20   | Identified the amulet "Guiloura" {Acrobat Fragile rC+ Str+3
                  | Dex+3}
169867 | Zig:20   | Identified the +1 leather armour "Tuoganom" {Str+3}
169877 | Zig:20   | Identified the ring of Gin and Tonic {rC+ Int+4}
169992 | Zig:21   | Entered Level 21 of a ziggurat
170315 | Zig:21   | Identified the +2 pair of gloves "Erranwoc" {rF+ Stlth+}
170318 | Zig:21   | Identified the ring "Omilas" {rC+ Str+4 Int+5 Slay-3 SInv}
170336 | Zig:21   | Identified the ring "Imiru" {rN+ Str+3 Int+4 Slay-2}
170345 | Zig:21   | Identified the +0 robe of the Blizzard {Str+2}
170346 | Zig:21   | Identified the ring "Kiusur" {+Blink rElec rPois rC+ Will-}
170348 | Zig:21   | Identified the +10 flail of World's End {pain, *Noise
                  | Str+4}
170351 | Zig:21   | Identified the amulet "Kyebucan" {Reflect rCorr Str+3 SH+5}
170358 | Zig:21   | Identified the amulet "Ecuwn" {RegenMP rF++ Stlth+}
170462 | Zig:22   | Entered Level 22 of a ziggurat
171092 | Zig:22   | Identified the ring of Vehumet's Grace {Wiz Int+4}
171095 | Zig:22   | Identified the +1 pair of boots of the Sacrificial Victim
                  | {Fly rC+}
171096 | Zig:22   | Identified the +8 whip of Skirmishing {drain, Int+5 Dex+6}
171119 | Zig:22   | Identified the +1 quarterstaff of Dooduame {vorpal, Str+3
                  | Dex+4 Stlth+}
171123 | Zig:22   | Identified the +4 shortbow of Ihaydosi {freeze, rPois Str-2
                  | Int-3 Stlth+}
171139 | Zig:22   | Identified the +1 helmet of Free Will {rPois}
171256 | Zig:23   | Entered Level 23 of a ziggurat
171271 | Zig:23   | Noticed Polaczum's ghost (adept TrMo)
171272 | Zig:23   | Noticed Heartburn's ghost (veteran MiFi)
171274 | Zig:23   | Noticed Likado's ghost (legendary GnSk)
171275 | Zig:23   | Noticed WiseOSalty's ghost (legendary TrGl)
171284 | Zig:23   | Killed Polaczum's ghost
171284 | Zig:23   | Noticed Vuopse's ghost (legendary GnIE)
171285 | Zig:23   | Killed Heartburn's ghost
171290 | Zig:23   | Killed Likado's ghost
171292 | Zig:23   | Noticed frimble's ghost (legendary GrFi)
171294 | Zig:23   | Killed Vuopse's ghost
171297 | Zig:23   | Killed WiseOSalty's ghost
171299 | Zig:23   | Noticed Huju's ghost (legendary HOFi)
171301 | Zig:23   | Noticed tigertrap's ghost (legendary DgHW)
171312 | Zig:23   | Killed frimble's ghost
171314 | Zig:23   | Noticed Marixus's ghost (legendary DDFi)
171320 | Zig:23   | Noticed Zoplarin's ghost (legendary BaSk)
171322 | Zig:23   | Noticed Polaczum's ghost (adept TrMo)
171323 | Zig:23   | Noticed Heartburn's ghost (veteran MiFi)
171323 | Zig:23   | Noticed Denobboc's ghost (legendary OpMo)
171323 | Zig:23   | Killed Huju's ghost
171323 | Zig:23   | Noticed Ikusitist's ghost (legendary NaFE)
171323 | Zig:23   | Noticed Denobboc's ghost (legendary OpMo)
171324 | Zig:23   | Noticed sleeves's ghost (legendary DsFi)
171324 | Zig:23   | Noticed Alysiarr's ghost (legendary KoHu)
171326 | Zig:23   | Noticed Giojuova's ghost (legendary GnBe)
171328 | Zig:23   | Killed Alysiarr's ghost
171328 | Zig:23   | Killed Denobboc's ghost
171328 | Zig:23   | Killed Denobboc's ghost
171328 | Zig:23   | Noticed EricTams's ghost (veteran MiBe)
171329 | Zig:23   | Killed tigertrap's ghost
171329 | Zig:23   | Killed Polaczum's ghost
171330 | Zig:23   | Noticed deprived's ghost (legendary HOFi)
171330 | Zig:23   | Killed Marixus's ghost
171339 | Zig:23   | Killed Ikusitist's ghost
171339 | Zig:23   | Noticed grandjackal's ghost (legendary DsGl)
171340 | Zig:23   | Killed Zoplarin's ghost
171343 | Zig:23   | Killed Heartburn's ghost
171345 | Zig:23   | Killed Giojuova's ghost
171350 | Zig:23   | Noticed Uhosoup's ghost (veteran GrFi)
171357 | Zig:23   | Killed EricTams's ghost
171357 | Zig:23   | Killed sleeves's ghost
171358 | Zig:23   | Killed grandjackal's ghost
171359 | Zig:23   | Killed Uhosoup's ghost
171365 | Zig:23   | Killed deprived's ghost
171711 | Zig:23   | Found the +3 warlock's mirror {reflect}
171720 | Zig:23   | Identified the ring "Vinun" {rC+ rN+ Int+8}
171743 | Zig:23   | Identified the +10 hand axe of the Trees {pain, rPois
                  | Dex+7}
171758 | Zig:23   | Identified the +4 falchion of Eternal Vigilance {spect,
                  | Dex+2}
171762 | Zig:23   | Identified the +4 morningstar "Reliury" {speed, *Corrode
                  | rN+++ Str+7 Int-4}
171806 | Zig:23   | Learned a level 9 spell: Death's Door
171829 | Zig:24   | Entered Level 24 of a ziggurat
171855 | Zig:24   | Noticed a juggernaut
171857 | Zig:24   | Killed a juggernaut
171857 | Zig:24   | Noticed a juggernaut
171859 | Zig:24   | Noticed a juggernaut
171862 | Zig:24   | Noticed a juggernaut
171863 | Zig:24   | Killed a juggernaut
171865 | Zig:24   | Killed a juggernaut
171868 | Zig:24   | Killed a juggernaut
172064 | Zig:24   | Noticed a dread lich
172066 | Zig:24   | Killed a dread lich
172329 | Zig:24   | Identified the +4 mace of Douphu {vorpal, Will++ rCorr
                  | Int-2 SInv}
172337 | Zig:24   | Identified the +2 trident of Due Proportion {vorpal, Str-3
                  | Int+5 Dex+5}
172338 | Zig:24   | Identified the +5 chain mail "Buskus" {Regen+ Str+3 Dex-3}
172343 | Zig:24   | Identified the +0 ring mail of the Fife {Will++ rCorr
                  | Stlth+}
172356 | Zig:24   | Identified the +1 ring mail of Starshine {Harm rElec}
172362 | Zig:25   | Entered Level 25 of a ziggurat
172408 | Zig:25   | Found the +5 robe of Misfortune {Harm *Corrode *Slow EV+5}
172830 | Zig:25   | Acquired the +0 pair of boots of the Stonemason {rF++
                  | Dex+4}
172859 | Zig:25   | Identified the +4 rapier "Tetryqe" {holy, Stlth+}
172931 | Zig:25   | Reached skill level 15 in Stealth
172970 | Zig:26   | Entered Level 26 of a ziggurat
173014 | Zig:26   | Found the +7 captain's cutlass {speed, disarm}
173374 | Zig:26   | Identified the ring of Puxianne {+Blink rElec Str+6 Dex-5
                  | SInv}
173920 | Zig:26   | Identified the ring of the Vendetta {rF- rC+ Str+6 Stlth+}
173922 | Zig:26   | Identified the ring of Onwyasat {Ice rPois Will+}
173952 | Zig:26   | Identified the +7 war axe of Ragnarok {spect, Str+4 Int+2
                  | Dex+2}
173953 | Zig:26   | Identified the +8 trident "Xagoj" {freeze, rElec rF+ Int-2}
174076 | Zig:27   | Entered Level 27 of a ziggurat
174601 | Zig:27   | Found the +15 Maxwell's patent armour {-Cast -Tele rElec
                  | Will+ rCorr}
174602 | Zig:27   | Found the +7 lajatang of Order {silver, rMut}
174604 | Zig:27   | Found the +5 glaive of the Guard {elec, spectral, AC+5}
174624 | Zig:27   | Identified the +4 scimitar "Goblinslayer" {vorpal, Fly rC+
                  | Str+3}
174626 | Zig:27   | Identified the +6 rapier "Cezoesoe" {vorpal, Will+ Str+8
                  | Dex-2}
174635 | Zig:27   | Identified the ring "Kanag" {rPois rN+}
174676 | Zig:27   | Identified the +4 scale mail "Moihetal" {rElec Will- rCorr
                  | Dex+8}
174683 | Zig:27   | Identified the +4 dagger of Wid Kuj {vorpal, +Blink Dex+4
                  | SInv}
174946 | Depths:1 | Bought a potion of brilliance for 100 gold pieces
174946 | Depths:1 | Bought a potion of ambrosia for 200 gold pieces
174946 | Depths:1 | Bought 3 scrolls of teleportation for 225 gold pieces
174979 | Zig:1    | Entered Level 1 of a ziggurat
174982 | Zig:1    | Reached skill level 1 in Staves
175080 | Zig:1    | Identified the ring "Xasuutud" {+Blink rElec rCorr Str+6
                  | Dex-2}
175094 | Zig:2    | Entered Level 2 of a ziggurat
175234 | Zig:3    | Entered Level 3 of a ziggurat
175236 | Zig:3    | Noticed Viugel the pandemonium lord
175238 | Zig:3    | Killed Viugel the pandemonium lord
175323 | Zig:3    | Acquired 695 gold pieces
175334 | Zig:4    | Entered Level 4 of a ziggurat
175336 | Zig:4    | Noticed Totuz's ghost (legendary HOFi)
175336 | Zig:4    | Noticed Gemnonof's ghost (adept DgCj)
175339 | Zig:4    | Killed Gemnonof's ghost
175344 | Zig:4    | Killed Totuz's ghost
175487 | Zig:5    | Entered Level 5 of a ziggurat
175597 | Zig:5    | Identified the +8 great sword of the Skies Above {vorpal,
                  | rN+ Will+++ MP+9 Stlth-}
175613 | Zig:6    | Entered Level 6 of a ziggurat
175618 | Zig:6    | Reached skill level 5 in Staves
175800 | Zig:7    | Entered Level 7 of a ziggurat
175805 | Zig:7    | Noticed an ancient lich
175808 | Zig:7    | Killed an ancient lich
175869 | Zig:7    | Identified the +8 morningstar of Purpose {vorpal, rElec}
175887 | Zig:7    | Identified the ring of Altruism {Fire Dex+3}
175944 | Zig:8    | Entered Level 8 of a ziggurat
175953 | Zig:8    | Noticed an ancient lich
175953 | Zig:8    | Noticed an ancient lich
175955 | Zig:8    | Killed an ancient lich
175955 | Zig:8    | Noticed a dread lich
175956 | Zig:8    | Noticed an ancient lich
175956 | Zig:8    | Noticed an ancient lich
175956 | Zig:8    | Noticed an ancient lich
175957 | Zig:8    | Killed an ancient lich
175957 | Zig:8    | Killed a dread lich
175957 | Zig:8    | Killed an ancient lich
175957 | Zig:8    | Killed an ancient lich
175960 | Zig:8    | Killed an ancient lich
175962 | Zig:8    | Noticed a dread lich
175964 | Zig:8    | Reached skill level 10 in Evocations
175964 | Zig:8    | Found the +0 staff of Battle
175969 | Zig:8    | Killed a dread lich
176151 | Zig:8    | Identified the amulet of Satisfaction {Acrobat Drain Str+5}
176160 | Zig:8    | Identified the +9 shortbow of Elotynnu {speed, Dex+5}
176218 | Zig:9    | Entered Level 9 of a ziggurat
176227 | Zig:9    | Noticed a dread lich
176230 | Zig:9    | Paralysed by a dread lich for 5 turns
176236 | Zig:9    | Killed a dread lich
176324 | Zig:9    | Identified the +1 chain mail of Qazlal's Approval {Will+}
176337 | Zig:9    | Identified the +2 robe of Sagah {Int+3 Dex+7}
176386 | Zig:9    | Acquired 916 gold pieces
176390 | Zig:10   | Entered Level 10 of a ziggurat
176395 | Zig:10   | Noticed a juggernaut
176401 | Zig:10   | Reached skill level 10 in Staves
176401 | Zig:10   | Killed a juggernaut
176407 | Zig:10   | Reached skill level 27 in Axes
176596 | Zig:10   | Identified the +4 trident of Kaduyrgh {freeze, *Noise Int+3
                  | Stlth+}
176648 | Zig:11   | Entered Level 11 of a ziggurat
176736 | Zig:11   | Identified the ring of the Heron {+Blink rElec rC- Will+++
                  | MP+9}
176745 | Zig:11   | Identified the +1 leather armour of the Engineer {Will+
                  | rCorr SInv}
176852 | Zig:12   | Entered Level 12 of a ziggurat
177118 | Zig:13   | Entered Level 13 of a ziggurat
177128 | Zig:13   | Noticed a juggernaut
177133 | Zig:13   | Killed a juggernaut
177309 | Zig:13   | Identified the +6 plate armour of Gehocyps {Int+5}
177310 | Zig:13   | Identified the +10 quarterstaff of the Unspeakable One
                  | {elec, rC+ Str+3}
177312 | Zig:13   | Identified the ring "Jiapec" {+Blink rC+}
177316 | Zig:13   | Identified the +6 shortbow of Kaofecw {speed, rPois rN+
                  | Will- Stlth+}
177319 | Zig:13   | Identified the +4 ring mail of Gozag's Castigation {rPois
                  | rF+ Dex-2}
177484 | Zig:13   | Identified the +2 great mace "Pogytej" {vorpal, Fragile
                  | rCorr Int+2}
177490 | Zig:14   | Entered Level 14 of a ziggurat
177507 | Zig:14   | Reached skill level 15 in Evocations
177511 | Zig:14   | Found the ring of the Octopus King
177513 | Zig:14   | Found the ring of the Mage {Wiz Archmagi}
177521 | Zig:14   | Identified a ring of the Octopus King {rCorr HP+2 AC+2 EV+2
                  | SH+2}
177714 | Zig:14   | Identified the ring "Uvyff" {Ice rN++ Int-5 Dex+7}
177968 | Zig:15   | Entered Level 15 of a ziggurat
178186 | Zig:15   | Identified the +5 dagger "Juely" {pain, rN+ Will+ Stlth-}
178338 | Zig:16   | Entered Level 16 of a ziggurat
178365 | Zig:16   | Paralysed by a floating eye for 3 turns
178375 | Zig:16   | Paralysed by a floating eye for 3 turns
178385 | Zig:16   | Reached skill level 15 in Staves
178722 | Zig:16   | Identified the +6 war axe of Recklessness {venom, Contam
                  | rF+ Str+8 Int-3}
178728 | Zig:16   | Acquired a manual of Long Blades
178743 | Zig:16   | Identified the +4 halberd "Ociq" {elec, Fragile Fly Dex+8}
178745 | Zig:17   | Entered Level 17 of a ziggurat
178752 | Zig:17   | Noticed a royal mummy
178755 | Zig:17   | Noticed a royal mummy
178756 | Zig:17   | Noticed a royal mummy
178759 | Zig:17   | Killed a royal mummy
178759 | Zig:17   | Killed a royal mummy
178760 | Zig:17   | Noticed a royal mummy
178762 | Zig:17   | Noticed a royal mummy
178764 | Zig:17   | Noticed a royal mummy
178766 | Zig:17   | Killed a royal mummy
178768 | Zig:17   | Noticed a royal mummy
178768 | Zig:17   | Noticed a royal mummy
178768 | Zig:17   | Killed a royal mummy
178769 | Zig:17   | Killed a royal mummy
178769 | Zig:17   | Killed a royal mummy
178772 | Zig:17   | Noticed a royal mummy
178775 | Zig:17   | Killed a royal mummy
178775 | Zig:17   | Killed a royal mummy
178775 | Zig:17   | Killed a royal mummy
178777 | Zig:17   | Noticed a royal mummy
178780 | Zig:17   | Noticed a royal mummy
178781 | Zig:17   | Killed a royal mummy
178786 | Zig:17   | Found the +7 great mace "Firestarter" {inner flame, rF++}
178786 | Zig:17   | Found the +4 robe of Folly {Brilliance Will-∞ Int+8}
178790 | Zig:17   | Killed a royal mummy
178970 | Zig:17   | Identified the ring "Feikhoiv" {rPois Str+5 Int+3 Dex+3}
178988 | Zig:17   | Identified the amulet "Kipsarche" {Reflect Rampage rElec
                  | rF+ Dex-4 SH+5}
178999 | Zig:17   | Identified the +8 broad axe of Yvuphec {freeze, rF+}
179207 | Zig:18   | Entered Level 18 of a ziggurat
179210 | Zig:18   | Noticed a dread lich
179210 | Zig:18   | Noticed a dread lich
179212 | Zig:18   | Killed a dread lich
179212 | Zig:18   | Killed a dread lich
179293 | Zig:18   | Noticed a dread lich
179305 | Zig:18   | Killed a dread lich
179588 | Zig:18   | Found the +0 mask of the Dragon {Will+ Slay+3 SInv}
179601 | Zig:18   | Identified the +6 great mace "Epoyloetipo" {freeze, Will+
                  | MP+9}
179625 | Zig:18   | Identified the +7 short sword "Vugagodd" {vorpal, rC+ Str+2
                  | Dex-2 Stlth+}
179632 | Zig:19   | Entered Level 19 of a ziggurat
179700 | Zig:19   | Noticed a dread lich
179711 | Zig:19   | Killed a dread lich
179967 | Zig:19   | Identified the +0 robe of Luecku {rC+ Str+2}
179968 | Zig:19   | Identified the ring "Tadesm" {Str+4 Slay+4}
179981 | Zig:19   | Identified the +4 great mace of the Mosquito {holy, Str+4
                  | Int+2}
180131 | Zig:20   | Entered Level 20 of a ziggurat
180355 | Zig:20   | Identified the +4 great sword of Iseugoiz {freeze, *Rage
                  | Int+4 Dex+4}
180371 | Zig:20   | Identified the +7 whip of the Crypt {elec, MP+9}
180451 | Zig:20   | Identified the +4 mace of Ravage {venom, rN+ Will- Int+3}
180454 | Zig:20   | Identified the +9 dagger of Duiqoa {venom, rF+ Will+ Str-4}
180514 | Zig:21   | Entered Level 21 of a ziggurat
180556 | Zig:21   | Identified the +6 great sword "Zyosoef" {elec, rN+}
180698 | Zig:21   | Identified the +9 flail of the Fray {venom, Drain rPois rF+
                  | Str+7}
180782 | Zig:21   | Identified the +2 robe "Wapnodau" {rF++}
180955 | Zig:22   | Entered Level 22 of a ziggurat
180969 | Zig:22   | Paralysed by an air elemental for 1 turns
180979 | Zig:22   | Reached skill level 27 in Throwing
180991 | Zig:22   | Paralysed by an air elemental for 1 turns
181367 | Zig:22   | Identified the +8 great sword of Wondrous Power {holy,
                  | rElec Stlth+}
181370 | Zig:22   | Identified the +6 dagger of Dissent {speed, Contam Will+
                  | rCorr}
181371 | Zig:22   | Identified the +6 morningstar "Itam" {vorpal, rF+ Int+2}
181414 | Zig:23   | Entered Level 23 of a ziggurat
181426 | Zig:23   | Noticed an ancient lich
181432 | Zig:23   | Noticed a dread lich
181432 | Zig:23   | Killed an ancient lich
181432 | Zig:23   | Noticed a dread lich
181433 | Zig:23   | Noticed an ancient lich
181434 | Zig:23   | Noticed a dread lich
181436 | Zig:23   | Noticed a dread lich
181437 | Zig:23   | Killed a dread lich
181437 | Zig:23   | Killed a dread lich
181437 | Zig:23   | Killed a dread lich
181438 | Zig:23   | Killed a dread lich
181438 | Zig:23   | Noticed an ancient lich
181439 | Zig:23   | Killed an ancient lich
181439 | Zig:23   | Killed an ancient lich
181439 | Zig:23   | Noticed an ancient lich
181440 | Zig:23   | Killed an ancient lich
181442 | Zig:23   | Noticed a dread lich
181444 | Zig:23   | Noticed an ancient lich
181449 | Zig:23   | Killed a dread lich
181450 | Zig:23   | Killed an ancient lich
181624 | Zig:23   | Acquired 1037 gold pieces
181657 | Zig:23   | Identified the +3 glaive "Toasm" {holy, rElec rC+ Dex-2}
181768 | Zig:23   | Identified the +10 dagger of Shrieking Terror {drain, rC+
                  | Int+3}
181877 | Zig:24   | Entered Level 24 of a ziggurat
181969 | Zig:24   | Found the necklace of Bloodlust {*Rage Will++ Int-3 Slay+6}
181969 | Zig:24   | Found the amulet of the Air {Inacc Air Fly rElec RMsl}
181981 | Zig:24   | Identified the +5 glaive "Fuigrut" {freeze, Str+4 Int+2}
182019 | Zig:24   | Identified the amulet of Haeworoe {rPois Will++ Regen+
                  | Str-3 Int+3}
182118 | Zig:24   | Identified the +1 leather armour "Rytagax" {rElec}
182347 | Zig:25   | Entered Level 25 of a ziggurat
182370 | Zig:25   | Noticed an ancient lich
182371 | Zig:25   | Noticed an ancient lich
182372 | Zig:25   | Noticed a dread lich
182373 | Zig:25   | Noticed a dread lich
182374 | Zig:25   | Killed an ancient lich
182375 | Zig:25   | Killed a dread lich
182375 | Zig:25   | Killed an ancient lich
182375 | Zig:25   | Killed a dread lich
182377 | Zig:25   | Noticed an ancient lich
182384 | Zig:25   | Killed an ancient lich
182544 | Zig:25   | Identified the ring of Mumpikhimm {rElec Dex+6 Stlth+}
182554 | Zig:25   | Identified the ring of Makhleb's Supremacy {rN+ rCorr
                  | Int+5}
182588 | Zig:25   | Identified the +1 chain mail of Midwinter {Str+4}
182590 | Zig:25   | Identified the +9 sling of Qiusmee {venom, +Blink Fly
                  | Will+}
182775 | Zig:25   | Reached skill level 27 in Evocations
182781 | Zig:25   | Reached skill level 27 in Dodging
182815 | Zig:26   | Entered Level 26 of a ziggurat
182846 | Zig:26   | Reached skill level 27 in Staves
183200 | Zig:26   | Found the +8 demon blade "Leech" {vamp, Harm Drain rN+}
183211 | Zig:26   | Identified the ring of Tatrafi {Ice *Slow rElec rN+ Int+5}
183216 | Zig:26   | Identified the +9 great sword "Jonuep" {freeze, rC+ rN+
                  | Str-4 Int+2}
183217 | Zig:26   | Identified the +1 chain mail of Disguise {rF+}
183219 | Zig:26   | Identified the +0 long sword "Nikhlicso" {vorpal, +Blink}
183229 | Zig:26   | Identified the +6 morningstar of Destiny {vorpal, rPois rC-
                  | SInv}
183244 | Zig:26   | Identified the +6 scimitar of the Forest {vamp, *Noise rN+
                  | Int+7 Stlth+}
183248 | Zig:26   | Identified the +6 glaive of Vofop {freeze, rPois rF- rC+
                  | rN+}
183335 | Zig:27   | Entered Level 27 of a ziggurat
183368 | Zig:27   | Noticed a dread lich
183370 | Zig:27   | Killed a dread lich
183389 | Zig:27   | Reached skill level 27 in Stealth
183505 | Zig:27   | Found the +10 zealot's sword {holy, *Rage rN+ EV+3}
183647 | Zig:27   | Identified the amulet of Colyng {Reflect Harm rC+ SH+5
                  | SInv}
183660 | Zig:27   | Identified the +8 sling "Otywit" {freeze, rN+ SInv}
184691 | Zig:1    | Entered Level 1 of a ziggurat
184849 | Zig:2    | Entered Level 2 of a ziggurat
184883 | Zig:3    | Entered Level 3 of a ziggurat
184887 | Zig:3    | Reached skill level 27 in Necromancy
184964 | Zig:3    | Identified the +0 ring mail of Utupp {Str+4}
184972 | Zig:4    | Entered Level 4 of a ziggurat
184973 | Zig:4    | Noticed an ancient lich
184974 | Zig:4    | Noticed an ancient lich
184974 | Zig:4    | Noticed a dread lich
184975 | Zig:4    | Noticed a dread lich
184977 | Zig:4    | Killed an ancient lich
184977 | Zig:4    | Killed an ancient lich
184977 | Zig:4    | Killed a dread lich
184977 | Zig:4    | Killed a dread lich
185003 | Zig:4    | Identified the +4 quick blade of Mutilation {vorpal, rCorr}
185014 | Zig:5    | Entered Level 5 of a ziggurat
185014 | Zig:5    | Noticed a royal mummy
185015 | Zig:5    | Noticed a royal mummy
185017 | Zig:5    | Noticed a royal mummy
185018 | Zig:5    | Noticed a royal mummy
185019 | Zig:5    | Killed a royal mummy
185019 | Zig:5    | Killed a royal mummy
185020 | Zig:5    | Killed a royal mummy
185020 | Zig:5    | Killed a royal mummy
185020 | Zig:5    | Noticed a royal mummy
185021 | Zig:5    | Noticed a royal mummy
185024 | Zig:5    | Killed a royal mummy
185025 | Zig:5    | Killed a royal mummy
185186 | Zig:6    | Entered Level 6 of a ziggurat
185336 | Zig:7    | Entered Level 7 of a ziggurat
185417 | Zig:7    | Identified the +7 battleaxe "Ryffyziy" {venom, Contam Str+7
                  | Dex+2}
185451 | Zig:8    | Entered Level 8 of a ziggurat
185458 | Zig:8    | Noticed Zucsuale the pandemonium lord
185463 | Zig:8    | Killed Zucsuale the pandemonium lord
185570 | Zig:8    | Identified the amulet "Fejoutiu" {Regen+ Int+2 Slay+3}
185576 | Zig:8    | Identified the +11 great mace "Qaorgh" {vamp, Int+2}
185655 | Zig:9    | Entered Level 9 of a ziggurat
185657 | Zig:9    | Noticed a dread lich
185659 | Zig:9    | Noticed a dread lich
185660 | Zig:9    | Noticed an ancient lich
185661 | Zig:9    | Killed a dread lich
185662 | Zig:9    | Noticed a dread lich
185664 | Zig:9    | Killed a dread lich
185664 | Zig:9    | Killed an ancient lich
185668 | Zig:9    | Killed a dread lich
185839 | Zig:10   | Entered Level 10 of a ziggurat
185845 | Zig:10   | Noticed a dread lich
185846 | Zig:10   | Noticed an ancient lich
185846 | Zig:10   | Noticed an ancient lich
185848 | Zig:10   | Noticed an ancient lich
185848 | Zig:10   | Found the macabre finger necklace {rN+}
185849 | Zig:10   | Killed a dread lich
185849 | Zig:10   | Killed an ancient lich
185849 | Zig:10   | Killed an ancient lich
185849 | Zig:10   | Noticed a dread lich
185850 | Zig:10   | Reached skill level 27 in Air Magic
185850 | Zig:10   | Reached skill level 1 in Maces & Flails
185850 | Zig:10   | Reached skill level 1 in Polearms
185851 | Zig:10   | Found the +8 arc blade {discharge, rElec}
185853 | Zig:10   | Killed an ancient lich
185854 | Zig:10   | Killed a dread lich
185923 | Zig:10   | Identified the ring "Dihuir" {Fire Dex+4}
185932 | Zig:10   | Identified the ring "Feerieg" {MP+9 Dex+3}
185979 | Zig:11   | Entered Level 11 of a ziggurat
185986 | Zig:11   | Reached skill level 5 in Maces & Flails
186086 | Zig:11   | Identified the +6 short sword "Beetlebane" {vorpal, *Noise
                  | rF++ rCorr Str+3}
186174 | Zig:12   | Entered Level 12 of a ziggurat
186194 | Zig:12   | Reached skill level 10 in Polearms
186355 | Zig:12   | Identified the ring "Tah Tuos" {rElec rF+ Will+ rCorr}
186387 | Zig:12   | Identified the +8 plate armour of Uskayaw's Generosity {rF-
                  | rC+ Will+}
186411 | Zig:13   | Entered Level 13 of a ziggurat
186415 | Zig:13   | Noticed a dread lich
186416 | Zig:13   | Noticed a dread lich
186416 | Zig:13   | Noticed an ancient lich
186417 | Zig:13   | Killed an ancient lich
186417 | Zig:13   | Killed a dread lich
186418 | Zig:13   | Reached skill level 10 in Maces & Flails
186418 | Zig:13   | Killed a dread lich
186418 | Zig:13   | Noticed a dread lich
186419 | Zig:13   | Killed a dread lich
186420 | Zig:13   | Noticed a dread lich
186421 | Zig:13   | Noticed an ancient lich
186421 | Zig:13   | Noticed an ancient lich
186422 | Zig:13   | Noticed an ancient lich
186422 | Zig:13   | Found the dreamshard necklace {*Dream Drain}
186422 | Zig:13   | Noticed an ancient lich
186424 | Zig:13   | Killed a dread lich
186424 | Zig:13   | Killed an ancient lich
186424 | Zig:13   | Killed an ancient lich
186424 | Zig:13   | Killed an ancient lich
186424 | Zig:13   | Killed an ancient lich
186530 | Zig:13   | Identified the +9 scimitar "Earthworm" {pain, rElec Will++}
186648 | Zig:13   | Acquired 864 gold pieces
186650 | Zig:13   | Acquired 907 gold pieces
186666 | Zig:13   | Acquired 1172 gold pieces
186668 | Zig:13   | Acquired 508 gold pieces
186695 | Zig:14   | Entered Level 14 of a ziggurat
186707 | Zig:14   | Reached skill level 15 in Polearms
186894 | Zig:14   | Identified the +2 whip of Laceration {drain, rC+}
186895 | Zig:14   | Identified the +0 helmet of Ofusock {+Blink rElec Stlth+}
186979 | Zig:15   | Entered Level 15 of a ziggurat
186993 | Zig:15   | Reached skill level 15 in Maces & Flails
187169 | Zig:15   | Acquired the +1 pair of gloves of Wilaaw {rC+}
187171 | Zig:15   | Identified the +0 plate armour of the Trees {Drain Int+4
                  | Slay+2}
187181 | Zig:15   | Identified the +1 ring mail "Boqikuc" {rC- Regen+ Str+3
                  | Dex+3}
187243 | Zig:16   | Entered Level 16 of a ziggurat
187248 | Zig:16   | Noticed Davokerr the pandemonium lord
187248 | Zig:16   | Noticed Fuxtiod the pandemonium lord
187249 | Zig:16   | Noticed Buolif the pandemonium lord
187249 | Zig:16   | Noticed Zyomucad the pandemonium lord
187249 | Zig:16   | Noticed Leenn the pandemonium lord
187250 | Zig:16   | Noticed Puikli the pandemonium lord
187253 | Zig:16   | Noticed Seyschyuru the pandemonium lord
187254 | Zig:16   | Noticed Edesoill the pandemonium lord
187255 | Zig:16   | Killed Zyomucad the pandemonium lord
187255 | Zig:16   | Killed Davokerr the pandemonium lord
187255 | Zig:16   | Killed Buolif the pandemonium lord
187255 | Zig:16   | Noticed Pofeseda the pandemonium lord
187256 | Zig:16   | Noticed Biriheis the pandemonium lord
187256 | Zig:16   | Noticed Ukexopt the pandemonium lord
187256 | Zig:16   | Killed Puikli the pandemonium lord
187257 | Zig:16   | Noticed Veudinop the pandemonium lord
187261 | Zig:16   | Killed Seyschyuru the pandemonium lord
187261 | Zig:16   | Killed Biriheis the pandemonium lord
187262 | Zig:16   | Noticed Secul the pandemonium lord
187264 | Zig:16   | Killed Leenn the pandemonium lord
187265 | Zig:16   | Killed Ukexopt the pandemonium lord
187265 | Zig:16   | Noticed Fyem the pandemonium lord
187266 | Zig:16   | Killed Veudinop the pandemonium lord
187266 | Zig:16   | Killed Pofeseda the pandemonium lord
187266 | Zig:16   | Noticed Relisoid the pandemonium lord
187268 | Zig:16   | Killed Fuxtiod the pandemonium lord
187268 | Zig:16   | Noticed Vanup the pandemonium lord
187269 | Zig:16   | Killed Secul the pandemonium lord
187269 | Zig:16   | Killed Edesoill the pandemonium lord
187271 | Zig:16   | Killed Fyem the pandemonium lord
187273 | Zig:16   | Killed Relisoid the pandemonium lord
187273 | Zig:16   | Noticed Mofar the pandemonium lord
187274 | Zig:16   | Killed Vanup the pandemonium lord
187274 | Zig:16   | Noticed Vozeavez the pandemonium lord
187276 | Zig:16   | Killed Mofar the pandemonium lord
187276 | Zig:16   | Killed Vozeavez the pandemonium lord
187277 | Zig:16   | Noticed Tiazesah the pandemonium lord
187277 | Zig:16   | Killed Tiazesah the pandemonium lord
187406 | Zig:16   | Found the +6 Majin-Bo {vamp, MP+6 Int+6}
187472 | Zig:16   | Identified the +0 chain mail "Tialid" {*Corrode rC+++ Str+3
                  | SInv}
187474 | Zig:16   | Identified the +2 whip "Leos" {vorpal, Will+}
187514 | Zig:17   | Entered Level 17 of a ziggurat
187521 | Zig:17   | Paralysed by an air elemental for 1 turns
187591 | Zig:17   | Identified the +6 mace of Offence {elec, *Slow rElec Will+
                  | Int+3}
187608 | Zig:17   | Identified the +7 battleaxe "Furigot" {antimagic, rC+ Will-
                  | Stlth+}
187633 | Zig:17   | Identified the +7 long sword "Witten" {vamp, Contam Str+2
                  | Int+5 Dex+9}
187805 | Zig:18   | Entered Level 18 of a ziggurat
188085 | Zig:18   | Identified the +8 hand axe of Ashenzari, Rescuing {pain,
                  | Fragile Str+2 Dex+7}
188104 | Zig:18   | Identified the +1 leather armour of the Equator {Harm rC++
                  | rCorr}
188165 | Zig:18   | Identified the +3 hat "Qoroitan" {rC+ Str+3}
188168 | Zig:19   | Entered Level 19 of a ziggurat
188255 | Zig:19   | Found the +8 frozen axe "Frostbite" {freezing cloud, *Noise
                  | Fly rC+}
188264 | Zig:19   | Identified the +2 scale mail of Hucoti {rElec rPois rF-
                  | Int+8 Stlth-}
188265 | Zig:19   | Identified the +0 scale mail of Action {rElec rF+ rC- rN++}
188269 | Zig:19   | Identified the +4 sling of Gipejian {freeze, Fly rElec}
188325 | Zig:19   | Identified the +1 war axe of Distraction {venom, rCorr
                  | Dex+5}
188438 | Zig:19   | Acquired the +1 pair of gloves of the Clam {rF+ Dex+2}
188468 | Zig:20   | Entered Level 20 of a ziggurat
188618 | Zig:20   | Identified the +0 cloak of the True Pharaoh {Str+2 Int+7}
188649 | Zig:20   | Identified the ring "Wirrug" {rElec MP+9 Int+6 Stlth+}
188679 | Zig:20   | Identified the +11 long sword of Instinct {spect, +Blink
                  | Str+2 Dex+3}
188680 | Zig:20   | Identified the +8 plate armour "Puasy" {Contam Harm rF++
                  | Stlth+}
188792 | Zig:20   | Identified the ring "Nulin" {Will+ MP+9 Int+5 Dex+6}
188822 | Zig:20   | Identified the +12 dagger of Wuxut {vorpal, rElec rF+ SInv}
188824 | Zig:20   | Identified the +2 robe "Gifai" {SInv}
188838 | Zig:20   | Identified the +11 mace of the Transparent God {protect,
                  | Will+}
188905 | Zig:21   | Entered Level 21 of a ziggurat
188924 | Zig:21   | Reached skill level 27 in Maces & Flails
189037 | Zig:21   | Found the +2 shield of Resistance {rF++ rC++ Will++}
189066 | Zig:21   | Identified the +2 shortbow of the Elven Halls {vorpal, rC++
                  | rCorr}
189077 | Zig:21   | Identified the ring of the Original Sin {Will+ MP+9}
189085 | Zig:21   | Identified the amulet of Brilliance {Regen+ Str+6 Dex+2}
189088 | Zig:21   | Identified the +6 dagger of Gusuwin {venom, Int+4}
189253 | Zig:22   | Entered Level 22 of a ziggurat
189270 | Zig:22   | Reached skill level 27 in Polearms
189270 | Zig:22   | Reached skill level 5 in Long Blades
189270 | Zig:22   | Reached skill level 5 in Unarmed Combat
189271 | Zig:22   | Reached skill level 1 in Short Blades
189271 | Zig:22   | Reached skill level 1 in Ranged Weapons
189276 | Zig:22   | Reached skill level 5 in Short Blades
189276 | Zig:22   | Reached skill level 5 in Ranged Weapons
189278 | Zig:22   | Found the +11 plutonium sword {Contam Stlth-}
189279 | Zig:22   | Found the ring of the Octopus King
189380 | Zig:22   | Identified the ring "Soon" {Str+6 Dex+6}
189383 | Zig:22   | Identified a ring of the Octopus King {rC+ HP+2 AC+2 EV+2
                  | SH+2}
189386 | Zig:22   | Identified the ring "Inom" {rPois rF+ Will+ Dex+2}
189393 | Zig:22   | Identified the ring "Earthly Heaven" {rC+ Will- MP+9 Int+4}
189396 | Zig:22   | Identified the +5 dagger of Fortitude {freeze, rPois Str+6
                  | Dex+2 SInv}
189397 | Zig:22   | Identified the +9 great mace "Difeasan" {protect, Int+3}
189597 | Zig:22   | Identified the +7 spear of Ru's Reproof {holy, rElec Will+
                  | Str+3}
189659 | Zig:23   | Entered Level 23 of a ziggurat
189666 | Zig:23   | Noticed a juggernaut
189669 | Zig:23   | Noticed a juggernaut
189669 | Zig:23   | Noticed a juggernaut
189671 | Zig:23   | Noticed a juggernaut
189671 | Zig:23   | Noticed a juggernaut
189673 | Zig:23   | Noticed a juggernaut
189674 | Zig:23   | Noticed a juggernaut
189675 | Zig:23   | Reached skill level 10 in Unarmed Combat
189675 | Zig:23   | Killed a juggernaut
189675 | Zig:23   | Killed a juggernaut
189676 | Zig:23   | Reached skill level 10 in Long Blades
189676 | Zig:23   | Killed a juggernaut
189676 | Zig:23   | Killed a juggernaut
189676 | Zig:23   | Killed a juggernaut
189676 | Zig:23   | Killed a juggernaut
189677 | Zig:23   | Reached skill level 10 in Ranged Weapons
189677 | Zig:23   | Killed a juggernaut
189677 | Zig:23   | Noticed a juggernaut
189683 | Zig:23   | Reached skill level 10 in Short Blades
189684 | Zig:23   | Killed a juggernaut
189687 | Zig:23   | Found the +2 cloak of the Thief {*Fog Slay-2 SInv Stlth+}
189775 | Zig:23   | Found the +7 mace of Variability {chain chaos}
189777 | Zig:23   | Found the +3 greatsling "Punk" {acid, rCorr}
189784 | Zig:23   | Identified the +5 chain mail "Diomm" {Str+3 Stlth+}
189786 | Zig:23   | Identified the ring "Gidopaex" {*Slow +Blink rN+ EV+4
                  | Int+2}
189790 | Zig:23   | Identified the ring of Discretion {Ice rN+ Will- Str+3}
189800 | Zig:23   | Identified the amulet "Mapnamos" {Faith Dex+4 Stlth+}
189873 | Zig:23   | Identified the -2 buckler of Bucymib {Dex+6}
189876 | Zig:23   | Identified the +11 morningstar of Jeghisk {vorpal, rN+
                  | Will+}
189877 | Zig:23   | Identified the +1 hat of Joy {rC+}
190142 | Zig:24   | Entered Level 24 of a ziggurat
190162 | Zig:24   | Reached skill level 15 in Unarmed Combat
190169 | Zig:24   | Reached skill level 15 in Ranged Weapons
190426 | Zig:24   | Identified the ring of Midnight {Wiz rC++ rN+ Will-}
190433 | Zig:24   | Identified the +1 pair of boots of the Grim Alphagorgon
                  | {Rampage rPois}
190537 | Zig:24   | Identified the amulet "Ynuazisk" {RegenMP rC++ Dex+2}
190622 | Zig:24   | Reached skill level 15 in Short Blades
190644 | Zig:25   | Entered Level 25 of a ziggurat
190650 | Zig:25   | Noticed a dread lich
190655 | Zig:25   | Noticed an ancient lich
190657 | Zig:25   | Killed a dread lich
190658 | Zig:25   | Killed an ancient lich
190659 | Zig:25   | Reached skill level 15 in Long Blades
190659 | Zig:25   | Noticed an ancient lich
190663 | Zig:25   | Killed an ancient lich
190666 | Zig:25   | Noticed a dread lich
190666 | Zig:25   | Noticed an ancient lich
190666 | Zig:25   | Noticed an ancient lich
190668 | Zig:25   | Killed an ancient lich
190668 | Zig:25   | Noticed a dread lich
190673 | Zig:25   | Killed an ancient lich
190673 | Zig:25   | Killed a dread lich
190673 | Zig:25   | Killed a dread lich
190852 | Zig:25   | Identified the ring of Pufe {rF+ Int+3}
190872 | Zig:25   | Identified the +7 lajatang of the Destroying Gods {vorpal,
                  | rElec rC+ rN+ Str+2}
190880 | Zig:25   | Identified the +0 long sword of Jusmadadd {spect, rC++
                  | Int+2 Dex-3 SInv}
191130 | Zig:26   | Entered Level 26 of a ziggurat
191153 | Zig:26   | Found the amulet of Elemental Vulnerability {rPois rF--
                  | rC-- AC+8}
191278 | Zig:26   | Identified the amulet of Logor {Reflect Contam rN+ Dex+7
                  | SH+5 Stlth+}
191280 | Zig:26   | Identified the +5 hand axe "Afoas" {freeze, rC+}
191290 | Zig:26   | Identified the ring "Girghe" {rPois rC+}
191515 | Zig:26   | Identified the +3 shortbow "Zaabiep" {venom, rC+++ Int-5
                  | SInv}
191573 | Zig:27   | Entered Level 27 of a ziggurat
191741 | Zig:27   | Found the +8 demon trident "Rift" {distort, reach+}
191767 | Zig:27   | Identified the +5 tower shield of Vuiriw {Harm Stlth+}
191783 | Zig:27   | Identified the ring "Ipha Axuomm" {rPois rF+ Will+ Dex+5}
191822 | Zig:27   | Identified the amulet "Ifrafos" {RegenMP Drain rElec rN+
                  | Will+}
191829 | Zig:27   | Identified the +10 rapier of the Girdle {vorpal, Dex+3}
191836 | Zig:27   | Identified the ring "Gotoexky" {rPois Will+}
191855 | Zig:27   | Identified the +5 hand axe of Lies {antimagic, Fly rPois
                  | rF++ Dex+3}
192151 | Zig:1    | Entered Level 1 of a ziggurat
192151 | Zig:1    | Noticed a dread lich
192152 | Zig:1    | Killed a dread lich
192212 | Zig:2    | Entered Level 2 of a ziggurat
192288 | Zig:3    | Entered Level 3 of a ziggurat
192422 | Zig:4    | Entered Level 4 of a ziggurat
192484 | Zig:5    | Entered Level 5 of a ziggurat
192568 | Zig:5    | Identified the +7 battleaxe of the Fresh God {antimagic,
                  | rF- rCorr Dex+4}
192624 | Zig:6    | Entered Level 6 of a ziggurat
192628 | Zig:6    | Noticed Noypro the pandemonium lord
192638 | Zig:6    | Killed Noypro the pandemonium lord
192775 | Zig:6    | Identified the ring "Ifaceufo" {Will+ Str+6 Dex+3}
192783 | Zig:7    | Entered Level 7 of a ziggurat
192787 | Zig:7    | Identified the +4 tower shield of Henotheism {SInv}
192787 | Zig:7    | Identified the +0 tower shield of the Protecting Gods
                  | {Str+4}
192949 | Zig:7    | Identified the +1 ring mail of Oplirr {Harm Rampage rPois
                  | rF-}
192962 | Zig:7    | Identified the +11 rapier of Due Proportion {drain, rF-
                  | Dex+6}
193015 | Zig:8    | Entered Level 8 of a ziggurat
193134 | Zig:8    | Identified the +0 pair of gloves of Polish {Int+3 Dex+3
                  | Stlth+}
193167 | Zig:8    | Identified the ring "Kuroxtei" {Fire rN+}
193169 | Zig:8    | Identified the +8 crystal plate armour of the Fisher {Int-5
                  | Dex+6}
193230 | Zig:9    | Entered Level 9 of a ziggurat
193238 | Zig:9    | Found the +7 Kryia's mail coat {PotionHeal*2 rC+}
193367 | Zig:9    | Identified the ring "Sebuzosch" {rPois EV+4 Int+3 Dex+3
                  | Slay+3}
193377 | Zig:9    | Identified the +8 scale mail of Ophuk {+Inv Dex+4}
193387 | Zig:9    | Identified the ring "Liesec" {rF+ Dex+6 Stlth+}
193454 | Zig:10   | Entered Level 10 of a ziggurat
193581 | Zig:10   | Found the +8 whip "Snakebite" {venom, curare, rPois}
194054 | Zig:11   | Entered Level 11 of a ziggurat
194065 | Zig:11   | Found the +8 autumn katana {vorpal, manifold assault}
194154 | Zig:11   | Identified the +7 dire flail "Ranoutru" {elec, rN++ Will+
                  | Str-3 SInv}
194165 | Zig:11   | Identified the +0 ice dragon scales of Ru's Righteous Anger
                  | {Rampage rF- rC++ MP+9 Str-2 Int-2}
194295 | Zig:12   | Entered Level 12 of a ziggurat
194526 | Zig:12   | Identified the +9 spear "Leviticus" {vorpal, *Rage Str-4
                  | Int+7 SInv}
194566 | Zig:13   | Entered Level 13 of a ziggurat
194614 | Zig:13   | Identified the ring of Eternal Night {rElec rC+}
194623 | Zig:13   | Identified the amulet of the Country {Faith Str+4 Slay+3}
194627 | Zig:13   | Identified the ring "Warit" {rN++ Dex+6 SInv Stlth-}
194641 | Zig:13   | Identified the +3 ring mail of Hepliaklqana's Delight
                  | {rElec}
194787 | Zig:14   | Entered Level 14 of a ziggurat
194798 | Zig:14   | Reached skill level 27 in Unarmed Combat
194800 | Zig:14   | Found the +4 Cigotuvi's embrace {rMiasma Drain rN+}
194805 | Zig:14   | Found the +3 pair of gauntlets of War {Slay+5}
194807 | Zig:14   | Found the ring of the Octopus King
194970 | Zig:14   | Identified a ring of the Octopus King {Fly HP+2 AC+2 EV+2
                  | SH+2}
194976 | Zig:14   | Identified the +1 mace of the Queen {spect, rC+ rCorr}
195067 | Zig:15   | Entered Level 15 of a ziggurat
195176 | Zig:15   | Identified the +6 war axe of Righteous Anger {vorpal, rPois
                  | rC+ Dex+9}
195178 | Zig:15   | Identified the amulet of Qetaf {Acrobat Rampage}
195182 | Zig:15   | Identified the +7 dagger of the Snake Pit {freeze, Drain
                  | Dex+5}
195185 | Zig:15   | Identified the +9 morningstar of Desperation {vorpal,
                  | rElec}
195195 | Zig:15   | Identified the +1 leather armour of Tunotawk {Str+2 Int+2}
195353 | Zig:16   | Entered Level 16 of a ziggurat
195374 | Zig:16   | Noticed Ajatuil the pandemonium lord
195379 | Zig:16   | Killed Ajatuil the pandemonium lord
195382 | Zig:16   | Reached skill level 27 in Ranged Weapons
195719 | Zig:16   | Identified the +3 trident "Lacetruff" {vorpal, rF++ Dex+4
                  | Stlth+}
195777 | Zig:17   | Entered Level 17 of a ziggurat
196069 | Zig:17   | Identified the +0 pair of gloves "Xaycvath" {Regen+}
196173 | Zig:18   | Entered Level 18 of a ziggurat
196198 | Zig:18   | Reached skill level 27 in Short Blades
196213 | Zig:18   | Reached skill level 27 in Long Blades
196213 | Zig:18   | Reached skill level 1 in Summonings
196213 | Zig:18   | Reached skill level 1 in Translocations
196213 | Zig:18   | Reached skill level 1 in Invocations
196229 | Zig:18   | Reached skill level 5 in Invocations
196457 | Zig:18   | Identified the amulet "Gihum" {Reflect Str-5 Int+5 Slay+5
                  | SH+5 Stlth+}
196462 | Zig:18   | Acquired a manual of Summonings
196481 | Zig:18   | Identified the +9 battleaxe "Pukhlu" {venom, *Rage rElec
                  | rN+ Str+3}
196488 | Zig:18   | Identified the +9 long sword "Mituel" {freeze, Str+5}
196501 | Zig:18   | Identified the amulet "Nuceim" {Spirit rF+}
196569 | Zig:19   | Entered Level 19 of a ziggurat
196597 | Zig:19   | Reached skill level 10 in Invocations
196598 | Zig:19   | Identified the +1 tower shield of Cemagg {rPois rF+ SInv}
196613 | Zig:19   | Reached skill level 10 in Summonings
196613 | Zig:19   | Reached skill level 10 in Translocations
196880 | Zig:19   | Identified the +6 morningstar of Niuffaf {vorpal, rElec
                  | rPois}
196913 | Zig:19   | Identified the +6 great mace of the Elven Halls {drain,
                  | Str-5 Int+7 Dex+4}
196923 | Zig:19   | Identified the amulet "Bytuvosh" {Acrobat rElec rPois MP+9}
196940 | Zig:19   | Identified the +3 scale mail of True Grit {rN++ Str+4}
197059 | Zig:20   | Entered Level 20 of a ziggurat
197517 | Zig:20   | Identified the ring "Karchiki" {Fly rF++ Str-4}
197527 | Zig:20   | Identified the ring of Juuq {Fire Int+5}
197535 | Zig:20   | Identified the +0 scale mail of the Bagpipe {MP+9}
197547 | Zig:20   | Identified the +1 plate armour "Demixoj" {rF+ Dex+4}
197635 | Zig:21   | Entered Level 21 of a ziggurat
197646 | Zig:21   | Noticed an orb of fire
197666 | Zig:21   | Noticed an orb of fire
197671 | Zig:21   | Noticed an orb of fire
197671 | Zig:21   | Noticed an orb of fire
197672 | Zig:21   | Noticed an orb of fire
197673 | Zig:21   | Noticed an orb of fire
197673 | Zig:21   | Noticed an orb of fire
197678 | Zig:21   | Reached skill level 15 in Invocations
197679 | Zig:21   | Noticed an orb of fire
197680 | Zig:21   | Killed an orb of fire
197680 | Zig:21   | Killed an orb of fire
197680 | Zig:21   | Killed an orb of fire
197680 | Zig:21   | Killed an orb of fire
197680 | Zig:21   | Noticed an orb of fire
197681 | Zig:21   | Noticed an orb of fire
197681 | Zig:21   | Noticed an orb of fire
197681 | Zig:21   | Noticed an orb of fire
197681 | Zig:21   | Noticed an orb of fire
197681 | Zig:21   | Killed an orb of fire
197681 | Zig:21   | Noticed an orb of fire
197682 | Zig:21   | Noticed an orb of fire
197683 | Zig:21   | Noticed an orb of fire
197684 | Zig:21   | Noticed an orb of fire
197685 | Zig:21   | Killed an orb of fire
197685 | Zig:21   | Killed an orb of fire
197685 | Zig:21   | Noticed an orb of fire
197687 | Zig:21   | Reached skill level 15 in Summonings
197687 | Zig:21   | Reached skill level 15 in Translocations
197687 | Zig:21   | Killed an orb of fire
197687 | Zig:21   | Noticed an orb of fire
197688 | Zig:21   | Killed an orb of fire
197701 | Zig:21   | Killed an orb of fire
197701 | Zig:21   | Killed an orb of fire
197701 | Zig:21   | Killed an orb of fire
197702 | Zig:21   | Killed an orb of fire
197703 | Zig:21   | Killed an orb of fire
197703 | Zig:21   | Killed an orb of fire
197703 | Zig:21   | Noticed an orb of fire
197704 | Zig:21   | Killed an orb of fire
197704 | Zig:21   | Killed an orb of fire
197704 | Zig:21   | Noticed an orb of fire
197706 | Zig:21   | Noticed an orb of fire
197706 | Zig:21   | Killed an orb of fire
197708 | Zig:21   | Killed an orb of fire
197708 | Zig:21   | Killed an orb of fire
197713 | Zig:21   | Killed an orb of fire
197714 | Zig:21   | Noticed an orb of fire
197717 | Zig:21   | Noticed an orb of fire
197719 | Zig:21   | Noticed an orb of fire
197719 | Zig:21   | Noticed an orb of fire
197720 | Zig:21   | Noticed an orb of fire
197720 | Zig:21   | Noticed an orb of fire
197722 | Zig:21   | Killed an orb of fire
197723 | Zig:21   | Killed an orb of fire
197724 | Zig:21   | Noticed an orb of fire
197725 | Zig:21   | Killed an orb of fire
197725 | Zig:21   | Killed an orb of fire
197726 | Zig:21   | Killed an orb of fire
197726 | Zig:21   | Killed an orb of fire
197736 | Zig:21   | Killed an orb of fire
197744 | Zig:21   | Killed an orb of fire
198044 | Zig:21   | Identified the ring "Gaxorhaokh" {rElec rF+ rN+ Dex+6
                  | Stlth-}
198061 | Zig:21   | Identified the +1 rapier of Distant Worlds {holy, rN+++
                  | Will- Dex+5}
198365 | Zig:22   | Entered Level 22 of a ziggurat
198713 | Zig:22   | Found the +8 Vampire's Tooth {vamp}
198744 | Zig:22   | Acquired 890 gold pieces
198751 | Zig:22   | Identified the ring of the Wild Haggis {MP+9 Str+6}
198783 | Zig:22   | Identified the +9 plate armour "Jeinwic" {Int+6}
198787 | Zig:22   | Identified the +0 mace of Bodily Harmony {speed, Fly rElec
                  | Will+}
198789 | Zig:22   | Identified the +12 arbalest of the Tent {elec, Dex+3}
198791 | Zig:22   | Identified the +0 plate armour of Asioghihu {rElec}
198915 | Zig:23   | Entered Level 23 of a ziggurat
199047 | Zig:23   | Identified the +6 sling of Ashenzari's Envy {venom,
                  | *Corrode rC+ Dex+5 SInv}
199051 | Zig:23   | Identified the +6 great sword of Truncation {antimagic, rC+
                  | Int+4}
199054 | Zig:23   | Identified the +9 great sword of Hubris {vorpal, rPois rN+
                  | Str+2}
199058 | Zig:23   | Identified the +7 short sword of the Fool {vorpal, Stlth+}
199072 | Zig:23   | Identified the +11 gold dragon scales "Medaik" {rPois rF+
                  | rC+ Int+2 SInv}
199511 | Zig:24   | Entered Level 24 of a ziggurat
199536 | Zig:24   | Paralysed by a wendigo for 1 turns
199541 | Zig:24   | Noticed an ancient lich
199544 | Zig:24   | Killed an ancient lich
199556 | Zig:24   | Noticed an ancient lich
199560 | Zig:24   | Killed an ancient lich
199560 | Zig:24   | Noticed an ancient lich
199564 | Zig:24   | Killed an ancient lich
200047 | Zig:24   | Found the amulet of the Four Winds {rN+ Will+++ Clar}
200051 | Zig:24   | Identified the +1 pair of gloves of the Lost Path {Str+4}
200058 | Zig:24   | Identified the amulet "Xurhutagh" {Faith +Blink Str+7}
200068 | Zig:24   | Identified the +0 robe "Buuhoe" {rElec rPois rN+ Regen+}
200086 | Zig:24   | Identified the +5 long sword of the Sky {vorpal, rC- Str+3
                  | Dex+6}
200087 | Zig:24   | Identified the +7 war axe of Withuino {drain, *Slow rPois
                  | rC+++}
200103 | Zig:24   | Identified the +0 scale mail of the Red Skies {Str+6}
200166 | Zig:25   | Entered Level 25 of a ziggurat
200199 | Zig:25   | Noticed a dread lich
200203 | Zig:25   | Killed a dread lich
200215 | Zig:25   | Killed a starcursed mass
200222 | Zig:25   | Found the ring of Shadows {Umbra +Inv Stlth+}
200752 | Zig:25   | Identified the +3 leather armour of Snakes and Ladders
                  | {rPois Dex+4}
200819 | Zig:26   | Entered Level 26 of a ziggurat
201343 | Zig:26   | Identified the amulet "Fubreble" {rElec Regen+ Str+3}
201351 | Zig:26   | Identified the ring of Mashroan {rC+ Str+4 Int+4 Dex+3}
201356 | Zig:26   | Identified the +1 flail of Kokhlom {antimagic, Fragile
                  | rElec Str+4 Int+2}
201469 | Zig:26   | Identified the +1 leather armour "Etsieniu" {rC+}
201473 | Zig:26   | Identified the +2 dagger of Compassion {freeze, Will++
                  | Int-3 SInv Stlth+}
201475 | Zig:26   | Identified the +10 sling of Zamy {venom, rC+}
201494 | Zig:26   | Identified the ring "Yleqadd" {Str+4 Dex+5 Slay+4}
201663 | Zig:27   | Entered Level 27 of a ziggurat
202156 | Zig:27   | Identified the ring "Bomil" {*Corrode rF+ rC+ Str+4 Dex+3}
202181 | Zig:27   | Identified the +2 longbow of Qucyjucku {flame, rPois rCorr
                  | Int+2 Dex+4}
202200 | Zig:27   | Identified the +3 short sword of Famine {venom, *Rage rCorr
                  | Dex+8 SInv}
202217 | Zig:27   | Identified the ring "Joann" {Fly rElec rC- rN+++ Int+6}
202223 | Zig:27   | Identified the +7 quarterstaff "Zoguw" {drain, *Rage rF+
                  | rC+ SInv}
202236 | Zig:27   | Identified the +0 halberd of Amism {vorpal, rF+++ Int-3
                  | Dex+3 SInv}
203433 | Depths:1 | Bought a pair of jewelled boots for 475 gold pieces
203433 | Depths:1 | Identified the +1 pair of boots of Kindness {*Corrode +Inv
                  | rPois Str+4} (You bought it in a shop on level 1 of the
                  | Depths)
203681 | Depths:1 | Bought a pair of twisted boots for 475 gold pieces
203681 | Depths:1 | Identified the +1 pair of boots of Coef {rPois rN+ Str+4
                  | Int+4} (You bought it in a shop on level 1 of the Depths)
203707 | Depths:1 | Bought a pair of dazzling gloves for 522 gold pieces
203707 | Depths:1 | Identified the +2 pair of gloves "Ymiq" {rC+ Will+ Dex+4}
                  | (You bought it in a shop on level 1 of the Depths)
203745 | Depths:1 | Bought a pair of ichor-stained gloves for 503 gold pieces
203745 | Depths:1 | Identified the +0 pair of gloves of Tender Moments {rElec
                  | rC+ Will+ Dex+2} (You bought it in a shop on level 1 of the
                  | Depths)
203849 | Zig:1    | Entered Level 1 of a ziggurat
203849 | Zig:1    | Noticed a royal mummy
203853 | Zig:1    | Killed a royal mummy
203886 | Zig:2    | Entered Level 2 of a ziggurat
203998 | Zig:3    | Entered Level 3 of a ziggurat
204051 | Zig:3    | Identified the ring "Vuophyal" {Fly rF- rC+ rN+++ Dex+4}
204106 | Zig:4    | Entered Level 4 of a ziggurat
204106 | Zig:4    | Noticed an ancient lich
204108 | Zig:4    | Killed an ancient lich
204108 | Zig:4    | Noticed a dread lich
204108 | Zig:4    | Noticed an ancient lich
204110 | Zig:4    | Killed an ancient lich
204111 | Zig:4    | Noticed a dread lich
204111 | Zig:4    | Killed a dread lich
204111 | Zig:4    | Killed a dread lich
204194 | Zig:4    | Identified the +1 rapier of Imminent Death {flame, Fly
                  | rElec Int+2 Dex-2}
204198 | Zig:5    | Entered Level 5 of a ziggurat
204255 | Zig:5    | Identified the +7 bardiche of the Teaching Gods {vorpal,
                  | Contam rPois rF- Dex+8}
204288 | Zig:5    | Identified the +9 demon whip "Bimniweurr" {drain, Drain rN+
                  | Will+}
204323 | Zig:6    | Entered Level 6 of a ziggurat
204324 | Zig:6    | Noticed an ancient lich
204325 | Zig:6    | Noticed an ancient lich
204326 | Zig:6    | Noticed an ancient lich
204327 | Zig:6    | Killed an ancient lich
204327 | Zig:6    | Noticed an ancient lich
204328 | Zig:6    | Noticed an ancient lich
204328 | Zig:6    | Found the +4 dagger "Morg" {pain, Will+ Int+5}
204329 | Zig:6    | Killed an ancient lich
204329 | Zig:6    | Killed an ancient lich
204329 | Zig:6    | Killed an ancient lich
204329 | Zig:6    | Noticed an ancient lich
204330 | Zig:6    | Found the +0 pair of fencer's gloves {Riposte Dex+3}
204331 | Zig:6    | Killed an ancient lich
204333 | Zig:6    | Killed an ancient lich
204447 | Zig:7    | Entered Level 7 of a ziggurat
204511 | Zig:7    | Identified the +3 spear "Acen" {drain, rElec rF- rN+}
204575 | Zig:8    | Entered Level 8 of a ziggurat
204577 | Zig:8    | Noticed a royal mummy
204578 | Zig:8    | Noticed a royal mummy
204578 | Zig:8    | Noticed a royal mummy
204580 | Zig:8    | Noticed a royal mummy
204581 | Zig:8    | Killed a royal mummy
204581 | Zig:8    | Killed a royal mummy
204581 | Zig:8    | Killed a royal mummy
204581 | Zig:8    | Killed a royal mummy
204583 | Zig:8    | Found the ring of the Octopus King
204583 | Zig:8    | Noticed a royal mummy
204590 | Zig:8    | Killed a royal mummy
204819 | Zig:8    | Identified a ring of the Octopus King {Wiz HP+2 AC+2 EV+2
                  | SH+2}
204855 | Zig:8    | Identified the +10 halberd "Juirounuk" {protect, *Slow
                  | rC+++ Will++ Dex-4}
204903 | Zig:9    | Entered Level 9 of a ziggurat
204909 | Zig:9    | Noticed a dread lich
204909 | Zig:9    | Noticed a dread lich
204910 | Zig:9    | Noticed an ancient lich
204911 | Zig:9    | Noticed an ancient lich
204911 | Zig:9    | Noticed a dread lich
204913 | Zig:9    | Killed a dread lich
204913 | Zig:9    | Killed a dread lich
204913 | Zig:9    | Killed an ancient lich
204913 | Zig:9    | Killed a dread lich
204913 | Zig:9    | Killed an ancient lich
204913 | Zig:9    | Noticed an ancient lich
204914 | Zig:9    | Noticed a dread lich
204915 | Zig:9    | Noticed an ancient lich
204916 | Zig:9    | Killed a dread lich
204916 | Zig:9    | Killed an ancient lich
204917 | Zig:9    | Killed an ancient lich
205003 | Zig:9    | Identified the +9 short sword "Loempexo" {venom, rC+ Str-2
                  | Int+6}
205085 | Zig:10   | Entered Level 10 of a ziggurat
205094 | Zig:10   | Reached skill level 27 in Transmutations
205096 | Zig:10   | Reached skill level 27 in Translocations
205101 | Zig:10   | Reached skill level 27 in Summonings
205213 | Zig:10   | Identified the ring of Dyvuycit {rF+ rC+ Dex+2}
205218 | Zig:10   | Identified the ring of Battaczow {Wiz rPois Stlth+}
205220 | Zig:10   | Identified the +3 eveningstar of Intimidation {holy,
                  | Stlth+}
205224 | Zig:10   | Identified the +0 leather armour of Valour {rF- rC+ Will++
                  | Regen+ Dex+4}
205286 | Zig:11   | Entered Level 11 of a ziggurat
205301 | Zig:11   | Reached skill level 27 in Invocations
205302 | Zig:11   | Reached skill level 5 in Hexes
205312 | Zig:11   | Reached skill level 10 in Hexes
205468 | Zig:11   | Identified the +11 scimitar "Begif" {vorpal, Will+ Int+2}
205474 | Zig:11   | Identified the +5 broad axe of Atofes {freeze, +Blink}
205477 | Zig:11   | Identified the +7 triple sword "Undertaker" {drain, Str+4}
205600 | Zig:12   | Entered Level 12 of a ziggurat
205602 | Zig:12   | Noticed a royal mummy
205603 | Zig:12   | Noticed a royal mummy
205603 | Zig:12   | Noticed a royal mummy
205605 | Zig:12   | Noticed a royal mummy
205606 | Zig:12   | Killed a royal mummy
205606 | Zig:12   | Killed a royal mummy
205606 | Zig:12   | Killed a royal mummy
205607 | Zig:12   | Killed a royal mummy
205608 | Zig:12   | Noticed a royal mummy
205609 | Zig:12   | Noticed a royal mummy
205610 | Zig:12   | Noticed a royal mummy
205611 | Zig:12   | Killed a royal mummy
205612 | Zig:12   | Killed a royal mummy
205613 | Zig:12   | Killed a royal mummy
205613 | Zig:12   | Noticed a royal mummy
205614 | Zig:12   | Noticed a royal mummy
205620 | Zig:12   | Killed a royal mummy
205620 | Zig:12   | Killed a royal mummy
205756 | Zig:12   | Found the +2 Maxwell's thermic engine {flame, freeze}
205819 | Zig:12   | Identified the ring "Xammiap" {rPois rN+ Dex+3}
205834 | Zig:12   | Identified the +10 mace "Celagor" {drain, Str+2 Dex+2}
206056 | Zig:13   | Entered Level 13 of a ziggurat
206063 | Zig:13   | Noticed Yxuuq the pandemonium lord
206063 | Zig:13   | Noticed Edaem the pandemonium lord
206063 | Zig:13   | Noticed Woclitt the pandemonium lord
206064 | Zig:13   | Noticed Ivilauna the pandemonium lord
206066 | Zig:13   | Noticed Foinil the pandemonium lord
206067 | Zig:13   | Reached skill level 15 in Hexes
206074 | Zig:13   | Killed Woclitt the pandemonium lord
206075 | Zig:13   | Killed Yxuuq the pandemonium lord
206078 | Zig:13   | Killed Edaem the pandemonium lord
206079 | Zig:13   | Killed Ivilauna the pandemonium lord
206080 | Zig:13   | Noticed Biacw the pandemonium lord
206080 | Zig:13   | Noticed Bagaxkebb the pandemonium lord
206081 | Zig:13   | Killed Foinil the pandemonium lord
206081 | Zig:13   | Noticed Sacam the pandemonium lord
206082 | Zig:13   | Noticed Ucucow the pandemonium lord
206083 | Zig:13   | Noticed Laeluc the pandemonium lord
206084 | Zig:13   | Killed Biacw the pandemonium lord
206085 | Zig:13   | Noticed Ofososh the pandemonium lord
206085 | Zig:13   | Noticed Xudaecw the pandemonium lord
206087 | Zig:13   | Noticed Ruil the pandemonium lord
206088 | Zig:13   | Killed Laeluc the pandemonium lord
206088 | Zig:13   | Killed Ucucow the pandemonium lord
206088 | Zig:13   | Killed Ruil the pandemonium lord
206089 | Zig:13   | Killed Sacam the pandemonium lord
206090 | Zig:13   | Killed Bagaxkebb the pandemonium lord
206091 | Zig:13   | Killed Xudaecw the pandemonium lord
206091 | Zig:13   | Noticed Zary the pandemonium lord
206092 | Zig:13   | Noticed Etologiv the pandemonium lord
206093 | Zig:13   | Killed Ofososh the pandemonium lord
206093 | Zig:13   | Noticed Qom Foiqebed the pandemonium lord
206094 | Zig:13   | Killed Zary the pandemonium lord
206095 | Zig:13   | Killed Qom Foiqebed the pandemonium lord
206104 | Zig:13   | Killed Etologiv the pandemonium lord
206305 | Zig:13   | Identified the +4 kite shield of the Sun {Fly rF+}
206386 | Zig:14   | Entered Level 14 of a ziggurat
206393 | Zig:14   | Noticed Mugaaxkopn the pandemonium lord
206393 | Zig:14   | Noticed Zimuasui the pandemonium lord
206395 | Zig:14   | Noticed Qaowneog the pandemonium lord
206397 | Zig:14   | Noticed Botz the pandemonium lord
206397 | Zig:14   | Noticed Reciceeff the pandemonium lord
206400 | Zig:14   | Killed Qaowneog the pandemonium lord
206400 | Zig:14   | Killed Zimuasui the pandemonium lord
206400 | Zig:14   | Noticed Conoad the pandemonium lord
206401 | Zig:14   | Killed Mugaaxkopn the pandemonium lord
206401 | Zig:14   | Killed Reciceeff the pandemonium lord
206401 | Zig:14   | Noticed Kibuyt the pandemonium lord
206401 | Zig:14   | Noticed Guizuc Muex the pandemonium lord
206402 | Zig:14   | Killed Conoad the pandemonium lord
206402 | Zig:14   | Noticed Oloc the pandemonium lord
206403 | Zig:14   | Killed Botz the pandemonium lord
206403 | Zig:14   | Killed Guizuc Muex the pandemonium lord
206403 | Zig:14   | Noticed Utully the pandemonium lord
206403 | Zig:14   | Noticed Urrenico the pandemonium lord
206404 | Zig:14   | Noticed Vogakit the pandemonium lord
206405 | Zig:14   | Killed Oloc the pandemonium lord
206406 | Zig:14   | Killed Utully the pandemonium lord
206406 | Zig:14   | Noticed Wiorakod the pandemonium lord
206406 | Zig:14   | Noticed Zuytibim the pandemonium lord
206410 | Zig:14   | Noticed Ziapn the pandemonium lord
206412 | Zig:14   | Killed Kibuyt the pandemonium lord
206413 | Zig:14   | Noticed Waohelur the pandemonium lord
206414 | Zig:14   | Killed Waohelur the pandemonium lord
206414 | Zig:14   | Killed Vogakit the pandemonium lord
206414 | Zig:14   | Killed Urrenico the pandemonium lord
206415 | Zig:14   | Killed Wiorakod the pandemonium lord
206415 | Zig:14   | Noticed Sywonutz the pandemonium lord
206416 | Zig:14   | Noticed Vavix the pandemonium lord
206418 | Zig:14   | Killed Sywonutz the pandemonium lord
206419 | Zig:14   | Killed Vavix the pandemonium lord
206421 | Zig:14   | Killed Zuytibim the pandemonium lord
206422 | Zig:14   | Noticed Ityubb the pandemonium lord
206423 | Zig:14   | Killed Ziapn the pandemonium lord
206425 | Zig:14   | Noticed Jeschora the pandemonium lord
206427 | Zig:14   | Noticed Fait the pandemonium lord
206427 | Zig:14   | Noticed Epoj the pandemonium lord
206429 | Zig:14   | Killed Jeschora the pandemonium lord
206429 | Zig:14   | Killed Fait the pandemonium lord
206430 | Zig:14   | Noticed Dalomauq the pandemonium lord
206433 | Zig:14   | Killed Ityubb the pandemonium lord
206439 | Zig:14   | Killed Epoj the pandemonium lord
206440 | Zig:14   | Killed Dalomauq the pandemonium lord
206682 | Zig:14   | Identified the +5 hand axe "Itrulus" {spect, Int+3}
206687 | Zig:14   | Identified the +4 morningstar of the Loving Fool {vorpal,
                  | rElec Stlth+}
206711 | Zig:15   | Entered Level 15 of a ziggurat
206842 | Zig:15   | Found the ring of the Octopus King
207054 | Zig:15   | Identified the +1 helmet "Zupnir" {Will- rCorr Str+2 Dex+4}
207055 | Zig:15   | Identified the +0 leather armour of Dosow {+Inv}
207059 | Zig:15   | Identified the +7 great mace "Riumudgha" {drain, Will++}
207067 | Zig:15   | Identified a ring of the Octopus King {HP+2 MP+9 AC+2 EV+2
                  | SH+2}
207087 | Zig:16   | Entered Level 16 of a ziggurat
207097 | Zig:16   | Noticed a dread lich
207099 | Zig:16   | Killed a dread lich
207100 | Zig:16   | Reached skill level 27 in Hexes
207101 | Zig:16   | Noticed a dread lich
207101 | Zig:16   | Noticed an ancient lich
207102 | Zig:16   | Killed a dread lich
207103 | Zig:16   | Reached skill level 5 in Poison Magic
207103 | Zig:16   | Killed an ancient lich
207103 | Zig:16   | Noticed a dread lich
207103 | Zig:16   | Noticed a dread lich
207104 | Zig:16   | Killed a dread lich
207105 | Zig:16   | Killed a dread lich
207105 | Zig:16   | Noticed an ancient lich
207106 | Zig:16   | Killed an ancient lich
207106 | Zig:16   | Noticed an ancient lich
207106 | Zig:16   | Noticed an ancient lich
207107 | Zig:16   | Noticed a dread lich
207108 | Zig:16   | Noticed an ancient lich
207109 | Zig:16   | Noticed a dread lich
207109 | Zig:16   | Killed an ancient lich
207109 | Zig:16   | Killed an ancient lich
207109 | Zig:16   | Noticed a dread lich
207110 | Zig:16   | Reached skill level 10 in Poison Magic
207110 | Zig:16   | Killed a dread lich
207110 | Zig:16   | Killed an ancient lich
207110 | Zig:16   | Killed a dread lich
207110 | Zig:16   | Killed a dread lich
207110 | Zig:16   | Noticed a dread lich
207111 | Zig:16   | Noticed an ancient lich
207111 | Zig:16   | Killed an ancient lich
207112 | Zig:16   | Killed a dread lich
207112 | Zig:16   | Noticed a dread lich
207112 | Zig:16   | Noticed a dread lich
207113 | Zig:16   | Killed a dread lich
207113 | Zig:16   | Killed a dread lich
207352 | Zig:16   | Identified the +14 crystal plate armour of Xumpehel {rF++
                  | rC+}
207378 | Zig:16   | Identified the +2 plate armour of Winter {Dex+4 SInv}
207390 | Zig:16   | Identified the +3 spear of Karma {vorpal, rC- Str+4}
207412 | Zig:17   | Entered Level 17 of a ziggurat
207419 | Zig:17   | Reached skill level 15 in Poison Magic
207868 | Zig:17   | Identified the ring of the Winnowing Pariah {rPois Int+2}
207874 | Zig:17   | Identified the amulet "Qoapn" {Faith rElec rPois Int+3
                  | Stlth-}
207903 | Zig:18   | Entered Level 18 of a ziggurat
207930 | Zig:18   | Noticed Zoca the pandemonium lord
207932 | Zig:18   | Killed Zoca the pandemonium lord
208116 | Zig:18   | Identified the ring of the Louse {rF+ Str+7 Dex+5 SInv}
208119 | Zig:18   | Identified the amulet of Zafrek {Faith +Inv Str+4}
208122 | Zig:18   | Identified the +6 scale mail "Neidaniam" {rPois rC+}
208147 | Zig:18   | Identified the ring "Owiqi" {SInv Stlth+}
208151 | Zig:18   | Identified the ring of Zaown {EV+4 Str+7 Int-3}
208159 | Zig:18   | Identified the ring of the Heavens {rElec Will- Str+3
                  | Int+6}
208369 | Zig:19   | Entered Level 19 of a ziggurat
208394 | Zig:19   | Reached skill level 27 in Poison Magic
208495 | Zig:19   | Found the +12 glaive of Prune {vorpal}
208505 | Zig:19   | Identified the +1 leather armour "Veshrunwe" {Stlth+}
208506 | Zig:19   | Identified the ring "Toez" {Will+ Str+3 Stlth+}
208509 | Zig:19   | Identified the +11 flail of Gravity {drain, rElec rF- rC+
                  | Dex+7}
208511 | Zig:19   | Identified the +6 triple sword "Kiam Pue" {freeze, Will+
                  | rCorr}
208514 | Zig:19   | Identified the +6 long sword "Beastslayer" {flame, rPois}
208528 | Zig:19   | Identified the +9 spear of the Sky {vorpal, *Rage rElec
                  | rN+++}
208800 | Zig:20   | Entered Level 20 of a ziggurat
208856 | Zig:20   | HP: 3/199 [Brimstone Fiend/damnation (25)]
208867 | Zig:20   | Noticed Bocront the pandemonium lord
208869 | Zig:20   | Killed Bocront the pandemonium lord
209414 | Zig:20   | Found the +5 scythe "Finisher" {speed, eviscerate}
209431 | Zig:20   | Identified the +9 plate armour of Tuviel {Int+2 Dex+4}
209432 | Zig:20   | Identified the +9 long sword of a ziggurat {spect, Str+6
                  | Dex+8}
209476 | Zig:20   | Identified the ring of Daitus {MP+9 Str+4 Dex+3}
209493 | Zig:21   | Entered Level 21 of a ziggurat
209905 | Zig:21   | Found the +6 lightning scales {swift, rElec}
209907 | Zig:21   | Found the +4 moon troll leather armour {Spirit, Regen++
                  | MP+5}
209916 | Zig:21   | Identified the ring of Xosaor {rN+ EV+4}
209921 | Zig:21   | Identified the +6 scale mail "Banacao" {+Inv rPois rN+
                  | Int-5}
209922 | Zig:21   | Identified the ring "Hegigoob" {rPois rCorr}
209933 | Zig:21   | Identified the +0 helmet of Uskayaw's Inspiration {rElec
                  | Dex+3}
209959 | Zig:21   | Identified the +1 pair of boots of Autumn {rPois Str+3
                  | Dex+3}
209963 | Zig:21   | Identified the +5 war axe "Zuil" {speed, rElec rF+ rC-
                  | Dex+8}
209964 | Zig:21   | Identified the +1 sling of the Crawling Thing {speed,
                  | Contam rCorr Str+5}
209966 | Zig:21   | Identified the +2 ring mail "Luegh" {rElec rC+ Will-}
209987 | Zig:22   | Entered Level 22 of a ziggurat
209998 | Zig:22   | Noticed an ancient lich
209998 | Zig:22   | Noticed an ancient lich
209999 | Zig:22   | Killed an ancient lich
209999 | Zig:22   | Killed an ancient lich
210002 | Zig:22   | Noticed an ancient lich
210005 | Zig:22   | Noticed a dread lich
210008 | Zig:22   | Killed an ancient lich
210008 | Zig:22   | Killed a dread lich
210008 | Zig:22   | Noticed a dread lich
210009 | Zig:22   | Killed a dread lich
210012 | Zig:22   | Noticed a dread lich
210012 | Zig:22   | Noticed a dread lich
210013 | Zig:22   | Killed a dread lich
210014 | Zig:22   | Noticed an ancient lich
210015 | Zig:22   | Noticed a dread lich
210015 | Zig:22   | Noticed an ancient lich
210016 | Zig:22   | Noticed an ancient lich
210016 | Zig:22   | Killed a dread lich
210016 | Zig:22   | Killed an ancient lich
210016 | Zig:22   | Killed an ancient lich
210017 | Zig:22   | Killed an ancient lich
210017 | Zig:22   | Killed a dread lich
210017 | Zig:22   | Noticed an ancient lich
210017 | Zig:22   | Noticed an ancient lich
210018 | Zig:22   | Killed an ancient lich
210018 | Zig:22   | Noticed a dread lich
210018 | Zig:22   | Noticed a dread lich
210019 | Zig:22   | Noticed a dread lich
210020 | Zig:22   | Killed an ancient lich
210020 | Zig:22   | Killed a dread lich
210020 | Zig:22   | Killed a dread lich
210020 | Zig:22   | Killed a dread lich
210020 | Zig:22   | Noticed an ancient lich
210020 | Zig:22   | Noticed an ancient lich
210021 | Zig:22   | Noticed a dread lich
210021 | Zig:22   | Killed a dread lich
210021 | Zig:22   | Noticed a dread lich
210023 | Zig:22   | Noticed an ancient lich
210023 | Zig:22   | Noticed a dread lich
210024 | Zig:22   | Killed an ancient lich
210024 | Zig:22   | Killed an ancient lich
210024 | Zig:22   | Killed an ancient lich
210024 | Zig:22   | Noticed a dread lich
210025 | Zig:22   | Killed a dread lich
210025 | Zig:22   | Killed a dread lich
210026 | Zig:22   | Killed a dread lich
210026 | Zig:22   | Noticed a dread lich
210026 | Zig:22   | Noticed a dread lich
210028 | Zig:22   | Killed a dread lich
210028 | Zig:22   | Killed a dread lich
210029 | Zig:22   | Noticed an ancient lich
210030 | Zig:22   | Noticed an ancient lich
210032 | Zig:22   | Killed an ancient lich
210032 | Zig:22   | Killed an ancient lich
210039 | Zig:22   | Found the +6 arbalest "Damnation" {damnation}
210240 | Zig:22   | Found the +3 salamander hide armour {Flames rF++ rC--}
210244 | Zig:22   | Found the +8 Wrath of Trog {antimagic, *Rage Rampage}
210579 | Zig:22   | Identified the +2 hand axe of Upheaval {flame, rElec Int+2
                  | Dex+5}
210581 | Zig:22   | Identified the +2 ring mail "Hecuen" {Drain Regen+ Str+9}
210587 | Zig:22   | Identified the +9 broad axe of Equilibrium {vorpal, Stlth+}
210596 | Zig:22   | Identified the amulet of Ybusmuid {Faith Rampage +Inv Int+3
                  | Dex+3}
210614 | Zig:22   | Identified the +3 hand axe of Tenacity {vamp, rF+ rC+ rCorr
                  | Dex+4}
210635 | Zig:22   | Identified the +8 dagger of Iconoclasm {vorpal, rC+}
210639 | Zig:22   | Identified the +0 leather armour of Dim Light {rCorr Int-2
                  | Stlth+}
210643 | Zig:22   | Identified the +5 glaive "Trog's Wrath" {flame, *Rage
                  | Int+9}
210666 | Zig:22   | Identified the +7 lajatang "Ytrotah" {drain, Str+2}
210729 | Zig:23   | Entered Level 23 of a ziggurat
211006 | Zig:23   | Identified the +7 long sword of the Realm of Zot {drain,
                  | rF+ rCorr Str+3}
211030 | Zig:23   | Identified the +9 short sword of Misery {venom, Str+2}
211423 | Zig:24   | Entered Level 24 of a ziggurat
211437 | Zig:24   | Noticed a dread lich
211438 | Zig:24   | Noticed an ancient lich
211440 | Zig:24   | Killed a dread lich
211440 | Zig:24   | Killed an ancient lich
211440 | Zig:24   | Noticed an ancient lich
211441 | Zig:24   | Noticed an ancient lich
211442 | Zig:24   | Noticed a dread lich
211443 | Zig:24   | Noticed an ancient lich
211444 | Zig:24   | Killed an ancient lich
211444 | Zig:24   | Killed an ancient lich
211444 | Zig:24   | Killed a dread lich
211446 | Zig:24   | Killed an ancient lich
211447 | Zig:24   | Noticed an ancient lich
211448 | Zig:24   | Killed an ancient lich
211448 | Zig:24   | Noticed an ancient lich
211449 | Zig:24   | Noticed an ancient lich
211450 | Zig:24   | Killed an ancient lich
211450 | Zig:24   | Killed an ancient lich
211450 | Zig:24   | Noticed a dread lich
211450 | Zig:24   | Noticed a dread lich
211450 | Zig:24   | Noticed an ancient lich
211451 | Zig:24   | Killed a dread lich
211451 | Zig:24   | Killed an ancient lich
211451 | Zig:24   | Noticed a dread lich
211452 | Zig:24   | Killed a dread lich
211452 | Zig:24   | Killed a dread lich
211454 | Zig:24   | Noticed an ancient lich
211455 | Zig:24   | Killed an ancient lich
211461 | Zig:24   | Noticed an ancient lich
211462 | Zig:24   | Killed an ancient lich
211462 | Zig:24   | Noticed an ancient lich
211463 | Zig:24   | Noticed a dread lich
211464 | Zig:24   | Killed a dread lich
211467 | Zig:24   | Killed an ancient lich
211636 | Zig:24   | Found the +3 pair of mountain boots {steadfast, rC+}
211726 | Zig:24   | Identified the ring of Midwinter {rElec rPois Str+6 Dex-2
                  | SInv}
211727 | Zig:24   | Identified the +4 quick blade of Makhleb {vorpal, rN+}
211740 | Zig:24   | Identified the ring of Joemoici {rN++ Str+6}
211744 | Zig:24   | Identified the +1 chain mail of the Thoughtful Violins
                  | {+Blink rF+ Str-5 Stlth+}
211745 | Zig:24   | Identified the +6 scale mail of Incorporation {rElec Int-4
                  | Dex+3}
211752 | Zig:24   | Identified the +8 dagger "Lidup" {holy, SInv}
211937 | Zig:25   | Entered Level 25 of a ziggurat
212171 | Zig:25   | Found the +8 orange crystal plate armour {Archmagi, Int+3
                  | Clar}
212193 | Zig:25   | Identified the ring of Ejoathrent {MP+9 AC+4 SInv}
212211 | Zig:25   | Identified the +4 bardiche of Valour {pain, rElec Str+4}
212227 | Zig:25   | Lost mutation: Your spells are harder to cast, but more
                  | powerful. [potion of mutation]
212227 | Zig:25   | Lost mutation: You have hoof-like feet. [potion of
                  | mutation]
212227 | Zig:25   | Lost mutation: Your spells are a little harder to cast, but
                  | a little more powerful. [potion of mutation]
212227 | Zig:25   | Gained mutation: You are dopey. (Int -2) [potion of
                  | mutation]
212228 | Zig:25   | Lost mutation: You are clumsy. (Dex -2) [potion of
                  | mutation]
212228 | Zig:25   | Lost mutation: You are dopey. (Int -2) [potion of mutation]
212228 | Zig:25   | Lost mutation: You have large cloven feet. [potion of
                  | mutation]
212228 | Zig:25   | Gained mutation: You have a somewhat thin skeletal
                  | structure. (Dex +2, Stealth+) [potion of mutation]
212228 | Zig:25   | Gained mutation: Your flesh is cold resistant. (rC+)
                  | [potion of mutation]
212228 | Zig:25   | Gained mutation: Your magical capacity is low. (-10% MP)
                  | [potion of mutation]
212229 | Zig:25   | Lost mutation: Your magical capacity is low. (-10% MP)
                  | [potion of mutation]
212229 | Zig:25   | Lost mutation: You have a somewhat thin skeletal structure.
                  | (Dex +2, Stealth+) [potion of mutation]
212229 | Zig:25   | Lost mutation: Your flesh is cold resistant. (rC+) [potion
                  | of mutation]
212229 | Zig:25   | Gained mutation: Your magical capacity is low. (-10% MP)
                  | [potion of mutation]
212229 | Zig:25   | Gained mutation: You are dopey. (Int -2) [potion of
                  | mutation]
212229 | Zig:25   | Gained mutation: You are frail. (-10% HP) [potion of
                  | mutation]
212229 | Zig:25   | Gained mutation: You have a beak for a mouth. [potion of
                  | mutation]
212230 | Zig:25   | Lost mutation: You are frail. (-10% HP) [potion of
                  | mutation]
212230 | Zig:25   | Lost mutation: Your magical capacity is low. (-10% MP)
                  | [potion of mutation]
212230 | Zig:25   | Lost mutation: You are dopey. (Int -2) [potion of mutation]
212230 | Zig:25   | Gained mutation: You expend magic power (3 MP) to
                  | strengthen your wands. [potion of mutation]
212408 | Zig:25   | Identified the +1 ring mail of the Earth {Rampage Str+6
                  | Stlth-}
212574 | Zig:25   | Identified the +11 lajatang "Ibanarol" {antimagic, rC+}
212575 | Zig:25   | Identified the +7 scimitar of Ascent {vorpal, Will+}
212582 | Zig:25   | Identified the +1 plate armour of Hubris {Int+3 Dex+2}
212634 | Zig:25   | Identified the amulet of Qukeunuwo {RegenMP rPois}
212689 | Zig:25   | Lost mutation: You have a beak for a mouth. [potion of
                  | mutation]
212689 | Zig:25   | Lost mutation: You expend magic power (3 MP) to strengthen
                  | your wands. [potion of mutation]
212689 | Zig:25   | Gained mutation: You are covered in fur. (AC +1) [potion of
                  | mutation]
212689 | Zig:25   | Gained mutation: You occasionally lose the ability to read
                  | scrolls when taking damage. [potion of mutation]
212689 | Zig:25   | Gained mutation: You have a pair of small horns on your
                  | head. [potion of mutation]
212690 | Zig:25   | Lost mutation: You are covered in fur. (AC +1) [potion of
                  | mutation]
212690 | Zig:25   | Lost mutation: You occasionally lose the ability to read
                  | scrolls when taking damage. [potion of mutation]
212690 | Zig:25   | Lost mutation: You have a pair of small horns on your head.
                  | [potion of mutation]
212690 | Zig:25   | Gained mutation: You have sharp toenails. [potion of
                  | mutation]
212691 | Zig:25   | Lost mutation: You have sharp toenails. [potion of
                  | mutation]
212691 | Zig:25   | Gained mutation: Your magical capacity is low. (-10% MP)
                  | [potion of mutation]
212691 | Zig:25   | Gained mutation: You are partially covered in large bone
                  | plates. (SH +4) [potion of mutation]
212692 | Zig:25   | Lost mutation: Your magical capacity is low. (-10% MP)
                  | [potion of mutation]
212692 | Zig:25   | Lost mutation: You are partially covered in large bone
                  | plates. (SH +4) [potion of mutation]
212692 | Zig:25   | Gained mutation: You are agile. (Dex +4, Str/Int -1)
                  | [potion of mutation]
212692 | Zig:25   | Gained mutation: You have large cloven feet. [potion of
                  | mutation]
212743 | Zig:26   | Entered Level 26 of a ziggurat
213228 | Zig:26   | Identified the ring of Pride {Ice Int+5}
213241 | Zig:26   | Identified the +5 dagger "Tadostav" {vorpal, Drain rElec
                  | rPois SInv}
213254 | Zig:26   | Identified the +9 scimitar of Sin {venom, Dex+2}
213362 | Zig:27   | Entered Level 27 of a ziggurat
213381 | Zig:27   | Noticed an ancient lich
213385 | Zig:27   | Killed an ancient lich
213388 | Zig:27   | Paralysed by a wendigo for 1 turns
213398 | Zig:27   | Paralysed by a wendigo for 1 turns
213400 | Zig:27   | Noticed a dread lich
213402 | Zig:27   | Killed a dread lich
213519 | Zig:27   | Identified the +0 leather armour "Jeecuhig" {Str+4}
213537 | Zig:27   | Identified the +0 long sword of Understanding {vorpal,
                  | Dex+2}
213965 | Zot:1    | Entered Level 1 of the Realm of Zot
213973 | Zot:1    | Noticed an orb of fire
213976 | Zot:1    | Killed an orb of fire
214310 | Zot:1    | Found a radiant altar of Vehumet.
214311 | Zot:1    | Found a transporter.
214312 | Zot:1    | Identified the ring "Lepuock" {rF+ Will+ Int+7}
214347 | Zot:1    | Noticed an ancient lich
214352 | Zot:1    | Killed an ancient lich
214361 | Zot:1    | Noticed an orb of fire
214363 | Zot:1    | Gained mutation: You sometimes lose your temper in combat.
                  | [an orb of fire]
214366 | Zot:1    | Killed an orb of fire
214465 | Zot:1    | Identified the +0 pair of boots "Zes Aso" {rN++ SInv}
214799 | Zot:1    | Found a transporter.
215632 | Zot:2    | You are sucked into a shaft and drop 1 floor!
215640 | Zot:3    | Noticed Vv
215642 | Zot:3    | Killed Vv
216619 | Zot:3    | Identified the +0 robe of Blue Skies {Int+4}
220498 | Zot:4    | Noticed an orb of fire
220504 | Zot:4    | Killed an orb of fire
221306 | Zot:5    | Entered Level 5 of the Realm of Zot
221352 | Zot:5    | Found the +4 dragonskin cloak
221352 | Zot:5    | Noticed Tiamat
221362 | Zot:5    | Killed Tiamat
221646 | Zot:5    | Noticed a dread lich
221647 | Zot:5    | Killed a dread lich
221652 | Zot:5    | Noticed a dread lich
221653 | Zot:5    | Killed a dread lich
221703 | Zot:5    | Noticed an orb of fire
221705 | Zot:5    | Noticed a dread lich
221706 | Zot:5    | Killed a dread lich
221707 | Zot:5    | Noticed a dread lich
221708 | Zot:5    | Killed an orb of fire
221709 | Zot:5    | Noticed an orb of fire
221711 | Zot:5    | Killed a dread lich
221712 | Zot:5    | Killed an orb of fire
221747 | Zot:5    | Noticed a dread lich
221748 | Zot:5    | Killed a dread lich
221749 | Zot:5    | Noticed an orb of fire
221755 | Zot:5    | Killed an orb of fire
222770 | Zot:5    | Noticed a dread lich
222771 | Zot:5    | Noticed an ancient lich
222772 | Zot:5    | Killed a dread lich
222772 | Zot:5    | Killed an ancient lich
223215 | Pan      | Entered the realm of Lom Lobon.
223215 | Pan      | Entered Pandemonium
223215 | Pan      | Noticed Lom Lobon
223229 | Pan      | Killed Lom Lobon
223388 | Pan      | Got a magical rune of Zot
224530 | Pan      | Noticed Ignacio
224545 | Pan      | Killed Ignacio
224583 | Pan      | Entered the realm of Mnoleg.
224583 | Pan      | Found an exit through the horrors of the Abyss.
224596 | Pan      | Noticed Mennas
224599 | Pan      | Killed Mennas
224641 | Pan      | Noticed Mnoleg
224644 | Pan      | Killed Mnoleg
224706 | Pan      | Got a glowing rune of Zot
225242 | Pan      | Entered the realm of Cerebov.
225293 | Pan      | Found the +6 sword of Cerebov {flame}
225293 | Pan      | Noticed Cerebov
225300 | Pan      | Killed Cerebov
225310 | Pan      | Identified the amulet "Loutoted" {RegenMP Will- Str+5
                  | Slay+2}
225328 | Pan      | Identified the ring of Yredelemnul's Approval {Wiz rF+ MP-9
                  | Str+3 Dex+3}
225437 | Pan      | Got a fiery rune of Zot
225481 | Pan      | Identified the +4 shortbow of Conformity {freeze, MP+9}
225677 | Pan      | Identified the +8 rapier "Orucaix" {venom, MP+9 Str+2
                  | Int+4}
225745 | Pan      | Identified the +3 trident "Hucaut" {vorpal, +Blink Will++
                  | rCorr}
225908 | Pan      | Found an exit through the horrors of the Abyss.
225915 | Pan      | Took an exit into the Abyss.
225915 | Abyss:6  | Escaped into the Abyss
225919 | Abyss:6  | Found a corrupted altar of Lugonu.
225924 | Abyss:6  | Gained mutation: Armour fits poorly on your strangely
                  | shaped body. [a neqoxec]
225934 | Depths:2 | Escaped the Abyss
225968 | Depths:2 | Lost mutation: You have large cloven feet. [potion of
                  | mutation]
225968 | Depths:2 | Lost mutation: You are agile. (Dex +4, Str/Int -1) [potion
                  | of mutation]
225968 | Depths:2 | Gained mutation: Potions are less effective at restoring
                  | your health. [potion of mutation]
225969 | Depths:2 | Lost mutation: You sometimes lose your temper in combat.
                  | [potion of mutation]
225969 | Depths:2 | Lost mutation: Armour fits poorly on your strangely shaped
                  | body. [potion of mutation]
225969 | Depths:2 | Gained mutation: Your body sometimes deteriorates upon
                  | taking damage. [potion of mutation]
225969 | Depths:2 | Gained mutation: You are dopey. (Int -2) [potion of
                  | mutation]
225969 | Depths:2 | Gained mutation: You passively map a small area around you.
                  | [potion of mutation]
225969 | Depths:2 | Gained mutation: You have sharp toenails. [potion of
                  | mutation]
225970 | Depths:2 | Lost mutation: You are dopey. (Int -2) [potion of mutation]
225970 | Depths:2 | Lost mutation: Your body sometimes deteriorates upon taking
                  | damage. [potion of mutation]
225970 | Depths:2 | Lost mutation: Potions are less effective at restoring your
                  | health. [potion of mutation]
225970 | Depths:2 | Gained mutation: You sometimes lose your temper in combat.
                  | [potion of mutation]
225970 | Depths:2 | Gained mutation: You have supernaturally acute eyesight.
                  | (SInv) [potion of mutation]
225971 | Depths:2 | Lost mutation: You sometimes lose your temper in combat.
                  | [potion of mutation]
225971 | Depths:2 | Lost mutation: You passively map a small area around you.
                  | [potion of mutation]
225971 | Depths:2 | Gained mutation: Your magical capacity is low. (-10% MP)
                  | [potion of mutation]
225971 | Depths:2 | Gained mutation: You are partially covered in large bone
                  | plates. (SH +4) [potion of mutation]
225972 | Depths:2 | Lost mutation: You have sharp toenails. [potion of
                  | mutation]
225972 | Depths:2 | Lost mutation: Your magical capacity is low. (-10% MP)
                  | [potion of mutation]
225972 | Depths:2 | Lost mutation: You have supernaturally acute eyesight.
                  | (SInv) [potion of mutation]
225972 | Depths:2 | Gained mutation: Your mind is acute. (Int +4, Str/Dex -1)
                  | [potion of mutation]
225972 | Depths:2 | Gained mutation: You are frail. (-10% HP) [potion of
                  | mutation]
225972 | Depths:2 | Gained mutation: You have large cloven feet. [potion of
                  | mutation]
225972 | Depths:2 | Gained mutation: You have a pair of small horns on your
                  | head. [potion of mutation]
225973 | Depths:2 | Lost mutation: You have large cloven feet. [potion of
                  | mutation]
225973 | Depths:2 | Lost mutation: You have a pair of small horns on your head.
                  | [potion of mutation]
225973 | Depths:2 | Lost mutation: You are partially covered in large bone
                  | plates. (SH +4) [potion of mutation]
225973 | Depths:2 | Gained mutation: You occasionally lose the ability to read
                  | scrolls when taking damage. [potion of mutation]
225974 | Depths:2 | Lost mutation: You are frail. (-10% HP) [potion of
                  | mutation]
225974 | Depths:2 | Lost mutation: You occasionally lose the ability to read
                  | scrolls when taking damage. [potion of mutation]
225974 | Depths:2 | Lost mutation: Your mind is acute. (Int +4, Str/Dex -1)
                  | [potion of mutation]
225974 | Depths:2 | Gained mutation: You have supernaturally acute eyesight.
                  | (SInv) [potion of mutation]
225974 | Depths:2 | Gained mutation: You are occasionally teleported next to
                  | monsters. [potion of mutation]
225974 | Depths:2 | Gained mutation: You are clumsy. (Dex -2) [potion of
                  | mutation]
225975 | Depths:2 | Lost mutation: You have supernaturally acute eyesight.
                  | (SInv) [potion of mutation]
225975 | Depths:2 | Lost mutation: You are occasionally teleported next to
                  | monsters. [potion of mutation]
225975 | Depths:2 | Lost mutation: You are clumsy. (Dex -2) [potion of
                  | mutation]
225975 | Depths:2 | Gained mutation: Your body sometimes deteriorates upon
                  | taking damage. [potion of mutation]
225975 | Depths:2 | Gained mutation: Your magical capacity is low. (-10% MP)
                  | [potion of mutation]
225975 | Depths:2 | Gained mutation: You are weak. (Str -2) [potion of
                  | mutation]
225975 | Depths:2 | Gained mutation: You are strong-willed. (Will+) [potion of
                  | mutation]
225976 | Depths:2 | Lost mutation: Your body sometimes deteriorates upon taking
                  | damage. [potion of mutation]
225976 | Depths:2 | Lost mutation: You are weak. (Str -2) [potion of mutation]
225976 | Depths:2 | Lost mutation: You are strong-willed. (Will+) [potion of
                  | mutation]
225976 | Depths:2 | Gained mutation: You have supernaturally acute eyesight.
                  | (SInv) [potion of mutation]
225976 | Depths:2 | Gained mutation: You are agile. (Dex +4, Str/Int -1)
                  | [potion of mutation]
225977 | Depths:2 | Lost mutation: Your magical capacity is low. (-10% MP)
                  | [potion of mutation]
225977 | Depths:2 | Lost mutation: You have supernaturally acute eyesight.
                  | (SInv) [potion of mutation]
225977 | Depths:2 | Lost mutation: You are agile. (Dex +4, Str/Int -1) [potion
                  | of mutation]
225977 | Depths:2 | Gained mutation: You are somewhat resistant to further
                  | mutation. [potion of mutation]
225977 | Depths:2 | Gained mutation: You have a pair of small horns on your
                  | head. [potion of mutation]
225977 | Depths:2 | Gained mutation: You are dopey. (Int -2) [potion of
                  | mutation]
225978 | Depths:2 | Lost mutation: You have a pair of small horns on your head.
                  | [potion of mutation]
225978 | Depths:2 | Lost mutation: You are dopey. (Int -2) [potion of mutation]
225978 | Depths:2 | Gained mutation: Your natural rate of healing is unusually
                  | fast. [potion of mutation]
225978 | Depths:2 | Gained mutation: You sometimes lose your temper in combat.
                  | [potion of mutation]
225979 | Depths:2 | Lost mutation: You are somewhat resistant to further
                  | mutation. [potion of mutation]
225979 | Depths:2 | Lost mutation: Your natural rate of healing is unusually
                  | fast. [potion of mutation]
225979 | Depths:2 | Lost mutation: You sometimes lose your temper in combat.
                  | [potion of mutation]
225979 | Depths:2 | Gained mutation: Your muscles are strong. (Str +4, Int/Dex
                  | -1) [potion of mutation]
225979 | Depths:2 | Gained mutation: You are covered in fur. (AC +1) [potion of
                  | mutation]
225979 | Depths:2 | Gained mutation: You are robust. (+10% HP) [potion of
                  | mutation]
226165 | Tar:1    | Entered Level 1 of Tartarus
226177 | Tar:1    | You are sucked into a shaft and drop 1 floor!
226563 | Tar:3    | Found a huge runed gate.
226563 | Tar:3    | Found a huge runed gate.
226563 | Tar:3    | Found a huge runed gate.
226563 | Tar:3    | Found a huge runed gate.
226563 | Tar:3    | Found a huge runed gate.
226563 | Tar:3    | Found a huge runed gate.
226563 | Tar:3    | Found a huge runed gate.
226564 | Tar:3    | Noticed an ancient lich
226569 | Tar:3    | Killed an ancient lich
227259 | Tar:7    | Entered Level 7 of Tartarus
227276 | Tar:7    | Killed a dread lich
227277 | Tar:7    | Noticed a dread lich
227280 | Tar:7    | Noticed a dread lich
227281 | Tar:7    | Killed a dread lich
227282 | Tar:7    | Killed a dread lich
227326 | Tar:7    | Noticed Ereshkigal
227331 | Tar:7    | Killed Ereshkigal
227339 | Tar:7    | Got a bone rune of Zot
227635 | Geh:1    | Entered Level 1 of Gehenna
228136 | Geh:7    | Entered Level 7 of Gehenna
228178 | Geh:7    | Found the brooch of Shielding {Spirit SH+8}
228190 | Geh:7    | Found the +7 sceptre of Asmodeus
228190 | Geh:7    | Noticed Asmodeus
228192 | Geh:7    | Identified the +7 plate armour "Vuvoz" {-Cast Dex+3 Stlth+}
228211 | Geh:7    | Killed Asmodeus
228220 | Geh:7    | Got an obsidian rune of Zot
228224 | Geh:7    | Identified the ring "Vify" {Contam rElec rF+ rN+ Will+}
228231 | Geh:7    | Identified the +8 dagger "Winuleor" {flame, rElec rPois
                  | rC+}
228235 | Geh:7    | Identified the ring of Wishful Thinking {Fly EV+4}
228243 | Geh:7    | Identified the ring "Siregudd" {rF++ Will+ Dex+2}
228552 | Geh:7    | Identified the +5 scimitar of Joiggit {vorpal, Str+3
                  | Stlth+}
228557 | Geh:7    | Identified the ring of Zygemij {*Slow Will+ Dex+3 SInv}
228833 | Zig:1    | Entered Level 1 of a ziggurat
228902 | Zig:2    | Entered Level 2 of a ziggurat
229048 | Zig:3    | Entered Level 3 of a ziggurat
229113 | Zig:4    | Entered Level 4 of a ziggurat
229199 | Zig:5    | Entered Level 5 of a ziggurat
229295 | Zig:5    | Identified the +5 morningstar of Kindness {flame, rElec rF+
                  | rN+ Int-5}
229304 | Zig:5    | Identified the +5 halberd of Okawaru's Approval {vorpal,
                  | +Blink}
229358 | Zig:6    | Entered Level 6 of a ziggurat
229374 | Zig:6    | Noticed Biqiun Ryu the pandemonium lord
229375 | Zig:6    | Killed Biqiun Ryu the pandemonium lord
229725 | Zig:6    | Identified the +1 leather armour of Qaniclic {Will++ Dex-5}
229726 | Zig:6    | Identified the +7 rapier of Daothucu {freeze, Fragile rElec
                  | rC+ Int+8}
229728 | Zig:6    | Identified the +2 robe of Resourcefulness {Harm Int+2
                  | Dex+7}
229729 | Zig:6    | Identified the ring "Etischen" {Wiz +Blink rN+ Stlth-}
229739 | Zig:6    | Identified the +10 quarterstaff of Pifum {pain, Dex+3}
229781 | Zig:7    | Entered Level 7 of a ziggurat
229781 | Zig:7    | Noticed a juggernaut
229781 | Zig:7    | Noticed a juggernaut
229782 | Zig:7    | Noticed a juggernaut
229786 | Zig:7    | Killed a juggernaut
229787 | Zig:7    | Killed a juggernaut
229788 | Zig:7    | Killed a juggernaut
230069 | Zig:7    | Identified the +9 triple sword "Qeac" {protect, rF+ Str+6
                  | Int-2 Stlth+}
230108 | Zig:8    | Entered Level 8 of a ziggurat
230323 | Zig:8    | Identified the ring "Kixeskuo" {MP+9 Int+4}
230328 | Zig:8    | Identified the ring "Myanoen" {Wiz rPois rC- rN++ Dex+4}
230335 | Zig:8    | Identified the amulet of the Queen {RegenMP Rampage rCorr
                  | Str-5 Int+5}
230382 | Zig:8    | Identified the +5 quarterstaff "Hasodan" {vorpal, rElec rF+
                  | Int+2}
230509 | Zig:9    | Entered Level 9 of a ziggurat
230613 | Zig:9    | Identified the +8 great sword "Neasei" {vorpal, rF+}
230744 | Zig:10   | Entered Level 10 of a ziggurat
230794 | Zig:11   | Entered Level 11 of a ziggurat
230812 | Zig:11   | Found the +7 Throatcutter {drain, coup de grace}
230973 | Zig:11   | Identified the +1 scale mail of Nihilism {Str+3 Stlth+}
230980 | Zig:11   | Identified the +9 arbalest of Deflation {penet, rElec rF-
                  | rC+ Str+4}
230981 | Zig:11   | Identified the +0 pair of boots "Rocysaat" {rCorr}
230988 | Zig:11   | Identified the ring "Racofrea" {Will+ EV+4}
230995 | Zig:11   | Identified the +3 war axe of Sisoefup {vorpal, Dex+6}
230996 | Zig:11   | Identified the +5 rapier of the Summoning Boar {speed,
                  | rPois Str+3 Dex+3}
231071 | Zig:12   | Entered Level 12 of a ziggurat
231083 | Zig:12   | Paralysed by an air elemental for 1 turns
231322 | Zig:12   | Acquired 685 gold pieces
231326 | Zig:12   | Identified the +6 morningstar "Daetoevi" {elec, Int+3
                  | Dex+2}
231327 | Zig:12   | Acquired 795 gold pieces
231340 | Zig:12   | Identified the +11 falchion "Tuotot" {freeze, rElec}
231381 | Zig:13   | Entered Level 13 of a ziggurat
231504 | Zig:13   | Identified the +7 falchion of Huog {freeze, Int+2}
231515 | Zig:13   | Identified the +3 falchion "San Yph" {flame, *Noise rElec
                  | rF+ rCorr}
231523 | Zig:13   | Identified the +5 hand axe of Iwikloac {drain, Fly rElec
                  | rPois}
231527 | Zig:13   | Identified the +0 cloak of Undesirable Species {rCorr
                  | Stlth+}
231532 | Zig:13   | Identified the +1 chain mail of Slovenliness {+Blink rElec
                  | Str-4 Int+6}
231775 | Zig:14   | Entered Level 14 of a ziggurat
232088 | Zig:14   | Identified the ring of Jevvier {rPois rC+ EV+4}
232094 | Zig:14   | Identified the +1 robe of Kikubaaqudgha's Pride {Rampage
                  | Drain rElec Int+2}
232105 | Zig:14   | Identified the +6 dagger of the Building Messenger {flame,
                  | Int+5}
232146 | Zig:15   | Entered Level 15 of a ziggurat
232650 | Zig:15   | Identified the ring of the Okapi {rF+ rN+}
232654 | Zig:15   | Identified the +4 rapier of the Big Bang {spect, rCorr
                  | Str+2}
232673 | Zig:15   | Identified the +9 rapier "Feunyugi" {vorpal, *Noise MP-9
                  | Int+8 Dex+2}
232684 | Zig:15   | Identified the +5 arbalest of Destiny {vorpal, Dex+5}
232694 | Zig:16   | Entered Level 16 of a ziggurat
232978 | Zig:16   | Found the ring of the Octopus King
233074 | Zig:16   | Identified the +2 plate armour of Gubbik {Harm rF- rN+++
                  | Int+4}
233085 | Zig:16   | Identified a ring of the Octopus King {rF+ HP+2 AC+2 EV+2
                  | SH+2}
233087 | Zig:16   | Identified the +10 sling "Conservator" {venom, rPois rF+
                  | rN+ Int+3}
233106 | Zig:16   | Identified the +8 hand axe of Terra Cotta {protect, Int+5
                  | Dex-5}
233112 | Zig:16   | Identified the ring of Salvation {Ice Int+4}
233166 | Zig:17   | Entered Level 17 of a ziggurat
233568 | Zig:17   | Identified the ring of the Crown {rC+ rCorr MP+9 Int+2}
233571 | Zig:17   | Identified the ring "Lupnopoa" {rPois Str+4}
233581 | Zig:17   | Identified the +6 glaive of Wealth {vorpal, Contam Will+++
                  | Int+4}
233582 | Zig:17   | Identified the ring of Ukihaof {Fly Str+6}
233590 | Zig:17   | Identified the ring "Duoget" {Will+ EV+4 Int+4}
233593 | Zig:17   | Identified the +8 sling "Requmimp" {vorpal, Fragile rCorr
                  | Stlth+}
233595 | Zig:17   | Identified the +7 morningstar "Uchisegg" {freeze, rElec}
233672 | Zig:18   | Entered Level 18 of a ziggurat
233997 | Zig:18   | Identified the +4 spear of the Warrior {vorpal, rN+}
234000 | Zig:18   | Identified the amulet "Woemmybe" {Spirit Str+2}
234007 | Zig:18   | Identified the +9 dagger "Kilob" {vamp, Stlth+}
234009 | Zig:18   | Identified the ring "Qitunn" {rN+ Str+2 Int+2}
234029 | Zig:18   | Identified the ring of Qeerphix {rElec rN+ Str+2 SInv}
234037 | Zig:18   | Identified the +2 scale mail of the Fiend {Rampage rPois
                  | rN+ Str-4}
234140 | Zig:19   | Entered Level 19 of a ziggurat
234149 | Zig:19   | Noticed Dehu the pandemonium lord
234150 | Zig:19   | Noticed Naaq the pandemonium lord
234152 | Zig:19   | Noticed Maumic the pandemonium lord
234153 | Zig:19   | Noticed Extausej the pandemonium lord
234154 | Zig:19   | Killed Dehu the pandemonium lord
234154 | Zig:19   | Noticed Geqixzos the pandemonium lord
234154 | Zig:19   | Noticed Rajog the pandemonium lord
234156 | Zig:19   | Noticed Risif the pandemonium lord
234156 | Zig:19   | Killed Maumic the pandemonium lord
234157 | Zig:19   | Killed Naaq the pandemonium lord
234159 | Zig:19   | Killed Geqixzos the pandemonium lord
234161 | Zig:19   | Noticed Feovem the pandemonium lord
234161 | Zig:19   | Noticed Ulemuwa the pandemonium lord
234161 | Zig:19   | Killed Extausej the pandemonium lord
234162 | Zig:19   | Killed Risif the pandemonium lord
234162 | Zig:19   | Noticed Taffio the pandemonium lord
234162 | Zig:19   | Noticed Bolac the pandemonium lord
234163 | Zig:19   | Killed Rajog the pandemonium lord
234164 | Zig:19   | Noticed Rufoilaz the pandemonium lord
234164 | Zig:19   | Killed Feovem the pandemonium lord
234165 | Zig:19   | Killed Rufoilaz the pandemonium lord
234166 | Zig:19   | Killed Ulemuwa the pandemonium lord
234167 | Zig:19   | Noticed Asomir the pandemonium lord
234169 | Zig:19   | Killed Taffio the pandemonium lord
234169 | Zig:19   | Killed Bolac the pandemonium lord
234170 | Zig:19   | Noticed Pozal the pandemonium lord
234173 | Zig:19   | Noticed Icastum the pandemonium lord
234177 | Zig:19   | Killed Icastum the pandemonium lord
234177 | Zig:19   | Killed Pozal the pandemonium lord
234178 | Zig:19   | Noticed Ykaoxty the pandemonium lord
234180 | Zig:19   | Noticed Vamif the pandemonium lord
234181 | Zig:19   | Noticed Jydeiss the pandemonium lord
234182 | Zig:19   | Noticed Vinuenwa the pandemonium lord
234182 | Zig:19   | Noticed Wiclumi the pandemonium lord
234183 | Zig:19   | Killed Asomir the pandemonium lord
234184 | Zig:19   | Noticed Look the pandemonium lord
234184 | Zig:19   | Killed Vamif the pandemonium lord
234184 | Zig:19   | Killed Ykaoxty the pandemonium lord
234184 | Zig:19   | Noticed Temesk Pias the pandemonium lord
234185 | Zig:19   | Killed Jydeiss the pandemonium lord
234185 | Zig:19   | Killed Vinuenwa the pandemonium lord
234185 | Zig:19   | Noticed Zamypaergh the pandemonium lord
234186 | Zig:19   | Killed Look the pandemonium lord
234187 | Zig:19   | Killed Wiclumi the pandemonium lord
234187 | Zig:19   | Killed Temesk Pias the pandemonium lord
234188 | Zig:19   | Killed Zamypaergh the pandemonium lord
234188 | Zig:19   | Noticed Xiasuag the pandemonium lord
234189 | Zig:19   | Noticed Lomisayll the pandemonium lord
234191 | Zig:19   | Noticed Pishruid the pandemonium lord
234202 | Zig:19   | Noticed Bofahusm the pandemonium lord
234202 | Zig:19   | Noticed Koifyax the pandemonium lord
234205 | Zig:19   | Noticed Haaluxka the pandemonium lord
234205 | Zig:19   | Noticed Gozxiryvu the pandemonium lord
234205 | Zig:19   | Noticed Vurumemn the pandemonium lord
234206 | Zig:19   | Noticed Nuocvir the pandemonium lord
234206 | Zig:19   | Killed Koifyax the pandemonium lord
234206 | Zig:19   | Noticed Sudotu the pandemonium lord
234206 | Zig:19   | Noticed Loyvoosi the pandemonium lord
234207 | Zig:19   | Noticed Ciloipn the pandemonium lord
234207 | Zig:19   | Noticed Jigarr the pandemonium lord
234207 | Zig:19   | Noticed Ituged the pandemonium lord
234208 | Zig:19   | Killed Xiasuag the pandemonium lord
234208 | Zig:19   | Killed Nuocvir the pandemonium lord
234208 | Zig:19   | Killed Pishruid the pandemonium lord
234208 | Zig:19   | Killed Bofahusm the pandemonium lord
234208 | Zig:19   | Killed Lomisayll the pandemonium lord
234209 | Zig:19   | Killed Loyvoosi the pandemonium lord
234209 | Zig:19   | Noticed Ilobutz the pandemonium lord
234209 | Zig:19   | Noticed Tutirr the pandemonium lord
234210 | Zig:19   | Noticed Xusekat the pandemonium lord
234210 | Zig:19   | Killed Ciloipn the pandemonium lord
234210 | Zig:19   | Killed Vurumemn the pandemonium lord
234211 | Zig:19   | Killed Jigarr the pandemonium lord
234211 | Zig:19   | Killed Gozxiryvu the pandemonium lord
234212 | Zig:19   | Killed Haaluxka the pandemonium lord
234212 | Zig:19   | Noticed Onaco the pandemonium lord
234212 | Zig:19   | Killed Ituged the pandemonium lord
234212 | Zig:19   | Noticed Sicemy the pandemonium lord
234214 | Zig:19   | Killed Xusekat the pandemonium lord
234214 | Zig:19   | Noticed Lunythiky the pandemonium lord
234215 | Zig:19   | Killed Tutirr the pandemonium lord
234215 | Zig:19   | Noticed Qiferiosch the pandemonium lord
234215 | Zig:19   | Noticed Coruoxt the pandemonium lord
234216 | Zig:19   | Killed Ilobutz the pandemonium lord
234216 | Zig:19   | Killed Lunythiky the pandemonium lord
234217 | Zig:19   | Killed Coruoxt the pandemonium lord
234218 | Zig:19   | Killed Onaco the pandemonium lord
234218 | Zig:19   | Killed Sudotu the pandemonium lord
234218 | Zig:19   | Noticed Visurghus the pandemonium lord
234220 | Zig:19   | Killed Visurghus the pandemonium lord
234221 | Zig:19   | Killed Sicemy the pandemonium lord
234221 | Zig:19   | Noticed Biofosk the pandemonium lord
234222 | Zig:19   | Killed Qiferiosch the pandemonium lord
234227 | Zig:19   | Killed Biofosk the pandemonium lord
234629 | Zig:19   | Identified the +9 falchion "Rirchown" {elec, rPois Dex-4
                  | Stlth+}
234630 | Zig:19   | Identified the +2 leather armour of Death Resistance {+Inv
                  | rPois rC++ Str-3}
234634 | Zig:19   | Identified the ring of Discord {AC+4 Dex+3}
234642 | Zig:19   | Identified the +7 mace "Vuofely" {vamp, rF+}
234646 | Zig:19   | Identified the +5 sling of the Wasteland {speed, rN+++}
234647 | Zig:19   | Identified the +7 flail "Cacsek" {antimagic, rPois Will+
                  | Dex-4 SInv}
234650 | Zig:19   | Identified the +6 trident of Tartarus {venom, Dex+10}
234654 | Zig:19   | Identified the +5 battleaxe of Equilibrium {freeze, rC+}
234657 | Zig:19   | Identified the +2 quarterstaff of Impermanence {speed,
                  | rElec}
234661 | Zig:19   | Identified the +0 robe of Lifelessness {Str+3}
234664 | Zig:19   | Identified the +9 dagger of Meager Resourcefulness {venom,
                  | rN+++ Str-4 Dex-2 SInv}
234677 | Zig:19   | Identified the +3 sling of the Candle {flame, Str+5}
234842 | Zig:20   | Entered Level 20 of a ziggurat
235336 | Zig:20   | Identified the +6 dagger of Equivalence {venom, rC+ Dex+6}
235351 | Zig:20   | Identified the amulet "Duesa" {Spirit Rampage rC+ Will+}
235430 | Zig:21   | Entered Level 21 of a ziggurat
235445 | Zig:21   | Noticed Ejugiz the pandemonium lord
235447 | Zig:21   | Noticed Faaw the pandemonium lord
235449 | Zig:21   | Noticed Ymiwkol the pandemonium lord
235449 | Zig:21   | Noticed Essael the pandemonium lord
235450 | Zig:21   | Killed Ejugiz the pandemonium lord
235450 | Zig:21   | Noticed Quhol the pandemonium lord
235450 | Zig:21   | Noticed Lila the pandemonium lord
235451 | Zig:21   | Noticed Icymuu the pandemonium lord
235451 | Zig:21   | Noticed Pec Juaj the pandemonium lord
235452 | Zig:21   | Killed Quhol the pandemonium lord
235453 | Zig:21   | Noticed Innyuh the pandemonium lord
235453 | Zig:21   | Noticed Seopnicu the pandemonium lord
235454 | Zig:21   | Killed Lila the pandemonium lord
235455 | Zig:21   | Killed Ymiwkol the pandemonium lord
235455 | Zig:21   | Killed Faaw the pandemonium lord
235455 | Zig:21   | Killed Icymuu the pandemonium lord
235455 | Zig:21   | Killed Essael the pandemonium lord
235455 | Zig:21   | Noticed Myriprax the pandemonium lord
235455 | Zig:21   | Noticed Lerch the pandemonium lord
235455 | Zig:21   | Noticed Gegoxzes the pandemonium lord
235456 | Zig:21   | Killed Myriprax the pandemonium lord
235456 | Zig:21   | Noticed Kaq Can the pandemonium lord
235456 | Zig:21   | Noticed Kionnete the pandemonium lord
235458 | Zig:21   | Killed Seopnicu the pandemonium lord
235458 | Zig:21   | Killed Innyuh the pandemonium lord
235459 | Zig:21   | Killed Gegoxzes the pandemonium lord
235459 | Zig:21   | Noticed Emonel the pandemonium lord
235460 | Zig:21   | Noticed Plog the pandemonium lord
235460 | Zig:21   | Noticed Maucwymy the pandemonium lord
235461 | Zig:21   | Killed Kaq Can the pandemonium lord
235461 | Zig:21   | Noticed Naute the pandemonium lord
235461 | Abyss:6  | Cast into level 6 of the Abyss (Pec Juaj)
235477 | Zig:21   | Escaped the Abyss
235477 | Zig:21   | Noticed Puteny the pandemonium lord
235477 | Zig:21   | Noticed Devamum the pandemonium lord
235477 | Zig:21   | Noticed Mookeo the pandemonium lord
235477 | Zig:21   | Noticed Cowk the pandemonium lord
235477 | Zig:21   | Killed Tapawom the pandemonium lord
235477 | Zig:21   | Killed Pec Juaj the pandemonium lord
235478 | Zig:21   | Killed Puteny the pandemonium lord
235478 | Zig:21   | Killed Devamum the pandemonium lord
235478 | Zig:21   | Killed Mookeo the pandemonium lord
235478 | Zig:21   | Noticed Zuos the pandemonium lord
235479 | Zig:21   | Killed Emonel the pandemonium lord
235479 | Zig:21   | Noticed Voallot the pandemonium lord
235479 | Zig:21   | Noticed Camong the pandemonium lord
235480 | Zig:21   | Killed Kionnete the pandemonium lord
235480 | Zig:21   | Killed Maucwymy the pandemonium lord
235480 | Zig:21   | Noticed Xorr the pandemonium lord
235481 | Zig:21   | Noticed Hethriag the pandemonium lord
235481 | Zig:21   | Noticed Eprazik the pandemonium lord
235481 | Zig:21   | Noticed Xatops the pandemonium lord
235482 | Zig:21   | Killed Lerch the pandemonium lord
235482 | Zig:21   | Noticed Zastues the pandemonium lord
235483 | Zig:21   | Killed Cowk the pandemonium lord
235484 | Zig:21   | Killed Naute the pandemonium lord
235484 | Zig:21   | Noticed Huthrily the pandemonium lord
235484 | Zig:21   | Noticed Jipsonk the pandemonium lord
235485 | Zig:21   | Killed Eprazik the pandemonium lord
235485 | Zig:21   | Killed Zastues the pandemonium lord
235485 | Zig:21   | Killed Xorr the pandemonium lord
235485 | Zig:21   | Noticed Yninuu the pandemonium lord
235485 | Zig:21   | Noticed Lunighemyn the pandemonium lord
235486 | Zig:21   | Killed Zuos the pandemonium lord
235486 | Zig:21   | Killed Camong the pandemonium lord
235486 | Zig:21   | Killed Voallot the pandemonium lord
235486 | Zig:21   | Noticed Bakhe Joobu the pandemonium lord
235487 | Zig:21   | Killed Yninuu the pandemonium lord
235487 | Zig:21   | Noticed Fiapiet the pandemonium lord
235488 | Zig:21   | Killed Xatops the pandemonium lord
235488 | Zig:21   | Killed Jipsonk the pandemonium lord
235488 | Zig:21   | Killed Huthrily the pandemonium lord
235488 | Zig:21   | Noticed Defaxuaf the pandemonium lord
235489 | Zig:21   | Noticed Defub the pandemonium lord
235489 | Zig:21   | Noticed Maecath the pandemonium lord
235490 | Zig:21   | Killed Plog the pandemonium lord
235490 | Zig:21   | Noticed Otrosy the pandemonium lord
235490 | Zig:21   | Noticed Siwyesch the pandemonium lord
235490 | Zig:21   | Noticed Tyon the pandemonium lord
235491 | Zig:21   | Killed Lunighemyn the pandemonium lord
235491 | Zig:21   | Killed Defaxuaf the pandemonium lord
235491 | Zig:21   | Noticed Egrofa the pandemonium lord
235492 | Zig:21   | Killed Bakhe Joobu the pandemonium lord
235492 | Zig:21   | Noticed Rochemp the pandemonium lord
235492 | Zig:21   | Noticed Totif the pandemonium lord
235493 | Zig:21   | Killed Siwyesch the pandemonium lord
235493 | Zig:21   | Noticed Duduvvaa the pandemonium lord
235493 | Zig:21   | Noticed Vuutos the pandemonium lord
235494 | Zig:21   | Killed Fiapiet the pandemonium lord
235494 | Zig:21   | Killed Hethriag the pandemonium lord
235494 | Zig:21   | Noticed Detwer the pandemonium lord
235495 | Zig:21   | Noticed Woigyb the pandemonium lord
235495 | Zig:21   | Killed Defub the pandemonium lord
235495 | Zig:21   | Killed Otrosy the pandemonium lord
235495 | Zig:21   | Killed Tyon the pandemonium lord
235495 | Zig:21   | Noticed Weupisch the pandemonium lord
235496 | Zig:21   | Killed Maecath the pandemonium lord
235496 | Zig:21   | Killed Egrofa the pandemonium lord
235496 | Zig:21   | Killed Rochemp the pandemonium lord
235496 | Zig:21   | Killed Woigyb the pandemonium lord
235497 | Zig:21   | Killed Totif the pandemonium lord
235497 | Zig:21   | Noticed Meckofurgh the pandemonium lord
235498 | Zig:21   | Noticed Ague the pandemonium lord
235498 | Zig:21   | Noticed Suontuc the pandemonium lord
235498 | Zig:21   | Noticed Utricysa the pandemonium lord
235499 | Zig:21   | Noticed a juggernaut
235500 | Zig:21   | Killed Detwer the pandemonium lord
235500 | Zig:21   | Killed Duduvvaa the pandemonium lord
235501 | Zig:21   | Killed Vuutos the pandemonium lord
235501 | Zig:21   | Killed a juggernaut
235502 | Zig:21   | Killed Weupisch the pandemonium lord
235502 | Zig:21   | Killed Ague the pandemonium lord
235502 | Zig:21   | Killed Suontuc the pandemonium lord
235502 | Zig:21   | Killed Utricysa the pandemonium lord
235502 | Zig:21   | Noticed Unisij the pandemonium lord
235502 | Zig:21   | Noticed Ashrautorph the pandemonium lord
235503 | Zig:21   | Noticed Kusats the pandemonium lord
235503 | Zig:21   | Noticed Viatodi the pandemonium lord
235505 | Zig:21   | Noticed Mimn the pandemonium lord
235505 | Zig:21   | Killed Meckofurgh the pandemonium lord
235505 | Zig:21   | Killed Unisij the pandemonium lord
235505 | Zig:21   | Noticed Qyzxim the pandemonium lord
235505 | Zig:21   | Noticed Namp the pandemonium lord
235506 | Zig:21   | Noticed Peupudi the pandemonium lord
235506 | Zig:21   | Noticed Toriy the pandemonium lord
235507 | Zig:21   | Noticed Poqenya the pandemonium lord
235508 | Zig:21   | Noticed Vosel the pandemonium lord
235508 | Zig:21   | Killed Kusats the pandemonium lord
235509 | Zig:21   | Killed Viatodi the pandemonium lord
235510 | Zig:21   | Killed Vosel the pandemonium lord
235511 | Zig:21   | Killed Ashrautorph the pandemonium lord
235511 | Zig:21   | Killed Qyzxim the pandemonium lord
235512 | Zig:21   | Killed Namp the pandemonium lord
235512 | Zig:21   | Killed Mimn the pandemonium lord
235512 | Zig:21   | Noticed Domasa Fesu the pandemonium lord
235513 | Zig:21   | Killed Peupudi the pandemonium lord
235513 | Zig:21   | Killed Toriy the pandemonium lord
235514 | Zig:21   | Killed Domasa Fesu the pandemonium lord
235516 | Zig:21   | Killed Poqenya the pandemonium lord
235516 | Zig:21   | Noticed Lawekhi the pandemonium lord
235525 | Zig:21   | Killed Lawekhi the pandemonium lord
235525 | Zig:21   | Noticed Busiken the pandemonium lord
235530 | Zig:21   | Killed Busiken the pandemonium lord
235836 | Zig:21   | Identified the ring "Wawuidoorr" {rC+ rCorr Int+4 Dex+3}
235844 | Zig:21   | Acquired 1162 gold pieces
235849 | Zig:21   | Identified the ring of Wihybuky {rC+ Dex+4}
235854 | Zig:21   | Identified the +1 hand axe "Batabb" {drain, rElec}
235858 | Zig:21   | Acquired 1227 gold pieces
235861 | Zig:21   | Acquired the +3 Mad Mage's Maulers {Infuse+∞ RegenMP Int-3}
235861 | Zig:21   | Found the +3 Mad Mage's Maulers {Infuse+∞ RegenMP Int-3}
235872 | Zig:21   | Identified the +9 long sword "Voiw" {holy, *Rage rElec
                  | rCorr Dex+4}
235890 | Zig:21   | Identified the +5 dagger "Hitenen" {vorpal, rCorr}
235971 | Zig:22   | Entered Level 22 of a ziggurat
236360 | Zig:22   | Found the +5 lochaber axe {reach-cleave, poleaxe}
236440 | Zig:22   | Identified the ring of Qyubaesk {rElec rF+ rC+ Str-3 Int+2}
236459 | Zig:22   | Identified the +0 robe "Feabbia" {rElec Dex+2}
236475 | Zig:22   | Identified the +4 arbalest "Kujic" {elec, *Corrode Will+
                  | Int+3}
236493 | Zig:22   | Identified the +2 broad axe of Feil {venom, Str+4}
236606 | Zig:23   | Entered Level 23 of a ziggurat
236620 | Zig:23   | Noticed an ancient lich
236629 | Zig:23   | Noticed an ancient lich
236629 | Zig:23   | Noticed an ancient lich
236630 | Zig:23   | Noticed an ancient lich
236630 | Zig:23   | Killed an ancient lich
236631 | Zig:23   | Killed an ancient lich
236631 | Zig:23   | Noticed an ancient lich
236632 | Zig:23   | Killed an ancient lich
236632 | Zig:23   | Killed an ancient lich
236634 | Zig:23   | Noticed an ancient lich
236635 | Zig:23   | Noticed a dread lich
236637 | Zig:23   | Killed an ancient lich
236637 | Zig:23   | Killed an ancient lich
236637 | Zig:23   | Killed a dread lich
236638 | Zig:23   | Noticed a dread lich
236639 | Zig:23   | Noticed a dread lich
236639 | Zig:23   | Noticed a dread lich
236640 | Zig:23   | Noticed a dread lich
236640 | Zig:23   | Noticed a dread lich
236643 | Zig:23   | Noticed a dread lich
236644 | Zig:23   | Killed a dread lich
236644 | Zig:23   | Killed a dread lich
236644 | Zig:23   | Killed a dread lich
236644 | Zig:23   | Killed a dread lich
236644 | Zig:23   | Killed a dread lich
236644 | Zig:23   | Noticed an ancient lich
236644 | Zig:23   | Noticed a dread lich
236645 | Zig:23   | Noticed an ancient lich
236645 | Zig:23   | Killed a dread lich
236646 | Zig:23   | Noticed an ancient lich
236646 | Zig:23   | Noticed a dread lich
236647 | Zig:23   | Noticed an ancient lich
236647 | Zig:23   | Killed a dread lich
236647 | Zig:23   | Killed an ancient lich
236648 | Zig:23   | Killed an ancient lich
236648 | Zig:23   | Killed a dread lich
236648 | Zig:23   | Killed an ancient lich
236648 | Zig:23   | Killed an ancient lich
236651 | Zig:23   | Noticed a dread lich
236651 | Zig:23   | Noticed a dread lich
236653 | Zig:23   | Killed a dread lich
236654 | Zig:23   | Killed a dread lich
236817 | Zig:23   | Identified the +9 flail "Anno" {vorpal, rN+++ Will- Str-4
                  | Int+3}
236818 | Zig:23   | Identified the +5 plate armour "Monaso" {+Blink Dex+3}
236838 | Zig:23   | Identified the +1 robe of Grace {Will++ Int+5 Dex-3}
237223 | Zig:24   | Entered Level 24 of a ziggurat
237239 | Zig:24   | Noticed a royal mummy
237239 | Zig:24   | Noticed a royal mummy
237241 | Zig:24   | Noticed a royal mummy
237242 | Zig:24   | Noticed a royal mummy
237242 | Zig:24   | Noticed a royal mummy
237244 | Zig:24   | Noticed a royal mummy
237244 | Zig:24   | Noticed a royal mummy
237245 | Zig:24   | Killed a royal mummy
237245 | Zig:24   | Killed a royal mummy
237245 | Zig:24   | Killed a royal mummy
237245 | Zig:24   | Killed a royal mummy
237246 | Zig:24   | Noticed a royal mummy
237247 | Zig:24   | Noticed a royal mummy
237247 | Zig:24   | Noticed a royal mummy
237248 | Zig:24   | Noticed a royal mummy
237248 | Zig:24   | Noticed a royal mummy
237248 | Zig:24   | Noticed a royal mummy
237248 | Zig:24   | Noticed a royal mummy
237249 | Zig:24   | Killed a royal mummy
237249 | Zig:24   | Killed a royal mummy
237249 | Zig:24   | Killed a royal mummy
237249 | Zig:24   | Noticed a royal mummy
237249 | Zig:24   | Noticed a royal mummy
237250 | Zig:24   | Killed a royal mummy
237250 | Zig:24   | Killed a royal mummy
237250 | Zig:24   | Killed a royal mummy
237250 | Zig:24   | Killed a royal mummy
237250 | Zig:24   | Killed a royal mummy
237250 | Zig:24   | Killed a royal mummy
237250 | Zig:24   | Killed a royal mummy
237250 | Zig:24   | Killed a royal mummy
237250 | Zig:24   | Noticed a royal mummy
237251 | Zig:24   | Killed a royal mummy
237252 | Zig:24   | Noticed a royal mummy
237253 | Zig:24   | Noticed a royal mummy
237253 | Zig:24   | Noticed a royal mummy
237255 | Zig:24   | Killed a royal mummy
237255 | Zig:24   | Killed a royal mummy
237256 | Zig:24   | Killed a royal mummy
237257 | Zig:24   | Killed a royal mummy
237257 | Zig:24   | Noticed a royal mummy
237257 | Zig:24   | Noticed a royal mummy
237259 | Zig:24   | Noticed a royal mummy
237259 | Zig:24   | Noticed a royal mummy
237260 | Zig:24   | Killed a royal mummy
237260 | Zig:24   | Noticed a royal mummy
237261 | Zig:24   | Killed a royal mummy
237261 | Zig:24   | Killed a royal mummy
237261 | Zig:24   | Noticed a royal mummy
237262 | Zig:24   | Killed a royal mummy
237262 | Zig:24   | Killed a royal mummy
237262 | Zig:24   | Noticed a royal mummy
237263 | Zig:24   | Noticed a royal mummy
237263 | Zig:24   | Noticed a royal mummy
237264 | Zig:24   | Killed a royal mummy
237264 | Zig:24   | Killed a royal mummy
237265 | Zig:24   | Noticed a royal mummy
237266 | Zig:24   | Killed a royal mummy
237266 | Zig:24   | Killed a royal mummy
237266 | Zig:24   | Noticed a royal mummy
237267 | Zig:24   | Killed a royal mummy
237268 | Zig:24   | Noticed a royal mummy
237268 | Zig:24   | Noticed a royal mummy
237268 | Zig:24   | Noticed a royal mummy
237269 | Zig:24   | Killed a royal mummy
237270 | Zig:24   | Killed a royal mummy
237270 | Zig:24   | Noticed a royal mummy
237271 | Zig:24   | Killed a royal mummy
237271 | Zig:24   | Killed a royal mummy
237272 | Zig:24   | Killed a royal mummy
237272 | Zig:24   | Noticed a royal mummy
237277 | Zig:24   | Killed a royal mummy
237277 | Zig:24   | Noticed a royal mummy
237277 | Zig:24   | Noticed a royal mummy
237280 | Zig:24   | Killed a royal mummy
237280 | Zig:24   | Killed a royal mummy
237281 | Zig:24   | Noticed a royal mummy
237282 | Zig:24   | Noticed a royal mummy
237283 | Zig:24   | Noticed a royal mummy
237284 | Zig:24   | Killed a royal mummy
237284 | Zig:24   | Noticed a royal mummy
237285 | Zig:24   | Killed a royal mummy
237285 | Zig:24   | Killed a royal mummy
237285 | Zig:24   | Noticed a royal mummy
237287 | Zig:24   | Killed a royal mummy
237288 | Zig:24   | Killed a royal mummy
237854 | Zig:24   | Identified the +1 robe of Watchfulness {Str-2 Dex+7}
237858 | Zig:24   | Identified the amulet of the Salamander {Spirit -Cast rC+++
                  | Regen+ Dex-3}
237861 | Zig:24   | Identified the +6 spear "Grim" {freeze, rPois}
237862 | Zig:24   | Identified the +5 flail "Wor Jeff" {vorpal, rF- rC+ Str+5}
237865 | Zig:24   | Identified the +7 spear of Keleafyts {venom, *Rage rN+
                  | Int+4}
237964 | Zig:25   | Entered Level 25 of a ziggurat
238315 | Zig:25   | Identified the ring of Gifrid {rC++ Will- Str+6 Int+4}
238322 | Zig:25   | Identified the +8 shortbow of Vodauvoi {speed, +Blink rElec
                  | rF- rCorr}
238326 | Zig:25   | Identified the +0 chain mail "Niucoh" {Dex+4 Stlth+}
238329 | Zig:25   | Identified the +7 morningstar of Incongruity {flame, Fly
                  | Stlth+}
238335 | Zig:25   | Identified the amulet "Ceabb" {RegenMP rC+++ Str-3 Int+5}
238338 | Zig:25   | Identified the +8 double sword "Zoeprih" {vorpal, Str+3
                  | Dex+3}
238342 | Zig:25   | Identified the +9 dagger of Yshruimemo {venom, Int+4}
238352 | Zig:25   | Identified the +2 trident of the Singing Moth {flame,
                  | Str+8}
238354 | Zig:25   | Identified the +6 hand axe "Ihaed" {vorpal, *Noise rElec
                  | Str+3 Stlth+}
238464 | Zig:26   | Entered Level 26 of a ziggurat
238562 | Zig:26   | Noticed an ancient lich
238564 | Zig:26   | Killed an ancient lich
239059 | Zig:26   | Found the +8 longbow "Zephyr" {speed, Dex+3 SInv}
239060 | Zig:26   | Found the +7 Singing Sword {vorpal, sonic wave}
239101 | Zig:26   | Identified the +9 quick blade "Carghuc" {spect, rC+ Str+4}
239102 | Zig:26   | Identified the +5 mace of the Telling Soothsayer {vorpal,
                  | rPois}
239104 | Zig:26   | Identified the +0 robe of Amorality {rC+ Slay+3}
239109 | Zig:26   | Identified the ring of Asceticism {*Slow rElec rC+ Dex+5}
239120 | Zig:26   | Identified the +8 rapier "Tit Tece" {freeze, *Corrode Int+3
                  | Dex+3 SInv}
239131 | Zig:26   | Identified the +5 dagger of Fresh Blind Justice {freeze,
                  | Will+ Dex+2}
239161 | Zig:26   | Identified the +2 rapier "Earthworm" {venom, rPois rC+
                  | Will- Str+3}
239162 | Zig:26   | Identified the +3 robe of Xoxava Nyfe {rElec rC- Int+8
                  | Stlth+}
239171 | Zig:26   | Identified the ring of Xom's Best Wishes {Fly rC+ Dex+7}
239251 | Zig:27   | Entered Level 27 of a ziggurat
239659 | Zig:27   | Found the +10 morningstar "Eos" {elec, Halo rElec}
239665 | Zig:27   | Found the +13 scythe of Curses {drain, Drain}
239667 | Zig:27   | Identified the +2 cloak of Koemira {Will+ Str+7 Int+2
                  | Slay+3}
239690 | Zig:27   | Identified the +2 cloak of Knowledge {Will- Str+7 Dex+4}
239718 | Zig:27   | Identified the amulet "Wuetael" {Acrobat Int+4}
239721 | Zig:27   | Identified the +7 hand axe of Blue Courage {drain, rElec
                  | rN+ rCorr Dex-3}
239729 | Zig:27   | Identified the +2 robe of Elitism {rC+ Dex+2 Stlth+}
239734 | Zig:27   | Identified the +6 plate armour of Unreason {rC+}
239737 | Zig:27   | Identified the +4 short sword "Waga" {elec, Fly Will+ Int+2
                  | Stlth+}
239748 | Zig:27   | Identified the +0 scale mail "Ruwnel" {Str+4}
239751 | Zig:27   | Identified the +8 battleaxe of the Changing Dragonfly
                  | {flame, *Slow rPois rN+ Int+5}
239768 | Zig:27   | Identified the +1 rapier of the Stopping Augurer {spect,
                  | Will+ Str+4 SInv}
239769 | Zig:27   | Identified the ring of Mysticism {Fly rF+ rC+ SInv}
239772 | Zig:27   | Identified the +1 halberd of Ragnarok {venom, rF++ Int+5
                  | Stlth+}
240667 | Zig:1    | Entered Level 1 of a ziggurat
240709 | Zig:2    | Entered Level 2 of a ziggurat
240709 | Zig:2    | Noticed an ancient lich
240709 | Zig:2    | Noticed a dread lich
240711 | Zig:2    | Killed a dread lich
240711 | Zig:2    | Killed an ancient lich
240794 | Zig:3    | Entered Level 3 of a ziggurat
240927 | Zig:4    | Entered Level 4 of a ziggurat
241001 | Zig:4    | Identified the +4 mace of Psychosis {flame, +Blink rN+
                  | Int-3}
241013 | Zig:5    | Entered Level 5 of a ziggurat
241142 | Zig:5    | Identified the ring "Odghetoo" {rN+ Will+ Dex+3}
241155 | Zig:5    | Identified the +9 great sword "Hothridwe" {freeze, rN+
                  | Int+4 SInv}
241207 | Zig:6    | Entered Level 6 of a ziggurat
241463 | Zig:6    | Identified the +2 spear of the Median {pain, rElec}
241476 | Zig:6    | Identified the ring of Temptation {rF+ rN+ Dex+2 Stlth-}
241507 | Zig:7    | Entered Level 7 of a ziggurat
241509 | Zig:7    | Noticed an ancient lich
241511 | Zig:7    | Killed an ancient lich
241747 | Zig:7    | Identified the +4 demon whip "Ucan Dock" {flame, rCorr
                  | Str+4 SInv}
241775 | Zig:8    | Entered Level 8 of a ziggurat
242145 | Zig:8    | Identified the +2 robe "Piqik" {Int+4}
242148 | Zig:8    | Identified the +4 dagger of the Endless March {speed, rPois
                  | rCorr SInv}
242149 | Zig:8    | Identified the ring "Uhaklig" {rC+ Will+}
242153 | Zig:8    | Identified the +3 war axe of the Wraith {vorpal, rN+ Str+3}
242195 | Zig:9    | Entered Level 9 of a ziggurat
242278 | Zig:9    | Identified the amulet of Oxielepa {Acrobat rElec}
242285 | Zig:9    | Identified the +5 long sword of Harphewutti {vorpal, Int+2
                  | Dex+4}
242288 | Zig:9    | Identified the +9 hand axe of Virtue {flame, rF+ Will-
                  | Int+3 SInv}
242307 | Zig:9    | Identified the +1 helmet of the Salamander {Str-5 Dex+4}
242320 | Zig:9    | Identified the +2 whip of the Known World {drain, rElec
                  | rF+++ Str+4 Dex-2}
242442 | Zig:10   | Entered Level 10 of a ziggurat
242737 | Zig:11   | Entered Level 11 of a ziggurat
242739 | Zig:11   | Noticed a juggernaut
242739 | Zig:11   | Noticed a juggernaut
242741 | Zig:11   | Noticed a juggernaut
242741 | Zig:11   | Noticed a juggernaut
242741 | Zig:11   | Noticed a juggernaut
242742 | Zig:11   | Killed a juggernaut
242742 | Zig:11   | Killed a juggernaut
242742 | Zig:11   | Killed a juggernaut
242744 | Zig:11   | Noticed a juggernaut
242744 | Zig:11   | Killed a juggernaut
242744 | Zig:11   | Killed a juggernaut
242744 | Zig:11   | Killed a juggernaut
242745 | Zig:11   | Noticed a juggernaut
242745 | Zig:11   | Noticed a juggernaut
242747 | Zig:11   | Killed a juggernaut
242751 | Zig:11   | Killed a juggernaut
242754 | Zig:11   | Found the -2 hat of the Alchemist {rElec rPois rF+ rC+ rN+
                  | Will+ rMut rCorr}
243049 | Zig:12   | Entered Level 12 of a ziggurat
243050 | Zig:12   | Noticed a royal mummy
243050 | Zig:12   | Noticed a royal mummy
243051 | Zig:12   | Noticed a royal mummy
243053 | Zig:12   | Killed a royal mummy
243053 | Zig:12   | Killed a royal mummy
243053 | Zig:12   | Killed a royal mummy
243053 | Zig:12   | Noticed a royal mummy
243054 | Zig:12   | Noticed a royal mummy
243054 | Zig:12   | Noticed a royal mummy
243058 | Zig:12   | Killed a royal mummy
243058 | Zig:12   | Noticed a royal mummy
243058 | Zig:12   | Noticed a royal mummy
243060 | Zig:12   | Killed a royal mummy
243060 | Zig:12   | Killed a royal mummy
243060 | Zig:12   | Noticed a royal mummy
243061 | Zig:12   | Noticed a royal mummy
243061 | Zig:12   | Noticed a royal mummy
243062 | Zig:12   | Killed a royal mummy
243062 | Zig:12   | Killed a royal mummy
243062 | Zig:12   | Killed a royal mummy
243062 | Zig:12   | Noticed a royal mummy
243063 | Zig:12   | Noticed a royal mummy
243063 | Zig:12   | Noticed a royal mummy
243063 | Zig:12   | Noticed a royal mummy
243064 | Zig:12   | Killed a royal mummy
243064 | Zig:12   | Killed a royal mummy
243064 | Zig:12   | Noticed a royal mummy
243064 | Zig:12   | Noticed a royal mummy
243065 | Zig:12   | Killed a royal mummy
243065 | Zig:12   | Killed a royal mummy
243065 | Zig:12   | Killed a royal mummy
243065 | Zig:12   | Killed a royal mummy
243065 | Zig:12   | Noticed a royal mummy
243065 | Zig:12   | Noticed a royal mummy
243065 | Zig:12   | Noticed a royal mummy
243065 | Zig:12   | Noticed a royal mummy
243066 | Zig:12   | Killed a royal mummy
243067 | Zig:12   | Killed a royal mummy
243067 | Zig:12   | Killed a royal mummy
243067 | Zig:12   | Killed a royal mummy
243067 | Zig:12   | Killed a royal mummy
243067 | Zig:12   | Noticed a royal mummy
243068 | Zig:12   | Killed a royal mummy
243069 | Zig:12   | Killed a royal mummy
243071 | Zig:12   | Noticed a royal mummy
243071 | Zig:12   | Noticed a royal mummy
243073 | Zig:12   | Noticed a royal mummy
243075 | Zig:12   | Killed a royal mummy
243075 | Zig:12   | Killed a royal mummy
243078 | Zig:12   | Killed a royal mummy
243322 | Zig:12   | Identified the +0 crystal plate armour of the Other World
                  | {+Inv rC+}
243333 | Zig:12   | Identified the +8 demon blade of the Rattlesnake {venom,
                  | Int+8}
243335 | Zig:12   | Identified the +1 arbalest "Avvic" {penet, rElec rF+ Dex+2
                  | Stlth+}
243342 | Zig:12   | Identified the +1 shortbow "Jajuofasm" {speed, Contam rPois
                  | Int+3}
243417 | Zig:13   | Entered Level 13 of a ziggurat
243424 | Zig:13   | Noticed an orb of fire
243424 | Zig:13   | Noticed an orb of fire
243424 | Zig:13   | Noticed an orb of fire
243424 | Zig:13   | Noticed an orb of fire
243426 | Zig:13   | Noticed an orb of fire
243427 | Zig:13   | Noticed an orb of fire
243435 | Zig:13   | Noticed an orb of fire
243437 | Zig:13   | Killed an orb of fire
243437 | Zig:13   | Killed an orb of fire
243437 | Zig:13   | Killed an orb of fire
243437 | Zig:13   | Killed an orb of fire
243437 | Zig:13   | Killed an orb of fire
243438 | Zig:13   | Noticed an orb of fire
243438 | Zig:13   | Noticed an orb of fire
243438 | Zig:13   | Noticed an orb of fire
243439 | Zig:13   | Noticed an orb of fire
243440 | Zig:13   | Noticed an orb of fire
243440 | Zig:13   | Noticed an orb of fire
243440 | Zig:13   | Noticed an orb of fire
243441 | Zig:13   | Noticed an orb of fire
243441 | Zig:13   | Noticed an orb of fire
243442 | Zig:13   | Noticed an orb of fire
243442 | Zig:13   | Killed an orb of fire
243443 | Zig:13   | Noticed an orb of fire
243443 | Zig:13   | Killed an orb of fire
243443 | Zig:13   | Killed an orb of fire
243443 | Zig:13   | Noticed an orb of fire
243444 | Zig:13   | Noticed an orb of fire
243444 | Zig:13   | Killed an orb of fire
243444 | Zig:13   | Killed an orb of fire
243444 | Zig:13   | Killed an orb of fire
243444 | Zig:13   | Noticed an orb of fire
243445 | Zig:13   | Killed an orb of fire
243445 | Zig:13   | Killed an orb of fire
243445 | Zig:13   | Killed an orb of fire
243445 | Zig:13   | Noticed an orb of fire
243450 | Zig:13   | Noticed an orb of fire
243452 | Zig:13   | Killed an orb of fire
243452 | Zig:13   | Killed an orb of fire
243452 | Zig:13   | Killed an orb of fire
243452 | Zig:13   | Killed an orb of fire
243453 | Zig:13   | Noticed an orb of fire
243453 | Zig:13   | Killed an orb of fire
243453 | Zig:13   | Killed an orb of fire
243454 | Zig:13   | Killed an orb of fire
243454 | Zig:13   | Killed an orb of fire
243456 | Zig:13   | Killed an orb of fire
243458 | Zig:13   | Killed an orb of fire
243877 | Zig:13   | Identified the +7 great mace of the Pit {drain, rC+}
243946 | Zig:13   | Identified the +1 plate armour "Haurio" {rN+ Dex-3 Stlth+}
244067 | Zig:14   | Entered Level 14 of a ziggurat
244080 | Zig:14   | Noticed an ancient lich
244081 | Zig:14   | Noticed a dread lich
244081 | Zig:14   | Noticed an ancient lich
244082 | Zig:14   | Noticed a dread lich
244082 | Zig:14   | Noticed an ancient lich
244082 | Zig:14   | Noticed a dread lich
244083 | Zig:14   | Noticed an ancient lich
244083 | Zig:14   | Noticed a dread lich
244084 | Zig:14   | Noticed a dread lich
244084 | Zig:14   | Noticed an ancient lich
244086 | Zig:14   | Killed an ancient lich
244086 | Zig:14   | Killed a dread lich
244086 | Zig:14   | Killed an ancient lich
244086 | Zig:14   | Killed a dread lich
244086 | Zig:14   | Killed an ancient lich
244086 | Zig:14   | Killed a dread lich
244086 | Zig:14   | Killed a dread lich
244086 | Zig:14   | Killed a dread lich
244087 | Zig:14   | Noticed an ancient lich
244088 | Zig:14   | Killed an ancient lich
244088 | Zig:14   | Killed an ancient lich
244088 | Zig:14   | Noticed an ancient lich
244089 | Zig:14   | Noticed a dread lich
244089 | Zig:14   | Killed a dread lich
244090 | Zig:14   | Noticed a dread lich
244090 | Zig:14   | Noticed a dread lich
244090 | Zig:14   | Noticed an ancient lich
244090 | Zig:14   | Noticed an ancient lich
244091 | Zig:14   | Killed an ancient lich
244091 | Zig:14   | Killed an ancient lich
244091 | Zig:14   | Killed an ancient lich
244091 | Zig:14   | Killed a dread lich
244091 | Zig:14   | Noticed an ancient lich
244091 | Zig:14   | Noticed an ancient lich
244092 | Zig:14   | Killed an ancient lich
244092 | Zig:14   | Killed a dread lich
244093 | Zig:14   | Killed an ancient lich
244093 | Zig:14   | Killed an ancient lich
244093 | Zig:14   | Noticed an ancient lich
244094 | Zig:14   | Killed an ancient lich
244095 | Zig:14   | Noticed an ancient lich
244097 | Zig:14   | Killed an ancient lich
244099 | Zig:14   | Noticed an ancient lich
244100 | Zig:14   | Killed an ancient lich
244372 | Zig:14   | Identified the ring "Rycesino" {rF- rN+ rCorr SInv}
244378 | Zig:14   | Identified the +9 quarterstaff of the Orcish Mines {elec,
                  | rC- Int+3}
244411 | Zig:14   | Identified the +2 pair of gloves of the Verdant Catfish
                  | {Harm rPois Int-3}
244413 | Zig:14   | Identified the +5 long sword of the Puffin {holy, *Rage
                  | rPois rCorr Str+9}
244419 | Zig:14   | Identified the +1 leather armour "Ledwow" {-Cast rElec
                  | Will+}
244472 | Zig:15   | Entered Level 15 of a ziggurat
244624 | Zig:15   | Identified the +1 chain mail "Moufuo" {rElec rC+}
244641 | Zig:15   | Identified the +2 lajatang "Dozuso" {spect, +Blink rF+ rC+
                  | rN+}
244659 | Zig:15   | Identified the +4 whip of Buocaur {drain, Fragile rElec
                  | rN+++ Str+5}
244686 | Zig:15   | Identified the +12 dagger of True Grit {venom, rC+ Will+}
244910 | Zig:16   | Entered Level 16 of a ziggurat
245200 | Zig:16   | Identified the +7 war axe of Nisegits {vorpal, Int+2 Dex+3}
245204 | Zig:16   | Identified the ring "Vaynoc" {rElec rF++ Str+6 Int+2 Dex+4}
245216 | Zig:16   | Identified the +4 demon blade of Wyum {pain, Will+}
245222 | Zig:16   | Identified the +4 halberd of Wizupt {pain, rF++ Str+3}
245249 | Zig:16   | Identified the +6 war axe of Rigicauf {holy, Int+6 Dex+4
                  | Stlth-}
245310 | Zig:17   | Entered Level 17 of a ziggurat
245668 | Zig:17   | Identified the +7 shortbow "Giori" {speed, Fly rC+ Will++}
245677 | Zig:17   | Identified the +5 quarterstaff "Aroryni" {holy, rC+}
245681 | Zig:17   | Identified the ring of Attitude {rElec MP+9}
245692 | Zig:18   | Entered Level 18 of a ziggurat
245734 | Zig:18   | Found the +9 sword of Zonguldrok {reap}
246075 | Zig:18   | Identified the +0 leather armour of the Ecumenical Temple
                  | {Str+3}
246080 | Zig:18   | Identified the +4 dagger "Ranisk" {vorpal, Int+5}
246083 | Zig:18   | Identified the +0 scale mail of Tinirghek {-Cast rPois
                  | Str+9 Int-4}
246084 | Zig:18   | Identified the amulet "Donal" {+Blink rElec rPois Regen+
                  | Str-4}
246089 | Zig:18   | Identified the +5 scale mail of the Big Bang {+Blink}
246104 | Zig:18   | Identified the +8 broad axe of the Queen {antimagic, rN+}
246197 | Zig:19   | Entered Level 19 of a ziggurat
246409 | Zig:19   | Identified the ring "Nafaumuol" {rF+ Will+ Int+7}
246411 | Zig:19   | Identified the amulet "Ussung" {RegenMP rElec rF- rN+++
                  | Dex-4}
246422 | Zig:19   | Identified the +8 falchion of Antique Defence {venom,
                  | Dex+5}
246594 | Zig:20   | Entered Level 20 of a ziggurat
246605 | Zig:20   | Noticed an ancient lich
246606 | Zig:20   | Noticed a dread lich
246609 | Zig:20   | Killed an ancient lich
246609 | Zig:20   | Killed a dread lich
246610 | Zig:20   | Noticed an ancient lich
246611 | Zig:20   | Noticed an ancient lich
246612 | Zig:20   | Noticed a dread lich
246612 | Zig:20   | Noticed a dread lich
246613 | Zig:20   | Noticed an ancient lich
246613 | Zig:20   | Noticed a dread lich
246613 | Zig:20   | Noticed a dread lich
246614 | Zig:20   | Killed a dread lich
246614 | Zig:20   | Killed a dread lich
246615 | Zig:20   | Killed an ancient lich
246615 | Zig:20   | Killed an ancient lich
246615 | Zig:20   | Killed a dread lich
246615 | Zig:20   | Killed an ancient lich
246615 | Zig:20   | Killed a dread lich
246616 | Zig:20   | Noticed an ancient lich
246616 | Zig:20   | Noticed a dread lich
246616 | Zig:20   | Noticed a dread lich
246618 | Zig:20   | Killed a dread lich
246618 | Zig:20   | Killed an ancient lich
246619 | Zig:20   | Noticed an ancient lich
246619 | Zig:20   | Noticed an ancient lich
246619 | Zig:20   | Noticed a dread lich
246619 | Zig:20   | Noticed an ancient lich
246620 | Zig:20   | Noticed an ancient lich
246620 | Zig:20   | Noticed a dread lich
246620 | Zig:20   | Noticed a dread lich
246621 | Zig:20   | Noticed a dread lich
246621 | Zig:20   | Noticed a dread lich
246621 | Zig:20   | Noticed an ancient lich
246621 | Zig:20   | Noticed a dread lich
246621 | Zig:20   | Noticed an ancient lich
246622 | Zig:20   | Noticed an ancient lich
246622 | Zig:20   | Noticed an ancient lich
246623 | Zig:20   | Killed a dread lich
246623 | Zig:20   | Killed a dread lich
246624 | Zig:20   | Killed a dread lich
246624 | Zig:20   | Killed a dread lich
246624 | Zig:20   | Killed an ancient lich
246624 | Zig:20   | Killed an ancient lich
246624 | Zig:20   | Killed an ancient lich
246624 | Zig:20   | Killed a dread lich
246624 | Zig:20   | Killed an ancient lich
246624 | Zig:20   | Killed a dread lich
246625 | Zig:20   | Killed an ancient lich
246625 | Zig:20   | Killed an ancient lich
246625 | Zig:20   | Killed an ancient lich
246625 | Zig:20   | Killed a dread lich
246625 | Zig:20   | Noticed an ancient lich
246627 | Zig:20   | Killed an ancient lich
246627 | Zig:20   | Noticed an ancient lich
246628 | Zig:20   | Noticed a dread lich
246628 | Zig:20   | Noticed an ancient lich
246629 | Zig:20   | Noticed a dread lich
246630 | Zig:20   | Killed an ancient lich
246632 | Zig:20   | Killed an ancient lich
246632 | Zig:20   | Killed an ancient lich
246632 | Zig:20   | Killed a dread lich
246632 | Zig:20   | Killed a dread lich
246718 | Zig:20   | Found the ring of the Octopus King
246815 | Zig:20   | Acquired 1079 gold pieces
246818 | Zig:20   | Identified the +7 shortbow "Oggisom" {flame, rN+}
246828 | Zig:20   | Identified a ring of the Octopus King {rN+ HP+2 AC+2 EV+2
                  | SH+2}
246830 | Zig:20   | Identified the +6 plate armour of Terror {rC+ rN+ rCorr
                  | Stlth-}
247174 | Zig:20   | Identified the +5 dagger of Foolhardiness {venom, +Blink
                  | Will+}
247297 | Zig:21   | Entered Level 21 of a ziggurat
247305 | Zig:21   | Noticed an orb of fire
247305 | Zig:21   | Noticed an orb of fire
247314 | Zig:21   | Noticed an orb of fire
247315 | Zig:21   | Noticed an orb of fire
247315 | Zig:21   | Noticed an orb of fire
247315 | Zig:21   | Noticed an orb of fire
247315 | Zig:21   | Noticed an orb of fire
247317 | Zig:21   | Noticed an orb of fire
247320 | Zig:21   | Killed an orb of fire
247320 | Zig:21   | Killed an orb of fire
247320 | Zig:21   | Killed an orb of fire
247320 | Zig:21   | Killed an orb of fire
247321 | Zig:21   | Killed an orb of fire
247321 | Zig:21   | Killed an orb of fire
247321 | Zig:21   | Killed an orb of fire
247322 | Zig:21   | Noticed an orb of fire
247322 | Zig:21   | Noticed an orb of fire
247323 | Zig:21   | Killed an orb of fire
247323 | Zig:21   | Noticed an orb of fire
247340 | Zig:21   | Killed an orb of fire
247340 | Zig:21   | Noticed an orb of fire
247340 | Zig:21   | Noticed an orb of fire
247345 | Zig:21   | Noticed an orb of fire
247346 | Zig:21   | Noticed an orb of fire
247346 | Zig:21   | Noticed an orb of fire
247347 | Zig:21   | Noticed an orb of fire
247347 | Zig:21   | Noticed an orb of fire
247347 | Zig:21   | Noticed an orb of fire
247347 | Zig:21   | Noticed an orb of fire
247347 | Zig:21   | Noticed an orb of fire
247347 | Zig:21   | Noticed an orb of fire
247347 | Zig:21   | Noticed an orb of fire
247347 | Zig:21   | Noticed an orb of fire
247347 | Zig:21   | Noticed an orb of fire
247347 | Zig:21   | Noticed an orb of fire
247347 | Zig:21   | Noticed an orb of fire
247347 | Zig:21   | Noticed an orb of fire
247347 | Zig:21   | Noticed an orb of fire
247347 | Zig:21   | Noticed an orb of fire
247347 | Zig:21   | Noticed an orb of fire
247348 | Zig:21   | Noticed an orb of fire
247348 | Zig:21   | Noticed an orb of fire
247350 | Zig:21   | Killed an orb of fire
247350 | Zig:21   | Killed an orb of fire
247350 | Zig:21   | Killed an orb of fire
247350 | Zig:21   | Noticed an orb of fire
247351 | Zig:21   | Killed an orb of fire
247351 | Zig:21   | Killed an orb of fire
247351 | Zig:21   | Killed an orb of fire
247351 | Zig:21   | Killed an orb of fire
247351 | Zig:21   | Killed an orb of fire
247352 | Zig:21   | Noticed an orb of fire
247352 | Zig:21   | Noticed an orb of fire
247352 | Zig:21   | Noticed an orb of fire
247352 | Zig:21   | Noticed an orb of fire
247352 | Zig:21   | Noticed an orb of fire
247354 | Zig:21   | Killed an orb of fire
247354 | Zig:21   | Noticed an orb of fire
247354 | Zig:21   | Noticed an orb of fire
247355 | Zig:21   | Killed an orb of fire
247357 | Zig:21   | Killed an orb of fire
247357 | Zig:21   | Killed an orb of fire
247357 | Zig:21   | Killed an orb of fire
247357 | Zig:21   | Killed an orb of fire
247358 | Zig:21   | Killed an orb of fire
247358 | Zig:21   | Killed an orb of fire
247362 | Zig:21   | Killed an orb of fire
247366 | Zig:21   | Noticed an orb of fire
247367 | Zig:21   | Noticed an orb of fire
247368 | Zig:21   | Killed an orb of fire
247368 | Zig:21   | Killed an orb of fire
247368 | Zig:21   | Killed an orb of fire
247368 | Zig:21   | Killed an orb of fire
247368 | Zig:21   | Noticed an orb of fire
247369 | Zig:21   | Killed an orb of fire
247369 | Zig:21   | Killed an orb of fire
247369 | Zig:21   | Killed an orb of fire
247369 | Zig:21   | Killed an orb of fire
247369 | Zig:21   | Killed an orb of fire
247369 | Zig:21   | Killed an orb of fire
247369 | Zig:21   | Killed an orb of fire
247369 | Zig:21   | Killed an orb of fire
247369 | Zig:21   | Noticed an orb of fire
247370 | Zig:21   | Killed an orb of fire
247371 | Zig:21   | Noticed an orb of fire
247372 | Zig:21   | Killed an orb of fire
247372 | Zig:21   | Killed an orb of fire
247372 | Zig:21   | Killed an orb of fire
247373 | Zig:21   | Killed an orb of fire
247373 | Zig:21   | Killed an orb of fire
247373 | Zig:21   | Killed an orb of fire
247376 | Zig:21   | Killed an orb of fire
247790 | Zig:21   | Identified the +6 trident of Midsummer {speed, Int+4}
247794 | Zig:21   | Identified the +2 quick blade of Honour {spect, rCorr Int+3
                  | Dex-5}
247815 | Zig:21   | Identified the +9 morningstar "Iluizal" {vamp, rF+ Str-4
                  | Int+6}
247866 | Zig:21   | Identified the +1 pair of boots of the Hurting Gods {rF+
                  | Dex+3}
248068 | Zig:22   | Entered Level 22 of a ziggurat
248089 | Zig:22   | Noticed a dread lich
248089 | Zig:22   | Noticed a dread lich
248092 | Zig:22   | Noticed an ancient lich
248093 | Zig:22   | Killed an ancient lich
248093 | Zig:22   | Killed a dread lich
248094 | Zig:22   | Killed a dread lich
248094 | Zig:22   | Noticed an ancient lich
248094 | Zig:22   | Noticed an ancient lich
248095 | Zig:22   | Noticed a dread lich
248095 | Zig:22   | Noticed a dread lich
248095 | Zig:22   | Noticed a dread lich
248096 | Zig:22   | Noticed a dread lich
248096 | Zig:22   | Noticed an ancient lich
248097 | Zig:22   | Noticed an ancient lich
248098 | Zig:22   | Noticed a dread lich
248098 | Zig:22   | Noticed a dread lich
248099 | Zig:22   | Noticed a dread lich
248099 | Zig:22   | Noticed a dread lich
248100 | Zig:22   | Killed an ancient lich
248100 | Zig:22   | Killed a dread lich
248100 | Zig:22   | Killed an ancient lich
248100 | Zig:22   | Killed a dread lich
248100 | Zig:22   | Killed a dread lich
248100 | Zig:22   | Killed a dread lich
248100 | Zig:22   | Killed a dread lich
248100 | Zig:22   | Killed an ancient lich
248100 | Zig:22   | Killed an ancient lich
248100 | Zig:22   | Killed a dread lich
248100 | Zig:22   | Noticed a dread lich
248100 | Zig:22   | Noticed an ancient lich
248100 | Zig:22   | Noticed an ancient lich
248101 | Zig:22   | Noticed an ancient lich
248103 | Zig:22   | Noticed an ancient lich
248103 | Zig:22   | Noticed an ancient lich
248104 | Zig:22   | Noticed an ancient lich
248104 | Zig:22   | Noticed an ancient lich
248104 | Zig:22   | Killed a dread lich
248105 | Zig:22   | Killed a dread lich
248105 | Zig:22   | Noticed an ancient lich
248106 | Zig:22   | Killed a dread lich
248106 | Zig:22   | Killed an ancient lich
248106 | Zig:22   | Killed an ancient lich
248106 | Zig:22   | Killed an ancient lich
248106 | Zig:22   | Killed an ancient lich
248106 | Zig:22   | Killed an ancient lich
248106 | Zig:22   | Killed an ancient lich
248107 | Zig:22   | Killed an ancient lich
248107 | Zig:22   | Killed an ancient lich
248110 | Zig:22   | Noticed an ancient lich
248114 | Zig:22   | Killed an ancient lich
248478 | Zig:22   | Found the +1 robe of Vines {NoPotionHeal Regen++++}
248482 | Zig:22   | Identified the amulet of the Skies Above {RegenMP Str-3
                  | Int+4 Dex+3 Stlth+}
248485 | Zig:22   | Identified the ring "Cearry" {Will- EV+4 Str+5 Int+4}
248488 | Zig:22   | Identified the +6 spear of Callousness {venom, *Noise rElec
                  | rPois Dex+5}
248526 | Zig:22   | Identified the +4 dagger "Pageixaq" {vamp, *Rage Int+5}
248532 | Zig:22   | Identified the +3 halberd "Erphipan" {drain, rPois rC-
                  | Dex+3 SInv}
248553 | Zig:22   | Identified the +8 shortbow of Righteous Fury {flame, rF+}
248669 | Zig:23   | Entered Level 23 of a ziggurat
248833 | Zig:23   | Identified the +2 pair of gloves "Yfostrih" {+Inv Will-
                  | Stlth+}
248834 | Zig:23   | Identified the +2 great sword of Honour {spect, rF+}
248839 | Zig:23   | Identified the +3 dagger of the Hero {flame, rElec rF- rC+}
248841 | Zig:23   | Identified the ring of Bocs {*Corrode rC++ rN+ Str-3 Dex+9}
248848 | Zig:23   | Identified the +0 chain mail of Kiawuety {Harm Str-4 SInv}
248851 | Zig:23   | Identified the +4 plate armour "Erozaom" {Contam Rampage
                  | rCorr Dex+4}
248858 | Zig:23   | Identified the +7 short sword "Dragonbane" {spect, +Blink
                  | Fly rN+ Dex+4}
248908 | Zig:23   | Identified the +9 quarterstaff "Voirghis" {elec, rPois rF+
                  | Str+2 Int-4}
248910 | Zig:23   | Identified the +9 longbow of Ointment {flame, rF+ rC+ Str+2
                  | Dex+3}
248911 | Zig:23   | Identified the +6 quick blade "Cozascheeda" {elec, Drain
                  | Fly Str+4}
248912 | Zig:23   | Identified the +10 demon whip of the Black Skies {flame,
                  | rF+ rC+ Str-5}
248930 | Zig:23   | Identified the +0 rapier of the Living Dead {vorpal, Str+2}
248938 | Zig:23   | Identified the +8 spear "Unkaf" {drain, rF- Will++ Int+2
                  | SInv Stlth+}
248942 | Zig:23   | Identified the +1 scale mail of Ussaxont {Int+4}
249239 | Zig:24   | Entered Level 24 of a ziggurat
249815 | Zig:24   | Found the +5 robe of Night {Dark Will+ SInv}
249845 | Zig:24   | Identified the +6 short sword "Oneshee" {drain, rPois
                  | Int+2}
249851 | Zig:24   | Identified the +7 morningstar of Dyetueh {vorpal, Contam
                  | rElec rC+}
249857 | Zig:24   | Identified the +0 leather armour "Xuakkewi" {Str+3}
249861 | Zig:24   | Identified the +10 quarterstaff "Murmur" {vamp, Int+2}
249873 | Zig:24   | Identified the +5 dagger of the Gloaming {vamp, rElec
                  | Str+3}
249881 | Zig:24   | Identified the +10 quick blade "Jellyslayer" {protect,
                  | +Blink Fly rElec Int-2}
249891 | Zig:24   | Identified the +4 flail "Ukubiu" {vorpal, Str+4}
249903 | Zig:24   | Identified the +11 demon whip "Dragonbane" {pain, rPois
                  | Str+4 Stlth-}
249907 | Zig:24   | Identified the +9 bardiche of the Aged Spines {vorpal,
                  | Will+}
249920 | Zig:24   | Identified the +2 scale mail of Dishonesty {rElec rF+ Str-2
                  | Dex+2}
249982 | Zig:25   | Entered Level 25 of a ziggurat
250038 | Zig:25   | Noticed Behargh the pandemonium lord
250044 | Zig:25   | Killed Behargh the pandemonium lord
250305 | Zig:25   | Identified the ring of Bat Heum {rPois MP+9 Str-3 SInv}
250309 | Zig:25   | Identified the ring "Fephugep" {rElec rPois}
250317 | Zig:25   | Acquired 1120 gold pieces
250328 | Zig:25   | Identified the +8 quick blade "Guupruf" {flame, *Rage rCorr
                  | Str+2 Dex+4}
250329 | Zig:25   | Identified the +1 robe "Tucrak" {Fly rF+ rC++ Dex-5}
250331 | Zig:25   | Identified the +5 halberd "Loyvurou" {flame, Str+4}
250415 | Zig:26   | Entered Level 26 of a ziggurat
250472 | Zig:26   | Noticed Zoilagag the pandemonium lord
250475 | Zig:26   | Killed Zoilagag the pandemonium lord
250887 | Zig:26   | Identified the +2 pair of gloves "Ubont" {Regen+ Str+10
                  | Int-5 SInv}
250888 | Zig:26   | Identified the +5 demon whip of the Tortured God {vamp,
                  | Fragile rPois rF+++ Dex-2}
250897 | Zig:26   | Identified the +4 ring mail of Terror {rC+ Will++ Int+2}
250900 | Zig:26   | Identified the +8 plate armour of Negation {rC+}
250903 | Zig:26   | Identified the ring of Yvu Wudase {Fire rCorr Int+5}
251226 | Zig:27   | Entered Level 27 of a ziggurat
251912 | Zig:27   | Identified the ring "Dayqag" {rN+ AC+4}
251921 | Zig:27   | Identified the +9 trident "Tishruy" {drain, Will+}
251924 | Zig:27   | Identified the ring "Ziahoam" {Wiz Int+2 SInv}
251933 | Zig:27   | Identified the +4 spear "Falykod" {drain, +Blink Int+2}
251952 | Zig:27   | Identified the +6 long sword "Gacayl Omutt" {drain, *Noise
                  | Will+ Dex+8}
252230 | Zig:1    | Entered Level 1 of a ziggurat
252230 | Zig:1    | Noticed a dread lich
252234 | Zig:1    | Killed a dread lich
252234 | Zig:1    | Noticed an ancient lich
252235 | Zig:1    | Killed an ancient lich
252281 | Zig:2    | Entered Level 2 of a ziggurat
252282 | Zig:2    | Noticed a dread lich
252283 | Zig:2    | Noticed a dread lich
252283 | Zig:2    | Killed a dread lich
252283 | Zig:2    | Killed a dread lich
252426 | Zig:3    | Entered Level 3 of a ziggurat
252426 | Zig:3    | Noticed Tiruof the pandemonium lord
252426 | Zig:3    | Noticed Vuerixyb the pandemonium lord
252428 | Zig:3    | Killed Tiruof the pandemonium lord
252429 | Zig:3    | Noticed Ediym the pandemonium lord
252430 | Zig:3    | Noticed Noot the pandemonium lord
252433 | Zig:3    | Killed Ediym the pandemonium lord
252433 | Zig:3    | Killed Vuerixyb the pandemonium lord
252437 | Zig:3    | Killed Noot the pandemonium lord
252576 | Zig:3    | Identified the +11 short sword "Qytoat" {vorpal, Dex+3}
252611 | Zig:4    | Entered Level 4 of a ziggurat
252757 | Zig:4    | Identified the +4 scale mail of Calculation {Harm *Slow
                  | Int+5 Dex+4}
252764 | Zig:4    | Identified the +7 short sword "Vivesipt" {spect, Str+4
                  | Dex+6}
252813 | Zig:5    | Entered Level 5 of a ziggurat
252813 | Zig:5    | Noticed a dread lich
252815 | Zig:5    | Killed a dread lich
252817 | Zig:5    | Noticed an ancient lich
252820 | Zig:5    | Killed an ancient lich
252936 | Zig:5    | Identified the +4 morningstar of Qumiuck {chaos, rF+ rN+
                  | Str+3}
252987 | Zig:6    | Entered Level 6 of a ziggurat
253220 | Zig:6    | Identified the ring of Lifu Kong {Wiz Drain Str+4 SInv}
253237 | Zig:7    | Entered Level 7 of a ziggurat
253491 | Zig:8    | Entered Level 8 of a ziggurat
253676 | Zig:8    | Identified the ring of Caabal {Wiz Str+4}
253681 | Zig:8    | Identified the +1 crystal plate armour of Miblecu {rC+
                  | Str+4}
253710 | Zig:9    | Entered Level 9 of a ziggurat
253869 | Zig:9    | Identified the ring "Myusiver" {Drain rCorr Str+4 Int+2
                  | Dex+6}
253877 | Zig:9    | Identified the +11 morningstar of the Pyrrhic Victory
                  | {spect, Contam rC+ Str+5}
254020 | Zig:10   | Entered Level 10 of a ziggurat
254199 | Zig:10   | Found the +3 hat of Pondering {ponderous, Will+ MP+10
                  | Int+5}
254311 | Zig:10   | Identified the +5 long sword "Hehoaxto" {flame, Dex+2}
254315 | Zig:10   | Identified the +11 quick blade of Karma {antimagic,
                  | *Corrode +Blink rC+ Stlth+}
254318 | Zig:10   | Identified the +11 hand axe of Doom {freeze, Int+2}
254396 | Zig:11   | Entered Level 11 of a ziggurat
254651 | Zig:11   | Identified the +8 rapier of Contention {flame, +Blink
                  | rPois}
254664 | Zig:11   | Identified the +1 hand axe of Bile {pain, rC+ rN+}
254672 | Zig:12   | Entered Level 12 of a ziggurat
254928 | Zig:12   | Identified the +5 lajatang "Icumpari" {flame, rElec Str+6
                  | Int+2 Dex-3}
254947 | Zig:12   | Identified the +3 pair of boots "Iwnusterr" {rN+ SInv}
254964 | Zig:13   | Entered Level 13 of a ziggurat
255229 | Zig:13   | Identified the +2 pair of boots of Loss {rN+}
255237 | Zig:13   | Identified the amulet of Uddiawan {Regen+ MP+9 Int+2}
255260 | Zig:14   | Entered Level 14 of a ziggurat
255560 | Zig:14   | Identified the +8 rapier of Sekk {vorpal, rPois Will+++
                  | rCorr Int-4}
255611 | Zig:14   | Identified the ring of Impatience {rF+ rC- Str+5 Dex+3}
255620 | Zig:14   | Identified the +3 leather armour of the Lich-sworn {-Tele
                  | rElec rPois rC+}
255630 | Zig:14   | Identified the +2 leather armour of the Harp {rC- Will-
                  | Int+3 Dex+5}
255750 | Zig:15   | Entered Level 15 of a ziggurat
256001 | Zig:15   | Identified the +10 plate armour of Benevolence {Regen+
                  | Int+4}
256004 | Zig:15   | Identified the +5 dagger of the Shining Light {vorpal, rC+
                  | Str+4}
256010 | Zig:15   | Identified the +6 battleaxe of Raihuuzuju {venom, Fragile
                  | Int+2 Dex+4}
256014 | Zig:15   | Acquired the +1 pair of gloves of the Shining Light {Harm}
256016 | Zig:15   | Acquired 680 gold pieces
256027 | Zig:15   | Identified the +1 great sword "Ganop" {pain, rF+ Will+
                  | Int+2}
256032 | Zig:15   | Identified the amulet of Pughih {Spirit Fly rC+ rCorr}
256039 | Zig:15   | Identified the +4 demon whip of Taofitosa {freeze, rC+
                  | Int+4}
256048 | Zig:15   | Identified the amulet "Tipi" {Faith *Slow rF- Str+5 Dex+6}
256053 | Zig:15   | Identified the +6 glaive of Bloody Death {vorpal, Will+
                  | SInv}
256082 | Zig:16   | Entered Level 16 of a ziggurat
256082 | Zig:16   | Noticed Waohesse's ghost (legendary VSFi)
256082 | Zig:16   | Noticed swap's ghost (legendary DEFE)
256084 | Zig:16   | Noticed EricTams's ghost (veteran MiBe)
256085 | Zig:16   | Noticed Huju's ghost (legendary HOFi)
256087 | Zig:16   | Noticed reasonance's ghost (legendary HOMo)
256087 | Zig:16   | Noticed Viugiw's ghost (legendary TeBe)
256088 | Zig:16   | Noticed Rocah's ghost (veteran GrFi)
256088 | Zig:16   | Noticed stevelinton's ghost (legendary KoBe)
256088 | Zig:16   | Noticed runemage's ghost (legendary GnFi)
256090 | Zig:16   | Killed Waohesse's ghost
256090 | Zig:16   | Killed Viugiw's ghost
256091 | Zig:16   | Noticed Unuchuin's ghost (legendary GnFi)
256091 | Zig:16   | Killed stevelinton's ghost
256092 | Zig:16   | Noticed ragingrage's ghost (legendary OpFE)
256092 | Zig:16   | Noticed BoringLoser's ghost (veteran TeAE)
256093 | Zig:16   | Noticed thechecker02's ghost (master DDFi)
256093 | Zig:16   | Noticed Gemnonof's ghost (adept DgCj)
256094 | Zig:16   | Killed swap's ghost
256094 | Zig:16   | Killed Rocah's ghost
256095 | Zig:16   | Killed ragingrage's ghost
256095 | Zig:16   | Noticed Amikeex's ghost (adept TrMo)
256096 | Zig:16   | Killed reasonance's ghost
256096 | Zig:16   | Killed Gemnonof's ghost
256096 | Zig:16   | Noticed Jargh's ghost (legendary FoFi)
256096 | Zig:16   | Noticed Alysiarr's ghost (legendary KoHu)
256097 | Zig:16   | Killed Huju's ghost
256097 | Zig:16   | Killed Unuchuin's ghost
256097 | Zig:16   | Killed EricTams's ghost
256098 | Zig:16   | Killed runemage's ghost
256099 | Zig:16   | Killed BoringLoser's ghost
256099 | Zig:16   | Noticed GlasyaLabolas's ghost (legendary MiFi)
256099 | Zig:16   | Noticed Teaz Xo Upt's ghost (legendary GnFE)
256101 | Zig:16   | Killed Alysiarr's ghost
256101 | Zig:16   | Noticed xzight's ghost (legendary MiBe)
256102 | Zig:16   | Noticed Gemnonof's ghost (adept DgCj)
256102 | Zig:16   | Noticed Piginabag's ghost (legendary DsSk)
256102 | Zig:16   | Noticed tigertrap's ghost (legendary DgHW)
256103 | Zig:16   | Killed Teaz Xo Upt's ghost
256103 | Zig:16   | Killed GlasyaLabolas's ghost
256104 | Zig:16   | Noticed deprived's ghost (legendary HOFi)
256104 | Zig:16   | Noticed GlasyaLabolas's ghost (legendary MiFi)
256104 | Zig:16   | Noticed Zoplarin's ghost (legendary BaSk)
256104 | Zig:16   | Noticed Viugiw's ghost (legendary TeBe)
256105 | Zig:16   | Killed Gemnonof's ghost
256106 | Zig:16   | Killed Jargh's ghost
256106 | Zig:16   | Killed Amikeex's ghost
256106 | Zig:16   | Noticed Anafel's ghost (legendary GrFi)
256106 | Zig:16   | Noticed Xiwu's ghost (legendary MiFi)
256107 | Zig:16   | Noticed Xatwola's ghost (legendary DDFi)
256108 | Zig:16   | Killed xzight's ghost
256108 | Zig:16   | Killed thechecker02's ghost
256108 | Zig:16   | Noticed sleeves's ghost (legendary HuSk)
256108 | Zig:16   | Noticed andrewp's ghost (veteran MiBe)
256109 | Zig:16   | Killed Viugiw's ghost
256109 | Zig:16   | Killed Zoplarin's ghost
256109 | Zig:16   | Killed GlasyaLabolas's ghost
256109 | Zig:16   | Killed Anafel's ghost
256110 | Zig:16   | Killed Piginabag's ghost
256110 | Zig:16   | Noticed Waohesse's ghost (legendary VSFi)
256110 | Zig:16   | Noticed Qeilemp's ghost (legendary HOFi)
256110 | Zig:16   | Noticed Himmaryad's ghost (adept TrMo)
256111 | Zig:16   | Killed tigertrap's ghost
256112 | Zig:16   | Killed deprived's ghost
256112 | Zig:16   | Killed andrewp's ghost
256112 | Zig:16   | Noticed TuffENuff's ghost (legendary FoFi)
256112 | Zig:16   | Noticed tigertrap's ghost (legendary DgHW)
256112 | Zig:16   | Noticed Veodywke's ghost (legendary MiBe)
256113 | Zig:16   | Killed Xiwu's ghost
256115 | Zig:16   | Killed sleeves's ghost
256115 | Zig:16   | Killed Waohesse's ghost
256119 | Zig:16   | Noticed Piginabag's ghost (legendary DsSk)
256119 | Zig:16   | Noticed corvin's ghost (legendary OgWn)
256119 | Zig:16   | Noticed Ucrups's ghost (legendary MiFi)
256120 | Zig:16   | Noticed Polaczum's ghost (adept TrMo)
256121 | Zig:16   | Killed Xatwola's ghost
256121 | Zig:16   | Killed TuffENuff's ghost
256121 | Zig:16   | Killed Himmaryad's ghost
256122 | Zig:16   | Killed Qeilemp's ghost
256122 | Zig:16   | Noticed Ekeiwkem's ghost (legendary DsFi)
256122 | Zig:16   | Noticed Rirumasy's ghost (legendary OpWn)
256122 | Zig:16   | Noticed Diezoyro's ghost (legendary DDNe)
256122 | Zig:16   | Noticed lmSkywalker's ghost (adept DrTm)
256123 | Zig:16   | Killed Veodywke's ghost
256123 | Zig:16   | Killed tigertrap's ghost
256123 | Zig:16   | Noticed ragingrage's ghost (legendary OpFE)
256123 | Zig:16   | Noticed Pikuto's ghost (adept MiBe)
256124 | Zig:16   | Noticed Huju's ghost (legendary HOFi)
256124 | Zig:16   | Noticed Viocziel's ghost (adept TrMo)
256126 | Zig:16   | Killed Ucrups's ghost
256126 | Zig:16   | Killed Polaczum's ghost
256126 | Zig:16   | Noticed Pingob's ghost (legendary HOFi)
256127 | Zig:16   | Killed Viocziel's ghost
256127 | Zig:16   | Killed Qatinlae's ghost
256128 | Zig:16   | Killed corvin's ghost
256128 | Zig:16   | Killed Pikuto's ghost
256128 | Zig:16   | Noticed Hewasun's ghost (legendary MiBe)
256128 | Zig:16   | Noticed Polaczum's ghost (adept TrMo)
256128 | Zig:16   | Noticed Teaz Xo Upt's ghost (legendary GnFE)
256129 | Zig:16   | Noticed Becvyf's ghost (legendary GnFi)
256129 | Zig:16   | Noticed Jargh's ghost (legendary FoFi)
256129 | Zig:16   | Noticed Viocziel's ghost (adept TrMo)
256132 | Zig:16   | Noticed BoringLoser's ghost (veteran TeAE)
256132 | Zig:16   | Killed ragingrage's ghost
256132 | Zig:16   | Noticed frimble's ghost (adept DsGl)
256133 | Zig:16   | Killed lmSkywalker's ghost
256133 | Zig:16   | Killed Piginabag's ghost
256134 | Zig:16   | Killed Teaz Xo Upt's ghost
256134 | Zig:16   | Killed Polaczum's ghost
256134 | Zig:16   | Killed Viocziel's ghost
256135 | Zig:16   | Killed Rirumasy's ghost
256135 | Zig:16   | Killed Hewasun's ghost
256136 | Zig:16   | Killed frimble's ghost
256136 | Zig:16   | Killed Diezoyro's ghost
256136 | Zig:16   | Killed Pingob's ghost
256137 | Zig:16   | Killed BoringLoser's ghost
256137 | Zig:16   | Killed Becvyf's ghost
256137 | Zig:16   | Killed Ekeiwkem's ghost
256137 | Zig:16   | Killed Huju's ghost
256139 | Zig:16   | Killed Jargh's ghost
256412 | Zig:16   | Identified the +0 helmet of Conscience {rC- Str+5 Int-5
                  | SInv}
256415 | Zig:16   | Identified the ring of Irgho {rC+ Dex+4 SInv Stlth+}
256419 | Zig:16   | Identified the ring "Riabb" {rPois rF+ Will+ EV+4}
256423 | Zig:16   | Identified the ring of the Trilobite {rPois Str+4}
256430 | Zig:16   | Identified the ring "Cazei" {rElec rC+ MP+9}
256435 | Zig:16   | Identified the +10 chain mail "Duery" {Dex+3}
256439 | Zig:16   | Identified the +6 battleaxe of Desertification {drain,
                  | rPois rN+ MP+9 Str-2 Dex+3}
256452 | Zig:16   | Identified the +5 hand axe "Imud Myg" {venom, +Blink rF+}
256519 | Zig:17   | Entered Level 17 of a ziggurat
256524 | Zig:17   | Noticed a dread lich
256527 | Zig:17   | Paralysed by a wendigo for 1 turns
256529 | Zig:17   | Noticed a dread lich
256530 | Zig:17   | Killed a dread lich
256532 | Zig:17   | Killed a dread lich
256825 | Zig:17   | Identified the +0 ice dragon scales of Safiof {Contam rF-
                  | rC++ Regen+ Int+6}
256826 | Zig:17   | Identified the +7 scimitar of Incongruity {freeze, rF+ rC+
                  | Str+4}
256838 | Zig:17   | Identified the +2 short sword "Hedys" {freeze, rPois rF+
                  | rN+ Int-3}
256842 | Zig:17   | Identified the +5 dagger "Goezyh" {freeze, Dex+3}
256851 | Zig:17   | Identified the amulet of Geimas {Reflect rC- Will+++ Dex+2
                  | SH+5}
257048 | Zig:18   | Entered Level 18 of a ziggurat
257048 | Zig:18   | Noticed a royal mummy
257048 | Zig:18   | Noticed a royal mummy
257048 | Zig:18   | Noticed a royal mummy
257048 | Zig:18   | Noticed a royal mummy
257048 | Zig:18   | Noticed a royal mummy
257048 | Zig:18   | Noticed a royal mummy
257048 | Zig:18   | Noticed a royal mummy
257048 | Zig:18   | Noticed a royal mummy
257048 | Zig:18   | Noticed a royal mummy
257050 | Zig:18   | Killed a royal mummy
257050 | Zig:18   | Killed a royal mummy
257050 | Zig:18   | Killed a royal mummy
257050 | Zig:18   | Killed a royal mummy
257050 | Zig:18   | Killed a royal mummy
257050 | Zig:18   | Killed a royal mummy
257050 | Zig:18   | Killed a royal mummy
257050 | Zig:18   | Noticed a royal mummy
257051 | Zig:18   | Noticed a royal mummy
257051 | Zig:18   | Noticed a royal mummy
257051 | Zig:18   | Noticed a royal mummy
257052 | Zig:18   | Noticed a royal mummy
257052 | Zig:18   | Noticed a royal mummy
257052 | Zig:18   | Noticed a royal mummy
257054 | Zig:18   | Noticed a royal mummy
257054 | Zig:18   | Noticed a royal mummy
257054 | Zig:18   | Noticed a royal mummy
257054 | Zig:18   | Noticed a royal mummy
257055 | Zig:18   | Killed a royal mummy
257055 | Zig:18   | Killed a royal mummy
257055 | Zig:18   | Killed a royal mummy
257055 | Zig:18   | Killed a royal mummy
257055 | Zig:18   | Killed a royal mummy
257055 | Zig:18   | Killed a royal mummy
257055 | Zig:18   | Killed a royal mummy
257055 | Zig:18   | Killed a royal mummy
257055 | Zig:18   | Killed a royal mummy
257055 | Zig:18   | Killed a royal mummy
257055 | Zig:18   | Noticed a royal mummy
257055 | Zig:18   | Noticed a royal mummy
257056 | Zig:18   | Noticed a royal mummy
257056 | Zig:18   | Noticed a royal mummy
257057 | Zig:18   | Noticed a royal mummy
257057 | Zig:18   | Noticed a royal mummy
257057 | Zig:18   | Noticed a royal mummy
257058 | Zig:18   | Noticed a royal mummy
257059 | Zig:18   | Noticed a royal mummy
257059 | Zig:18   | Noticed a royal mummy
257059 | Zig:18   | Noticed a royal mummy
257060 | Zig:18   | Noticed a royal mummy
257060 | Zig:18   | Noticed a royal mummy
257062 | Zig:18   | Killed a royal mummy
257062 | Zig:18   | Killed a royal mummy
257062 | Zig:18   | Killed a royal mummy
257062 | Zig:18   | Killed a royal mummy
257062 | Zig:18   | Killed a royal mummy
257062 | Zig:18   | Killed a royal mummy
257062 | Zig:18   | Killed a royal mummy
257062 | Zig:18   | Killed a royal mummy
257062 | Zig:18   | Killed a royal mummy
257062 | Zig:18   | Killed a royal mummy
257062 | Zig:18   | Killed a royal mummy
257062 | Zig:18   | Killed a royal mummy
257062 | Zig:18   | Killed a royal mummy
257062 | Zig:18   | Killed a royal mummy
257063 | Zig:18   | Killed a royal mummy
257065 | Zig:18   | Noticed a royal mummy
257066 | Zig:18   | Noticed a royal mummy
257066 | Zig:18   | Noticed a royal mummy
257067 | Zig:18   | Killed a royal mummy
257067 | Zig:18   | Noticed a royal mummy
257068 | Zig:18   | Killed a royal mummy
257068 | Zig:18   | Killed a royal mummy
257069 | Zig:18   | Killed a royal mummy
257069 | Zig:18   | Killed a royal mummy
257423 | Zig:18   | Identified the +3 scimitar of Valiance {vorpal, rPois}
257431 | Zig:18   | Identified the +2 scale mail "Tasa" {rN+ Int-2 Dex+3}
257437 | Zig:18   | Identified the +1 ice dragon scales of the Stained God {rF-
                  | rC++ Dex+4 SInv}
257440 | Zig:18   | Identified the amulet of Luets {Reflect rElec MP-9 Str+4
                  | SH+5 Stlth+}
257483 | Zig:18   | Identified the +3 rapier of the Ring {vorpal, rPois rN+
                  | Str+2}
257516 | Zig:18   | Identified the ring of Gyheh {Fly rN+ Int+4}
257526 | Zig:18   | Identified the +7 great sword of Tortfeasance {freeze, Fly
                  | Int+3 Dex+3}
257540 | Zig:18   | Identified the +1 leather armour of the Four Scars {rF-
                  | Str-5 Int+8 SInv}
257552 | Zig:18   | Identified the +1 robe of Negation {rCorr Dex+5}
257628 | Zig:19   | Entered Level 19 of a ziggurat
257818 | Zig:19   | Identified the +1 flail "Qegg" {chaos, Fragile Str+4 Dex+4}
257819 | Zig:19   | Identified the +4 hand axe "Henugi" {vamp, Int+6 Dex+4}
257821 | Zig:19   | Identified the +1 pair of gloves of Follow the Leader {Fly
                  | rPois Str-3 Dex+5}
257833 | Zig:19   | Identified the +6 flail of the Ageless Xenophobes {pain,
                  | rElec Int-5 SInv Stlth+}
257837 | Zig:19   | Identified the +0 robe of Distant Worlds {rF- Will+
                  | Archmagi}
257838 | Zig:19   | Identified the +3 demon whip "Lemorph" {pain, Drain rCorr
                  | Int+3}
257846 | Zig:19   | Identified the +9 flail of the Transparent God {drain, rN+
                  | Int+2 Dex+4}
257849 | Zig:19   | Identified the +6 spear "Qepyth" {speed, Fragile rF+ Will+
                  | Dex+7}
257857 | Zig:19   | Identified the +3 short sword of Mordant Forgiveness {vamp,
                  | MP-9 Int+6 Dex-3}
258302 | Zig:20   | Entered Level 20 of a ziggurat
258719 | Zig:20   | Identified the +3 rapier of the Several Knives {vorpal,
                  | rF+++ rCorr Int-3 Stlth-}
258723 | Zig:20   | Identified the ring of the Enemy {Wiz Int+5}
258728 | Zig:20   | Identified the ring "Dezew" {rN+ SInv Stlth+}
258732 | Zig:20   | Identified the +1 leather armour of Gucala {Rampage
                  | *Corrode Str+3}
258736 | Zig:20   | Identified the ring "Qouro" {Fly rF+ rN+ Slay+2}
258744 | Zig:20   | Identified the +0 war axe "Spiderbane" {vorpal, Dex+7 SInv}
258745 | Zig:20   | Identified the +6 plate armour "Isofor" {rCorr Str+3 Int+7
                  | Dex-3}
258752 | Zig:20   | Identified the ring of Vuza Jor {rF++ rC- Will- Str+6 SInv}
258794 | Zig:20   | Identified the +0 chain mail of Makhleb's Supremacy {Regen+
                  | Str+4 Dex-5}
258799 | Zig:20   | Identified the +2 halberd "Vixziot" {venom, Str+2}
258842 | Zig:21   | Entered Level 21 of a ziggurat
258996 | Zig:21   | Identified the +6 quick blade "Corycrin" {freeze, rElec
                  | rN++ Int-2}
258999 | Zig:21   | Identified the ring of Disaster {Will+ Int+2}
259003 | Zig:21   | Identified the ring of Errycuf {Drain rF++ rCorr Str+4}
259005 | Zig:21   | Identified the +1 rapier of Outrage {venom, rC+}
259006 | Zig:21   | Identified the +6 long sword of Faloafan {speed, rPois rN+
                  | Dex+4}
259008 | Zig:21   | Identified the +2 dagger of Otseil {venom, rN++ Int+4 SInv}
259010 | Zig:21   | Identified the +4 demon blade of Ukeaff Xaih {elec, Contam
                  | rPois Int+5 Stlth+}
259015 | Zig:21   | Identified the +6 quarterstaff "Sikioqitu" {pain, Str+3}
259027 | Zig:21   | Identified the +3 long sword of Moarojiun {pain, Str+5
                  | Int+3}
259029 | Zig:21   | Identified the ring of Muos {Fly Str+6}
259117 | Zig:21   | Identified the ring of Xoud {Fly Will+ Str+5}
259460 | Zig:21   | Identified the +1 ring mail of the Mind {Int+7 Dex+3}
259499 | Zig:22   | Entered Level 22 of a ziggurat
259499 | Zig:22   | Noticed a juggernaut
259499 | Zig:22   | Noticed a juggernaut
259499 | Zig:22   | Noticed a juggernaut
259499 | Zig:22   | Noticed a juggernaut
259499 | Zig:22   | Noticed a juggernaut
259499 | Zig:22   | Noticed a juggernaut
259499 | Zig:22   | Noticed a juggernaut
259501 | Zig:22   | Noticed a juggernaut
259501 | Zig:22   | Noticed a juggernaut
259502 | Zig:22   | Killed a juggernaut
259502 | Zig:22   | Killed a juggernaut
259502 | Zig:22   | Killed a juggernaut
259502 | Zig:22   | Killed a juggernaut
259502 | Zig:22   | Killed a juggernaut
259502 | Zig:22   | Killed a juggernaut
259502 | Zig:22   | Noticed a juggernaut
259503 | Zig:22   | Killed a juggernaut
259503 | Zig:22   | Killed a juggernaut
259503 | Zig:22   | Killed a juggernaut
259503 | Zig:22   | Noticed a juggernaut
259503 | Zig:22   | Noticed a juggernaut
259504 | Zig:22   | Killed a juggernaut
259504 | Zig:22   | Noticed a juggernaut
259504 | Zig:22   | Noticed a juggernaut
259505 | Zig:22   | Killed a juggernaut
259505 | Zig:22   | Killed a juggernaut
259505 | Zig:22   | Noticed a juggernaut
259505 | Zig:22   | Noticed a juggernaut
259506 | Zig:22   | Killed a juggernaut
259506 | Zig:22   | Noticed a juggernaut
259507 | Zig:22   | Killed a juggernaut
259507 | Zig:22   | Killed a juggernaut
259507 | Zig:22   | Killed a juggernaut
259507 | Zig:22   | Noticed a juggernaut
259508 | Zig:22   | Killed a juggernaut
259508 | Zig:22   | Noticed a juggernaut
259508 | Zig:22   | Noticed a juggernaut
259508 | Zig:22   | Noticed a juggernaut
259509 | Zig:22   | Killed a juggernaut
259509 | Zig:22   | Killed a juggernaut
259509 | Zig:22   | Noticed a juggernaut
259510 | Zig:22   | Killed a juggernaut
259510 | Zig:22   | Killed a juggernaut
259510 | Zig:22   | Noticed a juggernaut
259511 | Zig:22   | Killed a juggernaut
259513 | Zig:22   | Killed a juggernaut
259514 | Zig:22   | Noticed a juggernaut
259515 | Zig:22   | Noticed a juggernaut
259515 | Zig:22   | Noticed a juggernaut
259518 | Zig:22   | Killed a juggernaut
259518 | Zig:22   | Killed a juggernaut
259518 | Zig:22   | Killed a juggernaut
259519 | Zig:22   | Noticed a juggernaut
259520 | Zig:22   | Noticed a juggernaut
259521 | Zig:22   | Killed a juggernaut
259521 | Zig:22   | Noticed a juggernaut
259522 | Zig:22   | Killed a juggernaut
259523 | Zig:22   | Noticed a juggernaut
259523 | Zig:22   | Noticed a juggernaut
259524 | Zig:22   | Killed a juggernaut
259525 | Zig:22   | Killed a juggernaut
259526 | Zig:22   | Noticed a juggernaut
259526 | Zig:22   | Killed a juggernaut
259527 | Zig:22   | Killed a juggernaut
259528 | Zig:22   | Noticed a juggernaut
259531 | Zig:22   | Killed a juggernaut
259887 | Zig:22   | Found the +1 cloak of Starlight {*Dazzle EV+4 Stlth--}
259897 | Zig:22   | Identified the ring "Wumeicao" {rF+ rC+ MP+9 Str+4 Dex+6}
259923 | Zig:22   | Identified the ring "Vusmeg" {rN+ EV+4}
259931 | Zig:22   | Identified the +1 leather armour of Puery {Will+ Str+3
                  | Dex+4}
259932 | Zig:22   | Identified the +3 quarterstaff of Maeleih {flame, Dex+4}
259933 | Zig:22   | Identified the +1 helmet of Indemnity {*Slow Will++ Regen+
                  | rCorr}
259943 | Zig:22   | Identified the +7 dagger of Valour {flame, Dex+5}
259945 | Zig:22   | Identified the +4 arbalest of Boanol {flame, rPois rC+ rN+
                  | rCorr}
259969 | Zig:22   | Identified the +10 quick blade "Quboag" {drain, rPois rC+
                  | MP-9}
259975 | Zig:22   | Identified the +8 demon whip "Goblinslayer" {elec, Str+2}
259987 | Zig:23   | Entered Level 23 of a ziggurat
259989 | Zig:23   | Noticed a juggernaut
259989 | Zig:23   | Noticed a juggernaut
259989 | Zig:23   | Noticed a juggernaut
259989 | Zig:23   | Noticed a juggernaut
259989 | Zig:23   | Noticed a juggernaut
259989 | Zig:23   | Noticed a juggernaut
259990 | Zig:23   | Noticed a juggernaut
259992 | Zig:23   | Noticed a juggernaut
259992 | Zig:23   | Noticed a juggernaut
259992 | Zig:23   | Killed a juggernaut
259992 | Zig:23   | Noticed a juggernaut
259992 | Zig:23   | Noticed a juggernaut
259992 | Zig:23   | Noticed a juggernaut
259993 | Zig:23   | Killed a juggernaut
259993 | Zig:23   | Killed a juggernaut
259993 | Zig:23   | Killed a juggernaut
259993 | Zig:23   | Killed a juggernaut
259993 | Zig:23   | Killed a juggernaut
259993 | Zig:23   | Noticed a juggernaut
259994 | Zig:23   | Killed a juggernaut
259994 | Zig:23   | Killed a juggernaut
259994 | Zig:23   | Killed a juggernaut
259994 | Zig:23   | Killed a juggernaut
259994 | Zig:23   | Killed a juggernaut
259994 | Zig:23   | Noticed a juggernaut
259995 | Zig:23   | Killed a juggernaut
259995 | Zig:23   | Killed a juggernaut
259995 | Zig:23   | Noticed a juggernaut
259995 | Zig:23   | Noticed a juggernaut
259996 | Zig:23   | Noticed a juggernaut
259996 | Zig:23   | Noticed a juggernaut
259996 | Zig:23   | Noticed a juggernaut
259997 | Zig:23   | Killed a juggernaut
259997 | Zig:23   | Killed a juggernaut
259997 | Zig:23   | Killed a juggernaut
259997 | Zig:23   | Noticed a juggernaut
259998 | Zig:23   | Killed a juggernaut
259998 | Zig:23   | Killed a juggernaut
259998 | Zig:23   | Killed a juggernaut
259998 | Zig:23   | Noticed a juggernaut
259999 | Zig:23   | Noticed a juggernaut
260000 | Zig:23   | Noticed a juggernaut
260000 | Zig:23   | Noticed a juggernaut
260000 | Zig:23   | Noticed a juggernaut
260001 | Zig:23   | Noticed a juggernaut
260001 | Zig:23   | Killed a juggernaut
260002 | Zig:23   | Killed a juggernaut
260002 | Zig:23   | Killed a juggernaut
260002 | Zig:23   | Killed a juggernaut
260002 | Zig:23   | Killed a juggernaut
260002 | Zig:23   | Killed a juggernaut
260002 | Zig:23   | Killed a juggernaut
260002 | Zig:23   | Noticed a juggernaut
260002 | Zig:23   | Noticed a juggernaut
260004 | Zig:23   | Noticed a juggernaut
260004 | Zig:23   | Killed a juggernaut
260004 | Zig:23   | Killed a juggernaut
260004 | Zig:23   | Noticed a juggernaut
260004 | Zig:23   | Noticed a juggernaut
260005 | Zig:23   | Noticed a juggernaut
260005 | Zig:23   | Noticed a juggernaut
260008 | Zig:23   | Noticed a juggernaut
260008 | Zig:23   | Noticed a juggernaut
260009 | Zig:23   | Noticed a juggernaut
260009 | Zig:23   | Killed a juggernaut
260009 | Zig:23   | Killed a juggernaut
260009 | Zig:23   | Killed a juggernaut
260009 | Zig:23   | Killed a juggernaut
260010 | Zig:23   | Killed a juggernaut
260010 | Zig:23   | Killed a juggernaut
260010 | Zig:23   | Killed a juggernaut
260010 | Zig:23   | Noticed a juggernaut
260012 | Zig:23   | Killed a juggernaut
260012 | Zig:23   | Killed a juggernaut
260013 | Zig:23   | Noticed a juggernaut
260016 | Zig:23   | Killed a juggernaut
260016 | Zig:23   | Noticed a juggernaut
260019 | Zig:23   | Killed a juggernaut
260023 | Zig:23   | Noticed a juggernaut
260025 | Zig:23   | Killed a juggernaut
260379 | Zig:23   | Found the +7 staff of the Meek {protect, meekguard}
260387 | Zig:23   | Identified the +1 pair of boots of an ossuary {rPois Str-5
                  | Dex+3}
260391 | Zig:23   | Identified the ring "Eluoph" {Str+6 Int+3 Slay+2}
260400 | Zig:23   | Identified the ring "Danil" {Fire Str+3}
260415 | Zig:23   | Identified the +9 whip of Grace {vorpal, rF+ Will++ rCorr
                  | Str-4}
260419 | Zig:23   | Identified the +6 sling "Geezaemu" {venom, Dex+8}
260423 | Zig:23   | Identified the +4 demon whip "Irphadye" {elec, Str+3 Int+3
                  | Dex+2}
260474 | Zig:24   | Entered Level 24 of a ziggurat
260476 | Zig:24   | Noticed Foixzud the pandemonium lord
260476 | Zig:24   | Noticed Loimawei the pandemonium lord
260477 | Zig:24   | Noticed Zopsoc the pandemonium lord
260477 | Zig:24   | Noticed Wismoj the pandemonium lord
260477 | Zig:24   | Noticed Oroofek the pandemonium lord
260477 | Zig:24   | Noticed Timifan the pandemonium lord
260478 | Zig:24   | Noticed Muosixon the pandemonium lord
260479 | Zig:24   | Noticed Piattann the pandemonium lord
260479 | Zig:24   | Noticed Huz Udgh the pandemonium lord
260480 | Zig:24   | Noticed Yqehuc the pandemonium lord
260480 | Zig:24   | Noticed Vujaan the pandemonium lord
260480 | Zig:24   | Noticed Nuibexam the pandemonium lord
260480 | Zig:24   | Noticed Aficuren the pandemonium lord
260481 | Zig:24   | Killed Wismoj the pandemonium lord
260481 | Zig:24   | Noticed Rejigone the pandemonium lord
260481 | Zig:24   | Noticed Ruckoqod the pandemonium lord
260482 | Zig:24   | Noticed Ezuemeaf the pandemonium lord
260483 | Zig:24   | Killed Timifan the pandemonium lord
260483 | Zig:24   | Killed Huz Udgh the pandemonium lord
260483 | Zig:24   | Noticed Tebyif the pandemonium lord
260483 | Zig:24   | Noticed Kebba the pandemonium lord
260483 | Zig:24   | Noticed Muahi the pandemonium lord
260484 | Zig:24   | Killed Foixzud the pandemonium lord
260484 | Zig:24   | Killed Oroofek the pandemonium lord
260484 | Zig:24   | Killed Loimawei the pandemonium lord
260484 | Zig:24   | Killed Nuibexam the pandemonium lord
260484 | Zig:24   | Killed Piattann the pandemonium lord
260484 | Zig:24   | Noticed Yzeeqoemov the pandemonium lord
260484 | Zig:24   | Noticed Ikle the pandemonium lord
260484 | Zig:24   | Noticed Hiynizum the pandemonium lord
260484 | Zig:24   | Noticed Puaxeh the pandemonium lord
260485 | Zig:24   | Noticed Namum the pandemonium lord
260485 | Zig:24   | Killed Vujaan the pandemonium lord
260485 | Zig:24   | Killed Yqehuc the pandemonium lord
260485 | Zig:24   | Noticed Qimm the pandemonium lord
260485 | Zig:24   | Noticed Unaextit the pandemonium lord
260485 | Zig:24   | Noticed Tenuuschi the pandemonium lord
260486 | Zig:24   | Noticed Ruiffioc the pandemonium lord
260486 | Zig:24   | Killed Rejigone the pandemonium lord
260486 | Zig:24   | Killed Namum the pandemonium lord
260486 | Zig:24   | Killed Ruckoqod the pandemonium lord
260486 | Zig:24   | Killed Zopsoc the pandemonium lord
260486 | Zig:24   | Noticed Utiap the pandemonium lord
260486 | Zig:24   | Noticed Hidghom the pandemonium lord
260487 | Zig:24   | Noticed Vefimi the pandemonium lord
260487 | Zig:24   | Noticed Etustin the pandemonium lord
260487 | Zig:24   | Killed Ezuemeaf the pandemonium lord
260487 | Zig:24   | Killed Yzeeqoemov the pandemonium lord
260487 | Zig:24   | Killed Ikle the pandemonium lord
260487 | Zig:24   | Killed Muosixon the pandemonium lord
260487 | Zig:24   | Killed Tebyif the pandemonium lord
260487 | Zig:24   | Noticed Arghad the pandemonium lord
260487 | Zig:24   | Noticed Wetwu the pandemonium lord
260488 | Zig:24   | Noticed Narphis the pandemonium lord
260488 | Zig:24   | Noticed Moxeras the pandemonium lord
260489 | Zig:24   | Killed Vefimi the pandemonium lord
260489 | Zig:24   | Killed Hiynizum the pandemonium lord
260489 | Zig:24   | Noticed Voom the pandemonium lord
260489 | Zig:24   | Noticed Suzukido the pandemonium lord
260490 | Zig:24   | Killed Aficuren the pandemonium lord
260490 | Zig:24   | Killed Muahi the pandemonium lord
260490 | Zig:24   | Killed Wetwu the pandemonium lord
260490 | Zig:24   | Noticed Igoatela the pandemonium lord
260490 | Zig:24   | Noticed Geyhef the pandemonium lord
260491 | Zig:24   | Killed Hidghom the pandemonium lord
260491 | Zig:24   | Killed Kebba the pandemonium lord
260491 | Zig:24   | Killed Utiap the pandemonium lord
260491 | Zig:24   | Killed Puaxeh the pandemonium lord
260491 | Zig:24   | Killed Ruiffioc the pandemonium lord
260491 | Zig:24   | Noticed Coklaq the pandemonium lord
260491 | Zig:24   | Noticed Xeim the pandemonium lord
260492 | Zig:24   | Killed Etustin the pandemonium lord
260492 | Zig:24   | Killed Qimm the pandemonium lord
260492 | Zig:24   | Killed Moxeras the pandemonium lord
260492 | Zig:24   | Noticed Rearysuc the pandemonium lord
260493 | Zig:24   | Killed Narphis the pandemonium lord
260493 | Zig:24   | Killed Arghad the pandemonium lord
260493 | Zig:24   | Killed Tenuuschi the pandemonium lord
260493 | Zig:24   | Noticed Koavu the pandemonium lord
260493 | Zig:24   | Noticed Vall the pandemonium lord
260494 | Zig:24   | Killed Unaextit the pandemonium lord
260495 | Zig:24   | Killed Suzukido the pandemonium lord
260495 | Zig:24   | Killed Rearysuc the pandemonium lord
260495 | Zig:24   | Killed Geyhef the pandemonium lord
260495 | Zig:24   | Noticed Corynudy the pandemonium lord
260496 | Zig:24   | Killed Xeim the pandemonium lord
260496 | Zig:24   | Killed Koavu the pandemonium lord
260496 | Zig:24   | Noticed Wuqoxt the pandemonium lord
260496 | Zig:24   | Noticed Epofeosi the pandemonium lord
260497 | Zig:24   | Killed Corynudy the pandemonium lord
260497 | Zig:24   | Killed Coklaq the pandemonium lord
260497 | Zig:24   | Noticed Rizxegex the pandemonium lord
260498 | Zig:24   | Noticed Mileto the pandemonium lord
260498 | Zig:24   | Killed Voom the pandemonium lord
260498 | Zig:24   | Killed Igoatela the pandemonium lord
260499 | Zig:24   | Killed Epofeosi the pandemonium lord
260499 | Zig:24   | Noticed Nusheirghao the pandemonium lord
260499 | Zig:24   | Noticed Amiu the pandemonium lord
260499 | Zig:24   | Noticed Uwnifoet the pandemonium lord
260500 | Zig:24   | Noticed Hiherah the pandemonium lord
260500 | Zig:24   | Noticed Itumesa the pandemonium lord
260501 | Zig:24   | Killed Mileto the pandemonium lord
260501 | Zig:24   | Killed Amiu the pandemonium lord
260501 | Zig:24   | Killed Vall the pandemonium lord
260501 | Zig:24   | Noticed Piprinemm the pandemonium lord
260501 | Zig:24   | Noticed Ycyihawe the pandemonium lord
260502 | Zig:24   | Killed Wuqoxt the pandemonium lord
260502 | Zig:24   | Noticed Aner the pandemonium lord
260502 | Zig:24   | Noticed Onogus the pandemonium lord
260503 | Zig:24   | Noticed Woresch the pandemonium lord
260503 | Zig:24   | Killed Nusheirghao the pandemonium lord
260503 | Zig:24   | Killed Piprinemm the pandemonium lord
260503 | Zig:24   | Noticed Ighuutec the pandemonium lord
260503 | Zig:24   | Noticed Afaconuu the pandemonium lord
260504 | Zig:24   | Noticed Damn the pandemonium lord
260504 | Zig:24   | Killed Itumesa the pandemonium lord
260504 | Zig:24   | Killed Onogus the pandemonium lord
260504 | Zig:24   | Noticed Lygadus the pandemonium lord
260505 | Zig:24   | Noticed Yduo the pandemonium lord
260505 | Zig:24   | Noticed Wuaxkont the pandemonium lord
260505 | Zig:24   | Noticed Tyvus the pandemonium lord
260506 | Zig:24   | Killed Uwnifoet the pandemonium lord
260506 | Zig:24   | Killed Ighuutec the pandemonium lord
260507 | Zig:24   | Noticed Ruishrae the pandemonium lord
260507 | Zig:24   | Killed Hiherah the pandemonium lord
260507 | Zig:24   | Killed Aner the pandemonium lord
260507 | Zig:24   | Noticed Qorr the pandemonium lord
260507 | Zig:24   | Noticed Miutz the pandemonium lord
260507 | Zig:24   | Noticed Ysi Xonisk the pandemonium lord
260508 | Zig:24   | Killed Yduo the pandemonium lord
260508 | Zig:24   | Killed Tyvus the pandemonium lord
260509 | Zig:24   | Killed Afaconuu the pandemonium lord
260509 | Zig:24   | Killed Miutz the pandemonium lord
260509 | Zig:24   | Killed Woresch the pandemonium lord
260509 | Zig:24   | Noticed Ymiefab the pandemonium lord
260510 | Zig:24   | Killed Damn the pandemonium lord
260510 | Zig:24   | Killed Lygadus the pandemonium lord
260510 | Zig:24   | Killed Ycyihawe the pandemonium lord
260510 | Zig:24   | Killed Qorr the pandemonium lord
260510 | Zig:24   | Noticed Atisaoho the pandemonium lord
260510 | Zig:24   | Noticed Olum the pandemonium lord
260510 | Zig:24   | Noticed Acot the pandemonium lord
260511 | Zig:24   | Killed Rizxegex the pandemonium lord
260511 | Zig:24   | Killed Wuaxkont the pandemonium lord
260511 | Zig:24   | Killed Ysi Xonisk the pandemonium lord
260511 | Zig:24   | Noticed Ziqiu the pandemonium lord
260511 | Zig:24   | Noticed Wasogig the pandemonium lord
260511 | Zig:24   | Noticed Mesoim the pandemonium lord
260512 | Zig:24   | Killed Olum the pandemonium lord
260514 | Zig:24   | Killed Wasogig the pandemonium lord
260514 | Zig:24   | Killed Acot the pandemonium lord
260515 | Zig:24   | Noticed Xiowk the pandemonium lord
260516 | Zig:24   | Killed Atisaoho the pandemonium lord
260517 | Zig:24   | Killed Ziqiu the pandemonium lord
260519 | Zig:24   | Killed Ymiefab the pandemonium lord
260519 | Zig:24   | Killed Mesoim the pandemonium lord
260519 | Zig:24   | Killed Ruishrae the pandemonium lord
260520 | Zig:24   | Killed Xiowk the pandemonium lord
260520 | Zig:24   | Noticed Oxkeu the pandemonium lord
260522 | Zig:24   | Noticed Zeynyt the pandemonium lord
260528 | Zig:24   | Noticed Sof Rae the pandemonium lord
260528 | Zig:24   | Noticed Ynnaxkil the pandemonium lord
260529 | Zig:24   | Killed Ynnaxkil the pandemonium lord
260532 | Zig:24   | Killed Oxkeu the pandemonium lord
260533 | Zig:24   | Killed Zeynyt the pandemonium lord
260534 | Zig:24   | Noticed Atarobaa the pandemonium lord
260534 | Zig:24   | Noticed Zeawemal the pandemonium lord
260535 | Zig:24   | Killed Sof Rae the pandemonium lord
260537 | Zig:24   | Noticed Vydepy the pandemonium lord
260538 | Zig:24   | Noticed Wanagaer the pandemonium lord
260540 | Zig:24   | Killed Zeawemal the pandemonium lord
260543 | Zig:24   | Noticed Igomem the pandemonium lord
260545 | Zig:24   | Noticed Feoma the pandemonium lord
260545 | Zig:24   | Killed Feoma the pandemonium lord
260545 | Zig:24   | Killed Wanagaer the pandemonium lord
260545 | Zig:24   | Killed Igomem the pandemonium lord
260546 | Zig:24   | Noticed Zuikaef the pandemonium lord
260546 | Zig:24   | Killed Atarobaa the pandemonium lord
260548 | Zig:24   | Killed Zuikaef the pandemonium lord
260550 | Zig:24   | Killed Vydepy the pandemonium lord
260883 | Zig:24   | Identified the +8 whip "Xom's Attic" {holy, Contam rElec
                  | rF+ rN+}
260885 | Zig:24   | Identified the ring "Beiwelaj" {rPois rC+ Will- rCorr
                  | Dex+6}
260904 | Zig:24   | Identified the +1 robe of Wantod {Drain rCorr Dex+3}
260908 | Zig:24   | Identified the +2 great mace of the Pits of Slime {flame,
                  | Str+2}
260924 | Zig:24   | Identified the +8 sling of Muqiz {speed, rC- Will+ Int+5}
260931 | Zig:24   | Identified the +4 buckler of Patience {Fly}
260935 | Zig:24   | Identified the +8 shortbow of Nemesud {venom, *Corrode
                  | Str+5 Dex+5}
260940 | Zig:24   | Identified the +9 rapier of the Chewing Sybil {freeze,
                  | Stlth+}
260942 | Zig:24   | Identified the +1 scale mail "Mesoc" {Contam rC+ Will+
                  | Str+3}
260956 | Zig:24   | Identified the +6 war axe of Hothraoh {spect, rC+ Str+6
                  | Int-2}
261002 | Zig:25   | Entered Level 25 of a ziggurat
261556 | Zig:25   | Identified the +10 great mace "Zutueb" {freeze, Fragile
                  | rCorr Stlth+}
261563 | Zig:25   | Identified the ring "Hydiv" {rPois Will+ rCorr}
261572 | Zig:25   | Identified the amulet of a Thousand Geomancers {rElec rC-
                  | Regen+ Str+8}
261575 | Zig:25   | Identified the ring of Warigoh {rC+ MP+9 Str+6 Dex+3}
261579 | Zig:25   | Identified the +2 helmet of the Manifold Bones {-Tele rN+
                  | Dex+4 SInv}
261600 | Zig:25   | Identified the +7 great sword "Ibepiq" {antimagic, Will+
                  | Int+5}
261601 | Zig:25   | Identified the +5 ring mail "Ucum" {rElec}
261609 | Zig:25   | Identified the +8 scimitar of Classification {freeze, Fly
                  | Str+4}
261622 | Zig:25   | Identified the +2 hand axe of the Wraith {vorpal, Fly rElec
                  | rCorr Str+2}
261629 | Zig:25   | Identified the +1 long sword of the Elven Halls {freeze,
                  | rPois rN++}
261632 | Zig:25   | Identified the +1 robe of the Cobbler {rPois}
261639 | Zig:25   | Identified the +1 leather armour of Eye-covered Knowledge
                  | {rElec rN+ rCorr Dex-5}
261640 | Zig:25   | Identified the +2 halberd "Newtbane" {protect, *Slow rElec
                  | rN+}
261643 | Zig:25   | Identified the +8 chain mail of the Ten Artists {+Blink
                  | Will- Str+3}
261645 | Zig:25   | Identified the +1 short sword "Faur" {flame, rElec rPois
                  | Str-5 Int+4}
261660 | Zig:26   | Entered Level 26 of a ziggurat
262152 | Zig:26   | Identified the +1 plate armour of the Arena {Str+7}
262158 | Zig:26   | Identified the +1 plate armour of the Griffon {Int+3}
262159 | Zig:26   | Identified the +5 morningstar of Rubbish {drain, rElec
                  | rF+++ rN+ rCorr}
262175 | Zig:26   | Identified the +6 scale mail of Pessimism {rElec Int+10}
262178 | Zig:26   | Identified the +4 flail of Ogonlokhlism {vorpal, Str-3
                  | Dex+5}
262179 | Zig:26   | Identified the +0 plate armour of Daisies {MP+9 Stlth+}
262181 | Zig:26   | Identified the +7 short sword "Demonbane" {vorpal, Str+2
                  | Int+9 Dex-4 Stlth+}
262182 | Zig:26   | Identified the +0 plate armour of Dasmot {Rampage rElec
                  | Slay+5 Stlth+}
262185 | Zig:26   | Identified the +0 chain mail of Poor Excuses {rPois}
262189 | Zig:26   | Identified the +8 falchion of Niaxef {speed, MP-9 Str+2
                  | Int+3 SInv}
262200 | Zig:26   | Identified the +8 quick blade of Waizeiv {freeze, +Blink
                  | rPois Will+++ Str-3}
262202 | Zig:26   | Identified the +1 leather armour of the Mackerel {Str+3}
262224 | Zig:27   | Entered Level 27 of a ziggurat
262803 | Zig:27   | Identified the ring "Xaola" {Int+6 Stlth+}
262806 | Zig:27   | Identified the ring of Elitism {Ice +Blink rPois Str+2
                  | Stlth+}
262814 | Zig:27   | Identified the +4 dagger of Watchfulness {flame, rN+ Str+2
                  | SInv Stlth+}
262824 | Zig:27   | Identified the +7 quick blade of Conservatism {antimagic,
                  | Will+ Str+4 Int-5}
262826 | Zig:27   | Identified the +7 chain mail of the Tundras {rPois}
262841 | Zig:27   | Identified the +11 demon trident of Makhleb, Shifting
                  | {freeze, rElec rPois rN+ rCorr Dex-2}
262844 | Zig:27   | Identified the +8 dagger of Woe {vorpal, rElec rPois Dex+4}
262846 | Zig:27   | Identified the +2 demon whip of Expedience {flame, rCorr
                  | Str+6 Int-5 Dex+3}
262852 | Zig:27   | Identified the +8 sling of Deaptei {speed, rPois}
262871 | Zig:27   | Identified the +3 whip of the Hungering Pill Bug {pain,
                  | rPois Will+ Str-2 Dex+2}
263032 | Depths:1 | Bought a pair of faintly humming gloves for 256 gold pieces
263032 | Depths:1 | Identified the +0 pair of gloves of the Skies Above {+Inv
                  | Regen+} (You bought it in a shop on level 1 of the Depths)
263609 | Zig:1    | Entered Level 1 of a ziggurat
263687 | Zig:2    | Entered Level 2 of a ziggurat
263757 | Zig:3    | Entered Level 3 of a ziggurat
263757 | Zig:3    | Noticed a royal mummy
263757 | Zig:3    | Noticed a royal mummy
263757 | Zig:3    | Noticed a royal mummy
263757 | Zig:3    | Noticed a royal mummy
263757 | Zig:3    | Noticed a royal mummy
263760 | Zig:3    | Killed a royal mummy
263760 | Zig:3    | Killed a royal mummy
263760 | Zig:3    | Killed a royal mummy
263761 | Zig:3    | Killed a royal mummy
263761 | Zig:3    | Killed a royal mummy
263996 | Zig:3    | Identified the +2 scale mail "Mubbuihym" {Int+3}
263998 | Zig:3    | Identified the +9 long sword "Imp's Peril" {vorpal, rC+
                  | Int+4}
264022 | Zig:3    | Identified the +2 ring mail of Tipuixt {rPois rF+ Int-4}
264103 | Zig:4    | Entered Level 4 of a ziggurat
264301 | Zig:5    | Entered Level 5 of a ziggurat
264301 | Zig:5    | Noticed a dread lich
264301 | Zig:5    | Noticed an ancient lich
264303 | Zig:5    | Killed an ancient lich
264303 | Zig:5    | Killed a dread lich
264304 | Zig:5    | Noticed an ancient lich
264304 | Zig:5    | Killed an ancient lich
264304 | Zig:5    | Noticed an ancient lich
264305 | Zig:5    | Killed an ancient lich
264493 | Zig:6    | Entered Level 6 of a ziggurat
264493 | Zig:6    | Noticed an ancient lich
264493 | Zig:6    | Noticed a dread lich
264494 | Zig:6    | Noticed an ancient lich
264494 | Zig:6    | Noticed a dread lich
264495 | Zig:6    | Noticed a dread lich
264496 | Zig:6    | Killed a dread lich
264496 | Zig:6    | Killed an ancient lich
264496 | Zig:6    | Killed an ancient lich
264496 | Zig:6    | Noticed a dread lich
264496 | Zig:6    | Noticed an ancient lich
264497 | Zig:6    | Killed a dread lich
264497 | Zig:6    | Noticed an ancient lich
264498 | Zig:6    | Killed a dread lich
264498 | Zig:6    | Killed a dread lich
264498 | Zig:6    | Killed an ancient lich
264499 | Zig:6    | Killed an ancient lich
264682 | Zig:6    | Identified the +11 demon whip of Kofefo Jawit {pain, rF-
                  | Int+5 Dex+2}
264688 | Zig:6    | Identified the +11 rapier "Nado Fisch" {freeze, Str+3 Int+2
                  | Dex+2}
264706 | Zig:6    | Identified the +3 leather armour "Zyptuewu" {rN+ Will+
                  | Dex-4 Stlth+}
264720 | Zig:7    | Entered Level 7 of a ziggurat
264723 | Zig:7    | Noticed a dread lich
264725 | Zig:7    | Killed a dread lich
265000 | Zig:8    | Entered Level 8 of a ziggurat
265463 | Zig:8    | Identified the +1 leather armour of the Hot Ocelot {Fly
                  | Regen+ Stlth+}
265480 | Zig:8    | Identified the ring of Biuheud {MP+9 Int+2 Slay+3 Stlth-}
265682 | Zig:9    | Entered Level 9 of a ziggurat
265928 | Zig:9    | Identified the ring "Voelaon" {Str+6 Dex+4}
265932 | Zig:9    | Identified the ring "Nainist" {rN+ MP+9}
265938 | Zig:9    | Identified the +3 scale mail of Classification {rF+ rN++
                  | Int-2 SInv}
265942 | Zig:10   | Entered Level 10 of a ziggurat
266244 | Zig:10   | Identified the +1 robe of the Doldrums {rElec rF+ Str+2}
266247 | Zig:10   | Identified the +0 leather armour of Duty {rPois Str+4}
266249 | Zig:10   | Identified the ring of Qeil {Fire Contam +Blink rN+++
                  | Int+4}
266259 | Zig:10   | Identified the ring of Elyvilon's Hatred {Wiz Drain rPois
                  | Will++ rCorr}
266266 | Zig:10   | Identified the +1 leather armour of Pride {Str+4}
266292 | Zig:11   | Entered Level 11 of a ziggurat
266530 | Zig:11   | Identified the ring of Ziorr {rC+ Str+6}
266535 | Zig:11   | Identified the +0 trident of Calamity {drain, *Slow Will+
                  | Str+2 Dex+7}
266546 | Zig:11   | Identified the +1 pair of gloves "Reich" {Int+4 Slay+2}
266563 | Zig:12   | Entered Level 12 of a ziggurat
266892 | Zig:12   | Identified the +2 robe of Dogmatism {Contam +Blink Dex+2
                  | Stlth+}
266899 | Zig:12   | Identified the +10 great mace of Wu Jian's Whim {vorpal,
                  | *Corrode rC+ rN+}
266903 | Zig:12   | Identified the +3 pair of gloves of Dawn {rF+ Slay+3}
266962 | Zig:13   | Entered Level 13 of a ziggurat
267165 | Zig:13   | Identified the +6 quick blade of Nedetu {venom, rN+ Str+5}
267166 | Zig:13   | Identified the +1 ring mail "Lest" {Rampage}
267403 | Zig:14   | Entered Level 14 of a ziggurat
267405 | Zig:14   | Noticed a juggernaut
267406 | Zig:14   | Noticed a juggernaut
267406 | Zig:14   | Noticed a juggernaut
267406 | Zig:14   | Noticed a juggernaut
267407 | Zig:14   | Noticed a juggernaut
267408 | Zig:14   | Killed a juggernaut
267408 | Zig:14   | Noticed a juggernaut
267408 | Zig:14   | Noticed a juggernaut
267409 | Zig:14   | Killed a juggernaut
267409 | Zig:14   | Killed a juggernaut
267409 | Zig:14   | Killed a juggernaut
267409 | Zig:14   | Noticed a juggernaut
267410 | Zig:14   | Killed a juggernaut
267410 | Zig:14   | Killed a juggernaut
267410 | Zig:14   | Noticed a juggernaut
267410 | Zig:14   | Noticed a juggernaut
267411 | Zig:14   | Killed a juggernaut
267411 | Zig:14   | Killed a juggernaut
267411 | Zig:14   | Noticed a juggernaut
267412 | Zig:14   | Noticed a juggernaut
267413 | Zig:14   | Noticed a juggernaut
267414 | Zig:14   | Killed a juggernaut
267414 | Zig:14   | Killed a juggernaut
267414 | Zig:14   | Killed a juggernaut
267414 | Zig:14   | Noticed a juggernaut
267415 | Zig:14   | Killed a juggernaut
267415 | Zig:14   | Killed a juggernaut
267416 | Zig:14   | Noticed a juggernaut
267416 | Zig:14   | Killed a juggernaut
267417 | Zig:14   | Noticed a juggernaut
267418 | Zig:14   | Noticed a juggernaut
267418 | Zig:14   | Noticed a juggernaut
267419 | Zig:14   | Noticed a juggernaut
267419 | Zig:14   | Noticed a juggernaut
267420 | Zig:14   | Noticed a juggernaut
267420 | Zig:14   | Killed a juggernaut
267420 | Zig:14   | Killed a juggernaut
267422 | Zig:14   | Noticed a juggernaut
267422 | Zig:14   | Killed a juggernaut
267422 | Zig:14   | Killed a juggernaut
267422 | Zig:14   | Killed a juggernaut
267423 | Zig:14   | Killed a juggernaut
267423 | Zig:14   | Killed a juggernaut
267423 | Zig:14   | Killed a juggernaut
267853 | Zig:14   | Identified the ring of Mofeelag {Fly rF+ rN+ Dex-5 Stlth+}
267915 | Zig:14   | Identified the +3 dagger "Ditaot" {vorpal, *Slow Str+5}
267952 | Zig:15   | Entered Level 15 of a ziggurat
267968 | Zig:15   | Killed from afar by a Brimstone Fiend

Illustrated notes

Levels and vault maps discovered:
D:1:      dpeg_arrival_another_circle, layout_loops_ring,
          shapermc_ecumenical_altar_totnotflames, serial_shops, shop
D:2:      layout_rooms
D:3:      layout_basic, nicolae_dithmenos_shadow_blocks
D:4:      layout_loops_ring, nicolae_ossuary_entry_giza, uniq_menkaure
D:5:      layout_basic, nicolae_qazlal_scattered_showers, serial_shops,
          nicolae_shop_behind_doors, minmay_checkerbox, uniq_pikel, uniq_duvessa
D:6:      layout_basic, nicolae_wu_jian_immortal_techniques,
          mainiacjoe_overflow_catwalk, cheibrodos_worm_habitat,
          mainiacjoe_overflow_boulevard, temple_fountains
D:7:      layout_basic, amcnicky_altar_gilded, gammafunk_temple_of_torment,
          uniq_crazy_yiuf_cottage
D:8:      layout_basic, serial_shops, shop_fountains
D:9:      layout_irregular_city, mainiacjoe_overflow_alcove_2, demons_altar,
          zin_treasury, dpeg_oklobed_lair, uniq_grum, uniq_erolcha
D:10:     layout_basic, mainiacjoe_overflow_six_doors_small, enter_bailey_3,
          uniq_nergalle, uniq_lodul
D:11:     layout_roguey, nicolae_shop_overcharged_wands
D:12:     layout_roguey, minmay_orc_entry_temple_small, serial_shops, shop,
          nzn_ghost_randoct, minmay_misc_feat_iff, worms_lemuel
D:13:     layout_cave_pools, skrybe_vaults_entry_preservation
D:14:     layout_rooms, serial_shops, shop
D:15:     grunt_enter_depths_snipers, layout_loops_ring, serial_shops,
          nicolae_shop_hallway_plus, minmay_misc_feat_x,
          gammafunk_ghost_necromancy, minmay_misc_feat_enclosed, uniq_jorgrun
Temple:   compressed_dpeg_triangle_lava_temple
Lair:1:   layout_regular_city
Lair:2:   layout_cave_pods, palyth_hydra_swamp_entry, basic_altar,
          small_statue_intersection, infiniplex_staircase_pool_2
Lair:3:   layout_regular_city, dummy_spider_entry, hangedman_lair_generics_rect,
          lemuel_fruit_tree
Lair:4:   layout_regular_city, slime_entry_1, portal_ice_cave_entry_pillars_1,
          disabler_island, infiniplex_staircase_pool, lemuel_fruit_fields
Lair:5:   grunt_lair_end_beastmaster, layout_regular_city,
          gammafunk_ghost_hydra_chop
Swamp:1:  layout_basic_swamp, evilmike_swamp_ruin_house_5, swamp_pool5,
          nicolae_swamp_round_clearing
Swamp:2:  layout_basic_swamp, evilmike_swamp_ruin_rubble_1, uniq_kirke
Swamp:3:  layout_falls_marsh, serial_swamp_ruin, evilmike_swamp_ruin_wall,
          evilmike_swamp_ruin_house_3
Swamp:4:  swamp, layout_basic_swamp
Spider:1: layout_spider_delve
Spider:2: layout_spider_delve, hangedman_spider_tarantella_strand
Spider:3: nicolae_spider_jumping_over_cracks [nicolae_spider_jumping_sub_grid,
          nicolae_spider_jumping_sub_rim, nicolae_spider_jumping_sub_stairs,
          nicolae_spider_jumping_sub_lake]
Spider:4: floodkiller_spider_rune_tomb, uniq_arachne
Slime:1:  layout_caves
Slime:2:  layout_caves
Slime:3:  layout_caves
Slime:4:  layout_caves, basic_altar
Slime:5
Orc:1:    layout_diamond_mine, basic_altar, uniq_harold
Orc:2:    st_orc_pillars, layout_caves, serial_shops, shop_fountains,
          uniq_donald
Elf:1:    eino_elf_arrival_shootout, layout_gridlike, minmay_elf_sorcery
Elf:2:    nicolae_elf_blades_crystal_corner, layout_rooms, serial_shops, shop
Elf:3:    minmay_elf_hall_dome, layout_loops_ring, serial_shops, shop,
          minmay_shop_grove, uniq_bai_suzhen
Vaults:1: vaults_room_boxed, nicolae_vaults_shelves_hall, v_pattern_4,
          grunt_vaults_swirl, nicolae_vaults_little_ls, vaults_dpeg_ring,
          gammafunk_the_bubble [the_bubble_gammafunk_split],
          nicolae_vaults_network_periphery, nicolae_vaults_network_quinsquares
          [nicolae_vaults_network_quincunx_subvault,
          nicolae_vaults_network_quincunx_subvault,
          nicolae_vaults_network_quincunx_subvault,
          nicolae_vaults_network_quincunx_subvault], nicolae_vaults_rhombus_6,
          ontoclasm_vaults_twist, v_misc_3, layout_vaults_omnibox
Vaults:2: v_pattern_1, grunt_vaults_funnel, hangedman_vaults_variations,
          vaults_room_ringed_pool, nicolae_vaults_little_squares_5,
          vaults_mumra_chevron, nicolae_vaults_big_ls, v_misc_5,
          vaults_room_glass_cross, vaults_room_mumra_shop_pool,
          nicolae_vaults_what_the_h, layout_vaults_maze_snakey, serial_shops,
          nicolae_shop_stone, uniq_aizul
Vaults:3: nicolae_vaults_triangles, vaults_standard_mumra_lines,
          nicolae_vaults_border_crossing, v_rooms_3,
          nicolae_vaults_little_squares_4, v_misc_27, dpeg_vaults_monster_row,
          v_misc_16, nicolae_vaults_shelves_hall, vaults_room_semicircle,
          vaults_dpeg_hooks, vaults_dpeg_encased_lava, layout_vaults_omnigrid,
          dummy_crypt_entry
Vaults:4: v_misc_22, ontoclasm_vaults_hangar, v_misc_28, vaults_mumra_hexcomb,
          ontoclasm_vaults_hangar, v_misc_14, ontoclasm_vaults_ring_large,
          ontoclasm_vaults_fault, nicolae_vaults_theta, hangedman_vaults_trim,
          layout_vaults_ring
Vaults:5: serial_shops
Crypt:1:  cheibrodos_crypt_draghalla, layout_regular_city, uniq_sojobo
Crypt:2:  layout_chaotic_city
Crypt:3:  church_of_pain_bobbens, layout_chaotic_city
Tomb:1
Tomb:2
Tomb:3
Depths:1: minmay_firetagon, layout_small_grid, enter_ziggurat_f, hell_entry,
          minmay_misc_feat_cross, laboratory, uniq_nikola, uniq_asterion
Depths:2: hangedman_crystal_crosses_colossus [crystal_crosses_arms_four,
          crystal_crosses_arms_two, crystal_crosses_arms_one,
          crystal_crosses_arms_one], hell_entry, pan_entry
Depths:3: constructs_gauntlet_mu_hangedman, layout_small_grid,
          abyss_entry_crystal, skrybe_limestone_x, hell_entry,
          onia_ninara_dug_in_and_dangerous, serial_bayou_shore_b
Depths:4: grunt_twist_and_shout, layout_basic, enter_trove_2, lightli_too_deep,
          abyss_entry, nicolae_hepliaklqana_monster_ancestors, uniq_margery
Hell
Dis:1:    layout_subdivisions
Dis:2:    layout_jigsaw, nicolae_dis_having_a_grate_time
Dis:3:    layout_regular_city
Dis:4:    layout_subdivisions
Dis:5:    layout_subdivisions
Dis:6:    layout_gridville
Dis:7:    dis_hangedman
Geh:1:    layout_gehenna_lava_caves
Geh:2:    layout_gehenna_pools_basic
Geh:3:    layout_gehenna_pools_triple
Geh:4:    layout_gehenna_lava_caves, nicolae_geh_lava_in_the_way
Geh:5:    layout_gehenna_pools_box
Geh:6:    layout_gehenna_pools_triple, lemuel_flamethrower_2
Geh:7:    geh_mu
Coc:1:    layout_cocytus_water_paths
Coc:2:    layout_ice_bergs
Coc:3:    nicolae_coc_on_the_berg
Coc:4:    layout_ice_bergs
Coc:5:    layout_ice_bergs
Coc:6:    layout_cocytus_water_paths
Coc:7:    coc_hangedman
Tar:1:    layout_grid_maze
Tar:2:    nicolae_tar_intersect_combbox, layout_cathedral_of_symmetry
Tar:3:    layout_grid_maze, nicolae_tar_cuneiform_water, door_vault
Tar:4:    layout_grid_maze
Tar:5:    nicolae_tar_honey_stairs, layout_cathedral_of_symmetry,
          nicolae_tar_cuneiform_sun
Tar:6:    nicolae_tar_entranced, layout_cathedral_of_symmetry
Tar:7:    tar_old
Zot:1:    gammafunk_sealed_library, layout_onion_interference
Zot:2:    layout_gridlike, lemuel_baited_zot_trap, grunt_megastairs_3
Zot:3:    infiniplex_zot_generator, layout_onion_interference, uniq_vv
Zot:4:    layout_misc_corridors, grunt_megastairs_5, lemuel_elevator
Zot:5:    layout_misc_corridors, bh_zot_levy_curve, uniq_tiamat
Zig:15:   ziggurat_pillar_abc, ziggurat_pillar_abc, ziggurat_pillar_abc,
          ziggurat_pillar_abc, ziggurat_pillar_centre_c,
          ziggurat_pillar_centre_c, ziggurat_pillar_centre_c,
          ziggurat_pillar_centre_c, ziggurat_pillar_abc, ziggurat_pillar_abc,
          ziggurat_pillar_abc, ziggurat_pillar_abc

Skill      XL: |  1  2  3  4  5  6  7  8  9 10 11 12 13 14 15 16 17 18 19 20 21 22 23 24 25 26 27 |
---------------+----------------------------------------------------------------------------------+-----
Earth Magic    | 4 5 6 7 9 10 12 13 15 16 17 18 19 20 21 22 23 24 25 27 | 27.0
Spellcasting   | 3 4 5 6 8 9 10 11 13 14 15 16 17 18 19 20 27 | 27.0
Conjurations   | 2 3 4 6 8 9 11 12 13 14 15 16 17 18 19 20 21 22 23 27 | 27.0
Shields        | 2 4 6 9 11 12 13 14 15 16 17 18 27 | 27.0
Fire Magic     | 4 5 7 8 11 14 16 17 18 19 20 21 27 | 27.0
Fighting       | 6 7 9 10 27 | 27.0
Necromancy     | 3 27 | 27.0
Armour         | 5 9 27 | 27.0
Transmutations | 27 | 27.0
Throwing       | 27 | 27.0
Ice Magic      | 27 | 27.0
Dodging        | 27 | 27.0
Evocations     | 27 | 27.0
Axes           | 27 | 27.0
Stealth        | 27 | 27.0
Air Magic      | 27 | 27.0
Staves         | 27 | 27.0
Maces & Flails | 27 | 27.0
Polearms       | 27 | 27.0
Long Blades    | 27 | 27.0
Unarmed Combat | 27 | 27.0
Short Blades   | 27 | 27.0
Ranged Weapons | 27 | 27.0
Summonings     | 27 | 27.0
Translocations | 27 | 27.0
Invocations    | 27 | 27.0
Hexes          | 27 | 27.0
Poison Magic   | 27 | 27.0

Action                   |  1- 3 |  4- 6 |  7- 9 | 10-12 | 13-15 | 16-18 | 19-21 | 22-24 | 25-27 || total
-------------------------+-------+-------+-------+-------+-------+-------+-------+-------+-------++-------
Melee: Dagger            |    13 |    47 |       |       |       |       |       |       |       ||    60
       Hand axe          |       |     4 |    12 |     7 |       |       |       |       |       ||    23
       Staff             |       |       |       |       |    86 |    54 |    30 |    65 |  2187 ||  2422
       Broad axe         |       |       |       |       |       |       |       |       |   748 ||   748
       Long sword        |       |       |       |       |       |       |       |       |    40 ||    40
       Glaive            |       |       |       |       |       |       |       |       |     5 ||     5
 Fire: Arbalest          |       |       |       |       |       |       |       |       |     9 ||     9
Throw: Javelin           |       |       |       |       |       |       |       |       |     2 ||     2
 Cast: Sandblast         |    43 |    93 |    64 |   166 |   164 |     4 |       |       |     1 ||   535
       Stone Arrow       |     2 |    11 |    83 |   236 |   180 |    72 |    38 |    17 |    14 ||   653
       Passwall          |       |       |     3 |     8 |     5 |     9 |     3 |       |     5 ||    33
       Mephitic Cloud    |       |       |       |    15 |    21 |       |       |       |       ||    36
       Iron Shot         |       |       |       |       |   273 |   503 |   489 |   160 |   467 ||  1892
       Borgnjor's Vile C |       |       |       |       |    36 |    39 |    48 |     1 |     3 ||   127
       Shatter           |       |       |       |       |       |       |     5 |   110 |  4097 ||  4212
       Lehudib's Crystal |       |       |       |       |       |       |       |    34 |   321 ||   355
       Ignition          |       |       |       |       |       |       |       |    12 |   681 ||   693
       Fire Storm        |       |       |       |       |       |       |       |    15 |   472 ||   487
       Polar Vortex      |       |       |       |       |       |       |       |       |   164 ||   164
       Chain Lightning   |       |       |       |       |       |       |       |       |    96 ||    96
       Necromutation     |       |       |       |       |       |       |       |       |    89 ||    89
       Ozocubu's Refrige |       |       |       |       |       |       |       |       |    85 ||    85
       Death's Door      |       |       |       |       |       |       |       |       |     2 ||     2
Invok: Call Merchant     |       |       |       |     2 |     4 |     2 |     2 |       |    31 ||    41
       Potion Petition   |       |       |       |       |       |     1 |       |       |   396 ||   397
 Abil: End Transformatio |       |       |       |       |       |       |       |       |     1 ||     1
Evoke: Wand              |       |       |       |     3 |     7 |     1 |       |       |     6 ||    17
       Figurine of a zig |       |       |       |       |       |       |       |       |    10 ||    10
  Use: Scroll            |     3 |     6 |     1 |    11 |     7 |    11 |     4 |     2 |   113 ||   158
       Potion            |       |     3 |       |     1 |     3 |     1 |     1 |     3 |   239 ||   251
 Stab: Distracted        |       |       |       |       |       |       |       |       |    64 ||    64
       Invisible         |       |       |       |       |       |       |       |       |     5 ||     5
       Petrifying        |       |       |       |       |       |       |       |       |     1 ||     1
       Petrified         |       |       |       |       |       |       |       |       |     1 ||     1
Armor: Robe              |    13 |    55 |    35 |     8 |    25 |   190 |    76 |   104 |   394 ||   900
       Ring mail         |       |       |       |    71 |   125 |       |       |       |       ||   196
       Pearl dragon scal |       |       |       |       |       |       |       |       |  2009 ||  2009
       Crystal plate arm |       |       |       |       |       |       |       |       |   693 ||   693
       Skin              |       |       |       |       |       |       |       |       |    85 ||    85
Dodge: Dodged            |    18 |    69 |    31 |    77 |    89 |   151 |    53 |    66 |  2872 ||  3426
Block: Other             |    10 |    31 |    28 |     8 |       |       |       |       |       ||    77
       Reflection        |     1 |       |     5 |     8 |    13 |    15 |    78 |    23 |   676 ||   819
       Kite shield       |       |       |       |   107 |   279 |   403 |   204 |   209 |   230 ||  1432
       Tower shield      |       |       |       |       |       |       |       |       |  7130 ||  7130
